 Dungeon Crawl Stone Soup version 0.31-a0-233-g139696dc86 (webtiles) character file.

Game seed: 15638267760761614526

19 qw the Shooter (level 2, 16/16 HPs)
             Began as a Minotaur Hexslinger on July 8, 2023.
             Quit the game on level 2 of the Dungeon.
             The game lasted 00:36:08 (8054 turns).

qw the Shooter (Minotaur Hexslinger)                Turns: 8054, Time: 00:36:09

Health: 16/16      AC:  3    Str: 12    XL:     2   Next: 55%
Magic:  2/2        EV: 11    Int: 10    God:
Gold:   37         SH:  0    Dex: 12    Spells: 2/3 levels left

rFire   . . .        Y - +1 sling
rCold   . . .        (no shield)
rNeg    . . .        a - +0 leather armour
rPois   .            (helmet restricted)
rElec   .            (no cloak)
rCorr   .            (no gloves)
SInv    .            (no boots)
Will    .....        (no amulet)
Stlth   +            (no ring)
HPRegen 0.22/turn    (no ring)
MPRegen 0.08/turn

%: no passive effects
@: very slow
A: horns 2, retaliatory headbutt
a: no special abilities


You were on level 2 of the Dungeon.
You visited 1 branch of the dungeon, and saw 2 of its levels.

You collected 37 gold pieces.


Innate Abilities, Weirdness & Mutations

You have a pair of horns on your head.
You reflexively headbutt those who attack you in melee.


   Skills:
 - Level 2.0 Fighting
 + Level 3.2 Ranged Weapons
 - Level 2.1 Dodging
 - Level 1.0 Spellcasting
 - Level 2.0 Hexes


You had 2 spell levels left.
You knew the following spells:

 Your Spells              Type           Power      Damage    Failure   Level
a - Slow                  Hex            16%        N/A       19%         1

Your spell library contained the following spells:

 Spells                   Type           Power      Damage    Failure   Level
 Inner Flame              Hex/Fire       2%         N/A       65%         3
 Portal Projectile        Hex/Tloc       4%         N/A       65%         3
 Cause Fear               Hex            2%         N/A       88%         4

Inventory:

Hand Weapons
 Y - a +1 sling (weapon)
Armour
 a - a +0 leather armour (worn)
Potions
 e - a potion of berserk rage {unknown}

Dungeon Overview and Level Annotations

Branches:
Dungeon (2/15)

Altars:


Message History

Sorry, I don't know how to get there.
8046 ||| Stepping randomly (stuck).
(D) Dungeon
Where to? (* - list waypoints, Enter - D:1, ? - help)
What level of the Dungeon? (default 1, ? - help) Sorry, I don't know how to get there.
8047 ||| Stepping randomly (stuck).
(D) Dungeon
Where to? (* - list waypoints, Enter - D:1, ? - help)
What level of the Dungeon? (default 1, ? - help) Sorry, I don't know how to get there.
8048 ||| Stepping randomly (stuck).
(D) Dungeon
Where to? (* - list waypoints, Enter - D:1, ? - help)
What level of the Dungeon? (default 1, ? - help) Sorry, I don't know how to get there.
8049 ||| Stepping randomly (stuck).
(D) Dungeon
Where to? (* - list waypoints, Enter - D:1, ? - help)
What level of the Dungeon? (default 1, ? - help) Sorry, I don't know how to get there.
8050 ||| Stepping randomly (stuck).
(D) Dungeon
Where to? (* - list waypoints, Enter - D:1, ? - help)
What level of the Dungeon? (default 1, ? - help) Sorry, I don't know how to get there.
8051 ||| Stepping randomly (stuck).
(D) Dungeon
Where to? (* - list waypoints, Enter - D:1, ? - help)
What level of the Dungeon? (default 1, ? - help) Sorry, I don't know how to get there.
8052 ||| Stepping randomly (stuck).
(D) Dungeon
Where to? (* - list waypoints, Enter - D:1, ? - help)
What level of the Dungeon? (default 1, ? - help) Sorry, I don't know how to get there.
8053 ||| Stepping randomly (stuck).
Zot's power touches on you...
8054 ||| QUITTING!
Are you sure you want to abandon this character and quit the game? (Confirm with "yes".)

....... #...... #.....### ##
###### #.......# ~## #~~~~##
#.......# [~### ###~~~#####
#.......#
~~~~#####~~~~~~~~~###.........[
##~~~~~~~~~#####~~~~###.......##
#####~~~### #@~### #.....<.#
#.############~~~# #..###..#
#.## #~~~~~##### #.# ##>#
#..##########~~~~~#
##.~~~~~~#######~~###
#####~~~~~~~~~~#~~~#
################


There were no monsters in sight!

Vanquished Creatures
  A dart slug (D:1)
  2 ball pythons
  A giant cockroach (D:2)
  3 goblins (D:1)
  2 hobgoblins (D:1)
  A frilled lizard (D:1)
  3 kobolds
  3 rats (D:1)
16 creatures vanquished.

Notes
Turn   | Place    | Note
-------+----------+-------------------------------------------
     0 | D:1      | qw the Minotaur Hexslinger began the quest for the Orb.
     0 | D:1      | Reached XP level 1. HP: 16/16 MP: 1/1
     0 | D:1      | 0 ||| qw: Version: 0.3-a-46-gb1f654a
     0 | D:1      | 0 ||| qw: Game counter: 3593
     0 | D:1      | 0 ||| qw: Melee chars always use a shield: true
     0 | D:1      | 0 ||| qw: God list: Okawaru
     0 | D:1      | 0 ||| qw: Allow faded altars: false
     0 | D:1      | 0 ||| qw: Do Orc after clearing Dungeon:15 true
     0 | D:1      | 0 ||| qw: Do second Lair branch before Depths: true
     0 | D:1      | 0 ||| qw: Lair rune preference: random
     0 | D:1      | 0 ||| qw: Goals: Normal
     0 | D:1      | 0 ||| PLANNING D:1-11
    86 | D:1      | Reached skill level 3 in Ranged Weapons
    86 | D:1      | Reached XP level 2. HP: 20/23 MP: 2/2
   176 | D:1      | You fall into a shaft and drop 1 floor!
   177 | D:2      | 177 ||| READING scroll labelled UFUNEZAF ZICZU.
   178 | D:2      | 178 ||| READING scroll labelled DUNORUTUCK.
   181 | D:2      | 181 ||| DROPPING scroll of poison.
   182 | D:2      | 182 ||| Stepping randomly (stuck).
   183 | D:2      | 183 ||| Stepping randomly (stuck).
   184 | D:2      | 184 ||| Stepping randomly (stuck).
   185 | D:2      | 185 ||| Stepping randomly (stuck).
   186 | D:2      | 186 ||| Stepping randomly (stuck).
   187 | D:2      | 187 ||| Stepping randomly (stuck).
   188 | D:2      | 188 ||| Stepping randomly (stuck).
   189 | D:2      | 189 ||| Stepping randomly (stuck).
   190 | D:2      | 190 ||| Stepping randomly (stuck).
   191 | D:2      | 191 ||| Stepping randomly (stuck).
   192 | D:2      | 192 ||| Stepping randomly (stuck).
   193 | D:2      | 193 ||| Stepping randomly (stuck).
   194 | D:2      | 194 ||| Stepping randomly (stuck).
   195 | D:2      | 195 ||| Stepping randomly (stuck).
   196 | D:2      | 196 ||| Stepping randomly (stuck).
   197 | D:2      | 197 ||| Stepping randomly (stuck).
   198 | D:2      | 198 ||| Stepping randomly (stuck).
   199 | D:2      | 199 ||| Stepping randomly (stuck).
   200 | D:2      | 200 ||| Stepping randomly (stuck).
   201 | D:2      | 201 ||| Stepping randomly (stuck).
   202 | D:2      | 202 ||| Stepping randomly (stuck).
   203 | D:2      | 203 ||| Stepping randomly (stuck).
   204 | D:2      | 204 ||| Stepping randomly (stuck).
   205 | D:2      | 205 ||| Stepping randomly (stuck).
   206 | D:2      | 206 ||| Stepping randomly (stuck).
   207 | D:2      | 207 ||| Stepping randomly (stuck).
   208 | D:2      | 208 ||| Stepping randomly (stuck).
   209 | D:2      | 209 ||| Stepping randomly (stuck).
   210 | D:2      | 210 ||| Stepping randomly (stuck).
   211 | D:2      | 211 ||| Stepping randomly (stuck).
   212 | D:2      | 212 ||| Stepping randomly (stuck).
   213 | D:2      | 213 ||| Stepping randomly (stuck).
   214 | D:2      | 214 ||| Stepping randomly (stuck).
   215 | D:2      | 215 ||| Stepping randomly (stuck).
   216 | D:2      | 216 ||| Stepping randomly (stuck).
   217 | D:2      | 217 ||| Stepping randomly (stuck).
   218 | D:2      | 218 ||| Stepping randomly (stuck).
   219 | D:2      | 219 ||| Stepping randomly (stuck).
   220 | D:2      | 220 ||| Stepping randomly (stuck).
   221 | D:2      | 221 ||| Stepping randomly (stuck).
   222 | D:2      | 222 ||| Stepping randomly (stuck).
   223 | D:2      | 223 ||| Stepping randomly (stuck).
   224 | D:2      | 224 ||| Stepping randomly (stuck).
   225 | D:2      | 225 ||| Stepping randomly (stuck).
   226 | D:2      | 226 ||| Stepping randomly (stuck).
   227 | D:2      | 227 ||| Stepping randomly (stuck).
   228 | D:2      | 228 ||| Stepping randomly (stuck).
   229 | D:2      | 229 ||| Stepping randomly (stuck).
   230 | D:2      | 230 ||| Stepping randomly (stuck).
   231 | D:2      | 231 ||| Stepping randomly (stuck).
   233 | D:2      | 233 ||| Stepping randomly (stuck).
   234 | D:2      | 234 ||| Stepping randomly (stuck).
   235 | D:2      | 235 ||| Stepping randomly (stuck).
   236 | D:2      | 236 ||| Stepping randomly (stuck).
   237 | D:2      | 237 ||| Stepping randomly (stuck).
   238 | D:2      | 238 ||| Stepping randomly (stuck).
   239 | D:2      | 239 ||| Stepping randomly (stuck).
   240 | D:2      | 240 ||| Stepping randomly (stuck).
   241 | D:2      | 241 ||| Stepping randomly (stuck).
   242 | D:2      | 242 ||| Stepping randomly (stuck).
   243 | D:2      | 243 ||| Stepping randomly (stuck).
   244 | D:2      | 244 ||| Stepping randomly (stuck).
   245 | D:2      | 245 ||| Stepping randomly (stuck).
   246 | D:2      | 246 ||| Stepping randomly (stuck).
   247 | D:2      | 247 ||| Stepping randomly (stuck).
   248 | D:2      | 248 ||| Stepping randomly (stuck).
   249 | D:2      | 249 ||| Stepping randomly (stuck).
   250 | D:2      | 250 ||| Stepping randomly (stuck).
   251 | D:2      | 251 ||| Stepping randomly (stuck).
   252 | D:2      | 252 ||| Stepping randomly (stuck).
   253 | D:2      | 253 ||| Stepping randomly (stuck).
   254 | D:2      | 254 ||| Stepping randomly (stuck).
   255 | D:2      | 255 ||| Stepping randomly (stuck).
   256 | D:2      | 256 ||| Stepping randomly (stuck).
   257 | D:2      | 257 ||| Stepping randomly (stuck).
   258 | D:2      | 258 ||| Stepping randomly (stuck).
   259 | D:2      | 259 ||| Stepping randomly (stuck).
   260 | D:2      | 260 ||| Stepping randomly (stuck).
   261 | D:2      | 261 ||| Stepping randomly (stuck).
   262 | D:2      | 262 ||| Stepping randomly (stuck).
   263 | D:2      | 263 ||| Stepping randomly (stuck).
   264 | D:2      | 264 ||| Stepping randomly (stuck).
   265 | D:2      | 265 ||| Stepping randomly (stuck).
   266 | D:2      | 266 ||| Stepping randomly (stuck).
   267 | D:2      | 267 ||| Stepping randomly (stuck).
   268 | D:2      | 268 ||| Stepping randomly (stuck).
   269 | D:2      | 269 ||| Stepping randomly (stuck).
   270 | D:2      | 270 ||| Stepping randomly (stuck).
   271 | D:2      | 271 ||| Stepping randomly (stuck).
   272 | D:2      | 272 ||| Stepping randomly (stuck).
   273 | D:2      | 273 ||| Stepping randomly (stuck).
   274 | D:2      | 274 ||| Stepping randomly (stuck).
   275 | D:2      | 275 ||| Stepping randomly (stuck).
   276 | D:2      | 276 ||| Stepping randomly (stuck).
   277 | D:2      | 277 ||| Stepping randomly (stuck).
   278 | D:2      | 278 ||| Stepping randomly (stuck).
   279 | D:2      | 279 ||| Stepping randomly (stuck).
   280 | D:2      | 280 ||| Stepping randomly (stuck).
   281 | D:2      | 281 ||| Stepping randomly (stuck).
   282 | D:2      | 282 ||| Stepping randomly (stuck).
   283 | D:2      | 283 ||| Stepping randomly (stuck).
   284 | D:2      | 284 ||| Stepping randomly (stuck).
   285 | D:2      | 285 ||| Stepping randomly (stuck).
   286 | D:2      | 286 ||| Stepping randomly (stuck).
   287 | D:2      | 287 ||| Stepping randomly (stuck).
   288 | D:2      | 288 ||| Stepping randomly (stuck).
   289 | D:2      | 289 ||| Stepping randomly (stuck).
   290 | D:2      | 290 ||| Stepping randomly (stuck).
   291 | D:2      | 291 ||| Stepping randomly (stuck).
   292 | D:2      | 292 ||| Stepping randomly (stuck).
   293 | D:2      | 293 ||| Stepping randomly (stuck).
   294 | D:2      | 294 ||| Stepping randomly (stuck).
   295 | D:2      | 295 ||| Stepping randomly (stuck).
   296 | D:2      | 296 ||| Stepping randomly (stuck).
   297 | D:2      | 297 ||| Stepping randomly (stuck).
   298 | D:2      | 298 ||| Stepping randomly (stuck).
   299 | D:2      | 299 ||| Stepping randomly (stuck).
   300 | D:2      | 300 ||| Stepping randomly (stuck).
   301 | D:2      | 301 ||| Stepping randomly (stuck).
   302 | D:2      | 302 ||| Stepping randomly (stuck).
   303 | D:2      | 303 ||| Stepping randomly (stuck).
   304 | D:2      | 304 ||| Stepping randomly (stuck).
   305 | D:2      | 305 ||| Stepping randomly (stuck).
   306 | D:2      | 306 ||| Stepping randomly (stuck).
   307 | D:2      | 307 ||| Stepping randomly (stuck).
   308 | D:2      | 308 ||| Stepping randomly (stuck).
   309 | D:2      | 309 ||| Stepping randomly (stuck).
   310 | D:2      | 310 ||| Stepping randomly (stuck).
   311 | D:2      | 311 ||| Stepping randomly (stuck).
   312 | D:2      | 312 ||| Stepping randomly (stuck).
   313 | D:2      | 313 ||| Stepping randomly (stuck).
   314 | D:2      | 314 ||| Stepping randomly (stuck).
   315 | D:2      | 315 ||| Stepping randomly (stuck).
   316 | D:2      | 316 ||| Stepping randomly (stuck).
   317 | D:2      | 317 ||| Stepping randomly (stuck).
   318 | D:2      | 318 ||| Stepping randomly (stuck).
   319 | D:2      | 319 ||| Stepping randomly (stuck).
   320 | D:2      | 320 ||| Stepping randomly (stuck).
   321 | D:2      | 321 ||| Stepping randomly (stuck).
   322 | D:2      | 322 ||| Stepping randomly (stuck).
   323 | D:2      | 323 ||| Stepping randomly (stuck).
   324 | D:2      | 324 ||| Stepping randomly (stuck).
   325 | D:2      | 325 ||| Stepping randomly (stuck).
   326 | D:2      | 326 ||| Stepping randomly (stuck).
   327 | D:2      | 327 ||| Stepping randomly (stuck).
   328 | D:2      | 328 ||| Stepping randomly (stuck).
   329 | D:2      | 329 ||| Stepping randomly (stuck).
   330 | D:2      | 330 ||| Stepping randomly (stuck).
   331 | D:2      | 331 ||| Stepping randomly (stuck).
   332 | D:2      | 332 ||| Stepping randomly (stuck).
   333 | D:2      | 333 ||| Stepping randomly (stuck).
   334 | D:2      | 334 ||| Stepping randomly (stuck).
   335 | D:2      | 335 ||| Stepping randomly (stuck).
   336 | D:2      | 336 ||| Stepping randomly (stuck).
   337 | D:2      | 337 ||| Stepping randomly (stuck).
   338 | D:2      | 338 ||| Stepping randomly (stuck).
   339 | D:2      | 339 ||| Stepping randomly (stuck).
   340 | D:2      | 340 ||| Stepping randomly (stuck).
   341 | D:2      | 341 ||| Stepping randomly (stuck).
   342 | D:2      | 342 ||| Stepping randomly (stuck).
   343 | D:2      | 343 ||| Stepping randomly (stuck).
   344 | D:2      | 344 ||| Stepping randomly (stuck).
   345 | D:2      | 345 ||| Stepping randomly (stuck).
   346 | D:2      | 346 ||| Stepping randomly (stuck).
   347 | D:2      | 347 ||| Stepping randomly (stuck).
   348 | D:2      | 348 ||| Stepping randomly (stuck).
   349 | D:2      | 349 ||| Stepping randomly (stuck).
   350 | D:2      | 350 ||| Stepping randomly (stuck).
   351 | D:2      | 351 ||| Stepping randomly (stuck).
   352 | D:2      | 352 ||| Stepping randomly (stuck).
   353 | D:2      | 353 ||| Stepping randomly (stuck).
   354 | D:2      | 354 ||| Stepping randomly (stuck).
   355 | D:2      | 355 ||| Stepping randomly (stuck).
   356 | D:2      | 356 ||| Stepping randomly (stuck).
   357 | D:2      | 357 ||| Stepping randomly (stuck).
   358 | D:2      | 358 ||| Stepping randomly (stuck).
   359 | D:2      | 359 ||| Stepping randomly (stuck).
   360 | D:2      | 360 ||| Stepping randomly (stuck).
   361 | D:2      | 361 ||| Stepping randomly (stuck).
   362 | D:2      | 362 ||| Stepping randomly (stuck).
   363 | D:2      | 363 ||| Stepping randomly (stuck).
   364 | D:2      | 364 ||| Stepping randomly (stuck).
   365 | D:2      | 365 ||| Stepping randomly (stuck).
   366 | D:2      | 366 ||| Stepping randomly (stuck).
   367 | D:2      | 367 ||| Stepping randomly (stuck).
   368 | D:2      | 368 ||| Stepping randomly (stuck).
   369 | D:2      | 369 ||| Stepping randomly (stuck).
   370 | D:2      | 370 ||| Stepping randomly (stuck).
   371 | D:2      | 371 ||| Stepping randomly (stuck).
   372 | D:2      | 372 ||| Stepping randomly (stuck).
   373 | D:2      | 373 ||| Stepping randomly (stuck).
   374 | D:2      | 374 ||| Stepping randomly (stuck).
   375 | D:2      | 375 ||| Stepping randomly (stuck).
   376 | D:2      | 376 ||| Stepping randomly (stuck).
   377 | D:2      | 377 ||| Stepping randomly (stuck).
   378 | D:2      | 378 ||| Stepping randomly (stuck).
   379 | D:2      | 379 ||| Stepping randomly (stuck).
   380 | D:2      | 380 ||| Stepping randomly (stuck).
   381 | D:2      | 381 ||| Stepping randomly (stuck).
   382 | D:2      | 382 ||| Stepping randomly (stuck).
   383 | D:2      | 383 ||| Stepping randomly (stuck).
   384 | D:2      | 384 ||| Stepping randomly (stuck).
   385 | D:2      | 385 ||| Stepping randomly (stuck).
   386 | D:2      | 386 ||| Stepping randomly (stuck).
   387 | D:2      | 387 ||| Stepping randomly (stuck).
   388 | D:2      | 388 ||| Stepping randomly (stuck).
   389 | D:2      | 389 ||| Stepping randomly (stuck).
   390 | D:2      | 390 ||| Stepping randomly (stuck).
   391 | D:2      | 391 ||| Stepping randomly (stuck).
   392 | D:2      | 392 ||| Stepping randomly (stuck).
   393 | D:2      | 393 ||| Stepping randomly (stuck).
   394 | D:2      | 394 ||| Stepping randomly (stuck).
   395 | D:2      | 395 ||| Stepping randomly (stuck).
   396 | D:2      | 396 ||| Stepping randomly (stuck).
   397 | D:2      | 397 ||| Stepping randomly (stuck).
   398 | D:2      | 398 ||| Stepping randomly (stuck).
   399 | D:2      | 399 ||| Stepping randomly (stuck).
   400 | D:2      | 400 ||| Stepping randomly (stuck).
   401 | D:2      | 401 ||| Stepping randomly (stuck).
   402 | D:2      | 402 ||| Stepping randomly (stuck).
   403 | D:2      | 403 ||| Stepping randomly (stuck).
   404 | D:2      | 404 ||| Stepping randomly (stuck).
   405 | D:2      | 405 ||| Stepping randomly (stuck).
   406 | D:2      | 406 ||| Stepping randomly (stuck).
   407 | D:2      | 407 ||| Stepping randomly (stuck).
   408 | D:2      | 408 ||| Stepping randomly (stuck).
   409 | D:2      | 409 ||| Stepping randomly (stuck).
   410 | D:2      | 410 ||| Stepping randomly (stuck).
   411 | D:2      | 411 ||| Stepping randomly (stuck).
   412 | D:2      | 412 ||| Stepping randomly (stuck).
   413 | D:2      | 413 ||| Stepping randomly (stuck).
   414 | D:2      | 414 ||| Stepping randomly (stuck).
   415 | D:2      | 415 ||| Stepping randomly (stuck).
   416 | D:2      | 416 ||| Stepping randomly (stuck).
   417 | D:2      | 417 ||| Stepping randomly (stuck).
   418 | D:2      | 418 ||| Stepping randomly (stuck).
   419 | D:2      | 419 ||| Stepping randomly (stuck).
   420 | D:2      | 420 ||| Stepping randomly (stuck).
   421 | D:2      | 421 ||| Stepping randomly (stuck).
   422 | D:2      | 422 ||| Stepping randomly (stuck).
   423 | D:2      | 423 ||| Stepping randomly (stuck).
   424 | D:2      | 424 ||| Stepping randomly (stuck).
   425 | D:2      | 425 ||| Stepping randomly (stuck).
   426 | D:2      | 426 ||| Stepping randomly (stuck).
   427 | D:2      | 427 ||| Stepping randomly (stuck).
   428 | D:2      | 428 ||| Stepping randomly (stuck).
   429 | D:2      | 429 ||| Stepping randomly (stuck).
   430 | D:2      | 430 ||| Stepping randomly (stuck).
   431 | D:2      | 431 ||| Stepping randomly (stuck).
   432 | D:2      | 432 ||| Stepping randomly (stuck).
   433 | D:2      | 433 ||| Stepping randomly (stuck).
   434 | D:2      | 434 ||| Stepping randomly (stuck).
   435 | D:2      | 435 ||| Stepping randomly (stuck).
   436 | D:2      | 436 ||| Stepping randomly (stuck).
   437 | D:2      | 437 ||| Stepping randomly (stuck).
   438 | D:2      | 438 ||| Stepping randomly (stuck).
   439 | D:2      | 439 ||| Stepping randomly (stuck).
   440 | D:2      | 440 ||| Stepping randomly (stuck).
   441 | D:2      | 441 ||| Stepping randomly (stuck).
   442 | D:2      | 442 ||| Stepping randomly (stuck).
   443 | D:2      | 443 ||| Stepping randomly (stuck).
   444 | D:2      | 444 ||| Stepping randomly (stuck).
   445 | D:2      | 445 ||| Stepping randomly (stuck).
   446 | D:2      | 446 ||| Stepping randomly (stuck).
   447 | D:2      | 447 ||| Stepping randomly (stuck).
   448 | D:2      | 448 ||| Stepping randomly (stuck).
   449 | D:2      | 449 ||| Stepping randomly (stuck).
   450 | D:2      | 450 ||| Stepping randomly (stuck).
   451 | D:2      | 451 ||| Stepping randomly (stuck).
   452 | D:2      | 452 ||| Stepping randomly (stuck).
   453 | D:2      | 453 ||| Stepping randomly (stuck).
   454 | D:2      | 454 ||| Stepping randomly (stuck).
   455 | D:2      | 455 ||| Stepping randomly (stuck).
   456 | D:2      | 456 ||| Stepping randomly (stuck).
   457 | D:2      | 457 ||| Stepping randomly (stuck).
   458 | D:2      | 458 ||| Stepping randomly (stuck).
   459 | D:2      | 459 ||| Stepping randomly (stuck).
   460 | D:2      | 460 ||| Stepping randomly (stuck).
   461 | D:2      | 461 ||| Stepping randomly (stuck).
   462 | D:2      | 462 ||| Stepping randomly (stuck).
   463 | D:2      | 463 ||| Stepping randomly (stuck).
   464 | D:2      | 464 ||| Stepping randomly (stuck).
   465 | D:2      | 465 ||| Stepping randomly (stuck).
   466 | D:2      | 466 ||| Stepping randomly (stuck).
   467 | D:2      | 467 ||| Stepping randomly (stuck).
   468 | D:2      | 468 ||| Stepping randomly (stuck).
   469 | D:2      | 469 ||| Stepping randomly (stuck).
   470 | D:2      | 470 ||| Stepping randomly (stuck).
   471 | D:2      | 471 ||| Stepping randomly (stuck).
   472 | D:2      | 472 ||| Stepping randomly (stuck).
   473 | D:2      | 473 ||| Stepping randomly (stuck).
   474 | D:2      | 474 ||| Stepping randomly (stuck).
   475 | D:2      | 475 ||| Stepping randomly (stuck).
   476 | D:2      | 476 ||| Stepping randomly (stuck).
   477 | D:2      | 477 ||| Stepping randomly (stuck).
   478 | D:2      | 478 ||| Stepping randomly (stuck).
   479 | D:2      | 479 ||| Stepping randomly (stuck).
   480 | D:2      | 480 ||| Stepping randomly (stuck).
   481 | D:2      | 481 ||| Stepping randomly (stuck).
   482 | D:2      | 482 ||| Stepping randomly (stuck).
   483 | D:2      | 483 ||| Stepping randomly (stuck).
   484 | D:2      | 484 ||| Stepping randomly (stuck).
   485 | D:2      | 485 ||| Stepping randomly (stuck).
   486 | D:2      | 486 ||| Stepping randomly (stuck).
   487 | D:2      | 487 ||| Stepping randomly (stuck).
   488 | D:2      | 488 ||| Stepping randomly (stuck).
   489 | D:2      | 489 ||| Stepping randomly (stuck).
   490 | D:2      | 490 ||| Stepping randomly (stuck).
   491 | D:2      | 491 ||| Stepping randomly (stuck).
   492 | D:2      | 492 ||| Stepping randomly (stuck).
   493 | D:2      | 493 ||| Stepping randomly (stuck).
   494 | D:2      | 494 ||| Stepping randomly (stuck).
   495 | D:2      | 495 ||| Stepping randomly (stuck).
   496 | D:2      | 496 ||| Stepping randomly (stuck).
   497 | D:2      | 497 ||| Stepping randomly (stuck).
   498 | D:2      | 498 ||| Stepping randomly (stuck).
   499 | D:2      | 499 ||| Stepping randomly (stuck).
   500 | D:2      | 500 ||| Stepping randomly (stuck).
   501 | D:2      | 501 ||| Stepping randomly (stuck).
   502 | D:2      | 502 ||| Stepping randomly (stuck).
   503 | D:2      | 503 ||| Stepping randomly (stuck).
   504 | D:2      | 504 ||| Stepping randomly (stuck).
   505 | D:2      | 505 ||| Stepping randomly (stuck).
   506 | D:2      | 506 ||| Stepping randomly (stuck).
   507 | D:2      | 507 ||| Stepping randomly (stuck).
   508 | D:2      | 508 ||| Stepping randomly (stuck).
   509 | D:2      | 509 ||| Stepping randomly (stuck).
   510 | D:2      | 510 ||| Stepping randomly (stuck).
   511 | D:2      | 511 ||| Stepping randomly (stuck).
   512 | D:2      | 512 ||| Stepping randomly (stuck).
   513 | D:2      | 513 ||| Stepping randomly (stuck).
   514 | D:2      | 514 ||| Stepping randomly (stuck).
   515 | D:2      | 515 ||| Stepping randomly (stuck).
   516 | D:2      | 516 ||| Stepping randomly (stuck).
   517 | D:2      | 517 ||| Stepping randomly (stuck).
   518 | D:2      | 518 ||| Stepping randomly (stuck).
   519 | D:2      | 519 ||| Stepping randomly (stuck).
   520 | D:2      | 520 ||| Stepping randomly (stuck).
   521 | D:2      | 521 ||| Stepping randomly (stuck).
   522 | D:2      | 522 ||| Stepping randomly (stuck).
   523 | D:2      | 523 ||| Stepping randomly (stuck).
   524 | D:2      | 524 ||| Stepping randomly (stuck).
   525 | D:2      | 525 ||| Stepping randomly (stuck).
   526 | D:2      | 526 ||| Stepping randomly (stuck).
   527 | D:2      | 527 ||| Stepping randomly (stuck).
   528 | D:2      | 528 ||| Stepping randomly (stuck).
   529 | D:2      | 529 ||| Stepping randomly (stuck).
   536 | D:2      | 536 ||| Stepping randomly (stuck).
   537 | D:2      | 537 ||| Stepping randomly (stuck).
   538 | D:2      | 538 ||| Stepping randomly (stuck).
   539 | D:2      | 539 ||| Stepping randomly (stuck).
   540 | D:2      | 540 ||| Stepping randomly (stuck).
   541 | D:2      | 541 ||| Stepping randomly (stuck).
   542 | D:2      | 542 ||| Stepping randomly (stuck).
   543 | D:2      | 543 ||| Stepping randomly (stuck).
   544 | D:2      | 544 ||| Stepping randomly (stuck).
   545 | D:2      | 545 ||| Stepping randomly (stuck).
   546 | D:2      | 546 ||| Stepping randomly (stuck).
   547 | D:2      | 547 ||| Stepping randomly (stuck).
   548 | D:2      | 548 ||| Stepping randomly (stuck).
   549 | D:2      | 549 ||| Stepping randomly (stuck).
   550 | D:2      | 550 ||| Stepping randomly (stuck).
   551 | D:2      | 551 ||| Stepping randomly (stuck).
   552 | D:2      | 552 ||| Stepping randomly (stuck).
   553 | D:2      | 553 ||| Stepping randomly (stuck).
   554 | D:2      | 554 ||| Stepping randomly (stuck).
   555 | D:2      | 555 ||| Stepping randomly (stuck).
   556 | D:2      | 556 ||| Stepping randomly (stuck).
   557 | D:2      | 557 ||| Stepping randomly (stuck).
   558 | D:2      | 558 ||| Stepping randomly (stuck).
   559 | D:2      | 559 ||| Stepping randomly (stuck).
   560 | D:2      | 560 ||| Stepping randomly (stuck).
   561 | D:2      | 561 ||| Stepping randomly (stuck).
   562 | D:2      | 562 ||| Stepping randomly (stuck).
   563 | D:2      | 563 ||| Stepping randomly (stuck).
   564 | D:2      | 564 ||| Stepping randomly (stuck).
   565 | D:2      | 565 ||| Stepping randomly (stuck).
   566 | D:2      | 566 ||| Stepping randomly (stuck).
   567 | D:2      | 567 ||| Stepping randomly (stuck).
   568 | D:2      | 568 ||| Stepping randomly (stuck).
   569 | D:2      | 569 ||| Stepping randomly (stuck).
   570 | D:2      | 570 ||| Stepping randomly (stuck).
   571 | D:2      | 571 ||| Stepping randomly (stuck).
   572 | D:2      | 572 ||| Stepping randomly (stuck).
   573 | D:2      | 573 ||| Stepping randomly (stuck).
   574 | D:2      | 574 ||| Stepping randomly (stuck).
   575 | D:2      | 575 ||| Stepping randomly (stuck).
   576 | D:2      | 576 ||| Stepping randomly (stuck).
   577 | D:2      | 577 ||| Stepping randomly (stuck).
   578 | D:2      | 578 ||| Stepping randomly (stuck).
   579 | D:2      | 579 ||| Stepping randomly (stuck).
   580 | D:2      | 580 ||| Stepping randomly (stuck).
   581 | D:2      | 581 ||| Stepping randomly (stuck).
   582 | D:2      | 582 ||| Stepping randomly (stuck).
   583 | D:2      | 583 ||| Stepping randomly (stuck).
   584 | D:2      | 584 ||| Stepping randomly (stuck).
   585 | D:2      | 585 ||| Stepping randomly (stuck).
   586 | D:2      | 586 ||| Stepping randomly (stuck).
   587 | D:2      | 587 ||| Stepping randomly (stuck).
   588 | D:2      | 588 ||| Stepping randomly (stuck).
   589 | D:2      | 589 ||| Stepping randomly (stuck).
   590 | D:2      | 590 ||| Stepping randomly (stuck).
   591 | D:2      | 591 ||| Stepping randomly (stuck).
   592 | D:2      | 592 ||| Stepping randomly (stuck).
   593 | D:2      | 593 ||| Stepping randomly (stuck).
   594 | D:2      | 594 ||| Stepping randomly (stuck).
   595 | D:2      | 595 ||| Stepping randomly (stuck).
   596 | D:2      | 596 ||| Stepping randomly (stuck).
   597 | D:2      | 597 ||| Stepping randomly (stuck).
   598 | D:2      | 598 ||| Stepping randomly (stuck).
   599 | D:2      | 599 ||| Stepping randomly (stuck).
   600 | D:2      | 600 ||| Stepping randomly (stuck).
   601 | D:2      | 601 ||| Stepping randomly (stuck).
   602 | D:2      | 602 ||| Stepping randomly (stuck).
   603 | D:2      | 603 ||| Stepping randomly (stuck).
   604 | D:2      | 604 ||| Stepping randomly (stuck).
   605 | D:2      | 605 ||| Stepping randomly (stuck).
   606 | D:2      | 606 ||| Stepping randomly (stuck).
   607 | D:2      | 607 ||| Stepping randomly (stuck).
   608 | D:2      | 608 ||| Stepping randomly (stuck).
   609 | D:2      | 609 ||| Stepping randomly (stuck).
   610 | D:2      | 610 ||| Stepping randomly (stuck).
   611 | D:2      | 611 ||| Stepping randomly (stuck).
   612 | D:2      | 612 ||| Stepping randomly (stuck).
   613 | D:2      | 613 ||| Stepping randomly (stuck).
   614 | D:2      | 614 ||| Stepping randomly (stuck).
   615 | D:2      | 615 ||| Stepping randomly (stuck).
   616 | D:2      | 616 ||| Stepping randomly (stuck).
   617 | D:2      | 617 ||| Stepping randomly (stuck).
   618 | D:2      | 618 ||| Stepping randomly (stuck).
   619 | D:2      | 619 ||| Stepping randomly (stuck).
   620 | D:2      | 620 ||| Stepping randomly (stuck).
   621 | D:2      | 621 ||| Stepping randomly (stuck).
   622 | D:2      | 622 ||| Stepping randomly (stuck).
   623 | D:2      | 623 ||| Stepping randomly (stuck).
   624 | D:2      | 624 ||| Stepping randomly (stuck).
   625 | D:2      | 625 ||| Stepping randomly (stuck).
   626 | D:2      | 626 ||| Stepping randomly (stuck).
   627 | D:2      | 627 ||| Stepping randomly (stuck).
   628 | D:2      | 628 ||| Stepping randomly (stuck).
   629 | D:2      | 629 ||| Stepping randomly (stuck).
   630 | D:2      | 630 ||| Stepping randomly (stuck).
   631 | D:2      | 631 ||| Stepping randomly (stuck).
   632 | D:2      | 632 ||| Stepping randomly (stuck).
   633 | D:2      | 633 ||| Stepping randomly (stuck).
   634 | D:2      | 634 ||| Stepping randomly (stuck).
   635 | D:2      | 635 ||| Stepping randomly (stuck).
   636 | D:2      | 636 ||| Stepping randomly (stuck).
   637 | D:2      | 637 ||| Stepping randomly (stuck).
   638 | D:2      | 638 ||| Stepping randomly (stuck).
   639 | D:2      | 639 ||| Stepping randomly (stuck).
   640 | D:2      | 640 ||| Stepping randomly (stuck).
   641 | D:2      | 641 ||| Stepping randomly (stuck).
   642 | D:2      | 642 ||| Stepping randomly (stuck).
   643 | D:2      | 643 ||| Stepping randomly (stuck).
   644 | D:2      | 644 ||| Stepping randomly (stuck).
   645 | D:2      | 645 ||| Stepping randomly (stuck).
   646 | D:2      | 646 ||| Stepping randomly (stuck).
   647 | D:2      | 647 ||| Stepping randomly (stuck).
   648 | D:2      | 648 ||| Stepping randomly (stuck).
   649 | D:2      | 649 ||| Stepping randomly (stuck).
   650 | D:2      | 650 ||| Stepping randomly (stuck).
   651 | D:2      | 651 ||| Stepping randomly (stuck).
   652 | D:2      | 652 ||| Stepping randomly (stuck).
   653 | D:2      | 653 ||| Stepping randomly (stuck).
   654 | D:2      | 654 ||| Stepping randomly (stuck).
   655 | D:2      | 655 ||| Stepping randomly (stuck).
   656 | D:2      | 656 ||| Stepping randomly (stuck).
   657 | D:2      | 657 ||| Stepping randomly (stuck).
   658 | D:2      | 658 ||| Stepping randomly (stuck).
   659 | D:2      | 659 ||| Stepping randomly (stuck).
   660 | D:2      | 660 ||| Stepping randomly (stuck).
   661 | D:2      | 661 ||| Stepping randomly (stuck).
   662 | D:2      | 662 ||| Stepping randomly (stuck).
   663 | D:2      | 663 ||| Stepping randomly (stuck).
   664 | D:2      | 664 ||| Stepping randomly (stuck).
   665 | D:2      | 665 ||| Stepping randomly (stuck).
   666 | D:2      | 666 ||| Stepping randomly (stuck).
   667 | D:2      | 667 ||| Stepping randomly (stuck).
   668 | D:2      | 668 ||| Stepping randomly (stuck).
   669 | D:2      | 669 ||| Stepping randomly (stuck).
   670 | D:2      | 670 ||| Stepping randomly (stuck).
   671 | D:2      | 671 ||| Stepping randomly (stuck).
   672 | D:2      | 672 ||| Stepping randomly (stuck).
   673 | D:2      | 673 ||| Stepping randomly (stuck).
   674 | D:2      | 674 ||| Stepping randomly (stuck).
   675 | D:2      | 675 ||| Stepping randomly (stuck).
   676 | D:2      | 676 ||| Stepping randomly (stuck).
   677 | D:2      | 677 ||| Stepping randomly (stuck).
   678 | D:2      | 678 ||| Stepping randomly (stuck).
   679 | D:2      | 679 ||| Stepping randomly (stuck).
   680 | D:2      | 680 ||| Stepping randomly (stuck).
   681 | D:2      | 681 ||| Stepping randomly (stuck).
   682 | D:2      | 682 ||| Stepping randomly (stuck).
   683 | D:2      | 683 ||| Stepping randomly (stuck).
   684 | D:2      | 684 ||| Stepping randomly (stuck).
   685 | D:2      | 685 ||| Stepping randomly (stuck).
   686 | D:2      | 686 ||| Stepping randomly (stuck).
   687 | D:2      | 687 ||| Stepping randomly (stuck).
   688 | D:2      | 688 ||| Stepping randomly (stuck).
   689 | D:2      | 689 ||| Stepping randomly (stuck).
   690 | D:2      | 690 ||| Stepping randomly (stuck).
   691 | D:2      | 691 ||| Stepping randomly (stuck).
   692 | D:2      | 692 ||| Stepping randomly (stuck).
   693 | D:2      | 693 ||| Stepping randomly (stuck).
   694 | D:2      | 694 ||| Stepping randomly (stuck).
   695 | D:2      | 695 ||| Stepping randomly (stuck).
   696 | D:2      | 696 ||| Stepping randomly (stuck).
   697 | D:2      | 697 ||| Stepping randomly (stuck).
   698 | D:2      | 698 ||| Stepping randomly (stuck).
   699 | D:2      | 699 ||| Stepping randomly (stuck).
   700 | D:2      | 700 ||| Stepping randomly (stuck).
   701 | D:2      | 701 ||| Stepping randomly (stuck).
   702 | D:2      | 702 ||| Stepping randomly (stuck).
   703 | D:2      | 703 ||| Stepping randomly (stuck).
   704 | D:2      | 704 ||| Stepping randomly (stuck).
   705 | D:2      | 705 ||| Stepping randomly (stuck).
   706 | D:2      | 706 ||| Stepping randomly (stuck).
   707 | D:2      | 707 ||| Stepping randomly (stuck).
   708 | D:2      | 708 ||| Stepping randomly (stuck).
   709 | D:2      | 709 ||| Stepping randomly (stuck).
   710 | D:2      | 710 ||| Stepping randomly (stuck).
   711 | D:2      | 711 ||| Stepping randomly (stuck).
   712 | D:2      | 712 ||| Stepping randomly (stuck).
   713 | D:2      | 713 ||| Stepping randomly (stuck).
   714 | D:2      | 714 ||| Stepping randomly (stuck).
   715 | D:2      | 715 ||| Stepping randomly (stuck).
   716 | D:2      | 716 ||| Stepping randomly (stuck).
   717 | D:2      | 717 ||| Stepping randomly (stuck).
   718 | D:2      | 718 ||| Stepping randomly (stuck).
   719 | D:2      | 719 ||| Stepping randomly (stuck).
   720 | D:2      | 720 ||| Stepping randomly (stuck).
   721 | D:2      | 721 ||| Stepping randomly (stuck).
   722 | D:2      | 722 ||| Stepping randomly (stuck).
   723 | D:2      | 723 ||| Stepping randomly (stuck).
   724 | D:2      | 724 ||| Stepping randomly (stuck).
   725 | D:2      | 725 ||| Stepping randomly (stuck).
   726 | D:2      | 726 ||| Stepping randomly (stuck).
   727 | D:2      | 727 ||| Stepping randomly (stuck).
   728 | D:2      | 728 ||| Stepping randomly (stuck).
   729 | D:2      | 729 ||| Stepping randomly (stuck).
   730 | D:2      | 730 ||| Stepping randomly (stuck).
   731 | D:2      | 731 ||| Stepping randomly (stuck).
   732 | D:2      | 732 ||| Stepping randomly (stuck).
   733 | D:2      | 733 ||| Stepping randomly (stuck).
   734 | D:2      | 734 ||| Stepping randomly (stuck).
   735 | D:2      | 735 ||| Stepping randomly (stuck).
   736 | D:2      | 736 ||| Stepping randomly (stuck).
   737 | D:2      | 737 ||| Stepping randomly (stuck).
   738 | D:2      | 738 ||| Stepping randomly (stuck).
   739 | D:2      | 739 ||| Stepping randomly (stuck).
   740 | D:2      | 740 ||| Stepping randomly (stuck).
   741 | D:2      | 741 ||| Stepping randomly (stuck).
   742 | D:2      | 742 ||| Stepping randomly (stuck).
   743 | D:2      | 743 ||| Stepping randomly (stuck).
   744 | D:2      | 744 ||| Stepping randomly (stuck).
   745 | D:2      | 745 ||| Stepping randomly (stuck).
   746 | D:2      | 746 ||| Stepping randomly (stuck).
   747 | D:2      | 747 ||| Stepping randomly (stuck).
   748 | D:2      | 748 ||| Stepping randomly (stuck).
   749 | D:2      | 749 ||| Stepping randomly (stuck).
   750 | D:2      | 750 ||| Stepping randomly (stuck).
   751 | D:2      | 751 ||| Stepping randomly (stuck).
   752 | D:2      | 752 ||| Stepping randomly (stuck).
   753 | D:2      | 753 ||| Stepping randomly (stuck).
   754 | D:2      | 754 ||| Stepping randomly (stuck).
   755 | D:2      | 755 ||| Stepping randomly (stuck).
   756 | D:2      | 756 ||| Stepping randomly (stuck).
   757 | D:2      | 757 ||| Stepping randomly (stuck).
   758 | D:2      | 758 ||| Stepping randomly (stuck).
   759 | D:2      | 759 ||| Stepping randomly (stuck).
   760 | D:2      | 760 ||| Stepping randomly (stuck).
   761 | D:2      | 761 ||| Stepping randomly (stuck).
   762 | D:2      | 762 ||| Stepping randomly (stuck).
   763 | D:2      | 763 ||| Stepping randomly (stuck).
   764 | D:2      | 764 ||| Stepping randomly (stuck).
   765 | D:2      | 765 ||| Stepping randomly (stuck).
   766 | D:2      | 766 ||| Stepping randomly (stuck).
   767 | D:2      | 767 ||| Stepping randomly (stuck).
   768 | D:2      | 768 ||| Stepping randomly (stuck).
   769 | D:2      | 769 ||| Stepping randomly (stuck).
   770 | D:2      | 770 ||| Stepping randomly (stuck).
   771 | D:2      | 771 ||| Stepping randomly (stuck).
   772 | D:2      | 772 ||| Stepping randomly (stuck).
   773 | D:2      | 773 ||| Stepping randomly (stuck).
   774 | D:2      | 774 ||| Stepping randomly (stuck).
   775 | D:2      | 775 ||| Stepping randomly (stuck).
   776 | D:2      | 776 ||| Stepping randomly (stuck).
   777 | D:2      | 777 ||| Stepping randomly (stuck).
   778 | D:2      | 778 ||| Stepping randomly (stuck).
   779 | D:2      | 779 ||| Stepping randomly (stuck).
   780 | D:2      | 780 ||| Stepping randomly (stuck).
   781 | D:2      | 781 ||| Stepping randomly (stuck).
   782 | D:2      | 782 ||| Stepping randomly (stuck).
   783 | D:2      | 783 ||| Stepping randomly (stuck).
   784 | D:2      | 784 ||| Stepping randomly (stuck).
   785 | D:2      | 785 ||| Stepping randomly (stuck).
   786 | D:2      | 786 ||| Stepping randomly (stuck).
   787 | D:2      | 787 ||| Stepping randomly (stuck).
   788 | D:2      | 788 ||| Stepping randomly (stuck).
   789 | D:2      | 789 ||| Stepping randomly (stuck).
   790 | D:2      | 790 ||| Stepping randomly (stuck).
   791 | D:2      | 791 ||| Stepping randomly (stuck).
   792 | D:2      | 792 ||| Stepping randomly (stuck).
   793 | D:2      | 793 ||| Stepping randomly (stuck).
   794 | D:2      | 794 ||| Stepping randomly (stuck).
   795 | D:2      | 795 ||| Stepping randomly (stuck).
   796 | D:2      | 796 ||| Stepping randomly (stuck).
   797 | D:2      | 797 ||| Stepping randomly (stuck).
   798 | D:2      | 798 ||| Stepping randomly (stuck).
   799 | D:2      | 799 ||| Stepping randomly (stuck).
   800 | D:2      | 800 ||| Stepping randomly (stuck).
   801 | D:2      | 801 ||| Stepping randomly (stuck).
   802 | D:2      | 802 ||| Stepping randomly (stuck).
   803 | D:2      | 803 ||| Stepping randomly (stuck).
   804 | D:2      | 804 ||| Stepping randomly (stuck).
   805 | D:2      | 805 ||| Stepping randomly (stuck).
   806 | D:2      | 806 ||| Stepping randomly (stuck).
   807 | D:2      | 807 ||| Stepping randomly (stuck).
   808 | D:2      | 808 ||| Stepping randomly (stuck).
   809 | D:2      | 809 ||| Stepping randomly (stuck).
   810 | D:2      | 810 ||| Stepping randomly (stuck).
   811 | D:2      | 811 ||| Stepping randomly (stuck).
   812 | D:2      | 812 ||| Stepping randomly (stuck).
   813 | D:2      | 813 ||| Stepping randomly (stuck).
   814 | D:2      | 814 ||| Stepping randomly (stuck).
   815 | D:2      | 815 ||| Stepping randomly (stuck).
   816 | D:2      | 816 ||| Stepping randomly (stuck).
   817 | D:2      | 817 ||| Stepping randomly (stuck).
   818 | D:2      | 818 ||| Stepping randomly (stuck).
   819 | D:2      | 819 ||| Stepping randomly (stuck).
   820 | D:2      | 820 ||| Stepping randomly (stuck).
   821 | D:2      | 821 ||| Stepping randomly (stuck).
   822 | D:2      | 822 ||| Stepping randomly (stuck).
   823 | D:2      | 823 ||| Stepping randomly (stuck).
   824 | D:2      | 824 ||| Stepping randomly (stuck).
   825 | D:2      | 825 ||| Stepping randomly (stuck).
   826 | D:2      | 826 ||| Stepping randomly (stuck).
   827 | D:2      | 827 ||| Stepping randomly (stuck).
   828 | D:2      | 828 ||| Stepping randomly (stuck).
   829 | D:2      | 829 ||| Stepping randomly (stuck).
   830 | D:2      | 830 ||| Stepping randomly (stuck).
   831 | D:2      | 831 ||| Stepping randomly (stuck).
   832 | D:2      | 832 ||| Stepping randomly (stuck).
   833 | D:2      | 833 ||| Stepping randomly (stuck).
   834 | D:2      | 834 ||| Stepping randomly (stuck).
   835 | D:2      | 835 ||| Stepping randomly (stuck).
   836 | D:2      | 836 ||| Stepping randomly (stuck).
   837 | D:2      | 837 ||| Stepping randomly (stuck).
   838 | D:2      | 838 ||| Stepping randomly (stuck).
   839 | D:2      | 839 ||| Stepping randomly (stuck).
   840 | D:2      | 840 ||| Stepping randomly (stuck).
   841 | D:2      | 841 ||| Stepping randomly (stuck).
   842 | D:2      | 842 ||| Stepping randomly (stuck).
   843 | D:2      | 843 ||| Stepping randomly (stuck).
   844 | D:2      | 844 ||| Stepping randomly (stuck).
   845 | D:2      | 845 ||| Stepping randomly (stuck).
   846 | D:2      | 846 ||| Stepping randomly (stuck).
   847 | D:2      | 847 ||| Stepping randomly (stuck).
   848 | D:2      | 848 ||| Stepping randomly (stuck).
   849 | D:2      | 849 ||| Stepping randomly (stuck).
   850 | D:2      | 850 ||| Stepping randomly (stuck).
   851 | D:2      | 851 ||| Stepping randomly (stuck).
   852 | D:2      | 852 ||| Stepping randomly (stuck).
   853 | D:2      | 853 ||| Stepping randomly (stuck).
   854 | D:2      | 854 ||| Stepping randomly (stuck).
   855 | D:2      | 855 ||| Stepping randomly (stuck).
   856 | D:2      | 856 ||| Stepping randomly (stuck).
   857 | D:2      | 857 ||| Stepping randomly (stuck).
   858 | D:2      | 858 ||| Stepping randomly (stuck).
   859 | D:2      | 859 ||| Stepping randomly (stuck).
   860 | D:2      | 860 ||| Stepping randomly (stuck).
   861 | D:2      | 861 ||| Stepping randomly (stuck).
   862 | D:2      | 862 ||| Stepping randomly (stuck).
   863 | D:2      | 863 ||| Stepping randomly (stuck).
   864 | D:2      | 864 ||| Stepping randomly (stuck).
   865 | D:2      | 865 ||| Stepping randomly (stuck).
   866 | D:2      | 866 ||| Stepping randomly (stuck).
   867 | D:2      | 867 ||| Stepping randomly (stuck).
   868 | D:2      | 868 ||| Stepping randomly (stuck).
   869 | D:2      | 869 ||| Stepping randomly (stuck).
   870 | D:2      | 870 ||| Stepping randomly (stuck).
   871 | D:2      | 871 ||| Stepping randomly (stuck).
   872 | D:2      | 872 ||| Stepping randomly (stuck).
   873 | D:2      | 873 ||| Stepping randomly (stuck).
   874 | D:2      | 874 ||| Stepping randomly (stuck).
   875 | D:2      | 875 ||| Stepping randomly (stuck).
   876 | D:2      | 876 ||| Stepping randomly (stuck).
   877 | D:2      | 877 ||| Stepping randomly (stuck).
   878 | D:2      | 878 ||| Stepping randomly (stuck).
   879 | D:2      | 879 ||| Stepping randomly (stuck).
   880 | D:2      | 880 ||| Stepping randomly (stuck).
   881 | D:2      | 881 ||| Stepping randomly (stuck).
   882 | D:2      | 882 ||| Stepping randomly (stuck).
   883 | D:2      | 883 ||| Stepping randomly (stuck).
   884 | D:2      | 884 ||| Stepping randomly (stuck).
   885 | D:2      | 885 ||| Stepping randomly (stuck).
   886 | D:2      | 886 ||| Stepping randomly (stuck).
   887 | D:2      | 887 ||| Stepping randomly (stuck).
   888 | D:2      | 888 ||| Stepping randomly (stuck).
   889 | D:2      | 889 ||| Stepping randomly (stuck).
   890 | D:2      | 890 ||| Stepping randomly (stuck).
   891 | D:2      | 891 ||| Stepping randomly (stuck).
   892 | D:2      | 892 ||| Stepping randomly (stuck).
   893 | D:2      | 893 ||| Stepping randomly (stuck).
   894 | D:2      | 894 ||| Stepping randomly (stuck).
   895 | D:2      | 895 ||| Stepping randomly (stuck).
   896 | D:2      | 896 ||| Stepping randomly (stuck).
   897 | D:2      | 897 ||| Stepping randomly (stuck).
   898 | D:2      | 898 ||| Stepping randomly (stuck).
   899 | D:2      | 899 ||| Stepping randomly (stuck).
   900 | D:2      | 900 ||| Stepping randomly (stuck).
   901 | D:2      | 901 ||| Stepping randomly (stuck).
   902 | D:2      | 902 ||| Stepping randomly (stuck).
   903 | D:2      | 903 ||| Stepping randomly (stuck).
   904 | D:2      | 904 ||| Stepping randomly (stuck).
   905 | D:2      | 905 ||| Stepping randomly (stuck).
   906 | D:2      | 906 ||| Stepping randomly (stuck).
   907 | D:2      | 907 ||| Stepping randomly (stuck).
   908 | D:2      | 908 ||| Stepping randomly (stuck).
   909 | D:2      | 909 ||| Stepping randomly (stuck).
   910 | D:2      | 910 ||| Stepping randomly (stuck).
   911 | D:2      | 911 ||| Stepping randomly (stuck).
   912 | D:2      | 912 ||| Stepping randomly (stuck).
   913 | D:2      | 913 ||| Stepping randomly (stuck).
   914 | D:2      | 914 ||| Stepping randomly (stuck).
   915 | D:2      | 915 ||| Stepping randomly (stuck).
   916 | D:2      | 916 ||| Stepping randomly (stuck).
   917 | D:2      | 917 ||| Stepping randomly (stuck).
   918 | D:2      | 918 ||| Stepping randomly (stuck).
   919 | D:2      | 919 ||| Stepping randomly (stuck).
   920 | D:2      | 920 ||| Stepping randomly (stuck).
   921 | D:2      | 921 ||| Stepping randomly (stuck).
   922 | D:2      | 922 ||| Stepping randomly (stuck).
   923 | D:2      | 923 ||| Stepping randomly (stuck).
   924 | D:2      | 924 ||| Stepping randomly (stuck).
   925 | D:2      | 925 ||| Stepping randomly (stuck).
   926 | D:2      | 926 ||| Stepping randomly (stuck).
   927 | D:2      | 927 ||| Stepping randomly (stuck).
   928 | D:2      | 928 ||| Stepping randomly (stuck).
   929 | D:2      | 929 ||| Stepping randomly (stuck).
   930 | D:2      | 930 ||| Stepping randomly (stuck).
   931 | D:2      | 931 ||| Stepping randomly (stuck).
   932 | D:2      | 932 ||| Stepping randomly (stuck).
   933 | D:2      | 933 ||| Stepping randomly (stuck).
   934 | D:2      | 934 ||| Stepping randomly (stuck).
   935 | D:2      | 935 ||| Stepping randomly (stuck).
   936 | D:2      | 936 ||| Stepping randomly (stuck).
   937 | D:2      | 937 ||| Stepping randomly (stuck).
   938 | D:2      | 938 ||| Stepping randomly (stuck).
   939 | D:2      | 939 ||| Stepping randomly (stuck).
   940 | D:2      | 940 ||| Stepping randomly (stuck).
   941 | D:2      | 941 ||| Stepping randomly (stuck).
   942 | D:2      | 942 ||| Stepping randomly (stuck).
   943 | D:2      | 943 ||| Stepping randomly (stuck).
   944 | D:2      | 944 ||| Stepping randomly (stuck).
   945 | D:2      | 945 ||| Stepping randomly (stuck).
   946 | D:2      | 946 ||| Stepping randomly (stuck).
   947 | D:2      | 947 ||| Stepping randomly (stuck).
   948 | D:2      | 948 ||| Stepping randomly (stuck).
   949 | D:2      | 949 ||| Stepping randomly (stuck).
   950 | D:2      | 950 ||| Stepping randomly (stuck).
   951 | D:2      | 951 ||| Stepping randomly (stuck).
   952 | D:2      | 952 ||| Stepping randomly (stuck).
   953 | D:2      | 953 ||| Stepping randomly (stuck).
   954 | D:2      | 954 ||| Stepping randomly (stuck).
   955 | D:2      | 955 ||| Stepping randomly (stuck).
   956 | D:2      | 956 ||| Stepping randomly (stuck).
   957 | D:2      | 957 ||| Stepping randomly (stuck).
   958 | D:2      | 958 ||| Stepping randomly (stuck).
   959 | D:2      | 959 ||| Stepping randomly (stuck).
   960 | D:2      | 960 ||| Stepping randomly (stuck).
   961 | D:2      | 961 ||| Stepping randomly (stuck).
   962 | D:2      | 962 ||| Stepping randomly (stuck).
   963 | D:2      | 963 ||| Stepping randomly (stuck).
   964 | D:2      | 964 ||| Stepping randomly (stuck).
   965 | D:2      | 965 ||| Stepping randomly (stuck).
   966 | D:2      | 966 ||| Stepping randomly (stuck).
   967 | D:2      | 967 ||| Stepping randomly (stuck).
   968 | D:2      | 968 ||| Stepping randomly (stuck).
   969 | D:2      | 969 ||| Stepping randomly (stuck).
   970 | D:2      | 970 ||| Stepping randomly (stuck).
   971 | D:2      | 971 ||| Stepping randomly (stuck).
   972 | D:2      | 972 ||| Stepping randomly (stuck).
   973 | D:2      | 973 ||| Stepping randomly (stuck).
   974 | D:2      | 974 ||| Stepping randomly (stuck).
   975 | D:2      | 975 ||| Stepping randomly (stuck).
   976 | D:2      | 976 ||| Stepping randomly (stuck).
   977 | D:2      | 977 ||| Stepping randomly (stuck).
   978 | D:2      | 978 ||| Stepping randomly (stuck).
   979 | D:2      | 979 ||| Stepping randomly (stuck).
   980 | D:2      | 980 ||| Stepping randomly (stuck).
   981 | D:2      | 981 ||| Stepping randomly (stuck).
   982 | D:2      | 982 ||| Stepping randomly (stuck).
   983 | D:2      | 983 ||| Stepping randomly (stuck).
   984 | D:2      | 984 ||| Stepping randomly (stuck).
   985 | D:2      | 985 ||| Stepping randomly (stuck).
   986 | D:2      | 986 ||| Stepping randomly (stuck).
   987 | D:2      | 987 ||| Stepping randomly (stuck).
   988 | D:2      | 988 ||| Stepping randomly (stuck).
   989 | D:2      | 989 ||| Stepping randomly (stuck).
   990 | D:2      | 990 ||| Stepping randomly (stuck).
   991 | D:2      | 991 ||| Stepping randomly (stuck).
   992 | D:2      | 992 ||| Stepping randomly (stuck).
   993 | D:2      | 993 ||| Stepping randomly (stuck).
   994 | D:2      | 994 ||| Stepping randomly (stuck).
   995 | D:2      | 995 ||| Stepping randomly (stuck).
   996 | D:2      | 996 ||| Stepping randomly (stuck).
   997 | D:2      | 997 ||| Stepping randomly (stuck).
   998 | D:2      | 998 ||| Stepping randomly (stuck).
   999 | D:2      | 999 ||| Stepping randomly (stuck).
  1000 | D:2      | 1000 ||| Stepping randomly (stuck).
  1001 | D:2      | 1001 ||| Stepping randomly (stuck).
  1002 | D:2      | 1002 ||| Stepping randomly (stuck).
  1003 | D:2      | 1003 ||| Stepping randomly (stuck).
  1004 | D:2      | 1004 ||| Stepping randomly (stuck).
  1005 | D:2      | 1005 ||| Stepping randomly (stuck).
  1006 | D:2      | 1006 ||| Stepping randomly (stuck).
  1007 | D:2      | 1007 ||| Stepping randomly (stuck).
  1008 | D:2      | 1008 ||| Stepping randomly (stuck).
  1009 | D:2      | 1009 ||| Stepping randomly (stuck).
  1010 | D:2      | 1010 ||| Stepping randomly (stuck).
  1011 | D:2      | 1011 ||| Stepping randomly (stuck).
  1012 | D:2      | 1012 ||| Stepping randomly (stuck).
  1013 | D:2      | 1013 ||| Stepping randomly (stuck).
  1014 | D:2      | 1014 ||| Stepping randomly (stuck).
  1015 | D:2      | 1015 ||| Stepping randomly (stuck).
  1016 | D:2      | 1016 ||| Stepping randomly (stuck).
  1017 | D:2      | 1017 ||| Stepping randomly (stuck).
  1018 | D:2      | 1018 ||| Stepping randomly (stuck).
  1019 | D:2      | 1019 ||| Stepping randomly (stuck).
  1020 | D:2      | 1020 ||| Stepping randomly (stuck).
  1021 | D:2      | 1021 ||| Stepping randomly (stuck).
  1022 | D:2      | 1022 ||| Stepping randomly (stuck).
  1023 | D:2      | 1023 ||| Stepping randomly (stuck).
  1024 | D:2      | 1024 ||| Stepping randomly (stuck).
  1025 | D:2      | 1025 ||| Stepping randomly (stuck).
  1026 | D:2      | 1026 ||| Stepping randomly (stuck).
  1027 | D:2      | 1027 ||| Stepping randomly (stuck).
  1028 | D:2      | 1028 ||| Stepping randomly (stuck).
  1029 | D:2      | 1029 ||| Stepping randomly (stuck).
  1030 | D:2      | 1030 ||| Stepping randomly (stuck).
  1031 | D:2      | 1031 ||| Stepping randomly (stuck).
  1032 | D:2      | 1032 ||| Stepping randomly (stuck).
  1033 | D:2      | 1033 ||| Stepping randomly (stuck).
  1034 | D:2      | 1034 ||| Stepping randomly (stuck).
  1035 | D:2      | 1035 ||| Stepping randomly (stuck).
  1036 | D:2      | 1036 ||| Stepping randomly (stuck).
  1037 | D:2      | 1037 ||| Stepping randomly (stuck).
  1038 | D:2      | 1038 ||| Stepping randomly (stuck).
  1039 | D:2      | 1039 ||| Stepping randomly (stuck).
  1040 | D:2      | 1040 ||| Stepping randomly (stuck).
  1041 | D:2      | 1041 ||| Stepping randomly (stuck).
  1042 | D:2      | 1042 ||| Stepping randomly (stuck).
  1043 | D:2      | 1043 ||| Stepping randomly (stuck).
  1044 | D:2      | 1044 ||| Stepping randomly (stuck).
  1045 | D:2      | 1045 ||| Stepping randomly (stuck).
  1046 | D:2      | 1046 ||| Stepping randomly (stuck).
  1047 | D:2      | 1047 ||| Stepping randomly (stuck).
  1048 | D:2      | 1048 ||| Stepping randomly (stuck).
  1049 | D:2      | 1049 ||| Stepping randomly (stuck).
  1050 | D:2      | 1050 ||| Stepping randomly (stuck).
  1051 | D:2      | 1051 ||| Stepping randomly (stuck).
  1052 | D:2      | 1052 ||| Stepping randomly (stuck).
  1053 | D:2      | 1053 ||| Stepping randomly (stuck).
  1054 | D:2      | 1054 ||| Stepping randomly (stuck).
  1055 | D:2      | 1055 ||| Stepping randomly (stuck).
  1056 | D:2      | 1056 ||| Stepping randomly (stuck).
  1057 | D:2      | 1057 ||| Stepping randomly (stuck).
  1058 | D:2      | 1058 ||| Stepping randomly (stuck).
  1059 | D:2      | 1059 ||| Stepping randomly (stuck).
  1060 | D:2      | 1060 ||| Stepping randomly (stuck).
  1061 | D:2      | 1061 ||| Stepping randomly (stuck).
  1062 | D:2      | 1062 ||| Stepping randomly (stuck).
  1063 | D:2      | 1063 ||| Stepping randomly (stuck).
  1064 | D:2      | 1064 ||| Stepping randomly (stuck).
  1065 | D:2      | 1065 ||| Stepping randomly (stuck).
  1066 | D:2      | 1066 ||| Stepping randomly (stuck).
  1067 | D:2      | 1067 ||| Stepping randomly (stuck).
  1068 | D:2      | 1068 ||| Stepping randomly (stuck).
  1069 | D:2      | 1069 ||| Stepping randomly (stuck).
  1070 | D:2      | 1070 ||| Stepping randomly (stuck).
  1071 | D:2      | 1071 ||| Stepping randomly (stuck).
  1072 | D:2      | 1072 ||| Stepping randomly (stuck).
  1073 | D:2      | 1073 ||| Stepping randomly (stuck).
  1074 | D:2      | 1074 ||| Stepping randomly (stuck).
  1075 | D:2      | 1075 ||| Stepping randomly (stuck).
  1076 | D:2      | 1076 ||| Stepping randomly (stuck).
  1077 | D:2      | 1077 ||| Stepping randomly (stuck).
  1078 | D:2      | 1078 ||| Stepping randomly (stuck).
  1079 | D:2      | 1079 ||| Stepping randomly (stuck).
  1080 | D:2      | 1080 ||| Stepping randomly (stuck).
  1081 | D:2      | 1081 ||| Stepping randomly (stuck).
  1082 | D:2      | 1082 ||| Stepping randomly (stuck).
  1083 | D:2      | 1083 ||| Stepping randomly (stuck).
  1084 | D:2      | 1084 ||| Stepping randomly (stuck).
  1085 | D:2      | 1085 ||| Stepping randomly (stuck).
  1086 | D:2      | 1086 ||| Stepping randomly (stuck).
  1087 | D:2      | 1087 ||| Stepping randomly (stuck).
  1088 | D:2      | 1088 ||| Stepping randomly (stuck).
  1089 | D:2      | 1089 ||| Stepping randomly (stuck).
  1090 | D:2      | 1090 ||| Stepping randomly (stuck).
  1091 | D:2      | 1091 ||| Stepping randomly (stuck).
  1092 | D:2      | 1092 ||| Stepping randomly (stuck).
  1093 | D:2      | 1093 ||| Stepping randomly (stuck).
  1094 | D:2      | 1094 ||| Stepping randomly (stuck).
  1095 | D:2      | 1095 ||| Stepping randomly (stuck).
  1096 | D:2      | 1096 ||| Stepping randomly (stuck).
  1097 | D:2      | 1097 ||| Stepping randomly (stuck).
  1098 | D:2      | 1098 ||| Stepping randomly (stuck).
  1099 | D:2      | 1099 ||| Stepping randomly (stuck).
  1100 | D:2      | 1100 ||| Stepping randomly (stuck).
  1101 | D:2      | 1101 ||| Stepping randomly (stuck).
  1102 | D:2      | 1102 ||| Stepping randomly (stuck).
  1103 | D:2      | 1103 ||| Stepping randomly (stuck).
  1104 | D:2      | 1104 ||| Stepping randomly (stuck).
  1105 | D:2      | 1105 ||| Stepping randomly (stuck).
  1106 | D:2      | 1106 ||| Stepping randomly (stuck).
  1107 | D:2      | 1107 ||| Stepping randomly (stuck).
  1108 | D:2      | 1108 ||| Stepping randomly (stuck).
  1109 | D:2      | 1109 ||| Stepping randomly (stuck).
  1110 | D:2      | 1110 ||| Stepping randomly (stuck).
  1111 | D:2      | 1111 ||| Stepping randomly (stuck).
  1112 | D:2      | 1112 ||| Stepping randomly (stuck).
  1113 | D:2      | 1113 ||| Stepping randomly (stuck).
  1114 | D:2      | 1114 ||| Stepping randomly (stuck).
  1115 | D:2      | 1115 ||| Stepping randomly (stuck).
  1116 | D:2      | 1116 ||| Stepping randomly (stuck).
  1117 | D:2      | 1117 ||| Stepping randomly (stuck).
  1118 | D:2      | 1118 ||| Stepping randomly (stuck).
  1119 | D:2      | 1119 ||| Stepping randomly (stuck).
  1120 | D:2      | 1120 ||| Stepping randomly (stuck).
  1121 | D:2      | 1121 ||| Stepping randomly (stuck).
  1122 | D:2      | 1122 ||| Stepping randomly (stuck).
  1123 | D:2      | 1123 ||| Stepping randomly (stuck).
  1124 | D:2      | 1124 ||| Stepping randomly (stuck).
  1125 | D:2      | 1125 ||| Stepping randomly (stuck).
  1126 | D:2      | 1126 ||| Stepping randomly (stuck).
  1127 | D:2      | 1127 ||| Stepping randomly (stuck).
  1128 | D:2      | 1128 ||| Stepping randomly (stuck).
  1129 | D:2      | 1129 ||| Stepping randomly (stuck).
  1130 | D:2      | 1130 ||| Stepping randomly (stuck).
  1131 | D:2      | 1131 ||| Stepping randomly (stuck).
  1132 | D:2      | 1132 ||| Stepping randomly (stuck).
  1133 | D:2      | 1133 ||| Stepping randomly (stuck).
  1134 | D:2      | 1134 ||| Stepping randomly (stuck).
  1135 | D:2      | 1135 ||| Stepping randomly (stuck).
  1136 | D:2      | 1136 ||| Stepping randomly (stuck).
  1137 | D:2      | 1137 ||| Stepping randomly (stuck).
  1138 | D:2      | 1138 ||| Stepping randomly (stuck).
  1139 | D:2      | 1139 ||| Stepping randomly (stuck).
  1140 | D:2      | 1140 ||| Stepping randomly (stuck).
  1141 | D:2      | 1141 ||| Stepping randomly (stuck).
  1142 | D:2      | 1142 ||| Stepping randomly (stuck).
  1143 | D:2      | 1143 ||| Stepping randomly (stuck).
  1144 | D:2      | 1144 ||| Stepping randomly (stuck).
  1145 | D:2      | 1145 ||| Stepping randomly (stuck).
  1146 | D:2      | 1146 ||| Stepping randomly (stuck).
  1147 | D:2      | 1147 ||| Stepping randomly (stuck).
  1148 | D:2      | 1148 ||| Stepping randomly (stuck).
  1149 | D:2      | 1149 ||| Stepping randomly (stuck).
  1150 | D:2      | 1150 ||| Stepping randomly (stuck).
  1151 | D:2      | 1151 ||| Stepping randomly (stuck).
  1152 | D:2      | 1152 ||| Stepping randomly (stuck).
  1153 | D:2      | 1153 ||| Stepping randomly (stuck).
  1154 | D:2      | 1154 ||| Stepping randomly (stuck).
  1155 | D:2      | 1155 ||| Stepping randomly (stuck).
  1156 | D:2      | 1156 ||| Stepping randomly (stuck).
  1157 | D:2      | 1157 ||| Stepping randomly (stuck).
  1158 | D:2      | 1158 ||| Stepping randomly (stuck).
  1159 | D:2      | 1159 ||| Stepping randomly (stuck).
  1160 | D:2      | 1160 ||| Stepping randomly (stuck).
  1161 | D:2      | 1161 ||| Stepping randomly (stuck).
  1162 | D:2      | 1162 ||| Stepping randomly (stuck).
  1163 | D:2      | 1163 ||| Stepping randomly (stuck).
  1164 | D:2      | 1164 ||| Stepping randomly (stuck).
  1165 | D:2      | 1165 ||| Stepping randomly (stuck).
  1166 | D:2      | 1166 ||| Stepping randomly (stuck).
  1167 | D:2      | 1167 ||| Stepping randomly (stuck).
  1168 | D:2      | 1168 ||| Stepping randomly (stuck).
  1169 | D:2      | 1169 ||| Stepping randomly (stuck).
  1170 | D:2      | 1170 ||| Stepping randomly (stuck).
  1171 | D:2      | 1171 ||| Stepping randomly (stuck).
  1172 | D:2      | 1172 ||| Stepping randomly (stuck).
  1173 | D:2      | 1173 ||| Stepping randomly (stuck).
  1174 | D:2      | 1174 ||| Stepping randomly (stuck).
  1175 | D:2      | 1175 ||| Stepping randomly (stuck).
  1176 | D:2      | 1176 ||| Stepping randomly (stuck).
  1177 | D:2      | 1177 ||| Stepping randomly (stuck).
  1178 | D:2      | 1178 ||| Stepping randomly (stuck).
  1179 | D:2      | 1179 ||| Stepping randomly (stuck).
  1180 | D:2      | 1180 ||| Stepping randomly (stuck).
  1181 | D:2      | 1181 ||| Stepping randomly (stuck).
  1182 | D:2      | 1182 ||| Stepping randomly (stuck).
  1183 | D:2      | 1183 ||| Stepping randomly (stuck).
  1184 | D:2      | 1184 ||| Stepping randomly (stuck).
  1185 | D:2      | 1185 ||| Stepping randomly (stuck).
  1186 | D:2      | 1186 ||| Stepping randomly (stuck).
  1187 | D:2      | 1187 ||| Stepping randomly (stuck).
  1188 | D:2      | 1188 ||| Stepping randomly (stuck).
  1189 | D:2      | 1189 ||| Stepping randomly (stuck).
  1190 | D:2      | 1190 ||| Stepping randomly (stuck).
  1191 | D:2      | 1191 ||| Stepping randomly (stuck).
  1192 | D:2      | 1192 ||| Stepping randomly (stuck).
  1193 | D:2      | 1193 ||| Stepping randomly (stuck).
  1194 | D:2      | 1194 ||| Stepping randomly (stuck).
  1195 | D:2      | 1195 ||| Stepping randomly (stuck).
  1196 | D:2      | 1196 ||| Stepping randomly (stuck).
  1197 | D:2      | 1197 ||| Stepping randomly (stuck).
  1198 | D:2      | 1198 ||| Stepping randomly (stuck).
  1199 | D:2      | 1199 ||| Stepping randomly (stuck).
  1200 | D:2      | 1200 ||| Stepping randomly (stuck).
  1201 | D:2      | 1201 ||| Stepping randomly (stuck).
  1202 | D:2      | 1202 ||| Stepping randomly (stuck).
  1203 | D:2      | 1203 ||| Stepping randomly (stuck).
  1204 | D:2      | 1204 ||| Stepping randomly (stuck).
  1205 | D:2      | 1205 ||| Stepping randomly (stuck).
  1206 | D:2      | 1206 ||| Stepping randomly (stuck).
  1207 | D:2      | 1207 ||| Stepping randomly (stuck).
  1208 | D:2      | 1208 ||| Stepping randomly (stuck).
  1209 | D:2      | 1209 ||| Stepping randomly (stuck).
  1210 | D:2      | 1210 ||| Stepping randomly (stuck).
  1211 | D:2      | 1211 ||| Stepping randomly (stuck).
  1212 | D:2      | 1212 ||| Stepping randomly (stuck).
  1213 | D:2      | 1213 ||| Stepping randomly (stuck).
  1214 | D:2      | 1214 ||| Stepping randomly (stuck).
  1215 | D:2      | 1215 ||| Stepping randomly (stuck).
  1216 | D:2      | 1216 ||| Stepping randomly (stuck).
  1217 | D:2      | 1217 ||| Stepping randomly (stuck).
  1218 | D:2      | 1218 ||| Stepping randomly (stuck).
  1219 | D:2      | 1219 ||| Stepping randomly (stuck).
  1220 | D:2      | 1220 ||| Stepping randomly (stuck).
  1221 | D:2      | 1221 ||| Stepping randomly (stuck).
  1222 | D:2      | 1222 ||| Stepping randomly (stuck).
  1223 | D:2      | 1223 ||| Stepping randomly (stuck).
  1224 | D:2      | 1224 ||| Stepping randomly (stuck).
  1225 | D:2      | 1225 ||| Stepping randomly (stuck).
  1226 | D:2      | 1226 ||| Stepping randomly (stuck).
  1227 | D:2      | 1227 ||| Stepping randomly (stuck).
  1228 | D:2      | 1228 ||| Stepping randomly (stuck).
  1229 | D:2      | 1229 ||| Stepping randomly (stuck).
  1230 | D:2      | 1230 ||| Stepping randomly (stuck).
  1231 | D:2      | 1231 ||| Stepping randomly (stuck).
  1232 | D:2      | 1232 ||| Stepping randomly (stuck).
  1233 | D:2      | 1233 ||| Stepping randomly (stuck).
  1234 | D:2      | 1234 ||| Stepping randomly (stuck).
  1235 | D:2      | 1235 ||| Stepping randomly (stuck).
  1236 | D:2      | 1236 ||| Stepping randomly (stuck).
  1237 | D:2      | 1237 ||| Stepping randomly (stuck).
  1238 | D:2      | 1238 ||| Stepping randomly (stuck).
  1239 | D:2      | 1239 ||| Stepping randomly (stuck).
  1240 | D:2      | 1240 ||| Stepping randomly (stuck).
  1241 | D:2      | 1241 ||| Stepping randomly (stuck).
  1242 | D:2      | 1242 ||| Stepping randomly (stuck).
  1243 | D:2      | 1243 ||| Stepping randomly (stuck).
  1244 | D:2      | 1244 ||| Stepping randomly (stuck).
  1245 | D:2      | 1245 ||| Stepping randomly (stuck).
  1246 | D:2      | 1246 ||| Stepping randomly (stuck).
  1247 | D:2      | 1247 ||| Stepping randomly (stuck).
  1248 | D:2      | 1248 ||| Stepping randomly (stuck).
  1249 | D:2      | 1249 ||| Stepping randomly (stuck).
  1250 | D:2      | 1250 ||| Stepping randomly (stuck).
  1251 | D:2      | 1251 ||| Stepping randomly (stuck).
  1252 | D:2      | 1252 ||| Stepping randomly (stuck).
  1253 | D:2      | 1253 ||| Stepping randomly (stuck).
  1254 | D:2      | 1254 ||| Stepping randomly (stuck).
  1255 | D:2      | 1255 ||| Stepping randomly (stuck).
  1256 | D:2      | 1256 ||| Stepping randomly (stuck).
  1257 | D:2      | 1257 ||| Stepping randomly (stuck).
  1258 | D:2      | 1258 ||| Stepping randomly (stuck).
  1259 | D:2      | 1259 ||| Stepping randomly (stuck).
  1260 | D:2      | 1260 ||| Stepping randomly (stuck).
  1261 | D:2      | 1261 ||| Stepping randomly (stuck).
  1262 | D:2      | 1262 ||| Stepping randomly (stuck).
  1263 | D:2      | 1263 ||| Stepping randomly (stuck).
  1264 | D:2      | 1264 ||| Stepping randomly (stuck).
  1265 | D:2      | 1265 ||| Stepping randomly (stuck).
  1266 | D:2      | 1266 ||| Stepping randomly (stuck).
  1267 | D:2      | 1267 ||| Stepping randomly (stuck).
  1268 | D:2      | 1268 ||| Stepping randomly (stuck).
  1269 | D:2      | 1269 ||| Stepping randomly (stuck).
  1270 | D:2      | 1270 ||| Stepping randomly (stuck).
  1271 | D:2      | 1271 ||| Stepping randomly (stuck).
  1272 | D:2      | 1272 ||| Stepping randomly (stuck).
  1273 | D:2      | 1273 ||| Stepping randomly (stuck).
  1274 | D:2      | 1274 ||| Stepping randomly (stuck).
  1275 | D:2      | 1275 ||| Stepping randomly (stuck).
  1276 | D:2      | 1276 ||| Stepping randomly (stuck).
  1277 | D:2      | 1277 ||| Stepping randomly (stuck).
  1278 | D:2      | 1278 ||| Stepping randomly (stuck).
  1279 | D:2      | 1279 ||| Stepping randomly (stuck).
  1280 | D:2      | 1280 ||| Stepping randomly (stuck).
  1281 | D:2      | 1281 ||| Stepping randomly (stuck).
  1282 | D:2      | 1282 ||| Stepping randomly (stuck).
  1283 | D:2      | 1283 ||| Stepping randomly (stuck).
  1284 | D:2      | 1284 ||| Stepping randomly (stuck).
  1285 | D:2      | 1285 ||| Stepping randomly (stuck).
  1286 | D:2      | 1286 ||| Stepping randomly (stuck).
  1287 | D:2      | 1287 ||| Stepping randomly (stuck).
  1288 | D:2      | 1288 ||| Stepping randomly (stuck).
  1289 | D:2      | 1289 ||| Stepping randomly (stuck).
  1290 | D:2      | 1290 ||| Stepping randomly (stuck).
  1291 | D:2      | 1291 ||| Stepping randomly (stuck).
  1292 | D:2      | 1292 ||| Stepping randomly (stuck).
  1293 | D:2      | 1293 ||| Stepping randomly (stuck).
  1294 | D:2      | 1294 ||| Stepping randomly (stuck).
  1295 | D:2      | 1295 ||| Stepping randomly (stuck).
  1296 | D:2      | 1296 ||| Stepping randomly (stuck).
  1297 | D:2      | 1297 ||| Stepping randomly (stuck).
  1298 | D:2      | 1298 ||| Stepping randomly (stuck).
  1299 | D:2      | 1299 ||| Stepping randomly (stuck).
  1300 | D:2      | 1300 ||| Stepping randomly (stuck).
  1301 | D:2      | 1301 ||| Stepping randomly (stuck).
  1302 | D:2      | 1302 ||| Stepping randomly (stuck).
  1303 | D:2      | 1303 ||| Stepping randomly (stuck).
  1304 | D:2      | 1304 ||| Stepping randomly (stuck).
  1305 | D:2      | 1305 ||| Stepping randomly (stuck).
  1306 | D:2      | 1306 ||| Stepping randomly (stuck).
  1307 | D:2      | 1307 ||| Stepping randomly (stuck).
  1308 | D:2      | 1308 ||| Stepping randomly (stuck).
  1309 | D:2      | 1309 ||| Stepping randomly (stuck).
  1310 | D:2      | 1310 ||| Stepping randomly (stuck).
  1311 | D:2      | 1311 ||| Stepping randomly (stuck).
  1312 | D:2      | 1312 ||| Stepping randomly (stuck).
  1313 | D:2      | 1313 ||| Stepping randomly (stuck).
  1314 | D:2      | 1314 ||| Stepping randomly (stuck).
  1315 | D:2      | 1315 ||| Stepping randomly (stuck).
  1316 | D:2      | 1316 ||| Stepping randomly (stuck).
  1317 | D:2      | 1317 ||| Stepping randomly (stuck).
  1318 | D:2      | 1318 ||| Stepping randomly (stuck).
  1319 | D:2      | 1319 ||| Stepping randomly (stuck).
  1320 | D:2      | 1320 ||| Stepping randomly (stuck).
  1321 | D:2      | 1321 ||| Stepping randomly (stuck).
  1322 | D:2      | 1322 ||| Stepping randomly (stuck).
  1323 | D:2      | 1323 ||| Stepping randomly (stuck).
  1324 | D:2      | 1324 ||| Stepping randomly (stuck).
  1325 | D:2      | 1325 ||| Stepping randomly (stuck).
  1326 | D:2      | 1326 ||| Stepping randomly (stuck).
  1328 | D:2      | 1328 ||| Stepping randomly (stuck).
  1329 | D:2      | 1329 ||| Stepping randomly (stuck).
  1330 | D:2      | 1330 ||| Stepping randomly (stuck).
  1331 | D:2      | 1331 ||| Stepping randomly (stuck).
  1332 | D:2      | 1332 ||| Stepping randomly (stuck).
  1333 | D:2      | 1333 ||| Stepping randomly (stuck).
  1334 | D:2      | 1334 ||| Stepping randomly (stuck).
  1335 | D:2      | 1335 ||| Stepping randomly (stuck).
  1336 | D:2      | 1336 ||| Stepping randomly (stuck).
  1337 | D:2      | 1337 ||| Stepping randomly (stuck).
  1338 | D:2      | 1338 ||| Stepping randomly (stuck).
  1339 | D:2      | 1339 ||| Stepping randomly (stuck).
  1340 | D:2      | 1340 ||| Stepping randomly (stuck).
  1341 | D:2      | 1341 ||| Stepping randomly (stuck).
  1342 | D:2      | 1342 ||| Stepping randomly (stuck).
  1343 | D:2      | 1343 ||| Stepping randomly (stuck).
  1344 | D:2      | 1344 ||| Stepping randomly (stuck).
  1345 | D:2      | 1345 ||| Stepping randomly (stuck).
  1346 | D:2      | 1346 ||| Stepping randomly (stuck).
  1347 | D:2      | 1347 ||| Stepping randomly (stuck).
  1348 | D:2      | 1348 ||| Stepping randomly (stuck).
  1349 | D:2      | 1349 ||| Stepping randomly (stuck).
  1350 | D:2      | 1350 ||| Stepping randomly (stuck).
  1351 | D:2      | 1351 ||| Stepping randomly (stuck).
  1352 | D:2      | 1352 ||| Stepping randomly (stuck).
  1353 | D:2      | 1353 ||| Stepping randomly (stuck).
  1354 | D:2      | 1354 ||| Stepping randomly (stuck).
  1355 | D:2      | 1355 ||| Stepping randomly (stuck).
  1356 | D:2      | 1356 ||| Stepping randomly (stuck).
  1357 | D:2      | 1357 ||| Stepping randomly (stuck).
  1358 | D:2      | 1358 ||| Stepping randomly (stuck).
  1359 | D:2      | 1359 ||| Stepping randomly (stuck).
  1360 | D:2      | 1360 ||| Stepping randomly (stuck).
  1361 | D:2      | 1361 ||| Stepping randomly (stuck).
  1362 | D:2      | 1362 ||| Stepping randomly (stuck).
  1363 | D:2      | 1363 ||| Stepping randomly (stuck).
  1364 | D:2      | 1364 ||| Stepping randomly (stuck).
  1365 | D:2      | 1365 ||| Stepping randomly (stuck).
  1366 | D:2      | 1366 ||| Stepping randomly (stuck).
  1367 | D:2      | 1367 ||| Stepping randomly (stuck).
  1368 | D:2      | 1368 ||| Stepping randomly (stuck).
  1369 | D:2      | 1369 ||| Stepping randomly (stuck).
  1370 | D:2      | 1370 ||| Stepping randomly (stuck).
  1371 | D:2      | 1371 ||| Stepping randomly (stuck).
  1372 | D:2      | 1372 ||| Stepping randomly (stuck).
  1373 | D:2      | 1373 ||| Stepping randomly (stuck).
  1374 | D:2      | 1374 ||| Stepping randomly (stuck).
  1375 | D:2      | 1375 ||| Stepping randomly (stuck).
  1376 | D:2      | 1376 ||| Stepping randomly (stuck).
  1377 | D:2      | 1377 ||| Stepping randomly (stuck).
  1378 | D:2      | 1378 ||| Stepping randomly (stuck).
  1379 | D:2      | 1379 ||| Stepping randomly (stuck).
  1380 | D:2      | 1380 ||| Stepping randomly (stuck).
  1381 | D:2      | 1381 ||| Stepping randomly (stuck).
  1382 | D:2      | 1382 ||| Stepping randomly (stuck).
  1383 | D:2      | 1383 ||| Stepping randomly (stuck).
  1384 | D:2      | 1384 ||| Stepping randomly (stuck).
  1385 | D:2      | 1385 ||| Stepping randomly (stuck).
  1386 | D:2      | 1386 ||| Stepping randomly (stuck).
  1387 | D:2      | 1387 ||| Stepping randomly (stuck).
  1389 | D:2      | 1389 ||| UPGRADING to +0 leather armour.
  1399 | D:2      | 1399 ||| DROPPING +0 robe.
  1400 | D:2      | 1400 ||| READING scroll labelled SAQIRI UMITH.
  1401 | D:2      | 1401 ||| Stepping randomly (stuck).
  1402 | D:2      | 1402 ||| Stepping randomly (stuck).
  1403 | D:2      | 1403 ||| Stepping randomly (stuck).
  1404 | D:2      | 1404 ||| Stepping randomly (stuck).
  1405 | D:2      | 1405 ||| Stepping randomly (stuck).
  1406 | D:2      | 1406 ||| Stepping randomly (stuck).
  1407 | D:2      | 1407 ||| Stepping randomly (stuck).
  1408 | D:2      | 1408 ||| Stepping randomly (stuck).
  1409 | D:2      | 1409 ||| Stepping randomly (stuck).
  1410 | D:2      | 1410 ||| Stepping randomly (stuck).
  1411 | D:2      | 1411 ||| Stepping randomly (stuck).
  1412 | D:2      | 1412 ||| Stepping randomly (stuck).
  1413 | D:2      | 1413 ||| Stepping randomly (stuck).
  1414 | D:2      | 1414 ||| Stepping randomly (stuck).
  1415 | D:2      | 1415 ||| Stepping randomly (stuck).
  1416 | D:2      | 1416 ||| Stepping randomly (stuck).
  1417 | D:2      | 1417 ||| Stepping randomly (stuck).
  1418 | D:2      | 1418 ||| Stepping randomly (stuck).
  1419 | D:2      | 1419 ||| Stepping randomly (stuck).
  1420 | D:2      | 1420 ||| Stepping randomly (stuck).
  1421 | D:2      | 1421 ||| Stepping randomly (stuck).
  1422 | D:2      | 1422 ||| Stepping randomly (stuck).
  1423 | D:2      | 1423 ||| Stepping randomly (stuck).
  1424 | D:2      | 1424 ||| Stepping randomly (stuck).
  1425 | D:2      | 1425 ||| Stepping randomly (stuck).
  1426 | D:2      | 1426 ||| Stepping randomly (stuck).
  1427 | D:2      | 1427 ||| Stepping randomly (stuck).
  1428 | D:2      | 1428 ||| Stepping randomly (stuck).
  1429 | D:2      | 1429 ||| Stepping randomly (stuck).
  1430 | D:2      | 1430 ||| Stepping randomly (stuck).
  1431 | D:2      | 1431 ||| Stepping randomly (stuck).
  1432 | D:2      | 1432 ||| Stepping randomly (stuck).
  1433 | D:2      | 1433 ||| Stepping randomly (stuck).
  1434 | D:2      | 1434 ||| Stepping randomly (stuck).
  1435 | D:2      | 1435 ||| Stepping randomly (stuck).
  1436 | D:2      | 1436 ||| Stepping randomly (stuck).
  1437 | D:2      | 1437 ||| Stepping randomly (stuck).
  1438 | D:2      | 1438 ||| Stepping randomly (stuck).
  1439 | D:2      | 1439 ||| Stepping randomly (stuck).
  1440 | D:2      | 1440 ||| Stepping randomly (stuck).
  1441 | D:2      | 1441 ||| Stepping randomly (stuck).
  1442 | D:2      | 1442 ||| Stepping randomly (stuck).
  1443 | D:2      | 1443 ||| Stepping randomly (stuck).
  1444 | D:2      | 1444 ||| Stepping randomly (stuck).
  1445 | D:2      | 1445 ||| Stepping randomly (stuck).
  1446 | D:2      | 1446 ||| Stepping randomly (stuck).
  1447 | D:2      | 1447 ||| Stepping randomly (stuck).
  1448 | D:2      | 1448 ||| Stepping randomly (stuck).
  1449 | D:2      | 1449 ||| Stepping randomly (stuck).
  1450 | D:2      | 1450 ||| Stepping randomly (stuck).
  1451 | D:2      | 1451 ||| Stepping randomly (stuck).
  1452 | D:2      | 1452 ||| Stepping randomly (stuck).
  1453 | D:2      | 1453 ||| Stepping randomly (stuck).
  1454 | D:2      | 1454 ||| Stepping randomly (stuck).
  1455 | D:2      | 1455 ||| Stepping randomly (stuck).
  1456 | D:2      | 1456 ||| Stepping randomly (stuck).
  1457 | D:2      | 1457 ||| Stepping randomly (stuck).
  1458 | D:2      | 1458 ||| Stepping randomly (stuck).
  1459 | D:2      | 1459 ||| Stepping randomly (stuck).
  1460 | D:2      | 1460 ||| Stepping randomly (stuck).
  1461 | D:2      | 1461 ||| Stepping randomly (stuck).
  1462 | D:2      | 1462 ||| Stepping randomly (stuck).
  1463 | D:2      | 1463 ||| Stepping randomly (stuck).
  1464 | D:2      | 1464 ||| Stepping randomly (stuck).
  1465 | D:2      | 1465 ||| Stepping randomly (stuck).
  1466 | D:2      | 1466 ||| Stepping randomly (stuck).
  1467 | D:2      | 1467 ||| Stepping randomly (stuck).
  1468 | D:2      | 1468 ||| Stepping randomly (stuck).
  1469 | D:2      | 1469 ||| Stepping randomly (stuck).
  1470 | D:2      | 1470 ||| Stepping randomly (stuck).
  1471 | D:2      | 1471 ||| Stepping randomly (stuck).
  1472 | D:2      | 1472 ||| Stepping randomly (stuck).
  1473 | D:2      | 1473 ||| Stepping randomly (stuck).
  1474 | D:2      | 1474 ||| Stepping randomly (stuck).
  1475 | D:2      | 1475 ||| Stepping randomly (stuck).
  1476 | D:2      | 1476 ||| Stepping randomly (stuck).
  1477 | D:2      | 1477 ||| Stepping randomly (stuck).
  1478 | D:2      | 1478 ||| Stepping randomly (stuck).
  1479 | D:2      | 1479 ||| Stepping randomly (stuck).
  1480 | D:2      | 1480 ||| Stepping randomly (stuck).
  1481 | D:2      | 1481 ||| Stepping randomly (stuck).
  1482 | D:2      | 1482 ||| Stepping randomly (stuck).
  1483 | D:2      | 1483 ||| Stepping randomly (stuck).
  1484 | D:2      | 1484 ||| Stepping randomly (stuck).
  1485 | D:2      | 1485 ||| Stepping randomly (stuck).
  1486 | D:2      | 1486 ||| Stepping randomly (stuck).
  1487 | D:2      | 1487 ||| Stepping randomly (stuck).
  1488 | D:2      | 1488 ||| Stepping randomly (stuck).
  1489 | D:2      | 1489 ||| Stepping randomly (stuck).
  1490 | D:2      | 1490 ||| Stepping randomly (stuck).
  1491 | D:2      | 1491 ||| Stepping randomly (stuck).
  1492 | D:2      | 1492 ||| Stepping randomly (stuck).
  1493 | D:2      | 1493 ||| Stepping randomly (stuck).
  1494 | D:2      | 1494 ||| Stepping randomly (stuck).
  1495 | D:2      | 1495 ||| Stepping randomly (stuck).
  1496 | D:2      | 1496 ||| Stepping randomly (stuck).
  1497 | D:2      | 1497 ||| Stepping randomly (stuck).
  1498 | D:2      | 1498 ||| Stepping randomly (stuck).
  1499 | D:2      | 1499 ||| Stepping randomly (stuck).
  1500 | D:2      | 1500 ||| Stepping randomly (stuck).
  1501 | D:2      | 1501 ||| Stepping randomly (stuck).
  1502 | D:2      | 1502 ||| Stepping randomly (stuck).
  1503 | D:2      | 1503 ||| Stepping randomly (stuck).
  1504 | D:2      | 1504 ||| Stepping randomly (stuck).
  1505 | D:2      | 1505 ||| Stepping randomly (stuck).
  1506 | D:2      | 1506 ||| Stepping randomly (stuck).
  1507 | D:2      | 1507 ||| Stepping randomly (stuck).
  1508 | D:2      | 1508 ||| Stepping randomly (stuck).
  1509 | D:2      | 1509 ||| Stepping randomly (stuck).
  1510 | D:2      | 1510 ||| Stepping randomly (stuck).
  1511 | D:2      | 1511 ||| Stepping randomly (stuck).
  1512 | D:2      | 1512 ||| Stepping randomly (stuck).
  1513 | D:2      | 1513 ||| Stepping randomly (stuck).
  1514 | D:2      | 1514 ||| Stepping randomly (stuck).
  1515 | D:2      | 1515 ||| Stepping randomly (stuck).
  1516 | D:2      | 1516 ||| Stepping randomly (stuck).
  1517 | D:2      | 1517 ||| Stepping randomly (stuck).
  1518 | D:2      | 1518 ||| Stepping randomly (stuck).
  1519 | D:2      | 1519 ||| Stepping randomly (stuck).
  1520 | D:2      | 1520 ||| Stepping randomly (stuck).
  1521 | D:2      | 1521 ||| Stepping randomly (stuck).
  1522 | D:2      | 1522 ||| Stepping randomly (stuck).
  1523 | D:2      | 1523 ||| Stepping randomly (stuck).
  1524 | D:2      | 1524 ||| Stepping randomly (stuck).
  1525 | D:2      | 1525 ||| Stepping randomly (stuck).
  1526 | D:2      | 1526 ||| Stepping randomly (stuck).
  1527 | D:2      | 1527 ||| Stepping randomly (stuck).
  1528 | D:2      | 1528 ||| Stepping randomly (stuck).
  1529 | D:2      | 1529 ||| Stepping randomly (stuck).
  1530 | D:2      | 1530 ||| Stepping randomly (stuck).
  1531 | D:2      | 1531 ||| Stepping randomly (stuck).
  1532 | D:2      | 1532 ||| Stepping randomly (stuck).
  1533 | D:2      | 1533 ||| Stepping randomly (stuck).
  1534 | D:2      | 1534 ||| Stepping randomly (stuck).
  1535 | D:2      | 1535 ||| Stepping randomly (stuck).
  1536 | D:2      | 1536 ||| Stepping randomly (stuck).
  1537 | D:2      | 1537 ||| Stepping randomly (stuck).
  1538 | D:2      | 1538 ||| Stepping randomly (stuck).
  1539 | D:2      | 1539 ||| Stepping randomly (stuck).
  1540 | D:2      | 1540 ||| Stepping randomly (stuck).
  1541 | D:2      | 1541 ||| Stepping randomly (stuck).
  1542 | D:2      | 1542 ||| Stepping randomly (stuck).
  1543 | D:2      | 1543 ||| Stepping randomly (stuck).
  1544 | D:2      | 1544 ||| Stepping randomly (stuck).
  1545 | D:2      | 1545 ||| Stepping randomly (stuck).
  1546 | D:2      | 1546 ||| Stepping randomly (stuck).
  1547 | D:2      | 1547 ||| Stepping randomly (stuck).
  1548 | D:2      | 1548 ||| Stepping randomly (stuck).
  1549 | D:2      | 1549 ||| Stepping randomly (stuck).
  1550 | D:2      | 1550 ||| Stepping randomly (stuck).
  1551 | D:2      | 1551 ||| Stepping randomly (stuck).
  1552 | D:2      | 1552 ||| Stepping randomly (stuck).
  1553 | D:2      | 1553 ||| Stepping randomly (stuck).
  1554 | D:2      | 1554 ||| Stepping randomly (stuck).
  1555 | D:2      | 1555 ||| Stepping randomly (stuck).
  1556 | D:2      | 1556 ||| Stepping randomly (stuck).
  1557 | D:2      | 1557 ||| Stepping randomly (stuck).
  1558 | D:2      | 1558 ||| Stepping randomly (stuck).
  1559 | D:2      | 1559 ||| Stepping randomly (stuck).
  1560 | D:2      | 1560 ||| Stepping randomly (stuck).
  1561 | D:2      | 1561 ||| Stepping randomly (stuck).
  1562 | D:2      | 1562 ||| Stepping randomly (stuck).
  1563 | D:2      | 1563 ||| Stepping randomly (stuck).
  1564 | D:2      | 1564 ||| Stepping randomly (stuck).
  1565 | D:2      | 1565 ||| Stepping randomly (stuck).
  1566 | D:2      | 1566 ||| Stepping randomly (stuck).
  1567 | D:2      | 1567 ||| Stepping randomly (stuck).
  1568 | D:2      | 1568 ||| Stepping randomly (stuck).
  1569 | D:2      | 1569 ||| Stepping randomly (stuck).
  1570 | D:2      | 1570 ||| Stepping randomly (stuck).
  1571 | D:2      | 1571 ||| Stepping randomly (stuck).
  1572 | D:2      | 1572 ||| Stepping randomly (stuck).
  1573 | D:2      | 1573 ||| Stepping randomly (stuck).
  1574 | D:2      | 1574 ||| Stepping randomly (stuck).
  1575 | D:2      | 1575 ||| Stepping randomly (stuck).
  1576 | D:2      | 1576 ||| Stepping randomly (stuck).
  1577 | D:2      | 1577 ||| Stepping randomly (stuck).
  1578 | D:2      | 1578 ||| Stepping randomly (stuck).
  1579 | D:2      | 1579 ||| Stepping randomly (stuck).
  1580 | D:2      | 1580 ||| Stepping randomly (stuck).
  1581 | D:2      | 1581 ||| Stepping randomly (stuck).
  1582 | D:2      | 1582 ||| Stepping randomly (stuck).
  1583 | D:2      | 1583 ||| Stepping randomly (stuck).
  1584 | D:2      | 1584 ||| Stepping randomly (stuck).
  1585 | D:2      | 1585 ||| Stepping randomly (stuck).
  1586 | D:2      | 1586 ||| Stepping randomly (stuck).
  1587 | D:2      | 1587 ||| Stepping randomly (stuck).
  1588 | D:2      | 1588 ||| Stepping randomly (stuck).
  1589 | D:2      | 1589 ||| Stepping randomly (stuck).
  1590 | D:2      | 1590 ||| Stepping randomly (stuck).
  1591 | D:2      | 1591 ||| Stepping randomly (stuck).
  1592 | D:2      | 1592 ||| Stepping randomly (stuck).
  1593 | D:2      | 1593 ||| Stepping randomly (stuck).
  1594 | D:2      | 1594 ||| Stepping randomly (stuck).
  1595 | D:2      | 1595 ||| Stepping randomly (stuck).
  1596 | D:2      | 1596 ||| Stepping randomly (stuck).
  1597 | D:2      | 1597 ||| Stepping randomly (stuck).
  1598 | D:2      | 1598 ||| Stepping randomly (stuck).
  1599 | D:2      | 1599 ||| Stepping randomly (stuck).
  1600 | D:2      | 1600 ||| Stepping randomly (stuck).
  1601 | D:2      | 1601 ||| Stepping randomly (stuck).
  1602 | D:2      | 1602 ||| Stepping randomly (stuck).
  1603 | D:2      | 1603 ||| Stepping randomly (stuck).
  1604 | D:2      | 1604 ||| Stepping randomly (stuck).
  1605 | D:2      | 1605 ||| Stepping randomly (stuck).
  1606 | D:2      | 1606 ||| Stepping randomly (stuck).
  1607 | D:2      | 1607 ||| Stepping randomly (stuck).
  1608 | D:2      | 1608 ||| Stepping randomly (stuck).
  1609 | D:2      | 1609 ||| Stepping randomly (stuck).
  1610 | D:2      | 1610 ||| Stepping randomly (stuck).
  1611 | D:2      | 1611 ||| Stepping randomly (stuck).
  1612 | D:2      | 1612 ||| Stepping randomly (stuck).
  1613 | D:2      | 1613 ||| Stepping randomly (stuck).
  1614 | D:2      | 1614 ||| Stepping randomly (stuck).
  1615 | D:2      | 1615 ||| Stepping randomly (stuck).
  1616 | D:2      | 1616 ||| Stepping randomly (stuck).
  1617 | D:2      | 1617 ||| Stepping randomly (stuck).
  1618 | D:2      | 1618 ||| Stepping randomly (stuck).
  1619 | D:2      | 1619 ||| Stepping randomly (stuck).
  1620 | D:2      | 1620 ||| Stepping randomly (stuck).
  1621 | D:2      | 1621 ||| Stepping randomly (stuck).
  1622 | D:2      | 1622 ||| Stepping randomly (stuck).
  1623 | D:2      | 1623 ||| Stepping randomly (stuck).
  1624 | D:2      | 1624 ||| Stepping randomly (stuck).
  1625 | D:2      | 1625 ||| Stepping randomly (stuck).
  1626 | D:2      | 1626 ||| Stepping randomly (stuck).
  1627 | D:2      | 1627 ||| Stepping randomly (stuck).
  1628 | D:2      | 1628 ||| Stepping randomly (stuck).
  1629 | D:2      | 1629 ||| Stepping randomly (stuck).
  1630 | D:2      | 1630 ||| Stepping randomly (stuck).
  1631 | D:2      | 1631 ||| Stepping randomly (stuck).
  1632 | D:2      | 1632 ||| Stepping randomly (stuck).
  1633 | D:2      | 1633 ||| Stepping randomly (stuck).
  1634 | D:2      | 1634 ||| Stepping randomly (stuck).
  1635 | D:2      | 1635 ||| Stepping randomly (stuck).
  1636 | D:2      | 1636 ||| Stepping randomly (stuck).
  1637 | D:2      | 1637 ||| Stepping randomly (stuck).
  1638 | D:2      | 1638 ||| Stepping randomly (stuck).
  1639 | D:2      | 1639 ||| Stepping randomly (stuck).
  1640 | D:2      | 1640 ||| Stepping randomly (stuck).
  1641 | D:2      | 1641 ||| Stepping randomly (stuck).
  1642 | D:2      | 1642 ||| Stepping randomly (stuck).
  1643 | D:2      | 1643 ||| Stepping randomly (stuck).
  1644 | D:2      | 1644 ||| Stepping randomly (stuck).
  1645 | D:2      | 1645 ||| Stepping randomly (stuck).
  1646 | D:2      | 1646 ||| Stepping randomly (stuck).
  1647 | D:2      | 1647 ||| Stepping randomly (stuck).
  1648 | D:2      | 1648 ||| Stepping randomly (stuck).
  1649 | D:2      | 1649 ||| Stepping randomly (stuck).
  1650 | D:2      | 1650 ||| Stepping randomly (stuck).
  1651 | D:2      | 1651 ||| Stepping randomly (stuck).
  1652 | D:2      | 1652 ||| Stepping randomly (stuck).
  1653 | D:2      | 1653 ||| Stepping randomly (stuck).
  1654 | D:2      | 1654 ||| Stepping randomly (stuck).
  1655 | D:2      | 1655 ||| Stepping randomly (stuck).
  1656 | D:2      | 1656 ||| Stepping randomly (stuck).
  1657 | D:2      | 1657 ||| Stepping randomly (stuck).
  1658 | D:2      | 1658 ||| Stepping randomly (stuck).
  1659 | D:2      | 1659 ||| Stepping randomly (stuck).
  1660 | D:2      | 1660 ||| Stepping randomly (stuck).
  1661 | D:2      | 1661 ||| Stepping randomly (stuck).
  1662 | D:2      | 1662 ||| Stepping randomly (stuck).
  1663 | D:2      | 1663 ||| Stepping randomly (stuck).
  1664 | D:2      | 1664 ||| Stepping randomly (stuck).
  1665 | D:2      | 1665 ||| Stepping randomly (stuck).
  1666 | D:2      | 1666 ||| Stepping randomly (stuck).
  1667 | D:2      | 1667 ||| Stepping randomly (stuck).
  1668 | D:2      | 1668 ||| Stepping randomly (stuck).
  1669 | D:2      | 1669 ||| Stepping randomly (stuck).
  1670 | D:2      | 1670 ||| Stepping randomly (stuck).
  1671 | D:2      | 1671 ||| Stepping randomly (stuck).
  1672 | D:2      | 1672 ||| Stepping randomly (stuck).
  1673 | D:2      | 1673 ||| Stepping randomly (stuck).
  1674 | D:2      | 1674 ||| Stepping randomly (stuck).
  1675 | D:2      | 1675 ||| Stepping randomly (stuck).
  1676 | D:2      | 1676 ||| Stepping randomly (stuck).
  1677 | D:2      | 1677 ||| Stepping randomly (stuck).
  1678 | D:2      | 1678 ||| Stepping randomly (stuck).
  1679 | D:2      | 1679 ||| Stepping randomly (stuck).
  1680 | D:2      | 1680 ||| Stepping randomly (stuck).
  1681 | D:2      | 1681 ||| Stepping randomly (stuck).
  1682 | D:2      | 1682 ||| Stepping randomly (stuck).
  1683 | D:2      | 1683 ||| Stepping randomly (stuck).
  1684 | D:2      | 1684 ||| Stepping randomly (stuck).
  1685 | D:2      | 1685 ||| Stepping randomly (stuck).
  1686 | D:2      | 1686 ||| Stepping randomly (stuck).
  1687 | D:2      | 1687 ||| Stepping randomly (stuck).
  1688 | D:2      | 1688 ||| Stepping randomly (stuck).
  1689 | D:2      | 1689 ||| Stepping randomly (stuck).
  1690 | D:2      | 1690 ||| Stepping randomly (stuck).
  1691 | D:2      | 1691 ||| Stepping randomly (stuck).
  1692 | D:2      | 1692 ||| Stepping randomly (stuck).
  1693 | D:2      | 1693 ||| Stepping randomly (stuck).
  1694 | D:2      | 1694 ||| Stepping randomly (stuck).
  1695 | D:2      | 1695 ||| Stepping randomly (stuck).
  1696 | D:2      | 1696 ||| Stepping randomly (stuck).
  1697 | D:2      | 1697 ||| Stepping randomly (stuck).
  1698 | D:2      | 1698 ||| Stepping randomly (stuck).
  1699 | D:2      | 1699 ||| Stepping randomly (stuck).
  1700 | D:2      | 1700 ||| Stepping randomly (stuck).
  1701 | D:2      | 1701 ||| Stepping randomly (stuck).
  1702 | D:2      | 1702 ||| Stepping randomly (stuck).
  1703 | D:2      | 1703 ||| Stepping randomly (stuck).
  1704 | D:2      | 1704 ||| Stepping randomly (stuck).
  1705 | D:2      | 1705 ||| Stepping randomly (stuck).
  1706 | D:2      | 1706 ||| Stepping randomly (stuck).
  1707 | D:2      | 1707 ||| Stepping randomly (stuck).
  1708 | D:2      | 1708 ||| Stepping randomly (stuck).
  1709 | D:2      | 1709 ||| Stepping randomly (stuck).
  1710 | D:2      | 1710 ||| Stepping randomly (stuck).
  1711 | D:2      | 1711 ||| Stepping randomly (stuck).
  1712 | D:2      | 1712 ||| Stepping randomly (stuck).
  1713 | D:2      | 1713 ||| Stepping randomly (stuck).
  1714 | D:2      | 1714 ||| Stepping randomly (stuck).
  1715 | D:2      | 1715 ||| Stepping randomly (stuck).
  1716 | D:2      | 1716 ||| Stepping randomly (stuck).
  1717 | D:2      | 1717 ||| Stepping randomly (stuck).
  1718 | D:2      | 1718 ||| Stepping randomly (stuck).
  1719 | D:2      | 1719 ||| Stepping randomly (stuck).
  1720 | D:2      | 1720 ||| Stepping randomly (stuck).
  1721 | D:2      | 1721 ||| Stepping randomly (stuck).
  1722 | D:2      | 1722 ||| Stepping randomly (stuck).
  1723 | D:2      | 1723 ||| Stepping randomly (stuck).
  1724 | D:2      | 1724 ||| Stepping randomly (stuck).
  1725 | D:2      | 1725 ||| Stepping randomly (stuck).
  1726 | D:2      | 1726 ||| Stepping randomly (stuck).
  1727 | D:2      | 1727 ||| Stepping randomly (stuck).
  1728 | D:2      | 1728 ||| Stepping randomly (stuck).
  1729 | D:2      | 1729 ||| Stepping randomly (stuck).
  1730 | D:2      | 1730 ||| Stepping randomly (stuck).
  1731 | D:2      | 1731 ||| Stepping randomly (stuck).
  1732 | D:2      | 1732 ||| Stepping randomly (stuck).
  1733 | D:2      | 1733 ||| Stepping randomly (stuck).
  1734 | D:2      | 1734 ||| Stepping randomly (stuck).
  1735 | D:2      | 1735 ||| Stepping randomly (stuck).
  1736 | D:2      | 1736 ||| Stepping randomly (stuck).
  1737 | D:2      | 1737 ||| Stepping randomly (stuck).
  1738 | D:2      | 1738 ||| Stepping randomly (stuck).
  1739 | D:2      | 1739 ||| Stepping randomly (stuck).
  1740 | D:2      | 1740 ||| Stepping randomly (stuck).
  1741 | D:2      | 1741 ||| Stepping randomly (stuck).
  1742 | D:2      | 1742 ||| Stepping randomly (stuck).
  1743 | D:2      | 1743 ||| Stepping randomly (stuck).
  1744 | D:2      | 1744 ||| Stepping randomly (stuck).
  1745 | D:2      | 1745 ||| Stepping randomly (stuck).
  1746 | D:2      | 1746 ||| Stepping randomly (stuck).
  1747 | D:2      | 1747 ||| Stepping randomly (stuck).
  1748 | D:2      | 1748 ||| Stepping randomly (stuck).
  1749 | D:2      | 1749 ||| Stepping randomly (stuck).
  1750 | D:2      | 1750 ||| Stepping randomly (stuck).
  1751 | D:2      | 1751 ||| Stepping randomly (stuck).
  1752 | D:2      | 1752 ||| Stepping randomly (stuck).
  1753 | D:2      | 1753 ||| Stepping randomly (stuck).
  1754 | D:2      | 1754 ||| Stepping randomly (stuck).
  1755 | D:2      | 1755 ||| Stepping randomly (stuck).
  1756 | D:2      | 1756 ||| Stepping randomly (stuck).
  1757 | D:2      | 1757 ||| Stepping randomly (stuck).
  1758 | D:2      | 1758 ||| Stepping randomly (stuck).
  1759 | D:2      | 1759 ||| Stepping randomly (stuck).
  1760 | D:2      | 1760 ||| Stepping randomly (stuck).
  1761 | D:2      | 1761 ||| Stepping randomly (stuck).
  1762 | D:2      | 1762 ||| Stepping randomly (stuck).
  1763 | D:2      | 1763 ||| Stepping randomly (stuck).
  1764 | D:2      | 1764 ||| Stepping randomly (stuck).
  1765 | D:2      | 1765 ||| Stepping randomly (stuck).
  1766 | D:2      | 1766 ||| Stepping randomly (stuck).
  1767 | D:2      | 1767 ||| Stepping randomly (stuck).
  1768 | D:2      | 1768 ||| Stepping randomly (stuck).
  1769 | D:2      | 1769 ||| Stepping randomly (stuck).
  1770 | D:2      | 1770 ||| Stepping randomly (stuck).
  1771 | D:2      | 1771 ||| Stepping randomly (stuck).
  1772 | D:2      | 1772 ||| Stepping randomly (stuck).
  1773 | D:2      | 1773 ||| Stepping randomly (stuck).
  1774 | D:2      | 1774 ||| Stepping randomly (stuck).
  1775 | D:2      | 1775 ||| Stepping randomly (stuck).
  1776 | D:2      | 1776 ||| Stepping randomly (stuck).
  1777 | D:2      | 1777 ||| Stepping randomly (stuck).
  1778 | D:2      | 1778 ||| Stepping randomly (stuck).
  1779 | D:2      | 1779 ||| Stepping randomly (stuck).
  1780 | D:2      | 1780 ||| Stepping randomly (stuck).
  1781 | D:2      | 1781 ||| Stepping randomly (stuck).
  1782 | D:2      | 1782 ||| Stepping randomly (stuck).
  1783 | D:2      | 1783 ||| Stepping randomly (stuck).
  1784 | D:2      | 1784 ||| Stepping randomly (stuck).
  1785 | D:2      | 1785 ||| Stepping randomly (stuck).
  1786 | D:2      | 1786 ||| Stepping randomly (stuck).
  1787 | D:2      | 1787 ||| Stepping randomly (stuck).
  1788 | D:2      | 1788 ||| Stepping randomly (stuck).
  1789 | D:2      | 1789 ||| Stepping randomly (stuck).
  1790 | D:2      | 1790 ||| Stepping randomly (stuck).
  1791 | D:2      | 1791 ||| Stepping randomly (stuck).
  1792 | D:2      | 1792 ||| Stepping randomly (stuck).
  1793 | D:2      | 1793 ||| Stepping randomly (stuck).
  1794 | D:2      | 1794 ||| Stepping randomly (stuck).
  1795 | D:2      | 1795 ||| Stepping randomly (stuck).
  1796 | D:2      | 1796 ||| Stepping randomly (stuck).
  1797 | D:2      | 1797 ||| Stepping randomly (stuck).
  1798 | D:2      | 1798 ||| Stepping randomly (stuck).
  1799 | D:2      | 1799 ||| Stepping randomly (stuck).
  1800 | D:2      | 1800 ||| Stepping randomly (stuck).
  1801 | D:2      | 1801 ||| Stepping randomly (stuck).
  1802 | D:2      | 1802 ||| Stepping randomly (stuck).
  1803 | D:2      | 1803 ||| Stepping randomly (stuck).
  1804 | D:2      | 1804 ||| Stepping randomly (stuck).
  1805 | D:2      | 1805 ||| Stepping randomly (stuck).
  1806 | D:2      | 1806 ||| Stepping randomly (stuck).
  1807 | D:2      | 1807 ||| Stepping randomly (stuck).
  1808 | D:2      | 1808 ||| Stepping randomly (stuck).
  1809 | D:2      | 1809 ||| Stepping randomly (stuck).
  1810 | D:2      | 1810 ||| Stepping randomly (stuck).
  1811 | D:2      | 1811 ||| Stepping randomly (stuck).
  1812 | D:2      | 1812 ||| Stepping randomly (stuck).
  1813 | D:2      | 1813 ||| Stepping randomly (stuck).
  1814 | D:2      | 1814 ||| Stepping randomly (stuck).
  1815 | D:2      | 1815 ||| Stepping randomly (stuck).
  1816 | D:2      | 1816 ||| Stepping randomly (stuck).
  1817 | D:2      | 1817 ||| Stepping randomly (stuck).
  1818 | D:2      | 1818 ||| Stepping randomly (stuck).
  1819 | D:2      | 1819 ||| Stepping randomly (stuck).
  1820 | D:2      | 1820 ||| Stepping randomly (stuck).
  1821 | D:2      | 1821 ||| Stepping randomly (stuck).
  1822 | D:2      | 1822 ||| Stepping randomly (stuck).
  1823 | D:2      | 1823 ||| Stepping randomly (stuck).
  1824 | D:2      | 1824 ||| Stepping randomly (stuck).
  1825 | D:2      | 1825 ||| Stepping randomly (stuck).
  1826 | D:2      | 1826 ||| Stepping randomly (stuck).
  1827 | D:2      | 1827 ||| Stepping randomly (stuck).
  1828 | D:2      | 1828 ||| Stepping randomly (stuck).
  1829 | D:2      | 1829 ||| Stepping randomly (stuck).
  1830 | D:2      | 1830 ||| Stepping randomly (stuck).
  1831 | D:2      | 1831 ||| Stepping randomly (stuck).
  1832 | D:2      | 1832 ||| Stepping randomly (stuck).
  1833 | D:2      | 1833 ||| Stepping randomly (stuck).
  1834 | D:2      | 1834 ||| Stepping randomly (stuck).
  1835 | D:2      | 1835 ||| Stepping randomly (stuck).
  1836 | D:2      | 1836 ||| Stepping randomly (stuck).
  1837 | D:2      | 1837 ||| Stepping randomly (stuck).
  1838 | D:2      | 1838 ||| Stepping randomly (stuck).
  1839 | D:2      | 1839 ||| Stepping randomly (stuck).
  1840 | D:2      | 1840 ||| Stepping randomly (stuck).
  1841 | D:2      | 1841 ||| Stepping randomly (stuck).
  1842 | D:2      | 1842 ||| Stepping randomly (stuck).
  1843 | D:2      | 1843 ||| Stepping randomly (stuck).
  1844 | D:2      | 1844 ||| Stepping randomly (stuck).
  1845 | D:2      | 1845 ||| Stepping randomly (stuck).
  1846 | D:2      | 1846 ||| Stepping randomly (stuck).
  1847 | D:2      | 1847 ||| Stepping randomly (stuck).
  1848 | D:2      | 1848 ||| Stepping randomly (stuck).
  1849 | D:2      | 1849 ||| Stepping randomly (stuck).
  1850 | D:2      | 1850 ||| Stepping randomly (stuck).
  1851 | D:2      | 1851 ||| Stepping randomly (stuck).
  1852 | D:2      | 1852 ||| Stepping randomly (stuck).
  1853 | D:2      | 1853 ||| Stepping randomly (stuck).
  1854 | D:2      | 1854 ||| Stepping randomly (stuck).
  1855 | D:2      | 1855 ||| Stepping randomly (stuck).
  1856 | D:2      | 1856 ||| Stepping randomly (stuck).
  1857 | D:2      | 1857 ||| Stepping randomly (stuck).
  1858 | D:2      | 1858 ||| Stepping randomly (stuck).
  1859 | D:2      | 1859 ||| Stepping randomly (stuck).
  1860 | D:2      | 1860 ||| Stepping randomly (stuck).
  1861 | D:2      | 1861 ||| Stepping randomly (stuck).
  1862 | D:2      | 1862 ||| Stepping randomly (stuck).
  1863 | D:2      | 1863 ||| Stepping randomly (stuck).
  1864 | D:2      | 1864 ||| Stepping randomly (stuck).
  1865 | D:2      | 1865 ||| Stepping randomly (stuck).
  1866 | D:2      | 1866 ||| Stepping randomly (stuck).
  1867 | D:2      | 1867 ||| Stepping randomly (stuck).
  1868 | D:2      | 1868 ||| Stepping randomly (stuck).
  1869 | D:2      | 1869 ||| Stepping randomly (stuck).
  1870 | D:2      | 1870 ||| Stepping randomly (stuck).
  1871 | D:2      | 1871 ||| Stepping randomly (stuck).
  1872 | D:2      | 1872 ||| Stepping randomly (stuck).
  1873 | D:2      | 1873 ||| Stepping randomly (stuck).
  1874 | D:2      | 1874 ||| Stepping randomly (stuck).
  1875 | D:2      | 1875 ||| Stepping randomly (stuck).
  1876 | D:2      | 1876 ||| Stepping randomly (stuck).
  1877 | D:2      | 1877 ||| Stepping randomly (stuck).
  1878 | D:2      | 1878 ||| Stepping randomly (stuck).
  1879 | D:2      | 1879 ||| Stepping randomly (stuck).
  1880 | D:2      | 1880 ||| Stepping randomly (stuck).
  1881 | D:2      | 1881 ||| Stepping randomly (stuck).
  1882 | D:2      | 1882 ||| Stepping randomly (stuck).
  1883 | D:2      | 1883 ||| Stepping randomly (stuck).
  1884 | D:2      | 1884 ||| Stepping randomly (stuck).
  1885 | D:2      | 1885 ||| Stepping randomly (stuck).
  1886 | D:2      | 1886 ||| Stepping randomly (stuck).
  1887 | D:2      | 1887 ||| Stepping randomly (stuck).
  1888 | D:2      | 1888 ||| Stepping randomly (stuck).
  1889 | D:2      | 1889 ||| Stepping randomly (stuck).
  1890 | D:2      | 1890 ||| Stepping randomly (stuck).
  1891 | D:2      | 1891 ||| Stepping randomly (stuck).
  1892 | D:2      | 1892 ||| Stepping randomly (stuck).
  1893 | D:2      | 1893 ||| Stepping randomly (stuck).
  1894 | D:2      | 1894 ||| Stepping randomly (stuck).
  1895 | D:2      | 1895 ||| Stepping randomly (stuck).
  1896 | D:2      | 1896 ||| Stepping randomly (stuck).
  1897 | D:2      | 1897 ||| Stepping randomly (stuck).
  1898 | D:2      | 1898 ||| Stepping randomly (stuck).
  1899 | D:2      | 1899 ||| Stepping randomly (stuck).
  1900 | D:2      | 1900 ||| Stepping randomly (stuck).
  1901 | D:2      | 1901 ||| Stepping randomly (stuck).
  1902 | D:2      | 1902 ||| Stepping randomly (stuck).
  1903 | D:2      | 1903 ||| Stepping randomly (stuck).
  1904 | D:2      | 1904 ||| Stepping randomly (stuck).
  1905 | D:2      | 1905 ||| Stepping randomly (stuck).
  1906 | D:2      | 1906 ||| Stepping randomly (stuck).
  1907 | D:2      | 1907 ||| Stepping randomly (stuck).
  1908 | D:2      | 1908 ||| Stepping randomly (stuck).
  1909 | D:2      | 1909 ||| Stepping randomly (stuck).
  1910 | D:2      | 1910 ||| Stepping randomly (stuck).
  1911 | D:2      | 1911 ||| Stepping randomly (stuck).
  1912 | D:2      | 1912 ||| Stepping randomly (stuck).
  1913 | D:2      | 1913 ||| Stepping randomly (stuck).
  1914 | D:2      | 1914 ||| Stepping randomly (stuck).
  1915 | D:2      | 1915 ||| Stepping randomly (stuck).
  1916 | D:2      | 1916 ||| Stepping randomly (stuck).
  1917 | D:2      | 1917 ||| Stepping randomly (stuck).
  1918 | D:2      | 1918 ||| Stepping randomly (stuck).
  1919 | D:2      | 1919 ||| Stepping randomly (stuck).
  1920 | D:2      | 1920 ||| Stepping randomly (stuck).
  1921 | D:2      | 1921 ||| Stepping randomly (stuck).
  1922 | D:2      | 1922 ||| Stepping randomly (stuck).
  1923 | D:2      | 1923 ||| Stepping randomly (stuck).
  1924 | D:2      | 1924 ||| Stepping randomly (stuck).
  1925 | D:2      | 1925 ||| Stepping randomly (stuck).
  1926 | D:2      | 1926 ||| Stepping randomly (stuck).
  1927 | D:2      | 1927 ||| Stepping randomly (stuck).
  1928 | D:2      | 1928 ||| Stepping randomly (stuck).
  1929 | D:2      | 1929 ||| Stepping randomly (stuck).
  1930 | D:2      | 1930 ||| Stepping randomly (stuck).
  1931 | D:2      | 1931 ||| Stepping randomly (stuck).
  1932 | D:2      | 1932 ||| Stepping randomly (stuck).
  1933 | D:2      | 1933 ||| Stepping randomly (stuck).
  1934 | D:2      | 1934 ||| Stepping randomly (stuck).
  1935 | D:2      | 1935 ||| Stepping randomly (stuck).
  1936 | D:2      | 1936 ||| Stepping randomly (stuck).
  1937 | D:2      | 1937 ||| Stepping randomly (stuck).
  1938 | D:2      | 1938 ||| Stepping randomly (stuck).
  1939 | D:2      | 1939 ||| Stepping randomly (stuck).
  1940 | D:2      | 1940 ||| Stepping randomly (stuck).
  1941 | D:2      | 1941 ||| Stepping randomly (stuck).
  1942 | D:2      | 1942 ||| Stepping randomly (stuck).
  1943 | D:2      | 1943 ||| Stepping randomly (stuck).
  1944 | D:2      | 1944 ||| Stepping randomly (stuck).
  1945 | D:2      | 1945 ||| Stepping randomly (stuck).
  1946 | D:2      | 1946 ||| Stepping randomly (stuck).
  1947 | D:2      | 1947 ||| Stepping randomly (stuck).
  1948 | D:2      | 1948 ||| Stepping randomly (stuck).
  1949 | D:2      | 1949 ||| Stepping randomly (stuck).
  1950 | D:2      | 1950 ||| Stepping randomly (stuck).
  1951 | D:2      | 1951 ||| Stepping randomly (stuck).
  1952 | D:2      | 1952 ||| Stepping randomly (stuck).
  1953 | D:2      | 1953 ||| Stepping randomly (stuck).
  1954 | D:2      | 1954 ||| Stepping randomly (stuck).
  1955 | D:2      | 1955 ||| Stepping randomly (stuck).
  1956 | D:2      | 1956 ||| Stepping randomly (stuck).
  1957 | D:2      | 1957 ||| Stepping randomly (stuck).
  1958 | D:2      | 1958 ||| Stepping randomly (stuck).
  1959 | D:2      | 1959 ||| Stepping randomly (stuck).
  1960 | D:2      | 1960 ||| Stepping randomly (stuck).
  1961 | D:2      | 1961 ||| Stepping randomly (stuck).
  1962 | D:2      | 1962 ||| Stepping randomly (stuck).
  1963 | D:2      | 1963 ||| Stepping randomly (stuck).
  1964 | D:2      | 1964 ||| Stepping randomly (stuck).
  1965 | D:2      | 1965 ||| Stepping randomly (stuck).
  1966 | D:2      | 1966 ||| Stepping randomly (stuck).
  1967 | D:2      | 1967 ||| Stepping randomly (stuck).
  1968 | D:2      | 1968 ||| Stepping randomly (stuck).
  1969 | D:2      | 1969 ||| Stepping randomly (stuck).
  1970 | D:2      | 1970 ||| Stepping randomly (stuck).
  1971 | D:2      | 1971 ||| Stepping randomly (stuck).
  1972 | D:2      | 1972 ||| Stepping randomly (stuck).
  1973 | D:2      | 1973 ||| Stepping randomly (stuck).
  1974 | D:2      | 1974 ||| Stepping randomly (stuck).
  1975 | D:2      | 1975 ||| Stepping randomly (stuck).
  1976 | D:2      | 1976 ||| Stepping randomly (stuck).
  1977 | D:2      | 1977 ||| Stepping randomly (stuck).
  1978 | D:2      | 1978 ||| Stepping randomly (stuck).
  1979 | D:2      | 1979 ||| Stepping randomly (stuck).
  1980 | D:2      | 1980 ||| Stepping randomly (stuck).
  1981 | D:2      | 1981 ||| Stepping randomly (stuck).
  1982 | D:2      | 1982 ||| Stepping randomly (stuck).
  1983 | D:2      | 1983 ||| Stepping randomly (stuck).
  1984 | D:2      | 1984 ||| Stepping randomly (stuck).
  1985 | D:2      | 1985 ||| Stepping randomly (stuck).
  1986 | D:2      | 1986 ||| Stepping randomly (stuck).
  1987 | D:2      | 1987 ||| Stepping randomly (stuck).
  1988 | D:2      | 1988 ||| Stepping randomly (stuck).
  1989 | D:2      | 1989 ||| Stepping randomly (stuck).
  1990 | D:2      | 1990 ||| Stepping randomly (stuck).
  1991 | D:2      | 1991 ||| Stepping randomly (stuck).
  1992 | D:2      | 1992 ||| Stepping randomly (stuck).
  1993 | D:2      | 1993 ||| Stepping randomly (stuck).
  1994 | D:2      | 1994 ||| Stepping randomly (stuck).
  1995 | D:2      | 1995 ||| Stepping randomly (stuck).
  1996 | D:2      | 1996 ||| Stepping randomly (stuck).
  1997 | D:2      | 1997 ||| Stepping randomly (stuck).
  1998 | D:2      | 1998 ||| Stepping randomly (stuck).
  1999 | D:2      | 1999 ||| Stepping randomly (stuck).
  2000 | D:2      | 2000 ||| Stepping randomly (stuck).
  2001 | D:2      | 2001 ||| Stepping randomly (stuck).
  2002 | D:2      | 2002 ||| Stepping randomly (stuck).
  2003 | D:2      | 2003 ||| Stepping randomly (stuck).
  2004 | D:2      | 2004 ||| Stepping randomly (stuck).
  2005 | D:2      | 2005 ||| Stepping randomly (stuck).
  2006 | D:2      | 2006 ||| Stepping randomly (stuck).
  2007 | D:2      | 2007 ||| Stepping randomly (stuck).
  2008 | D:2      | 2008 ||| Stepping randomly (stuck).
  2009 | D:2      | 2009 ||| Stepping randomly (stuck).
  2010 | D:2      | 2010 ||| Stepping randomly (stuck).
  2011 | D:2      | 2011 ||| Stepping randomly (stuck).
  2012 | D:2      | 2012 ||| Stepping randomly (stuck).
  2013 | D:2      | 2013 ||| Stepping randomly (stuck).
  2014 | D:2      | 2014 ||| Stepping randomly (stuck).
  2015 | D:2      | 2015 ||| Stepping randomly (stuck).
  2016 | D:2      | 2016 ||| Stepping randomly (stuck).
  2017 | D:2      | 2017 ||| Stepping randomly (stuck).
  2018 | D:2      | 2018 ||| Stepping randomly (stuck).
  2019 | D:2      | 2019 ||| Stepping randomly (stuck).
  2020 | D:2      | 2020 ||| Stepping randomly (stuck).
  2021 | D:2      | 2021 ||| Stepping randomly (stuck).
  2022 | D:2      | 2022 ||| Stepping randomly (stuck).
  2023 | D:2      | 2023 ||| Stepping randomly (stuck).
  2024 | D:2      | 2024 ||| Stepping randomly (stuck).
  2025 | D:2      | 2025 ||| Stepping randomly (stuck).
  2026 | D:2      | 2026 ||| Stepping randomly (stuck).
  2027 | D:2      | 2027 ||| Stepping randomly (stuck).
  2028 | D:2      | 2028 ||| Stepping randomly (stuck).
  2029 | D:2      | 2029 ||| Stepping randomly (stuck).
  2030 | D:2      | 2030 ||| Stepping randomly (stuck).
  2031 | D:2      | 2031 ||| Stepping randomly (stuck).
  2032 | D:2      | 2032 ||| Stepping randomly (stuck).
  2033 | D:2      | 2033 ||| Stepping randomly (stuck).
  2034 | D:2      | 2034 ||| Stepping randomly (stuck).
  2035 | D:2      | 2035 ||| Stepping randomly (stuck).
  2036 | D:2      | 2036 ||| Stepping randomly (stuck).
  2037 | D:2      | 2037 ||| Stepping randomly (stuck).
  2038 | D:2      | 2038 ||| Stepping randomly (stuck).
  2039 | D:2      | 2039 ||| Stepping randomly (stuck).
  2040 | D:2      | 2040 ||| Stepping randomly (stuck).
  2041 | D:2      | 2041 ||| Stepping randomly (stuck).
  2042 | D:2      | 2042 ||| Stepping randomly (stuck).
  2043 | D:2      | 2043 ||| Stepping randomly (stuck).
  2044 | D:2      | 2044 ||| Stepping randomly (stuck).
  2045 | D:2      | 2045 ||| Stepping randomly (stuck).
  2046 | D:2      | 2046 ||| Stepping randomly (stuck).
  2047 | D:2      | 2047 ||| Stepping randomly (stuck).
  2048 | D:2      | 2048 ||| Stepping randomly (stuck).
  2049 | D:2      | 2049 ||| Stepping randomly (stuck).
  2050 | D:2      | 2050 ||| Stepping randomly (stuck).
  2051 | D:2      | 2051 ||| Stepping randomly (stuck).
  2052 | D:2      | 2052 ||| Stepping randomly (stuck).
  2053 | D:2      | 2053 ||| Stepping randomly (stuck).
  2054 | D:2      | 2054 ||| Stepping randomly (stuck).
  2055 | D:2      | 2055 ||| Stepping randomly (stuck).
  2056 | D:2      | 2056 ||| Stepping randomly (stuck).
  2057 | D:2      | 2057 ||| Stepping randomly (stuck).
  2058 | D:2      | 2058 ||| Stepping randomly (stuck).
  2059 | D:2      | 2059 ||| Stepping randomly (stuck).
  2060 | D:2      | 2060 ||| Stepping randomly (stuck).
  2061 | D:2      | 2061 ||| Stepping randomly (stuck).
  2062 | D:2      | 2062 ||| Stepping randomly (stuck).
  2063 | D:2      | 2063 ||| Stepping randomly (stuck).
  2064 | D:2      | 2064 ||| Stepping randomly (stuck).
  2065 | D:2      | 2065 ||| Stepping randomly (stuck).
  2066 | D:2      | 2066 ||| Stepping randomly (stuck).
  2067 | D:2      | 2067 ||| Stepping randomly (stuck).
  2068 | D:2      | 2068 ||| Stepping randomly (stuck).
  2069 | D:2      | 2069 ||| Stepping randomly (stuck).
  2070 | D:2      | 2070 ||| Stepping randomly (stuck).
  2071 | D:2      | 2071 ||| Stepping randomly (stuck).
  2072 | D:2      | 2072 ||| Stepping randomly (stuck).
  2073 | D:2      | 2073 ||| Stepping randomly (stuck).
  2074 | D:2      | 2074 ||| Stepping randomly (stuck).
  2075 | D:2      | 2075 ||| Stepping randomly (stuck).
  2076 | D:2      | 2076 ||| Stepping randomly (stuck).
  2077 | D:2      | 2077 ||| Stepping randomly (stuck).
  2078 | D:2      | 2078 ||| Stepping randomly (stuck).
  2079 | D:2      | 2079 ||| Stepping randomly (stuck).
  2080 | D:2      | 2080 ||| Stepping randomly (stuck).
  2081 | D:2      | 2081 ||| Stepping randomly (stuck).
  2082 | D:2      | 2082 ||| Stepping randomly (stuck).
  2083 | D:2      | 2083 ||| Stepping randomly (stuck).
  2084 | D:2      | 2084 ||| Stepping randomly (stuck).
  2085 | D:2      | 2085 ||| Stepping randomly (stuck).
  2086 | D:2      | 2086 ||| Stepping randomly (stuck).
  2087 | D:2      | 2087 ||| Stepping randomly (stuck).
  2088 | D:2      | 2088 ||| Stepping randomly (stuck).
  2089 | D:2      | 2089 ||| Stepping randomly (stuck).
  2090 | D:2      | 2090 ||| Stepping randomly (stuck).
  2091 | D:2      | 2091 ||| Stepping randomly (stuck).
  2092 | D:2      | 2092 ||| Stepping randomly (stuck).
  2093 | D:2      | 2093 ||| Stepping randomly (stuck).
  2094 | D:2      | 2094 ||| Stepping randomly (stuck).
  2095 | D:2      | 2095 ||| Stepping randomly (stuck).
  2096 | D:2      | 2096 ||| Stepping randomly (stuck).
  2097 | D:2      | 2097 ||| Stepping randomly (stuck).
  2098 | D:2      | 2098 ||| Stepping randomly (stuck).
  2099 | D:2      | 2099 ||| Stepping randomly (stuck).
  2100 | D:2      | 2100 ||| Stepping randomly (stuck).
  2101 | D:2      | 2101 ||| Stepping randomly (stuck).
  2102 | D:2      | 2102 ||| Stepping randomly (stuck).
  2103 | D:2      | 2103 ||| Stepping randomly (stuck).
  2104 | D:2      | 2104 ||| Stepping randomly (stuck).
  2105 | D:2      | 2105 ||| Stepping randomly (stuck).
  2106 | D:2      | 2106 ||| Stepping randomly (stuck).
  2107 | D:2      | 2107 ||| Stepping randomly (stuck).
  2108 | D:2      | 2108 ||| Stepping randomly (stuck).
  2109 | D:2      | 2109 ||| Stepping randomly (stuck).
  2110 | D:2      | 2110 ||| Stepping randomly (stuck).
  2111 | D:2      | 2111 ||| Stepping randomly (stuck).
  2112 | D:2      | 2112 ||| Stepping randomly (stuck).
  2113 | D:2      | 2113 ||| Stepping randomly (stuck).
  2114 | D:2      | 2114 ||| Stepping randomly (stuck).
  2115 | D:2      | 2115 ||| Stepping randomly (stuck).
  2116 | D:2      | 2116 ||| Stepping randomly (stuck).
  2117 | D:2      | 2117 ||| Stepping randomly (stuck).
  2118 | D:2      | 2118 ||| Stepping randomly (stuck).
  2119 | D:2      | 2119 ||| Stepping randomly (stuck).
  2120 | D:2      | 2120 ||| Stepping randomly (stuck).
  2121 | D:2      | 2121 ||| Stepping randomly (stuck).
  2122 | D:2      | 2122 ||| Stepping randomly (stuck).
  2123 | D:2      | 2123 ||| Stepping randomly (stuck).
  2124 | D:2      | 2124 ||| Stepping randomly (stuck).
  2125 | D:2      | 2125 ||| Stepping randomly (stuck).
  2126 | D:2      | 2126 ||| Stepping randomly (stuck).
  2127 | D:2      | 2127 ||| Stepping randomly (stuck).
  2128 | D:2      | 2128 ||| Stepping randomly (stuck).
  2129 | D:2      | 2129 ||| Stepping randomly (stuck).
  2130 | D:2      | 2130 ||| Stepping randomly (stuck).
  2131 | D:2      | 2131 ||| Stepping randomly (stuck).
  2132 | D:2      | 2132 ||| Stepping randomly (stuck).
  2133 | D:2      | 2133 ||| Stepping randomly (stuck).
  2134 | D:2      | 2134 ||| Stepping randomly (stuck).
  2135 | D:2      | 2135 ||| Stepping randomly (stuck).
  2136 | D:2      | 2136 ||| Stepping randomly (stuck).
  2137 | D:2      | 2137 ||| Stepping randomly (stuck).
  2138 | D:2      | 2138 ||| Stepping randomly (stuck).
  2139 | D:2      | 2139 ||| Stepping randomly (stuck).
  2140 | D:2      | 2140 ||| Stepping randomly (stuck).
  2141 | D:2      | 2141 ||| Stepping randomly (stuck).
  2142 | D:2      | 2142 ||| Stepping randomly (stuck).
  2143 | D:2      | 2143 ||| Stepping randomly (stuck).
  2144 | D:2      | 2144 ||| Stepping randomly (stuck).
  2145 | D:2      | 2145 ||| Stepping randomly (stuck).
  2146 | D:2      | 2146 ||| Stepping randomly (stuck).
  2147 | D:2      | 2147 ||| Stepping randomly (stuck).
  2148 | D:2      | 2148 ||| Stepping randomly (stuck).
  2149 | D:2      | 2149 ||| Stepping randomly (stuck).
  2150 | D:2      | 2150 ||| Stepping randomly (stuck).
  2151 | D:2      | 2151 ||| Stepping randomly (stuck).
  2152 | D:2      | 2152 ||| Stepping randomly (stuck).
  2153 | D:2      | 2153 ||| Stepping randomly (stuck).
  2154 | D:2      | 2154 ||| Stepping randomly (stuck).
  2155 | D:2      | 2155 ||| Stepping randomly (stuck).
  2156 | D:2      | 2156 ||| Stepping randomly (stuck).
  2157 | D:2      | 2157 ||| Stepping randomly (stuck).
  2158 | D:2      | 2158 ||| Stepping randomly (stuck).
  2159 | D:2      | 2159 ||| Stepping randomly (stuck).
  2160 | D:2      | 2160 ||| Stepping randomly (stuck).
  2161 | D:2      | 2161 ||| Stepping randomly (stuck).
  2162 | D:2      | 2162 ||| Stepping randomly (stuck).
  2163 | D:2      | 2163 ||| Stepping randomly (stuck).
  2164 | D:2      | 2164 ||| Stepping randomly (stuck).
  2165 | D:2      | 2165 ||| Stepping randomly (stuck).
  2166 | D:2      | 2166 ||| Stepping randomly (stuck).
  2167 | D:2      | 2167 ||| Stepping randomly (stuck).
  2168 | D:2      | 2168 ||| Stepping randomly (stuck).
  2169 | D:2      | 2169 ||| Stepping randomly (stuck).
  2170 | D:2      | 2170 ||| Stepping randomly (stuck).
  2171 | D:2      | 2171 ||| Stepping randomly (stuck).
  2172 | D:2      | 2172 ||| Stepping randomly (stuck).
  2173 | D:2      | 2173 ||| Stepping randomly (stuck).
  2174 | D:2      | 2174 ||| Stepping randomly (stuck).
  2175 | D:2      | 2175 ||| Stepping randomly (stuck).
  2176 | D:2      | 2176 ||| Stepping randomly (stuck).
  2177 | D:2      | 2177 ||| Stepping randomly (stuck).
  2178 | D:2      | 2178 ||| Stepping randomly (stuck).
  2179 | D:2      | 2179 ||| Stepping randomly (stuck).
  2180 | D:2      | 2180 ||| Stepping randomly (stuck).
  2181 | D:2      | 2181 ||| Stepping randomly (stuck).
  2182 | D:2      | 2182 ||| Stepping randomly (stuck).
  2183 | D:2      | 2183 ||| Stepping randomly (stuck).
  2184 | D:2      | 2184 ||| Stepping randomly (stuck).
  2185 | D:2      | 2185 ||| Stepping randomly (stuck).
  2186 | D:2      | 2186 ||| Stepping randomly (stuck).
  2187 | D:2      | 2187 ||| Stepping randomly (stuck).
  2188 | D:2      | 2188 ||| Stepping randomly (stuck).
  2189 | D:2      | 2189 ||| Stepping randomly (stuck).
  2190 | D:2      | 2190 ||| Stepping randomly (stuck).
  2191 | D:2      | 2191 ||| Stepping randomly (stuck).
  2192 | D:2      | 2192 ||| Stepping randomly (stuck).
  2193 | D:2      | 2193 ||| Stepping randomly (stuck).
  2194 | D:2      | 2194 ||| Stepping randomly (stuck).
  2195 | D:2      | 2195 ||| Stepping randomly (stuck).
  2196 | D:2      | 2196 ||| Stepping randomly (stuck).
  2197 | D:2      | 2197 ||| Stepping randomly (stuck).
  2198 | D:2      | 2198 ||| Stepping randomly (stuck).
  2199 | D:2      | 2199 ||| Stepping randomly (stuck).
  2200 | D:2      | 2200 ||| Stepping randomly (stuck).
  2201 | D:2      | 2201 ||| Stepping randomly (stuck).
  2202 | D:2      | 2202 ||| Stepping randomly (stuck).
  2203 | D:2      | 2203 ||| Stepping randomly (stuck).
  2204 | D:2      | 2204 ||| Stepping randomly (stuck).
  2205 | D:2      | 2205 ||| Stepping randomly (stuck).
  2206 | D:2      | 2206 ||| Stepping randomly (stuck).
  2207 | D:2      | 2207 ||| Stepping randomly (stuck).
  2208 | D:2      | 2208 ||| Stepping randomly (stuck).
  2209 | D:2      | 2209 ||| Stepping randomly (stuck).
  2210 | D:2      | 2210 ||| Stepping randomly (stuck).
  2211 | D:2      | 2211 ||| Stepping randomly (stuck).
  2212 | D:2      | 2212 ||| Stepping randomly (stuck).
  2213 | D:2      | 2213 ||| Stepping randomly (stuck).
  2214 | D:2      | 2214 ||| Stepping randomly (stuck).
  2215 | D:2      | 2215 ||| Stepping randomly (stuck).
  2216 | D:2      | 2216 ||| Stepping randomly (stuck).
  2217 | D:2      | 2217 ||| Stepping randomly (stuck).
  2218 | D:2      | 2218 ||| Stepping randomly (stuck).
  2219 | D:2      | 2219 ||| Stepping randomly (stuck).
  2220 | D:2      | 2220 ||| Stepping randomly (stuck).
  2221 | D:2      | 2221 ||| Stepping randomly (stuck).
  2222 | D:2      | 2222 ||| Stepping randomly (stuck).
  2223 | D:2      | 2223 ||| Stepping randomly (stuck).
  2224 | D:2      | 2224 ||| Stepping randomly (stuck).
  2225 | D:2      | 2225 ||| Stepping randomly (stuck).
  2226 | D:2      | 2226 ||| Stepping randomly (stuck).
  2227 | D:2      | 2227 ||| Stepping randomly (stuck).
  2228 | D:2      | 2228 ||| Stepping randomly (stuck).
  2229 | D:2      | 2229 ||| Stepping randomly (stuck).
  2230 | D:2      | 2230 ||| Stepping randomly (stuck).
  2231 | D:2      | 2231 ||| Stepping randomly (stuck).
  2232 | D:2      | 2232 ||| Stepping randomly (stuck).
  2233 | D:2      | 2233 ||| Stepping randomly (stuck).
  2234 | D:2      | 2234 ||| Stepping randomly (stuck).
  2235 | D:2      | 2235 ||| Stepping randomly (stuck).
  2236 | D:2      | 2236 ||| Stepping randomly (stuck).
  2237 | D:2      | 2237 ||| Stepping randomly (stuck).
  2238 | D:2      | 2238 ||| Stepping randomly (stuck).
  2239 | D:2      | 2239 ||| Stepping randomly (stuck).
  2240 | D:2      | 2240 ||| Stepping randomly (stuck).
  2241 | D:2      | 2241 ||| Stepping randomly (stuck).
  2242 | D:2      | 2242 ||| Stepping randomly (stuck).
  2243 | D:2      | 2243 ||| Stepping randomly (stuck).
  2244 | D:2      | 2244 ||| Stepping randomly (stuck).
  2245 | D:2      | 2245 ||| Stepping randomly (stuck).
  2246 | D:2      | 2246 ||| Stepping randomly (stuck).
  2247 | D:2      | 2247 ||| Stepping randomly (stuck).
  2248 | D:2      | 2248 ||| Stepping randomly (stuck).
  2249 | D:2      | 2249 ||| Stepping randomly (stuck).
  2250 | D:2      | 2250 ||| Stepping randomly (stuck).
  2251 | D:2      | 2251 ||| Stepping randomly (stuck).
  2252 | D:2      | 2252 ||| Stepping randomly (stuck).
  2253 | D:2      | 2253 ||| Stepping randomly (stuck).
  2254 | D:2      | 2254 ||| Stepping randomly (stuck).
  2255 | D:2      | 2255 ||| Stepping randomly (stuck).
  2256 | D:2      | 2256 ||| Stepping randomly (stuck).
  2257 | D:2      | 2257 ||| Stepping randomly (stuck).
  2258 | D:2      | 2258 ||| Stepping randomly (stuck).
  2259 | D:2      | 2259 ||| Stepping randomly (stuck).
  2260 | D:2      | 2260 ||| Stepping randomly (stuck).
  2261 | D:2      | 2261 ||| Stepping randomly (stuck).
  2262 | D:2      | 2262 ||| Stepping randomly (stuck).
  2263 | D:2      | 2263 ||| Stepping randomly (stuck).
  2264 | D:2      | 2264 ||| Stepping randomly (stuck).
  2265 | D:2      | 2265 ||| Stepping randomly (stuck).
  2266 | D:2      | 2266 ||| Stepping randomly (stuck).
  2267 | D:2      | 2267 ||| Stepping randomly (stuck).
  2268 | D:2      | 2268 ||| Stepping randomly (stuck).
  2269 | D:2      | 2269 ||| Stepping randomly (stuck).
  2270 | D:2      | 2270 ||| Stepping randomly (stuck).
  2271 | D:2      | 2271 ||| Stepping randomly (stuck).
  2272 | D:2      | 2272 ||| Stepping randomly (stuck).
  2273 | D:2      | 2273 ||| Stepping randomly (stuck).
  2274 | D:2      | 2274 ||| Stepping randomly (stuck).
  2275 | D:2      | 2275 ||| Stepping randomly (stuck).
  2276 | D:2      | 2276 ||| Stepping randomly (stuck).
  2277 | D:2      | 2277 ||| Stepping randomly (stuck).
  2278 | D:2      | 2278 ||| Stepping randomly (stuck).
  2279 | D:2      | 2279 ||| Stepping randomly (stuck).
  2280 | D:2      | 2280 ||| Stepping randomly (stuck).
  2281 | D:2      | 2281 ||| Stepping randomly (stuck).
  2282 | D:2      | 2282 ||| Stepping randomly (stuck).
  2283 | D:2      | 2283 ||| Stepping randomly (stuck).
  2284 | D:2      | 2284 ||| Stepping randomly (stuck).
  2285 | D:2      | 2285 ||| Stepping randomly (stuck).
  2286 | D:2      | 2286 ||| Stepping randomly (stuck).
  2287 | D:2      | 2287 ||| Stepping randomly (stuck).
  2288 | D:2      | 2288 ||| Stepping randomly (stuck).
  2289 | D:2      | 2289 ||| Stepping randomly (stuck).
  2290 | D:2      | 2290 ||| Stepping randomly (stuck).
  2291 | D:2      | 2291 ||| Stepping randomly (stuck).
  2292 | D:2      | 2292 ||| Stepping randomly (stuck).
  2293 | D:2      | 2293 ||| Stepping randomly (stuck).
  2294 | D:2      | 2294 ||| Stepping randomly (stuck).
  2295 | D:2      | 2295 ||| Stepping randomly (stuck).
  2296 | D:2      | 2296 ||| Stepping randomly (stuck).
  2297 | D:2      | 2297 ||| Stepping randomly (stuck).
  2298 | D:2      | 2298 ||| Stepping randomly (stuck).
  2299 | D:2      | 2299 ||| Stepping randomly (stuck).
  2300 | D:2      | 2300 ||| Stepping randomly (stuck).
  2301 | D:2      | 2301 ||| Stepping randomly (stuck).
  2302 | D:2      | 2302 ||| Stepping randomly (stuck).
  2303 | D:2      | 2303 ||| Stepping randomly (stuck).
  2304 | D:2      | 2304 ||| Stepping randomly (stuck).
  2305 | D:2      | 2305 ||| Stepping randomly (stuck).
  2306 | D:2      | 2306 ||| Stepping randomly (stuck).
  2307 | D:2      | 2307 ||| Stepping randomly (stuck).
  2308 | D:2      | 2308 ||| Stepping randomly (stuck).
  2309 | D:2      | 2309 ||| Stepping randomly (stuck).
  2310 | D:2      | 2310 ||| Stepping randomly (stuck).
  2311 | D:2      | 2311 ||| Stepping randomly (stuck).
  2312 | D:2      | 2312 ||| Stepping randomly (stuck).
  2313 | D:2      | 2313 ||| Stepping randomly (stuck).
  2314 | D:2      | 2314 ||| Stepping randomly (stuck).
  2315 | D:2      | 2315 ||| Stepping randomly (stuck).
  2316 | D:2      | 2316 ||| Stepping randomly (stuck).
  2317 | D:2      | 2317 ||| Stepping randomly (stuck).
  2318 | D:2      | 2318 ||| Stepping randomly (stuck).
  2319 | D:2      | 2319 ||| Stepping randomly (stuck).
  2320 | D:2      | 2320 ||| Stepping randomly (stuck).
  2321 | D:2      | 2321 ||| Stepping randomly (stuck).
  2322 | D:2      | 2322 ||| Stepping randomly (stuck).
  2323 | D:2      | 2323 ||| Stepping randomly (stuck).
  2324 | D:2      | 2324 ||| Stepping randomly (stuck).
  2325 | D:2      | 2325 ||| Stepping randomly (stuck).
  2326 | D:2      | 2326 ||| Stepping randomly (stuck).
  2327 | D:2      | 2327 ||| Stepping randomly (stuck).
  2328 | D:2      | 2328 ||| Stepping randomly (stuck).
  2329 | D:2      | 2329 ||| Stepping randomly (stuck).
  2330 | D:2      | 2330 ||| Stepping randomly (stuck).
  2331 | D:2      | 2331 ||| Stepping randomly (stuck).
  2332 | D:2      | 2332 ||| Stepping randomly (stuck).
  2333 | D:2      | 2333 ||| Stepping randomly (stuck).
  2334 | D:2      | 2334 ||| Stepping randomly (stuck).
  2335 | D:2      | 2335 ||| Stepping randomly (stuck).
  2336 | D:2      | 2336 ||| Stepping randomly (stuck).
  2337 | D:2      | 2337 ||| Stepping randomly (stuck).
  2338 | D:2      | 2338 ||| Stepping randomly (stuck).
  2339 | D:2      | 2339 ||| Stepping randomly (stuck).
  2340 | D:2      | 2340 ||| Stepping randomly (stuck).
  2341 | D:2      | 2341 ||| Stepping randomly (stuck).
  2342 | D:2      | 2342 ||| Stepping randomly (stuck).
  2343 | D:2      | 2343 ||| Stepping randomly (stuck).
  2344 | D:2      | 2344 ||| Stepping randomly (stuck).
  2345 | D:2      | 2345 ||| Stepping randomly (stuck).
  2346 | D:2      | 2346 ||| Stepping randomly (stuck).
  2347 | D:2      | 2347 ||| Stepping randomly (stuck).
  2348 | D:2      | 2348 ||| Stepping randomly (stuck).
  2349 | D:2      | 2349 ||| Stepping randomly (stuck).
  2350 | D:2      | 2350 ||| Stepping randomly (stuck).
  2351 | D:2      | 2351 ||| Stepping randomly (stuck).
  2352 | D:2      | 2352 ||| Stepping randomly (stuck).
  2353 | D:2      | 2353 ||| Stepping randomly (stuck).
  2354 | D:2      | 2354 ||| Stepping randomly (stuck).
  2355 | D:2      | 2355 ||| Stepping randomly (stuck).
  2356 | D:2      | 2356 ||| Stepping randomly (stuck).
  2357 | D:2      | 2357 ||| Stepping randomly (stuck).
  2358 | D:2      | 2358 ||| Stepping randomly (stuck).
  2359 | D:2      | 2359 ||| Stepping randomly (stuck).
  2360 | D:2      | 2360 ||| Stepping randomly (stuck).
  2361 | D:2      | 2361 ||| Stepping randomly (stuck).
  2362 | D:2      | 2362 ||| Stepping randomly (stuck).
  2363 | D:2      | 2363 ||| Stepping randomly (stuck).
  2364 | D:2      | 2364 ||| Stepping randomly (stuck).
  2365 | D:2      | 2365 ||| Stepping randomly (stuck).
  2366 | D:2      | 2366 ||| Stepping randomly (stuck).
  2367 | D:2      | 2367 ||| Stepping randomly (stuck).
  2368 | D:2      | 2368 ||| Stepping randomly (stuck).
  2369 | D:2      | 2369 ||| Stepping randomly (stuck).
  2370 | D:2      | 2370 ||| Stepping randomly (stuck).
  2371 | D:2      | 2371 ||| Stepping randomly (stuck).
  2372 | D:2      | 2372 ||| Stepping randomly (stuck).
  2373 | D:2      | 2373 ||| Stepping randomly (stuck).
  2374 | D:2      | 2374 ||| Stepping randomly (stuck).
  2375 | D:2      | 2375 ||| Stepping randomly (stuck).
  2376 | D:2      | 2376 ||| Stepping randomly (stuck).
  2377 | D:2      | 2377 ||| Stepping randomly (stuck).
  2378 | D:2      | 2378 ||| Stepping randomly (stuck).
  2379 | D:2      | 2379 ||| Stepping randomly (stuck).
  2380 | D:2      | 2380 ||| Stepping randomly (stuck).
  2381 | D:2      | 2381 ||| Stepping randomly (stuck).
  2382 | D:2      | 2382 ||| Stepping randomly (stuck).
  2383 | D:2      | 2383 ||| Stepping randomly (stuck).
  2384 | D:2      | 2384 ||| Stepping randomly (stuck).
  2385 | D:2      | 2385 ||| Stepping randomly (stuck).
  2386 | D:2      | 2386 ||| Stepping randomly (stuck).
  2387 | D:2      | 2387 ||| Stepping randomly (stuck).
  2388 | D:2      | 2388 ||| Stepping randomly (stuck).
  2389 | D:2      | 2389 ||| Stepping randomly (stuck).
  2390 | D:2      | 2390 ||| Stepping randomly (stuck).
  2391 | D:2      | 2391 ||| Stepping randomly (stuck).
  2392 | D:2      | 2392 ||| Stepping randomly (stuck).
  2393 | D:2      | 2393 ||| Stepping randomly (stuck).
  2394 | D:2      | 2394 ||| Stepping randomly (stuck).
  2395 | D:2      | 2395 ||| Stepping randomly (stuck).
  2396 | D:2      | 2396 ||| Stepping randomly (stuck).
  2397 | D:2      | 2397 ||| Stepping randomly (stuck).
  2398 | D:2      | 2398 ||| Stepping randomly (stuck).
  2399 | D:2      | 2399 ||| Stepping randomly (stuck).
  2400 | D:2      | 2400 ||| Stepping randomly (stuck).
  2401 | D:2      | 2401 ||| Stepping randomly (stuck).
  2402 | D:2      | 2402 ||| Stepping randomly (stuck).
  2403 | D:2      | 2403 ||| Stepping randomly (stuck).
  2404 | D:2      | 2404 ||| Stepping randomly (stuck).
  2405 | D:2      | 2405 ||| Stepping randomly (stuck).
  2406 | D:2      | 2406 ||| Stepping randomly (stuck).
  2407 | D:2      | 2407 ||| Stepping randomly (stuck).
  2408 | D:2      | 2408 ||| Stepping randomly (stuck).
  2409 | D:2      | 2409 ||| Stepping randomly (stuck).
  2410 | D:2      | 2410 ||| Stepping randomly (stuck).
  2411 | D:2      | 2411 ||| Stepping randomly (stuck).
  2412 | D:2      | 2412 ||| Stepping randomly (stuck).
  2413 | D:2      | 2413 ||| Stepping randomly (stuck).
  2414 | D:2      | 2414 ||| Stepping randomly (stuck).
  2415 | D:2      | 2415 ||| Stepping randomly (stuck).
  2416 | D:2      | 2416 ||| Stepping randomly (stuck).
  2417 | D:2      | 2417 ||| Stepping randomly (stuck).
  2418 | D:2      | 2418 ||| Stepping randomly (stuck).
  2419 | D:2      | 2419 ||| Stepping randomly (stuck).
  2420 | D:2      | 2420 ||| Stepping randomly (stuck).
  2421 | D:2      | 2421 ||| Stepping randomly (stuck).
  2422 | D:2      | 2422 ||| Stepping randomly (stuck).
  2423 | D:2      | 2423 ||| Stepping randomly (stuck).
  2424 | D:2      | 2424 ||| Stepping randomly (stuck).
  2425 | D:2      | 2425 ||| Stepping randomly (stuck).
  2426 | D:2      | 2426 ||| Stepping randomly (stuck).
  2427 | D:2      | 2427 ||| Stepping randomly (stuck).
  2428 | D:2      | 2428 ||| Stepping randomly (stuck).
  2429 | D:2      | 2429 ||| Stepping randomly (stuck).
  2430 | D:2      | 2430 ||| Stepping randomly (stuck).
  2431 | D:2      | 2431 ||| Stepping randomly (stuck).
  2432 | D:2      | 2432 ||| Stepping randomly (stuck).
  2433 | D:2      | 2433 ||| Stepping randomly (stuck).
  2434 | D:2      | 2434 ||| Stepping randomly (stuck).
  2435 | D:2      | 2435 ||| Stepping randomly (stuck).
  2436 | D:2      | 2436 ||| Stepping randomly (stuck).
  2437 | D:2      | 2437 ||| Stepping randomly (stuck).
  2438 | D:2      | 2438 ||| Stepping randomly (stuck).
  2439 | D:2      | 2439 ||| Stepping randomly (stuck).
  2440 | D:2      | 2440 ||| Stepping randomly (stuck).
  2441 | D:2      | 2441 ||| Stepping randomly (stuck).
  2442 | D:2      | 2442 ||| Stepping randomly (stuck).
  2443 | D:2      | 2443 ||| Stepping randomly (stuck).
  2444 | D:2      | 2444 ||| Stepping randomly (stuck).
  2445 | D:2      | 2445 ||| Stepping randomly (stuck).
  2446 | D:2      | 2446 ||| Stepping randomly (stuck).
  2447 | D:2      | 2447 ||| Stepping randomly (stuck).
  2448 | D:2      | 2448 ||| Stepping randomly (stuck).
  2449 | D:2      | 2449 ||| Stepping randomly (stuck).
  2450 | D:2      | 2450 ||| Stepping randomly (stuck).
  2451 | D:2      | 2451 ||| Stepping randomly (stuck).
  2452 | D:2      | 2452 ||| Stepping randomly (stuck).
  2453 | D:2      | 2453 ||| Stepping randomly (stuck).
  2454 | D:2      | 2454 ||| Stepping randomly (stuck).
  2455 | D:2      | 2455 ||| Stepping randomly (stuck).
  2456 | D:2      | 2456 ||| Stepping randomly (stuck).
  2457 | D:2      | 2457 ||| Stepping randomly (stuck).
  2458 | D:2      | 2458 ||| Stepping randomly (stuck).
  2459 | D:2      | 2459 ||| Stepping randomly (stuck).
  2460 | D:2      | 2460 ||| Stepping randomly (stuck).
  2461 | D:2      | 2461 ||| Stepping randomly (stuck).
  2462 | D:2      | 2462 ||| Stepping randomly (stuck).
  2463 | D:2      | 2463 ||| Stepping randomly (stuck).
  2464 | D:2      | 2464 ||| Stepping randomly (stuck).
  2465 | D:2      | 2465 ||| Stepping randomly (stuck).
  2466 | D:2      | 2466 ||| Stepping randomly (stuck).
  2467 | D:2      | 2467 ||| Stepping randomly (stuck).
  2468 | D:2      | 2468 ||| Stepping randomly (stuck).
  2469 | D:2      | 2469 ||| Stepping randomly (stuck).
  2470 | D:2      | 2470 ||| Stepping randomly (stuck).
  2471 | D:2      | 2471 ||| Stepping randomly (stuck).
  2472 | D:2      | 2472 ||| Stepping randomly (stuck).
  2473 | D:2      | 2473 ||| Stepping randomly (stuck).
  2474 | D:2      | 2474 ||| Stepping randomly (stuck).
  2475 | D:2      | 2475 ||| Stepping randomly (stuck).
  2476 | D:2      | 2476 ||| Stepping randomly (stuck).
  2477 | D:2      | 2477 ||| Stepping randomly (stuck).
  2478 | D:2      | 2478 ||| Stepping randomly (stuck).
  2479 | D:2      | 2479 ||| Stepping randomly (stuck).
  2480 | D:2      | 2480 ||| Stepping randomly (stuck).
  2481 | D:2      | 2481 ||| Stepping randomly (stuck).
  2482 | D:2      | 2482 ||| Stepping randomly (stuck).
  2483 | D:2      | 2483 ||| Stepping randomly (stuck).
  2484 | D:2      | 2484 ||| Stepping randomly (stuck).
  2485 | D:2      | 2485 ||| Stepping randomly (stuck).
  2486 | D:2      | 2486 ||| Stepping randomly (stuck).
  2487 | D:2      | 2487 ||| Stepping randomly (stuck).
  2488 | D:2      | 2488 ||| Stepping randomly (stuck).
  2489 | D:2      | 2489 ||| Stepping randomly (stuck).
  2490 | D:2      | 2490 ||| Stepping randomly (stuck).
  2491 | D:2      | 2491 ||| Stepping randomly (stuck).
  2492 | D:2      | 2492 ||| Stepping randomly (stuck).
  2493 | D:2      | 2493 ||| Stepping randomly (stuck).
  2494 | D:2      | 2494 ||| Stepping randomly (stuck).
  2495 | D:2      | 2495 ||| Stepping randomly (stuck).
  2496 | D:2      | 2496 ||| Stepping randomly (stuck).
  2497 | D:2      | 2497 ||| Stepping randomly (stuck).
  2498 | D:2      | 2498 ||| Stepping randomly (stuck).
  2499 | D:2      | 2499 ||| Stepping randomly (stuck).
  2500 | D:2      | 2500 ||| Stepping randomly (stuck).
  2501 | D:2      | 2501 ||| Stepping randomly (stuck).
  2502 | D:2      | 2502 ||| Stepping randomly (stuck).
  2503 | D:2      | 2503 ||| Stepping randomly (stuck).
  2504 | D:2      | 2504 ||| Stepping randomly (stuck).
  2505 | D:2      | 2505 ||| Stepping randomly (stuck).
  2506 | D:2      | 2506 ||| Stepping randomly (stuck).
  2507 | D:2      | 2507 ||| Stepping randomly (stuck).
  2508 | D:2      | 2508 ||| Stepping randomly (stuck).
  2509 | D:2      | 2509 ||| Stepping randomly (stuck).
  2510 | D:2      | 2510 ||| Stepping randomly (stuck).
  2511 | D:2      | 2511 ||| Stepping randomly (stuck).
  2512 | D:2      | 2512 ||| Stepping randomly (stuck).
  2513 | D:2      | 2513 ||| Stepping randomly (stuck).
  2514 | D:2      | 2514 ||| Stepping randomly (stuck).
  2515 | D:2      | 2515 ||| Stepping randomly (stuck).
  2516 | D:2      | 2516 ||| Stepping randomly (stuck).
  2517 | D:2      | 2517 ||| Stepping randomly (stuck).
  2518 | D:2      | 2518 ||| Stepping randomly (stuck).
  2519 | D:2      | 2519 ||| Stepping randomly (stuck).
  2520 | D:2      | 2520 ||| Stepping randomly (stuck).
  2521 | D:2      | 2521 ||| Stepping randomly (stuck).
  2522 | D:2      | 2522 ||| Stepping randomly (stuck).
  2523 | D:2      | 2523 ||| Stepping randomly (stuck).
  2524 | D:2      | 2524 ||| Stepping randomly (stuck).
  2525 | D:2      | 2525 ||| Stepping randomly (stuck).
  2526 | D:2      | 2526 ||| Stepping randomly (stuck).
  2527 | D:2      | 2527 ||| Stepping randomly (stuck).
  2528 | D:2      | 2528 ||| Stepping randomly (stuck).
  2529 | D:2      | 2529 ||| Stepping randomly (stuck).
  2530 | D:2      | 2530 ||| Stepping randomly (stuck).
  2531 | D:2      | 2531 ||| Stepping randomly (stuck).
  2532 | D:2      | 2532 ||| Stepping randomly (stuck).
  2533 | D:2      | 2533 ||| Stepping randomly (stuck).
  2534 | D:2      | 2534 ||| Stepping randomly (stuck).
  2535 | D:2      | 2535 ||| Stepping randomly (stuck).
  2536 | D:2      | 2536 ||| Stepping randomly (stuck).
  2537 | D:2      | 2537 ||| Stepping randomly (stuck).
  2538 | D:2      | 2538 ||| Stepping randomly (stuck).
  2539 | D:2      | 2539 ||| Stepping randomly (stuck).
  2540 | D:2      | 2540 ||| Stepping randomly (stuck).
  2541 | D:2      | 2541 ||| Stepping randomly (stuck).
  2542 | D:2      | 2542 ||| Stepping randomly (stuck).
  2543 | D:2      | 2543 ||| Stepping randomly (stuck).
  2544 | D:2      | 2544 ||| Stepping randomly (stuck).
  2545 | D:2      | 2545 ||| Stepping randomly (stuck).
  2546 | D:2      | 2546 ||| Stepping randomly (stuck).
  2547 | D:2      | 2547 ||| Stepping randomly (stuck).
  2548 | D:2      | 2548 ||| Stepping randomly (stuck).
  2549 | D:2      | 2549 ||| Stepping randomly (stuck).
  2550 | D:2      | 2550 ||| Stepping randomly (stuck).
  2551 | D:2      | 2551 ||| Stepping randomly (stuck).
  2552 | D:2      | 2552 ||| Stepping randomly (stuck).
  2553 | D:2      | 2553 ||| Stepping randomly (stuck).
  2554 | D:2      | 2554 ||| Stepping randomly (stuck).
  2555 | D:2      | 2555 ||| Stepping randomly (stuck).
  2556 | D:2      | 2556 ||| Stepping randomly (stuck).
  2557 | D:2      | 2557 ||| Stepping randomly (stuck).
  2558 | D:2      | 2558 ||| Stepping randomly (stuck).
  2559 | D:2      | 2559 ||| Stepping randomly (stuck).
  2560 | D:2      | 2560 ||| Stepping randomly (stuck).
  2561 | D:2      | 2561 ||| Stepping randomly (stuck).
  2562 | D:2      | 2562 ||| Stepping randomly (stuck).
  2563 | D:2      | 2563 ||| Stepping randomly (stuck).
  2564 | D:2      | 2564 ||| Stepping randomly (stuck).
  2565 | D:2      | 2565 ||| Stepping randomly (stuck).
  2566 | D:2      | 2566 ||| Stepping randomly (stuck).
  2567 | D:2      | 2567 ||| Stepping randomly (stuck).
  2568 | D:2      | 2568 ||| Stepping randomly (stuck).
  2569 | D:2      | 2569 ||| Stepping randomly (stuck).
  2570 | D:2      | 2570 ||| Stepping randomly (stuck).
  2571 | D:2      | 2571 ||| Stepping randomly (stuck).
  2572 | D:2      | 2572 ||| Stepping randomly (stuck).
  2573 | D:2      | 2573 ||| Stepping randomly (stuck).
  2574 | D:2      | 2574 ||| Stepping randomly (stuck).
  2575 | D:2      | 2575 ||| Stepping randomly (stuck).
  2576 | D:2      | 2576 ||| Stepping randomly (stuck).
  2577 | D:2      | 2577 ||| Stepping randomly (stuck).
  2578 | D:2      | 2578 ||| Stepping randomly (stuck).
  2579 | D:2      | 2579 ||| Stepping randomly (stuck).
  2580 | D:2      | 2580 ||| Stepping randomly (stuck).
  2581 | D:2      | 2581 ||| Stepping randomly (stuck).
  2582 | D:2      | 2582 ||| Stepping randomly (stuck).
  2583 | D:2      | 2583 ||| Stepping randomly (stuck).
  2584 | D:2      | 2584 ||| Stepping randomly (stuck).
  2585 | D:2      | 2585 ||| Stepping randomly (stuck).
  2586 | D:2      | 2586 ||| Stepping randomly (stuck).
  2587 | D:2      | 2587 ||| Stepping randomly (stuck).
  2588 | D:2      | 2588 ||| Stepping randomly (stuck).
  2589 | D:2      | 2589 ||| Stepping randomly (stuck).
  2590 | D:2      | 2590 ||| Stepping randomly (stuck).
  2591 | D:2      | 2591 ||| Stepping randomly (stuck).
  2592 | D:2      | 2592 ||| Stepping randomly (stuck).
  2593 | D:2      | 2593 ||| Stepping randomly (stuck).
  2594 | D:2      | 2594 ||| Stepping randomly (stuck).
  2595 | D:2      | 2595 ||| Stepping randomly (stuck).
  2596 | D:2      | 2596 ||| Stepping randomly (stuck).
  2597 | D:2      | 2597 ||| Stepping randomly (stuck).
  2598 | D:2      | 2598 ||| Stepping randomly (stuck).
  2599 | D:2      | 2599 ||| Stepping randomly (stuck).
  2600 | D:2      | 2600 ||| Stepping randomly (stuck).
  2601 | D:2      | 2601 ||| Stepping randomly (stuck).
  2602 | D:2      | 2602 ||| Stepping randomly (stuck).
  2603 | D:2      | 2603 ||| Stepping randomly (stuck).
  2604 | D:2      | 2604 ||| Stepping randomly (stuck).
  2605 | D:2      | 2605 ||| Stepping randomly (stuck).
  2606 | D:2      | 2606 ||| Stepping randomly (stuck).
  2607 | D:2      | 2607 ||| Stepping randomly (stuck).
  2608 | D:2      | 2608 ||| Stepping randomly (stuck).
  2609 | D:2      | 2609 ||| Stepping randomly (stuck).
  2610 | D:2      | 2610 ||| Stepping randomly (stuck).
  2611 | D:2      | 2611 ||| Stepping randomly (stuck).
  2612 | D:2      | 2612 ||| Stepping randomly (stuck).
  2613 | D:2      | 2613 ||| Stepping randomly (stuck).
  2614 | D:2      | 2614 ||| Stepping randomly (stuck).
  2615 | D:2      | 2615 ||| Stepping randomly (stuck).
  2616 | D:2      | 2616 ||| Stepping randomly (stuck).
  2617 | D:2      | 2617 ||| Stepping randomly (stuck).
  2618 | D:2      | 2618 ||| Stepping randomly (stuck).
  2619 | D:2      | 2619 ||| Stepping randomly (stuck).
  2620 | D:2      | 2620 ||| Stepping randomly (stuck).
  2621 | D:2      | 2621 ||| Stepping randomly (stuck).
  2622 | D:2      | 2622 ||| Stepping randomly (stuck).
  2623 | D:2      | 2623 ||| Stepping randomly (stuck).
  2624 | D:2      | 2624 ||| Stepping randomly (stuck).
  2625 | D:2      | 2625 ||| Stepping randomly (stuck).
  2626 | D:2      | 2626 ||| Stepping randomly (stuck).
  2627 | D:2      | 2627 ||| Stepping randomly (stuck).
  2628 | D:2      | 2628 ||| Stepping randomly (stuck).
  2629 | D:2      | 2629 ||| Stepping randomly (stuck).
  2630 | D:2      | 2630 ||| Stepping randomly (stuck).
  2631 | D:2      | 2631 ||| Stepping randomly (stuck).
  2632 | D:2      | 2632 ||| Stepping randomly (stuck).
  2633 | D:2      | 2633 ||| Stepping randomly (stuck).
  2634 | D:2      | 2634 ||| Stepping randomly (stuck).
  2635 | D:2      | 2635 ||| Stepping randomly (stuck).
  2636 | D:2      | 2636 ||| Stepping randomly (stuck).
  2637 | D:2      | 2637 ||| Stepping randomly (stuck).
  2638 | D:2      | 2638 ||| Stepping randomly (stuck).
  2639 | D:2      | 2639 ||| Stepping randomly (stuck).
  2640 | D:2      | 2640 ||| Stepping randomly (stuck).
  2641 | D:2      | 2641 ||| Stepping randomly (stuck).
  2642 | D:2      | 2642 ||| Stepping randomly (stuck).
  2643 | D:2      | 2643 ||| Stepping randomly (stuck).
  2644 | D:2      | 2644 ||| Stepping randomly (stuck).
  2645 | D:2      | 2645 ||| Stepping randomly (stuck).
  2646 | D:2      | 2646 ||| Stepping randomly (stuck).
  2647 | D:2      | 2647 ||| Stepping randomly (stuck).
  2648 | D:2      | 2648 ||| Stepping randomly (stuck).
  2649 | D:2      | 2649 ||| Stepping randomly (stuck).
  2650 | D:2      | 2650 ||| Stepping randomly (stuck).
  2651 | D:2      | 2651 ||| Stepping randomly (stuck).
  2652 | D:2      | 2652 ||| Stepping randomly (stuck).
  2653 | D:2      | 2653 ||| Stepping randomly (stuck).
  2654 | D:2      | 2654 ||| Stepping randomly (stuck).
  2655 | D:2      | 2655 ||| Stepping randomly (stuck).
  2656 | D:2      | 2656 ||| Stepping randomly (stuck).
  2657 | D:2      | 2657 ||| Stepping randomly (stuck).
  2658 | D:2      | 2658 ||| Stepping randomly (stuck).
  2659 | D:2      | 2659 ||| Stepping randomly (stuck).
  2660 | D:2      | 2660 ||| Stepping randomly (stuck).
  2661 | D:2      | 2661 ||| Stepping randomly (stuck).
  2662 | D:2      | 2662 ||| Stepping randomly (stuck).
  2663 | D:2      | 2663 ||| Stepping randomly (stuck).
  2664 | D:2      | 2664 ||| Stepping randomly (stuck).
  2665 | D:2      | 2665 ||| Stepping randomly (stuck).
  2666 | D:2      | 2666 ||| Stepping randomly (stuck).
  2667 | D:2      | 2667 ||| Stepping randomly (stuck).
  2668 | D:2      | 2668 ||| Stepping randomly (stuck).
  2669 | D:2      | 2669 ||| Stepping randomly (stuck).
  2670 | D:2      | 2670 ||| Stepping randomly (stuck).
  2671 | D:2      | 2671 ||| Stepping randomly (stuck).
  2672 | D:2      | 2672 ||| Stepping randomly (stuck).
  2673 | D:2      | 2673 ||| Stepping randomly (stuck).
  2674 | D:2      | 2674 ||| Stepping randomly (stuck).
  2675 | D:2      | 2675 ||| Stepping randomly (stuck).
  2676 | D:2      | 2676 ||| Stepping randomly (stuck).
  2677 | D:2      | 2677 ||| Stepping randomly (stuck).
  2678 | D:2      | 2678 ||| Stepping randomly (stuck).
  2679 | D:2      | 2679 ||| Stepping randomly (stuck).
  2680 | D:2      | 2680 ||| Stepping randomly (stuck).
  2681 | D:2      | 2681 ||| Stepping randomly (stuck).
  2682 | D:2      | 2682 ||| Stepping randomly (stuck).
  2683 | D:2      | 2683 ||| Stepping randomly (stuck).
  2684 | D:2      | 2684 ||| Stepping randomly (stuck).
  2685 | D:2      | 2685 ||| Stepping randomly (stuck).
  2686 | D:2      | 2686 ||| Stepping randomly (stuck).
  2687 | D:2      | 2687 ||| Stepping randomly (stuck).
  2688 | D:2      | 2688 ||| Stepping randomly (stuck).
  2689 | D:2      | 2689 ||| Stepping randomly (stuck).
  2690 | D:2      | 2690 ||| Stepping randomly (stuck).
  2691 | D:2      | 2691 ||| Stepping randomly (stuck).
  2692 | D:2      | 2692 ||| Stepping randomly (stuck).
  2693 | D:2      | 2693 ||| Stepping randomly (stuck).
  2694 | D:2      | 2694 ||| Stepping randomly (stuck).
  2695 | D:2      | 2695 ||| Stepping randomly (stuck).
  2696 | D:2      | 2696 ||| Stepping randomly (stuck).
  2697 | D:2      | 2697 ||| Stepping randomly (stuck).
  2698 | D:2      | 2698 ||| Stepping randomly (stuck).
  2699 | D:2      | 2699 ||| Stepping randomly (stuck).
  2700 | D:2      | 2700 ||| Stepping randomly (stuck).
  2701 | D:2      | 2701 ||| Stepping randomly (stuck).
  2702 | D:2      | 2702 ||| Stepping randomly (stuck).
  2703 | D:2      | 2703 ||| Stepping randomly (stuck).
  2704 | D:2      | 2704 ||| Stepping randomly (stuck).
  2705 | D:2      | 2705 ||| Stepping randomly (stuck).
  2706 | D:2      | 2706 ||| Stepping randomly (stuck).
  2707 | D:2      | 2707 ||| Stepping randomly (stuck).
  2708 | D:2      | 2708 ||| Stepping randomly (stuck).
  2709 | D:2      | 2709 ||| Stepping randomly (stuck).
  2710 | D:2      | 2710 ||| Stepping randomly (stuck).
  2711 | D:2      | 2711 ||| Stepping randomly (stuck).
  2712 | D:2      | 2712 ||| Stepping randomly (stuck).
  2713 | D:2      | 2713 ||| Stepping randomly (stuck).
  2714 | D:2      | 2714 ||| Stepping randomly (stuck).
  2715 | D:2      | 2715 ||| Stepping randomly (stuck).
  2716 | D:2      | 2716 ||| Stepping randomly (stuck).
  2717 | D:2      | 2717 ||| Stepping randomly (stuck).
  2718 | D:2      | 2718 ||| Stepping randomly (stuck).
  2719 | D:2      | 2719 ||| Stepping randomly (stuck).
  2720 | D:2      | 2720 ||| Stepping randomly (stuck).
  2721 | D:2      | 2721 ||| Stepping randomly (stuck).
  2722 | D:2      | 2722 ||| Stepping randomly (stuck).
  2723 | D:2      | 2723 ||| Stepping randomly (stuck).
  2724 | D:2      | 2724 ||| Stepping randomly (stuck).
  2725 | D:2      | 2725 ||| Stepping randomly (stuck).
  2726 | D:2      | 2726 ||| Stepping randomly (stuck).
  2727 | D:2      | 2727 ||| Stepping randomly (stuck).
  2728 | D:2      | 2728 ||| Stepping randomly (stuck).
  2729 | D:2      | 2729 ||| Stepping randomly (stuck).
  2730 | D:2      | 2730 ||| Stepping randomly (stuck).
  2731 | D:2      | 2731 ||| Stepping randomly (stuck).
  2732 | D:2      | 2732 ||| Stepping randomly (stuck).
  2733 | D:2      | 2733 ||| Stepping randomly (stuck).
  2734 | D:2      | 2734 ||| Stepping randomly (stuck).
  2735 | D:2      | 2735 ||| Stepping randomly (stuck).
  2736 | D:2      | 2736 ||| Stepping randomly (stuck).
  2737 | D:2      | 2737 ||| Stepping randomly (stuck).
  2738 | D:2      | 2738 ||| Stepping randomly (stuck).
  2739 | D:2      | 2739 ||| Stepping randomly (stuck).
  2740 | D:2      | 2740 ||| Stepping randomly (stuck).
  2741 | D:2      | 2741 ||| Stepping randomly (stuck).
  2742 | D:2      | 2742 ||| Stepping randomly (stuck).
  2743 | D:2      | 2743 ||| Stepping randomly (stuck).
  2744 | D:2      | 2744 ||| Stepping randomly (stuck).
  2745 | D:2      | 2745 ||| Stepping randomly (stuck).
  2746 | D:2      | 2746 ||| Stepping randomly (stuck).
  2747 | D:2      | 2747 ||| Stepping randomly (stuck).
  2748 | D:2      | 2748 ||| Stepping randomly (stuck).
  2749 | D:2      | 2749 ||| Stepping randomly (stuck).
  2750 | D:2      | 2750 ||| Stepping randomly (stuck).
  2751 | D:2      | 2751 ||| Stepping randomly (stuck).
  2752 | D:2      | 2752 ||| Stepping randomly (stuck).
  2753 | D:2      | 2753 ||| Stepping randomly (stuck).
  2754 | D:2      | 2754 ||| Stepping randomly (stuck).
  2755 | D:2      | 2755 ||| Stepping randomly (stuck).
  2756 | D:2      | 2756 ||| Stepping randomly (stuck).
  2757 | D:2      | 2757 ||| Stepping randomly (stuck).
  2758 | D:2      | 2758 ||| Stepping randomly (stuck).
  2759 | D:2      | 2759 ||| Stepping randomly (stuck).
  2760 | D:2      | 2760 ||| Stepping randomly (stuck).
  2761 | D:2      | 2761 ||| Stepping randomly (stuck).
  2762 | D:2      | 2762 ||| Stepping randomly (stuck).
  2763 | D:2      | 2763 ||| Stepping randomly (stuck).
  2764 | D:2      | 2764 ||| Stepping randomly (stuck).
  2765 | D:2      | 2765 ||| Stepping randomly (stuck).
  2766 | D:2      | 2766 ||| Stepping randomly (stuck).
  2767 | D:2      | 2767 ||| Stepping randomly (stuck).
  2768 | D:2      | 2768 ||| Stepping randomly (stuck).
  2769 | D:2      | 2769 ||| Stepping randomly (stuck).
  2770 | D:2      | 2770 ||| Stepping randomly (stuck).
  2771 | D:2      | 2771 ||| Stepping randomly (stuck).
  2772 | D:2      | 2772 ||| Stepping randomly (stuck).
  2773 | D:2      | 2773 ||| Stepping randomly (stuck).
  2774 | D:2      | 2774 ||| Stepping randomly (stuck).
  2775 | D:2      | 2775 ||| Stepping randomly (stuck).
  2776 | D:2      | 2776 ||| Stepping randomly (stuck).
  2777 | D:2      | 2777 ||| Stepping randomly (stuck).
  2778 | D:2      | 2778 ||| Stepping randomly (stuck).
  2779 | D:2      | 2779 ||| Stepping randomly (stuck).
  2780 | D:2      | 2780 ||| Stepping randomly (stuck).
  2781 | D:2      | 2781 ||| Stepping randomly (stuck).
  2782 | D:2      | 2782 ||| Stepping randomly (stuck).
  2783 | D:2      | 2783 ||| Stepping randomly (stuck).
  2784 | D:2      | 2784 ||| Stepping randomly (stuck).
  2785 | D:2      | 2785 ||| Stepping randomly (stuck).
  2786 | D:2      | 2786 ||| Stepping randomly (stuck).
  2787 | D:2      | 2787 ||| Stepping randomly (stuck).
  2788 | D:2      | 2788 ||| Stepping randomly (stuck).
  2789 | D:2      | 2789 ||| Stepping randomly (stuck).
  2790 | D:2      | 2790 ||| Stepping randomly (stuck).
  2791 | D:2      | 2791 ||| Stepping randomly (stuck).
  2792 | D:2      | 2792 ||| Stepping randomly (stuck).
  2793 | D:2      | 2793 ||| Stepping randomly (stuck).
  2794 | D:2      | 2794 ||| Stepping randomly (stuck).
  2795 | D:2      | 2795 ||| Stepping randomly (stuck).
  2796 | D:2      | 2796 ||| Stepping randomly (stuck).
  2797 | D:2      | 2797 ||| Stepping randomly (stuck).
  2798 | D:2      | 2798 ||| Stepping randomly (stuck).
  2799 | D:2      | 2799 ||| Stepping randomly (stuck).
  2800 | D:2      | 2800 ||| Stepping randomly (stuck).
  2801 | D:2      | 2801 ||| Stepping randomly (stuck).
  2802 | D:2      | 2802 ||| Stepping randomly (stuck).
  2803 | D:2      | 2803 ||| Stepping randomly (stuck).
  2804 | D:2      | 2804 ||| Stepping randomly (stuck).
  2805 | D:2      | 2805 ||| Stepping randomly (stuck).
  2806 | D:2      | 2806 ||| Stepping randomly (stuck).
  2807 | D:2      | 2807 ||| Stepping randomly (stuck).
  2808 | D:2      | 2808 ||| Stepping randomly (stuck).
  2809 | D:2      | 2809 ||| Stepping randomly (stuck).
  2810 | D:2      | 2810 ||| Stepping randomly (stuck).
  2811 | D:2      | 2811 ||| Stepping randomly (stuck).
  2812 | D:2      | 2812 ||| Stepping randomly (stuck).
  2813 | D:2      | 2813 ||| Stepping randomly (stuck).
  2814 | D:2      | 2814 ||| Stepping randomly (stuck).
  2815 | D:2      | 2815 ||| Stepping randomly (stuck).
  2816 | D:2      | 2816 ||| Stepping randomly (stuck).
  2817 | D:2      | 2817 ||| Stepping randomly (stuck).
  2818 | D:2      | 2818 ||| Stepping randomly (stuck).
  2819 | D:2      | 2819 ||| Stepping randomly (stuck).
  2820 | D:2      | 2820 ||| Stepping randomly (stuck).
  2821 | D:2      | 2821 ||| Stepping randomly (stuck).
  2822 | D:2      | 2822 ||| Stepping randomly (stuck).
  2823 | D:2      | 2823 ||| Stepping randomly (stuck).
  2824 | D:2      | 2824 ||| Stepping randomly (stuck).
  2825 | D:2      | 2825 ||| Stepping randomly (stuck).
  2826 | D:2      | 2826 ||| Stepping randomly (stuck).
  2827 | D:2      | 2827 ||| Stepping randomly (stuck).
  2828 | D:2      | 2828 ||| Stepping randomly (stuck).
  2829 | D:2      | 2829 ||| Stepping randomly (stuck).
  2830 | D:2      | 2830 ||| Stepping randomly (stuck).
  2831 | D:2      | 2831 ||| Stepping randomly (stuck).
  2832 | D:2      | 2832 ||| Stepping randomly (stuck).
  2833 | D:2      | 2833 ||| Stepping randomly (stuck).
  2834 | D:2      | 2834 ||| Stepping randomly (stuck).
  2835 | D:2      | 2835 ||| Stepping randomly (stuck).
  2836 | D:2      | 2836 ||| Stepping randomly (stuck).
  2837 | D:2      | 2837 ||| Stepping randomly (stuck).
  2838 | D:2      | 2838 ||| Stepping randomly (stuck).
  2839 | D:2      | 2839 ||| Stepping randomly (stuck).
  2840 | D:2      | 2840 ||| Stepping randomly (stuck).
  2841 | D:2      | 2841 ||| Stepping randomly (stuck).
  2842 | D:2      | 2842 ||| Stepping randomly (stuck).
  2843 | D:2      | 2843 ||| Stepping randomly (stuck).
  2844 | D:2      | 2844 ||| Stepping randomly (stuck).
  2845 | D:2      | 2845 ||| Stepping randomly (stuck).
  2846 | D:2      | 2846 ||| Stepping randomly (stuck).
  2847 | D:2      | 2847 ||| Stepping randomly (stuck).
  2848 | D:2      | 2848 ||| Stepping randomly (stuck).
  2849 | D:2      | 2849 ||| Stepping randomly (stuck).
  2850 | D:2      | 2850 ||| Stepping randomly (stuck).
  2851 | D:2      | 2851 ||| Stepping randomly (stuck).
  2852 | D:2      | 2852 ||| Stepping randomly (stuck).
  2853 | D:2      | 2853 ||| Stepping randomly (stuck).
  2854 | D:2      | 2854 ||| Stepping randomly (stuck).
  2855 | D:2      | 2855 ||| Stepping randomly (stuck).
  2856 | D:2      | 2856 ||| Stepping randomly (stuck).
  2857 | D:2      | 2857 ||| Stepping randomly (stuck).
  2858 | D:2      | 2858 ||| Stepping randomly (stuck).
  2859 | D:2      | 2859 ||| Stepping randomly (stuck).
  2860 | D:2      | 2860 ||| Stepping randomly (stuck).
  2861 | D:2      | 2861 ||| Stepping randomly (stuck).
  2862 | D:2      | 2862 ||| Stepping randomly (stuck).
  2863 | D:2      | 2863 ||| Stepping randomly (stuck).
  2864 | D:2      | 2864 ||| Stepping randomly (stuck).
  2865 | D:2      | 2865 ||| Stepping randomly (stuck).
  2866 | D:2      | 2866 ||| Stepping randomly (stuck).
  2867 | D:2      | 2867 ||| Stepping randomly (stuck).
  2868 | D:2      | 2868 ||| Stepping randomly (stuck).
  2869 | D:2      | 2869 ||| Stepping randomly (stuck).
  2870 | D:2      | 2870 ||| Stepping randomly (stuck).
  2871 | D:2      | 2871 ||| Stepping randomly (stuck).
  2872 | D:2      | 2872 ||| Stepping randomly (stuck).
  2873 | D:2      | 2873 ||| Stepping randomly (stuck).
  2874 | D:2      | 2874 ||| Stepping randomly (stuck).
  2875 | D:2      | 2875 ||| Stepping randomly (stuck).
  2876 | D:2      | 2876 ||| Stepping randomly (stuck).
  2877 | D:2      | 2877 ||| Stepping randomly (stuck).
  2878 | D:2      | 2878 ||| Stepping randomly (stuck).
  2879 | D:2      | 2879 ||| Stepping randomly (stuck).
  2880 | D:2      | 2880 ||| Stepping randomly (stuck).
  2881 | D:2      | 2881 ||| Stepping randomly (stuck).
  2882 | D:2      | 2882 ||| Stepping randomly (stuck).
  2883 | D:2      | 2883 ||| Stepping randomly (stuck).
  2884 | D:2      | 2884 ||| Stepping randomly (stuck).
  2885 | D:2      | 2885 ||| Stepping randomly (stuck).
  2886 | D:2      | 2886 ||| Stepping randomly (stuck).
  2887 | D:2      | 2887 ||| Stepping randomly (stuck).
  2888 | D:2      | 2888 ||| Stepping randomly (stuck).
  2889 | D:2      | 2889 ||| Stepping randomly (stuck).
  2890 | D:2      | 2890 ||| Stepping randomly (stuck).
  2891 | D:2      | 2891 ||| Stepping randomly (stuck).
  2892 | D:2      | 2892 ||| Stepping randomly (stuck).
  2893 | D:2      | 2893 ||| Stepping randomly (stuck).
  2894 | D:2      | 2894 ||| Stepping randomly (stuck).
  2895 | D:2      | 2895 ||| Stepping randomly (stuck).
  2896 | D:2      | 2896 ||| Stepping randomly (stuck).
  2897 | D:2      | 2897 ||| Stepping randomly (stuck).
  2898 | D:2      | 2898 ||| Stepping randomly (stuck).
  2899 | D:2      | 2899 ||| Stepping randomly (stuck).
  2900 | D:2      | 2900 ||| Stepping randomly (stuck).
  2901 | D:2      | 2901 ||| Stepping randomly (stuck).
  2902 | D:2      | 2902 ||| Stepping randomly (stuck).
  2903 | D:2      | 2903 ||| Stepping randomly (stuck).
  2904 | D:2      | 2904 ||| Stepping randomly (stuck).
  2905 | D:2      | 2905 ||| Stepping randomly (stuck).
  2906 | D:2      | 2906 ||| Stepping randomly (stuck).
  2907 | D:2      | 2907 ||| Stepping randomly (stuck).
  2908 | D:2      | 2908 ||| Stepping randomly (stuck).
  2909 | D:2      | 2909 ||| Stepping randomly (stuck).
  2910 | D:2      | 2910 ||| Stepping randomly (stuck).
  2911 | D:2      | 2911 ||| Stepping randomly (stuck).
  2912 | D:2      | 2912 ||| Stepping randomly (stuck).
  2913 | D:2      | 2913 ||| Stepping randomly (stuck).
  2914 | D:2      | 2914 ||| Stepping randomly (stuck).
  2915 | D:2      | 2915 ||| Stepping randomly (stuck).
  2916 | D:2      | 2916 ||| Stepping randomly (stuck).
  2917 | D:2      | 2917 ||| Stepping randomly (stuck).
  2918 | D:2      | 2918 ||| Stepping randomly (stuck).
  2919 | D:2      | 2919 ||| Stepping randomly (stuck).
  2920 | D:2      | 2920 ||| Stepping randomly (stuck).
  2921 | D:2      | 2921 ||| Stepping randomly (stuck).
  2922 | D:2      | 2922 ||| Stepping randomly (stuck).
  2923 | D:2      | 2923 ||| Stepping randomly (stuck).
  2924 | D:2      | 2924 ||| Stepping randomly (stuck).
  2925 | D:2      | 2925 ||| Stepping randomly (stuck).
  2926 | D:2      | 2926 ||| Stepping randomly (stuck).
  2927 | D:2      | 2927 ||| Stepping randomly (stuck).
  2928 | D:2      | 2928 ||| Stepping randomly (stuck).
  2929 | D:2      | 2929 ||| Stepping randomly (stuck).
  2930 | D:2      | 2930 ||| Stepping randomly (stuck).
  2931 | D:2      | 2931 ||| Stepping randomly (stuck).
  2932 | D:2      | 2932 ||| Stepping randomly (stuck).
  2933 | D:2      | 2933 ||| Stepping randomly (stuck).
  2934 | D:2      | 2934 ||| Stepping randomly (stuck).
  2935 | D:2      | 2935 ||| Stepping randomly (stuck).
  2936 | D:2      | 2936 ||| Stepping randomly (stuck).
  2937 | D:2      | 2937 ||| Stepping randomly (stuck).
  2938 | D:2      | 2938 ||| Stepping randomly (stuck).
  2939 | D:2      | 2939 ||| Stepping randomly (stuck).
  2940 | D:2      | 2940 ||| Stepping randomly (stuck).
  2941 | D:2      | 2941 ||| Stepping randomly (stuck).
  2942 | D:2      | 2942 ||| Stepping randomly (stuck).
  2943 | D:2      | 2943 ||| Stepping randomly (stuck).
  2944 | D:2      | 2944 ||| Stepping randomly (stuck).
  2945 | D:2      | 2945 ||| Stepping randomly (stuck).
  2946 | D:2      | 2946 ||| Stepping randomly (stuck).
  2947 | D:2      | 2947 ||| Stepping randomly (stuck).
  2948 | D:2      | 2948 ||| Stepping randomly (stuck).
  2949 | D:2      | 2949 ||| Stepping randomly (stuck).
  2950 | D:2      | 2950 ||| Stepping randomly (stuck).
  2951 | D:2      | 2951 ||| Stepping randomly (stuck).
  2952 | D:2      | 2952 ||| Stepping randomly (stuck).
  2953 | D:2      | 2953 ||| Stepping randomly (stuck).
  2954 | D:2      | 2954 ||| Stepping randomly (stuck).
  2955 | D:2      | 2955 ||| Stepping randomly (stuck).
  2956 | D:2      | 2956 ||| Stepping randomly (stuck).
  2957 | D:2      | 2957 ||| Stepping randomly (stuck).
  2958 | D:2      | 2958 ||| Stepping randomly (stuck).
  2959 | D:2      | 2959 ||| Stepping randomly (stuck).
  2960 | D:2      | 2960 ||| Stepping randomly (stuck).
  2961 | D:2      | 2961 ||| Stepping randomly (stuck).
  2962 | D:2      | 2962 ||| Stepping randomly (stuck).
  2963 | D:2      | 2963 ||| Stepping randomly (stuck).
  2964 | D:2      | 2964 ||| Stepping randomly (stuck).
  2965 | D:2      | 2965 ||| Stepping randomly (stuck).
  2966 | D:2      | 2966 ||| Stepping randomly (stuck).
  2967 | D:2      | 2967 ||| Stepping randomly (stuck).
  2968 | D:2      | 2968 ||| Stepping randomly (stuck).
  2969 | D:2      | 2969 ||| Stepping randomly (stuck).
  2970 | D:2      | 2970 ||| Stepping randomly (stuck).
  2971 | D:2      | 2971 ||| Stepping randomly (stuck).
  2972 | D:2      | 2972 ||| Stepping randomly (stuck).
  2973 | D:2      | 2973 ||| Stepping randomly (stuck).
  2974 | D:2      | 2974 ||| Stepping randomly (stuck).
  2975 | D:2      | 2975 ||| Stepping randomly (stuck).
  2976 | D:2      | 2976 ||| Stepping randomly (stuck).
  2977 | D:2      | 2977 ||| Stepping randomly (stuck).
  2978 | D:2      | 2978 ||| Stepping randomly (stuck).
  2979 | D:2      | 2979 ||| Stepping randomly (stuck).
  2980 | D:2      | 2980 ||| Stepping randomly (stuck).
  2981 | D:2      | 2981 ||| Stepping randomly (stuck).
  2982 | D:2      | 2982 ||| Stepping randomly (stuck).
  2983 | D:2      | 2983 ||| Stepping randomly (stuck).
  2984 | D:2      | 2984 ||| Stepping randomly (stuck).
  2985 | D:2      | 2985 ||| Stepping randomly (stuck).
  2986 | D:2      | 2986 ||| Stepping randomly (stuck).
  2987 | D:2      | 2987 ||| Stepping randomly (stuck).
  2988 | D:2      | 2988 ||| Stepping randomly (stuck).
  2989 | D:2      | 2989 ||| Stepping randomly (stuck).
  2990 | D:2      | 2990 ||| Stepping randomly (stuck).
  2991 | D:2      | 2991 ||| Stepping randomly (stuck).
  2992 | D:2      | 2992 ||| Stepping randomly (stuck).
  2993 | D:2      | 2993 ||| Stepping randomly (stuck).
  2994 | D:2      | 2994 ||| Stepping randomly (stuck).
  2995 | D:2      | 2995 ||| Stepping randomly (stuck).
  2996 | D:2      | 2996 ||| Stepping randomly (stuck).
  2997 | D:2      | 2997 ||| Stepping randomly (stuck).
  2998 | D:2      | 2998 ||| Stepping randomly (stuck).
  2999 | D:2      | 2999 ||| Stepping randomly (stuck).
  3000 | D:2      | 3000 ||| Stepping randomly (stuck).
  3001 | D:2      | 3001 ||| Stepping randomly (stuck).
  3002 | D:2      | 3002 ||| Stepping randomly (stuck).
  3003 | D:2      | 3003 ||| Stepping randomly (stuck).
  3004 | D:2      | 3004 ||| Stepping randomly (stuck).
  3005 | D:2      | 3005 ||| Stepping randomly (stuck).
  3006 | D:2      | 3006 ||| Stepping randomly (stuck).
  3007 | D:2      | 3007 ||| Stepping randomly (stuck).
  3008 | D:2      | 3008 ||| Stepping randomly (stuck).
  3009 | D:2      | 3009 ||| Stepping randomly (stuck).
  3010 | D:2      | 3010 ||| Stepping randomly (stuck).
  3011 | D:2      | 3011 ||| Stepping randomly (stuck).
  3012 | D:2      | 3012 ||| Stepping randomly (stuck).
  3013 | D:2      | 3013 ||| Stepping randomly (stuck).
  3014 | D:2      | 3014 ||| Stepping randomly (stuck).
  3015 | D:2      | 3015 ||| Stepping randomly (stuck).
  3016 | D:2      | 3016 ||| Stepping randomly (stuck).
  3017 | D:2      | 3017 ||| Stepping randomly (stuck).
  3018 | D:2      | 3018 ||| Stepping randomly (stuck).
  3019 | D:2      | 3019 ||| Stepping randomly (stuck).
  3020 | D:2      | 3020 ||| Stepping randomly (stuck).
  3021 | D:2      | 3021 ||| Stepping randomly (stuck).
  3022 | D:2      | 3022 ||| Stepping randomly (stuck).
  3023 | D:2      | 3023 ||| Stepping randomly (stuck).
  3024 | D:2      | 3024 ||| Stepping randomly (stuck).
  3025 | D:2      | 3025 ||| Stepping randomly (stuck).
  3026 | D:2      | 3026 ||| Stepping randomly (stuck).
  3027 | D:2      | 3027 ||| Stepping randomly (stuck).
  3028 | D:2      | 3028 ||| Stepping randomly (stuck).
  3029 | D:2      | 3029 ||| Stepping randomly (stuck).
  3030 | D:2      | 3030 ||| Stepping randomly (stuck).
  3031 | D:2      | 3031 ||| Stepping randomly (stuck).
  3032 | D:2      | 3032 ||| Stepping randomly (stuck).
  3033 | D:2      | 3033 ||| Stepping randomly (stuck).
  3034 | D:2      | 3034 ||| Stepping randomly (stuck).
  3035 | D:2      | 3035 ||| Stepping randomly (stuck).
  3036 | D:2      | 3036 ||| Stepping randomly (stuck).
  3037 | D:2      | 3037 ||| Stepping randomly (stuck).
  3038 | D:2      | 3038 ||| Stepping randomly (stuck).
  3039 | D:2      | 3039 ||| Stepping randomly (stuck).
  3040 | D:2      | 3040 ||| Stepping randomly (stuck).
  3041 | D:2      | 3041 ||| Stepping randomly (stuck).
  3042 | D:2      | 3042 ||| Stepping randomly (stuck).
  3043 | D:2      | 3043 ||| Stepping randomly (stuck).
  3044 | D:2      | 3044 ||| Stepping randomly (stuck).
  3045 | D:2      | 3045 ||| Stepping randomly (stuck).
  3046 | D:2      | 3046 ||| Stepping randomly (stuck).
  3047 | D:2      | 3047 ||| Stepping randomly (stuck).
  3048 | D:2      | 3048 ||| Stepping randomly (stuck).
  3049 | D:2      | 3049 ||| Stepping randomly (stuck).
  3050 | D:2      | 3050 ||| Stepping randomly (stuck).
  3051 | D:2      | 3051 ||| Stepping randomly (stuck).
  3052 | D:2      | 3052 ||| Stepping randomly (stuck).
  3053 | D:2      | 3053 ||| Stepping randomly (stuck).
  3054 | D:2      | 3054 ||| Stepping randomly (stuck).
  3055 | D:2      | 3055 ||| Stepping randomly (stuck).
  3056 | D:2      | 3056 ||| Stepping randomly (stuck).
  3057 | D:2      | 3057 ||| Stepping randomly (stuck).
  3058 | D:2      | 3058 ||| Stepping randomly (stuck).
  3059 | D:2      | 3059 ||| Stepping randomly (stuck).
  3060 | D:2      | 3060 ||| Stepping randomly (stuck).
  3061 | D:2      | 3061 ||| Stepping randomly (stuck).
  3062 | D:2      | 3062 ||| Stepping randomly (stuck).
  3063 | D:2      | 3063 ||| Stepping randomly (stuck).
  3064 | D:2      | 3064 ||| Stepping randomly (stuck).
  3065 | D:2      | 3065 ||| Stepping randomly (stuck).
  3066 | D:2      | 3066 ||| Stepping randomly (stuck).
  3067 | D:2      | 3067 ||| Stepping randomly (stuck).
  3068 | D:2      | 3068 ||| Stepping randomly (stuck).
  3069 | D:2      | 3069 ||| Stepping randomly (stuck).
  3070 | D:2      | 3070 ||| Stepping randomly (stuck).
  3071 | D:2      | 3071 ||| Stepping randomly (stuck).
  3072 | D:2      | 3072 ||| Stepping randomly (stuck).
  3073 | D:2      | 3073 ||| Stepping randomly (stuck).
  3074 | D:2      | 3074 ||| Stepping randomly (stuck).
  3075 | D:2      | 3075 ||| Stepping randomly (stuck).
  3076 | D:2      | 3076 ||| Stepping randomly (stuck).
  3077 | D:2      | 3077 ||| Stepping randomly (stuck).
  3078 | D:2      | 3078 ||| Stepping randomly (stuck).
  3079 | D:2      | 3079 ||| Stepping randomly (stuck).
  3080 | D:2      | 3080 ||| Stepping randomly (stuck).
  3081 | D:2      | 3081 ||| Stepping randomly (stuck).
  3082 | D:2      | 3082 ||| Stepping randomly (stuck).
  3083 | D:2      | 3083 ||| Stepping randomly (stuck).
  3084 | D:2      | 3084 ||| Stepping randomly (stuck).
  3085 | D:2      | 3085 ||| Stepping randomly (stuck).
  3086 | D:2      | 3086 ||| Stepping randomly (stuck).
  3087 | D:2      | 3087 ||| Stepping randomly (stuck).
  3088 | D:2      | 3088 ||| Stepping randomly (stuck).
  3089 | D:2      | 3089 ||| Stepping randomly (stuck).
  3090 | D:2      | 3090 ||| Stepping randomly (stuck).
  3091 | D:2      | 3091 ||| Stepping randomly (stuck).
  3092 | D:2      | 3092 ||| Stepping randomly (stuck).
  3093 | D:2      | 3093 ||| Stepping randomly (stuck).
  3094 | D:2      | 3094 ||| Stepping randomly (stuck).
  3095 | D:2      | 3095 ||| Stepping randomly (stuck).
  3096 | D:2      | 3096 ||| Stepping randomly (stuck).
  3097 | D:2      | 3097 ||| Stepping randomly (stuck).
  3098 | D:2      | 3098 ||| Stepping randomly (stuck).
  3099 | D:2      | 3099 ||| Stepping randomly (stuck).
  3100 | D:2      | 3100 ||| Stepping randomly (stuck).
  3101 | D:2      | 3101 ||| Stepping randomly (stuck).
  3102 | D:2      | 3102 ||| Stepping randomly (stuck).
  3103 | D:2      | 3103 ||| Stepping randomly (stuck).
  3104 | D:2      | 3104 ||| Stepping randomly (stuck).
  3105 | D:2      | 3105 ||| Stepping randomly (stuck).
  3106 | D:2      | 3106 ||| Stepping randomly (stuck).
  3107 | D:2      | 3107 ||| Stepping randomly (stuck).
  3108 | D:2      | 3108 ||| Stepping randomly (stuck).
  3109 | D:2      | 3109 ||| Stepping randomly (stuck).
  3110 | D:2      | 3110 ||| Stepping randomly (stuck).
  3111 | D:2      | 3111 ||| Stepping randomly (stuck).
  3112 | D:2      | 3112 ||| Stepping randomly (stuck).
  3113 | D:2      | 3113 ||| Stepping randomly (stuck).
  3114 | D:2      | 3114 ||| Stepping randomly (stuck).
  3115 | D:2      | 3115 ||| Stepping randomly (stuck).
  3116 | D:2      | 3116 ||| Stepping randomly (stuck).
  3117 | D:2      | 3117 ||| Stepping randomly (stuck).
  3118 | D:2      | 3118 ||| Stepping randomly (stuck).
  3119 | D:2      | 3119 ||| Stepping randomly (stuck).
  3120 | D:2      | 3120 ||| Stepping randomly (stuck).
  3121 | D:2      | 3121 ||| Stepping randomly (stuck).
  3122 | D:2      | 3122 ||| Stepping randomly (stuck).
  3123 | D:2      | 3123 ||| Stepping randomly (stuck).
  3124 | D:2      | 3124 ||| Stepping randomly (stuck).
  3125 | D:2      | 3125 ||| Stepping randomly (stuck).
  3126 | D:2      | 3126 ||| Stepping randomly (stuck).
  3127 | D:2      | 3127 ||| Stepping randomly (stuck).
  3128 | D:2      | 3128 ||| Stepping randomly (stuck).
  3129 | D:2      | 3129 ||| Stepping randomly (stuck).
  3130 | D:2      | 3130 ||| Stepping randomly (stuck).
  3131 | D:2      | 3131 ||| Stepping randomly (stuck).
  3132 | D:2      | 3132 ||| Stepping randomly (stuck).
  3133 | D:2      | 3133 ||| Stepping randomly (stuck).
  3134 | D:2      | 3134 ||| Stepping randomly (stuck).
  3135 | D:2      | 3135 ||| Stepping randomly (stuck).
  3136 | D:2      | 3136 ||| Stepping randomly (stuck).
  3137 | D:2      | 3137 ||| Stepping randomly (stuck).
  3138 | D:2      | 3138 ||| Stepping randomly (stuck).
  3139 | D:2      | 3139 ||| Stepping randomly (stuck).
  3140 | D:2      | 3140 ||| Stepping randomly (stuck).
  3141 | D:2      | 3141 ||| Stepping randomly (stuck).
  3142 | D:2      | 3142 ||| Stepping randomly (stuck).
  3143 | D:2      | 3143 ||| Stepping randomly (stuck).
  3144 | D:2      | 3144 ||| Stepping randomly (stuck).
  3145 | D:2      | 3145 ||| Stepping randomly (stuck).
  3146 | D:2      | 3146 ||| Stepping randomly (stuck).
  3147 | D:2      | 3147 ||| Stepping randomly (stuck).
  3148 | D:2      | 3148 ||| Stepping randomly (stuck).
  3149 | D:2      | 3149 ||| Stepping randomly (stuck).
  3150 | D:2      | 3150 ||| Stepping randomly (stuck).
  3151 | D:2      | 3151 ||| Stepping randomly (stuck).
  3152 | D:2      | 3152 ||| Stepping randomly (stuck).
  3153 | D:2      | 3153 ||| Stepping randomly (stuck).
  3154 | D:2      | 3154 ||| Stepping randomly (stuck).
  3155 | D:2      | 3155 ||| Stepping randomly (stuck).
  3156 | D:2      | 3156 ||| Stepping randomly (stuck).
  3157 | D:2      | 3157 ||| Stepping randomly (stuck).
  3158 | D:2      | 3158 ||| Stepping randomly (stuck).
  3159 | D:2      | 3159 ||| Stepping randomly (stuck).
  3160 | D:2      | 3160 ||| Stepping randomly (stuck).
  3161 | D:2      | 3161 ||| Stepping randomly (stuck).
  3162 | D:2      | 3162 ||| Stepping randomly (stuck).
  3163 | D:2      | 3163 ||| Stepping randomly (stuck).
  3164 | D:2      | 3164 ||| Stepping randomly (stuck).
  3165 | D:2      | 3165 ||| Stepping randomly (stuck).
  3166 | D:2      | 3166 ||| Stepping randomly (stuck).
  3167 | D:2      | 3167 ||| Stepping randomly (stuck).
  3168 | D:2      | 3168 ||| Stepping randomly (stuck).
  3169 | D:2      | 3169 ||| Stepping randomly (stuck).
  3170 | D:2      | 3170 ||| Stepping randomly (stuck).
  3171 | D:2      | 3171 ||| Stepping randomly (stuck).
  3172 | D:2      | 3172 ||| Stepping randomly (stuck).
  3173 | D:2      | 3173 ||| Stepping randomly (stuck).
  3174 | D:2      | 3174 ||| Stepping randomly (stuck).
  3175 | D:2      | 3175 ||| Stepping randomly (stuck).
  3176 | D:2      | 3176 ||| Stepping randomly (stuck).
  3177 | D:2      | 3177 ||| Stepping randomly (stuck).
  3178 | D:2      | 3178 ||| Stepping randomly (stuck).
  3179 | D:2      | 3179 ||| Stepping randomly (stuck).
  3180 | D:2      | 3180 ||| Stepping randomly (stuck).
  3181 | D:2      | 3181 ||| Stepping randomly (stuck).
  3182 | D:2      | 3182 ||| Stepping randomly (stuck).
  3183 | D:2      | 3183 ||| Stepping randomly (stuck).
  3184 | D:2      | 3184 ||| Stepping randomly (stuck).
  3185 | D:2      | 3185 ||| Stepping randomly (stuck).
  3186 | D:2      | 3186 ||| Stepping randomly (stuck).
  3187 | D:2      | 3187 ||| Stepping randomly (stuck).
  3188 | D:2      | 3188 ||| Stepping randomly (stuck).
  3189 | D:2      | 3189 ||| Stepping randomly (stuck).
  3190 | D:2      | 3190 ||| Stepping randomly (stuck).
  3191 | D:2      | 3191 ||| Stepping randomly (stuck).
  3192 | D:2      | 3192 ||| Stepping randomly (stuck).
  3193 | D:2      | 3193 ||| Stepping randomly (stuck).
  3194 | D:2      | 3194 ||| Stepping randomly (stuck).
  3195 | D:2      | 3195 ||| Stepping randomly (stuck).
  3196 | D:2      | 3196 ||| Stepping randomly (stuck).
  3197 | D:2      | 3197 ||| Stepping randomly (stuck).
  3198 | D:2      | 3198 ||| Stepping randomly (stuck).
  3199 | D:2      | 3199 ||| Stepping randomly (stuck).
  3200 | D:2      | 3200 ||| Stepping randomly (stuck).
  3201 | D:2      | 3201 ||| Stepping randomly (stuck).
  3202 | D:2      | 3202 ||| Stepping randomly (stuck).
  3203 | D:2      | 3203 ||| Stepping randomly (stuck).
  3204 | D:2      | 3204 ||| Stepping randomly (stuck).
  3205 | D:2      | 3205 ||| Stepping randomly (stuck).
  3206 | D:2      | 3206 ||| Stepping randomly (stuck).
  3207 | D:2      | 3207 ||| Stepping randomly (stuck).
  3208 | D:2      | 3208 ||| Stepping randomly (stuck).
  3209 | D:2      | 3209 ||| Stepping randomly (stuck).
  3210 | D:2      | 3210 ||| Stepping randomly (stuck).
  3211 | D:2      | 3211 ||| Stepping randomly (stuck).
  3212 | D:2      | 3212 ||| Stepping randomly (stuck).
  3213 | D:2      | 3213 ||| Stepping randomly (stuck).
  3214 | D:2      | 3214 ||| Stepping randomly (stuck).
  3215 | D:2      | 3215 ||| Stepping randomly (stuck).
  3216 | D:2      | 3216 ||| Stepping randomly (stuck).
  3217 | D:2      | 3217 ||| Stepping randomly (stuck).
  3218 | D:2      | 3218 ||| Stepping randomly (stuck).
  3219 | D:2      | 3219 ||| Stepping randomly (stuck).
  3220 | D:2      | 3220 ||| Stepping randomly (stuck).
  3221 | D:2      | 3221 ||| Stepping randomly (stuck).
  3222 | D:2      | 3222 ||| Stepping randomly (stuck).
  3223 | D:2      | 3223 ||| Stepping randomly (stuck).
  3224 | D:2      | 3224 ||| Stepping randomly (stuck).
  3225 | D:2      | 3225 ||| Stepping randomly (stuck).
  3226 | D:2      | 3226 ||| Stepping randomly (stuck).
  3227 | D:2      | 3227 ||| Stepping randomly (stuck).
  3228 | D:2      | 3228 ||| Stepping randomly (stuck).
  3229 | D:2      | 3229 ||| Stepping randomly (stuck).
  3230 | D:2      | 3230 ||| Stepping randomly (stuck).
  3231 | D:2      | 3231 ||| Stepping randomly (stuck).
  3232 | D:2      | 3232 ||| Stepping randomly (stuck).
  3233 | D:2      | 3233 ||| Stepping randomly (stuck).
  3234 | D:2      | 3234 ||| Stepping randomly (stuck).
  3235 | D:2      | 3235 ||| Stepping randomly (stuck).
  3236 | D:2      | 3236 ||| Stepping randomly (stuck).
  3237 | D:2      | 3237 ||| Stepping randomly (stuck).
  3238 | D:2      | 3238 ||| Stepping randomly (stuck).
  3239 | D:2      | 3239 ||| Stepping randomly (stuck).
  3240 | D:2      | 3240 ||| Stepping randomly (stuck).
  3241 | D:2      | 3241 ||| Stepping randomly (stuck).
  3242 | D:2      | 3242 ||| Stepping randomly (stuck).
  3243 | D:2      | 3243 ||| Stepping randomly (stuck).
  3244 | D:2      | 3244 ||| Stepping randomly (stuck).
  3245 | D:2      | 3245 ||| Stepping randomly (stuck).
  3246 | D:2      | 3246 ||| Stepping randomly (stuck).
  3247 | D:2      | 3247 ||| Stepping randomly (stuck).
  3248 | D:2      | 3248 ||| Stepping randomly (stuck).
  3249 | D:2      | 3249 ||| Stepping randomly (stuck).
  3250 | D:2      | 3250 ||| Stepping randomly (stuck).
  3251 | D:2      | 3251 ||| Stepping randomly (stuck).
  3252 | D:2      | 3252 ||| Stepping randomly (stuck).
  3253 | D:2      | 3253 ||| Stepping randomly (stuck).
  3254 | D:2      | 3254 ||| Stepping randomly (stuck).
  3255 | D:2      | 3255 ||| Stepping randomly (stuck).
  3256 | D:2      | 3256 ||| Stepping randomly (stuck).
  3257 | D:2      | 3257 ||| Stepping randomly (stuck).
  3258 | D:2      | 3258 ||| Stepping randomly (stuck).
  3259 | D:2      | 3259 ||| Stepping randomly (stuck).
  3260 | D:2      | 3260 ||| Stepping randomly (stuck).
  3261 | D:2      | 3261 ||| Stepping randomly (stuck).
  3262 | D:2      | 3262 ||| Stepping randomly (stuck).
  3263 | D:2      | 3263 ||| Stepping randomly (stuck).
  3264 | D:2      | 3264 ||| Stepping randomly (stuck).
  3265 | D:2      | 3265 ||| Stepping randomly (stuck).
  3266 | D:2      | 3266 ||| Stepping randomly (stuck).
  3267 | D:2      | 3267 ||| Stepping randomly (stuck).
  3268 | D:2      | 3268 ||| Stepping randomly (stuck).
  3269 | D:2      | 3269 ||| Stepping randomly (stuck).
  3270 | D:2      | 3270 ||| Stepping randomly (stuck).
  3271 | D:2      | 3271 ||| Stepping randomly (stuck).
  3272 | D:2      | 3272 ||| Stepping randomly (stuck).
  3273 | D:2      | 3273 ||| Stepping randomly (stuck).
  3274 | D:2      | 3274 ||| Stepping randomly (stuck).
  3275 | D:2      | 3275 ||| Stepping randomly (stuck).
  3276 | D:2      | 3276 ||| Stepping randomly (stuck).
  3277 | D:2      | 3277 ||| Stepping randomly (stuck).
  3278 | D:2      | 3278 ||| Stepping randomly (stuck).
  3279 | D:2      | 3279 ||| Stepping randomly (stuck).
  3280 | D:2      | 3280 ||| Stepping randomly (stuck).
  3281 | D:2      | 3281 ||| Stepping randomly (stuck).
  3282 | D:2      | 3282 ||| Stepping randomly (stuck).
  3283 | D:2      | 3283 ||| Stepping randomly (stuck).
  3284 | D:2      | 3284 ||| Stepping randomly (stuck).
  3285 | D:2      | 3285 ||| Stepping randomly (stuck).
  3286 | D:2      | 3286 ||| Stepping randomly (stuck).
  3287 | D:2      | 3287 ||| Stepping randomly (stuck).
  3288 | D:2      | 3288 ||| Stepping randomly (stuck).
  3289 | D:2      | 3289 ||| Stepping randomly (stuck).
  3290 | D:2      | 3290 ||| Stepping randomly (stuck).
  3291 | D:2      | 3291 ||| Stepping randomly (stuck).
  3292 | D:2      | 3292 ||| Stepping randomly (stuck).
  3293 | D:2      | 3293 ||| Stepping randomly (stuck).
  3294 | D:2      | 3294 ||| Stepping randomly (stuck).
  3295 | D:2      | 3295 ||| Stepping randomly (stuck).
  3296 | D:2      | 3296 ||| Stepping randomly (stuck).
  3297 | D:2      | 3297 ||| Stepping randomly (stuck).
  3298 | D:2      | 3298 ||| Stepping randomly (stuck).
  3299 | D:2      | 3299 ||| Stepping randomly (stuck).
  3300 | D:2      | 3300 ||| Stepping randomly (stuck).
  3301 | D:2      | 3301 ||| Stepping randomly (stuck).
  3302 | D:2      | 3302 ||| Stepping randomly (stuck).
  3303 | D:2      | 3303 ||| Stepping randomly (stuck).
  3304 | D:2      | 3304 ||| Stepping randomly (stuck).
  3305 | D:2      | 3305 ||| Stepping randomly (stuck).
  3306 | D:2      | 3306 ||| Stepping randomly (stuck).
  3307 | D:2      | 3307 ||| Stepping randomly (stuck).
  3308 | D:2      | 3308 ||| Stepping randomly (stuck).
  3309 | D:2      | 3309 ||| Stepping randomly (stuck).
  3310 | D:2      | 3310 ||| Stepping randomly (stuck).
  3311 | D:2      | 3311 ||| Stepping randomly (stuck).
  3312 | D:2      | 3312 ||| Stepping randomly (stuck).
  3313 | D:2      | 3313 ||| Stepping randomly (stuck).
  3314 | D:2      | 3314 ||| Stepping randomly (stuck).
  3315 | D:2      | 3315 ||| Stepping randomly (stuck).
  3316 | D:2      | 3316 ||| Stepping randomly (stuck).
  3317 | D:2      | 3317 ||| Stepping randomly (stuck).
  3318 | D:2      | 3318 ||| Stepping randomly (stuck).
  3319 | D:2      | 3319 ||| Stepping randomly (stuck).
  3320 | D:2      | 3320 ||| Stepping randomly (stuck).
  3321 | D:2      | 3321 ||| Stepping randomly (stuck).
  3322 | D:2      | 3322 ||| Stepping randomly (stuck).
  3323 | D:2      | 3323 ||| Stepping randomly (stuck).
  3324 | D:2      | 3324 ||| Stepping randomly (stuck).
  3325 | D:2      | 3325 ||| Stepping randomly (stuck).
  3326 | D:2      | 3326 ||| Stepping randomly (stuck).
  3327 | D:2      | 3327 ||| Stepping randomly (stuck).
  3328 | D:2      | 3328 ||| Stepping randomly (stuck).
  3329 | D:2      | 3329 ||| Stepping randomly (stuck).
  3330 | D:2      | 3330 ||| Stepping randomly (stuck).
  3331 | D:2      | 3331 ||| Stepping randomly (stuck).
  3332 | D:2      | 3332 ||| Stepping randomly (stuck).
  3333 | D:2      | 3333 ||| Stepping randomly (stuck).
  3334 | D:2      | 3334 ||| Stepping randomly (stuck).
  3335 | D:2      | 3335 ||| Stepping randomly (stuck).
  3336 | D:2      | 3336 ||| Stepping randomly (stuck).
  3337 | D:2      | 3337 ||| Stepping randomly (stuck).
  3338 | D:2      | 3338 ||| Stepping randomly (stuck).
  3339 | D:2      | 3339 ||| Stepping randomly (stuck).
  3340 | D:2      | 3340 ||| Stepping randomly (stuck).
  3341 | D:2      | 3341 ||| Stepping randomly (stuck).
  3342 | D:2      | 3342 ||| Stepping randomly (stuck).
  3343 | D:2      | 3343 ||| Stepping randomly (stuck).
  3344 | D:2      | 3344 ||| Stepping randomly (stuck).
  3345 | D:2      | 3345 ||| Stepping randomly (stuck).
  3346 | D:2      | 3346 ||| Stepping randomly (stuck).
  3347 | D:2      | 3347 ||| Stepping randomly (stuck).
  3348 | D:2      | 3348 ||| Stepping randomly (stuck).
  3349 | D:2      | 3349 ||| Stepping randomly (stuck).
  3350 | D:2      | 3350 ||| Stepping randomly (stuck).
  3351 | D:2      | 3351 ||| Stepping randomly (stuck).
  3352 | D:2      | 3352 ||| Stepping randomly (stuck).
  3353 | D:2      | 3353 ||| Stepping randomly (stuck).
  3354 | D:2      | 3354 ||| Stepping randomly (stuck).
  3355 | D:2      | 3355 ||| Stepping randomly (stuck).
  3356 | D:2      | 3356 ||| Stepping randomly (stuck).
  3357 | D:2      | 3357 ||| Stepping randomly (stuck).
  3358 | D:2      | 3358 ||| Stepping randomly (stuck).
  3359 | D:2      | 3359 ||| Stepping randomly (stuck).
  3360 | D:2      | 3360 ||| Stepping randomly (stuck).
  3361 | D:2      | 3361 ||| Stepping randomly (stuck).
  3362 | D:2      | 3362 ||| Stepping randomly (stuck).
  3363 | D:2      | 3363 ||| Stepping randomly (stuck).
  3364 | D:2      | 3364 ||| Stepping randomly (stuck).
  3365 | D:2      | 3365 ||| Stepping randomly (stuck).
  3366 | D:2      | 3366 ||| Stepping randomly (stuck).
  3367 | D:2      | 3367 ||| Stepping randomly (stuck).
  3368 | D:2      | 3368 ||| Stepping randomly (stuck).
  3369 | D:2      | 3369 ||| Stepping randomly (stuck).
  3370 | D:2      | 3370 ||| Stepping randomly (stuck).
  3371 | D:2      | 3371 ||| Stepping randomly (stuck).
  3372 | D:2      | 3372 ||| Stepping randomly (stuck).
  3373 | D:2      | 3373 ||| Stepping randomly (stuck).
  3374 | D:2      | 3374 ||| Stepping randomly (stuck).
  3375 | D:2      | 3375 ||| Stepping randomly (stuck).
  3376 | D:2      | 3376 ||| Stepping randomly (stuck).
  3377 | D:2      | 3377 ||| Stepping randomly (stuck).
  3378 | D:2      | 3378 ||| Stepping randomly (stuck).
  3379 | D:2      | 3379 ||| Stepping randomly (stuck).
  3380 | D:2      | 3380 ||| Stepping randomly (stuck).
  3381 | D:2      | 3381 ||| Stepping randomly (stuck).
  3382 | D:2      | 3382 ||| Stepping randomly (stuck).
  3383 | D:2      | 3383 ||| Stepping randomly (stuck).
  3384 | D:2      | 3384 ||| Stepping randomly (stuck).
  3385 | D:2      | 3385 ||| Stepping randomly (stuck).
  3386 | D:2      | 3386 ||| Stepping randomly (stuck).
  3387 | D:2      | 3387 ||| Stepping randomly (stuck).
  3388 | D:2      | 3388 ||| Stepping randomly (stuck).
  3389 | D:2      | 3389 ||| Stepping randomly (stuck).
  3390 | D:2      | 3390 ||| Stepping randomly (stuck).
  3391 | D:2      | 3391 ||| Stepping randomly (stuck).
  3392 | D:2      | 3392 ||| Stepping randomly (stuck).
  3393 | D:2      | 3393 ||| Stepping randomly (stuck).
  3394 | D:2      | 3394 ||| Stepping randomly (stuck).
  3395 | D:2      | 3395 ||| Stepping randomly (stuck).
  3396 | D:2      | 3396 ||| Stepping randomly (stuck).
  3397 | D:2      | 3397 ||| Stepping randomly (stuck).
  3398 | D:2      | 3398 ||| Stepping randomly (stuck).
  3399 | D:2      | 3399 ||| Stepping randomly (stuck).
  3400 | D:2      | 3400 ||| Stepping randomly (stuck).
  3401 | D:2      | 3401 ||| Stepping randomly (stuck).
  3402 | D:2      | 3402 ||| Stepping randomly (stuck).
  3403 | D:2      | 3403 ||| Stepping randomly (stuck).
  3404 | D:2      | 3404 ||| Stepping randomly (stuck).
  3405 | D:2      | 3405 ||| Stepping randomly (stuck).
  3406 | D:2      | 3406 ||| Stepping randomly (stuck).
  3407 | D:2      | 3407 ||| Stepping randomly (stuck).
  3408 | D:2      | 3408 ||| Stepping randomly (stuck).
  3409 | D:2      | 3409 ||| Stepping randomly (stuck).
  3410 | D:2      | 3410 ||| Stepping randomly (stuck).
  3411 | D:2      | 3411 ||| Stepping randomly (stuck).
  3412 | D:2      | 3412 ||| Stepping randomly (stuck).
  3413 | D:2      | 3413 ||| Stepping randomly (stuck).
  3414 | D:2      | 3414 ||| Stepping randomly (stuck).
  3415 | D:2      | 3415 ||| Stepping randomly (stuck).
  3416 | D:2      | 3416 ||| Stepping randomly (stuck).
  3417 | D:2      | 3417 ||| Stepping randomly (stuck).
  3418 | D:2      | 3418 ||| Stepping randomly (stuck).
  3419 | D:2      | 3419 ||| Stepping randomly (stuck).
  3420 | D:2      | 3420 ||| Stepping randomly (stuck).
  3421 | D:2      | 3421 ||| Stepping randomly (stuck).
  3422 | D:2      | 3422 ||| Stepping randomly (stuck).
  3423 | D:2      | 3423 ||| Stepping randomly (stuck).
  3424 | D:2      | 3424 ||| Stepping randomly (stuck).
  3425 | D:2      | 3425 ||| Stepping randomly (stuck).
  3426 | D:2      | 3426 ||| Stepping randomly (stuck).
  3427 | D:2      | 3427 ||| Stepping randomly (stuck).
  3428 | D:2      | 3428 ||| Stepping randomly (stuck).
  3429 | D:2      | 3429 ||| Stepping randomly (stuck).
  3430 | D:2      | 3430 ||| Stepping randomly (stuck).
  3431 | D:2      | 3431 ||| Stepping randomly (stuck).
  3432 | D:2      | 3432 ||| Stepping randomly (stuck).
  3433 | D:2      | 3433 ||| Stepping randomly (stuck).
  3434 | D:2      | 3434 ||| Stepping randomly (stuck).
  3435 | D:2      | 3435 ||| Stepping randomly (stuck).
  3436 | D:2      | 3436 ||| Stepping randomly (stuck).
  3437 | D:2      | 3437 ||| Stepping randomly (stuck).
  3438 | D:2      | 3438 ||| Stepping randomly (stuck).
  3439 | D:2      | 3439 ||| Stepping randomly (stuck).
  3440 | D:2      | 3440 ||| Stepping randomly (stuck).
  3441 | D:2      | 3441 ||| Stepping randomly (stuck).
  3442 | D:2      | 3442 ||| Stepping randomly (stuck).
  3443 | D:2      | 3443 ||| Stepping randomly (stuck).
  3444 | D:2      | 3444 ||| Stepping randomly (stuck).
  3445 | D:2      | 3445 ||| Stepping randomly (stuck).
  3446 | D:2      | 3446 ||| Stepping randomly (stuck).
  3447 | D:2      | 3447 ||| Stepping randomly (stuck).
  3448 | D:2      | 3448 ||| Stepping randomly (stuck).
  3449 | D:2      | 3449 ||| Stepping randomly (stuck).
  3450 | D:2      | 3450 ||| Stepping randomly (stuck).
  3451 | D:2      | 3451 ||| Stepping randomly (stuck).
  3452 | D:2      | 3452 ||| Stepping randomly (stuck).
  3453 | D:2      | 3453 ||| Stepping randomly (stuck).
  3454 | D:2      | 3454 ||| Stepping randomly (stuck).
  3455 | D:2      | 3455 ||| Stepping randomly (stuck).
  3456 | D:2      | 3456 ||| Stepping randomly (stuck).
  3457 | D:2      | 3457 ||| Stepping randomly (stuck).
  3458 | D:2      | 3458 ||| Stepping randomly (stuck).
  3459 | D:2      | 3459 ||| Stepping randomly (stuck).
  3460 | D:2      | 3460 ||| Stepping randomly (stuck).
  3461 | D:2      | 3461 ||| Stepping randomly (stuck).
  3462 | D:2      | 3462 ||| Stepping randomly (stuck).
  3463 | D:2      | 3463 ||| Stepping randomly (stuck).
  3464 | D:2      | 3464 ||| Stepping randomly (stuck).
  3465 | D:2      | 3465 ||| Stepping randomly (stuck).
  3466 | D:2      | 3466 ||| Stepping randomly (stuck).
  3467 | D:2      | 3467 ||| Stepping randomly (stuck).
  3468 | D:2      | 3468 ||| Stepping randomly (stuck).
  3469 | D:2      | 3469 ||| Stepping randomly (stuck).
  3470 | D:2      | 3470 ||| Stepping randomly (stuck).
  3471 | D:2      | 3471 ||| Stepping randomly (stuck).
  3472 | D:2      | 3472 ||| Stepping randomly (stuck).
  3473 | D:2      | 3473 ||| Stepping randomly (stuck).
  3474 | D:2      | 3474 ||| Stepping randomly (stuck).
  3475 | D:2      | 3475 ||| Stepping randomly (stuck).
  3476 | D:2      | 3476 ||| Stepping randomly (stuck).
  3477 | D:2      | 3477 ||| Stepping randomly (stuck).
  3478 | D:2      | 3478 ||| Stepping randomly (stuck).
  3479 | D:2      | 3479 ||| Stepping randomly (stuck).
  3480 | D:2      | 3480 ||| Stepping randomly (stuck).
  3481 | D:2      | 3481 ||| Stepping randomly (stuck).
  3482 | D:2      | 3482 ||| Stepping randomly (stuck).
  3483 | D:2      | 3483 ||| Stepping randomly (stuck).
  3484 | D:2      | 3484 ||| Stepping randomly (stuck).
  3485 | D:2      | 3485 ||| Stepping randomly (stuck).
  3486 | D:2      | 3486 ||| Stepping randomly (stuck).
  3487 | D:2      | 3487 ||| Stepping randomly (stuck).
  3488 | D:2      | 3488 ||| Stepping randomly (stuck).
  3489 | D:2      | 3489 ||| Stepping randomly (stuck).
  3490 | D:2      | 3490 ||| Stepping randomly (stuck).
  3491 | D:2      | 3491 ||| Stepping randomly (stuck).
  3492 | D:2      | 3492 ||| Stepping randomly (stuck).
  3493 | D:2      | 3493 ||| Stepping randomly (stuck).
  3494 | D:2      | 3494 ||| Stepping randomly (stuck).
  3495 | D:2      | 3495 ||| Stepping randomly (stuck).
  3496 | D:2      | 3496 ||| Stepping randomly (stuck).
  3497 | D:2      | 3497 ||| Stepping randomly (stuck).
  3498 | D:2      | 3498 ||| Stepping randomly (stuck).
  3499 | D:2      | 3499 ||| Stepping randomly (stuck).
  3500 | D:2      | 3500 ||| Stepping randomly (stuck).
  3501 | D:2      | 3501 ||| Stepping randomly (stuck).
  3502 | D:2      | 3502 ||| Stepping randomly (stuck).
  3503 | D:2      | 3503 ||| Stepping randomly (stuck).
  3504 | D:2      | 3504 ||| Stepping randomly (stuck).
  3505 | D:2      | 3505 ||| Stepping randomly (stuck).
  3506 | D:2      | 3506 ||| Stepping randomly (stuck).
  3507 | D:2      | 3507 ||| Stepping randomly (stuck).
  3508 | D:2      | 3508 ||| Stepping randomly (stuck).
  3509 | D:2      | 3509 ||| Stepping randomly (stuck).
  3510 | D:2      | 3510 ||| Stepping randomly (stuck).
  3511 | D:2      | 3511 ||| Stepping randomly (stuck).
  3512 | D:2      | 3512 ||| Stepping randomly (stuck).
  3513 | D:2      | 3513 ||| Stepping randomly (stuck).
  3514 | D:2      | 3514 ||| Stepping randomly (stuck).
  3515 | D:2      | 3515 ||| Stepping randomly (stuck).
  3516 | D:2      | 3516 ||| Stepping randomly (stuck).
  3517 | D:2      | 3517 ||| Stepping randomly (stuck).
  3518 | D:2      | 3518 ||| Stepping randomly (stuck).
  3519 | D:2      | 3519 ||| Stepping randomly (stuck).
  3520 | D:2      | 3520 ||| Stepping randomly (stuck).
  3521 | D:2      | 3521 ||| Stepping randomly (stuck).
  3522 | D:2      | 3522 ||| Stepping randomly (stuck).
  3523 | D:2      | 3523 ||| Stepping randomly (stuck).
  3524 | D:2      | 3524 ||| Stepping randomly (stuck).
  3525 | D:2      | 3525 ||| Stepping randomly (stuck).
  3526 | D:2      | 3526 ||| Stepping randomly (stuck).
  3527 | D:2      | 3527 ||| Stepping randomly (stuck).
  3528 | D:2      | 3528 ||| Stepping randomly (stuck).
  3529 | D:2      | 3529 ||| Stepping randomly (stuck).
  3530 | D:2      | 3530 ||| Stepping randomly (stuck).
  3531 | D:2      | 3531 ||| Stepping randomly (stuck).
  3532 | D:2      | 3532 ||| Stepping randomly (stuck).
  3533 | D:2      | 3533 ||| Stepping randomly (stuck).
  3534 | D:2      | 3534 ||| Stepping randomly (stuck).
  3535 | D:2      | 3535 ||| Stepping randomly (stuck).
  3536 | D:2      | 3536 ||| Stepping randomly (stuck).
  3537 | D:2      | 3537 ||| Stepping randomly (stuck).
  3538 | D:2      | 3538 ||| Stepping randomly (stuck).
  3539 | D:2      | 3539 ||| Stepping randomly (stuck).
  3540 | D:2      | 3540 ||| Stepping randomly (stuck).
  3541 | D:2      | 3541 ||| Stepping randomly (stuck).
  3542 | D:2      | 3542 ||| Stepping randomly (stuck).
  3543 | D:2      | 3543 ||| Stepping randomly (stuck).
  3544 | D:2      | 3544 ||| Stepping randomly (stuck).
  3545 | D:2      | 3545 ||| Stepping randomly (stuck).
  3546 | D:2      | 3546 ||| Stepping randomly (stuck).
  3547 | D:2      | 3547 ||| Stepping randomly (stuck).
  3548 | D:2      | 3548 ||| Stepping randomly (stuck).
  3549 | D:2      | 3549 ||| Stepping randomly (stuck).
  3550 | D:2      | 3550 ||| Stepping randomly (stuck).
  3551 | D:2      | 3551 ||| Stepping randomly (stuck).
  3552 | D:2      | 3552 ||| Stepping randomly (stuck).
  3553 | D:2      | 3553 ||| Stepping randomly (stuck).
  3554 | D:2      | 3554 ||| Stepping randomly (stuck).
  3555 | D:2      | 3555 ||| Stepping randomly (stuck).
  3556 | D:2      | 3556 ||| Stepping randomly (stuck).
  3557 | D:2      | 3557 ||| Stepping randomly (stuck).
  3558 | D:2      | 3558 ||| Stepping randomly (stuck).
  3559 | D:2      | 3559 ||| Stepping randomly (stuck).
  3560 | D:2      | 3560 ||| Stepping randomly (stuck).
  3561 | D:2      | 3561 ||| Stepping randomly (stuck).
  3562 | D:2      | 3562 ||| Stepping randomly (stuck).
  3563 | D:2      | 3563 ||| Stepping randomly (stuck).
  3564 | D:2      | 3564 ||| Stepping randomly (stuck).
  3565 | D:2      | 3565 ||| Stepping randomly (stuck).
  3566 | D:2      | 3566 ||| Stepping randomly (stuck).
  3567 | D:2      | 3567 ||| Stepping randomly (stuck).
  3568 | D:2      | 3568 ||| Stepping randomly (stuck).
  3569 | D:2      | 3569 ||| Stepping randomly (stuck).
  3570 | D:2      | 3570 ||| Stepping randomly (stuck).
  3571 | D:2      | 3571 ||| Stepping randomly (stuck).
  3572 | D:2      | 3572 ||| Stepping randomly (stuck).
  3573 | D:2      | 3573 ||| Stepping randomly (stuck).
  3574 | D:2      | 3574 ||| Stepping randomly (stuck).
  3575 | D:2      | 3575 ||| Stepping randomly (stuck).
  3576 | D:2      | 3576 ||| Stepping randomly (stuck).
  3577 | D:2      | 3577 ||| Stepping randomly (stuck).
  3578 | D:2      | 3578 ||| Stepping randomly (stuck).
  3579 | D:2      | 3579 ||| Stepping randomly (stuck).
  3580 | D:2      | 3580 ||| Stepping randomly (stuck).
  3581 | D:2      | 3581 ||| Stepping randomly (stuck).
  3582 | D:2      | 3582 ||| Stepping randomly (stuck).
  3583 | D:2      | 3583 ||| Stepping randomly (stuck).
  3584 | D:2      | 3584 ||| Stepping randomly (stuck).
  3585 | D:2      | 3585 ||| Stepping randomly (stuck).
  3586 | D:2      | 3586 ||| Stepping randomly (stuck).
  3587 | D:2      | 3587 ||| Stepping randomly (stuck).
  3588 | D:2      | 3588 ||| Stepping randomly (stuck).
  3589 | D:2      | 3589 ||| Stepping randomly (stuck).
  3590 | D:2      | 3590 ||| Stepping randomly (stuck).
  3591 | D:2      | 3591 ||| Stepping randomly (stuck).
  3592 | D:2      | 3592 ||| Stepping randomly (stuck).
  3593 | D:2      | 3593 ||| Stepping randomly (stuck).
  3594 | D:2      | 3594 ||| Stepping randomly (stuck).
  3595 | D:2      | 3595 ||| Stepping randomly (stuck).
  3596 | D:2      | 3596 ||| Stepping randomly (stuck).
  3597 | D:2      | 3597 ||| Stepping randomly (stuck).
  3598 | D:2      | 3598 ||| Stepping randomly (stuck).
  3599 | D:2      | 3599 ||| Stepping randomly (stuck).
  3600 | D:2      | 3600 ||| Stepping randomly (stuck).
  3601 | D:2      | 3601 ||| Stepping randomly (stuck).
  3602 | D:2      | 3602 ||| Stepping randomly (stuck).
  3603 | D:2      | 3603 ||| Stepping randomly (stuck).
  3604 | D:2      | 3604 ||| Stepping randomly (stuck).
  3605 | D:2      | 3605 ||| Stepping randomly (stuck).
  3606 | D:2      | 3606 ||| Stepping randomly (stuck).
  3607 | D:2      | 3607 ||| Stepping randomly (stuck).
  3608 | D:2      | 3608 ||| Stepping randomly (stuck).
  3609 | D:2      | 3609 ||| Stepping randomly (stuck).
  3610 | D:2      | 3610 ||| Stepping randomly (stuck).
  3611 | D:2      | 3611 ||| Stepping randomly (stuck).
  3612 | D:2      | 3612 ||| Stepping randomly (stuck).
  3613 | D:2      | 3613 ||| Stepping randomly (stuck).
  3614 | D:2      | 3614 ||| Stepping randomly (stuck).
  3615 | D:2      | 3615 ||| Stepping randomly (stuck).
  3616 | D:2      | 3616 ||| Stepping randomly (stuck).
  3617 | D:2      | 3617 ||| Stepping randomly (stuck).
  3618 | D:2      | 3618 ||| Stepping randomly (stuck).
  3619 | D:2      | 3619 ||| Stepping randomly (stuck).
  3620 | D:2      | 3620 ||| Stepping randomly (stuck).
  3621 | D:2      | 3621 ||| Stepping randomly (stuck).
  3622 | D:2      | 3622 ||| Stepping randomly (stuck).
  3623 | D:2      | 3623 ||| Stepping randomly (stuck).
  3624 | D:2      | 3624 ||| Stepping randomly (stuck).
  3625 | D:2      | 3625 ||| Stepping randomly (stuck).
  3626 | D:2      | 3626 ||| Stepping randomly (stuck).
  3627 | D:2      | 3627 ||| Stepping randomly (stuck).
  3628 | D:2      | 3628 ||| Stepping randomly (stuck).
  3629 | D:2      | 3629 ||| Stepping randomly (stuck).
  3630 | D:2      | 3630 ||| Stepping randomly (stuck).
  3631 | D:2      | 3631 ||| Stepping randomly (stuck).
  3632 | D:2      | 3632 ||| Stepping randomly (stuck).
  3633 | D:2      | 3633 ||| Stepping randomly (stuck).
  3634 | D:2      | 3634 ||| Stepping randomly (stuck).
  3635 | D:2      | 3635 ||| Stepping randomly (stuck).
  3636 | D:2      | 3636 ||| Stepping randomly (stuck).
  3637 | D:2      | 3637 ||| Stepping randomly (stuck).
  3638 | D:2      | 3638 ||| Stepping randomly (stuck).
  3639 | D:2      | 3639 ||| Stepping randomly (stuck).
  3640 | D:2      | 3640 ||| Stepping randomly (stuck).
  3641 | D:2      | 3641 ||| Stepping randomly (stuck).
  3642 | D:2      | 3642 ||| Stepping randomly (stuck).
  3643 | D:2      | 3643 ||| Stepping randomly (stuck).
  3644 | D:2      | 3644 ||| Stepping randomly (stuck).
  3645 | D:2      | 3645 ||| Stepping randomly (stuck).
  3646 | D:2      | 3646 ||| Stepping randomly (stuck).
  3647 | D:2      | 3647 ||| Stepping randomly (stuck).
  3648 | D:2      | 3648 ||| Stepping randomly (stuck).
  3649 | D:2      | 3649 ||| Stepping randomly (stuck).
  3650 | D:2      | 3650 ||| Stepping randomly (stuck).
  3651 | D:2      | 3651 ||| Stepping randomly (stuck).
  3652 | D:2      | 3652 ||| Stepping randomly (stuck).
  3653 | D:2      | 3653 ||| Stepping randomly (stuck).
  3654 | D:2      | 3654 ||| Stepping randomly (stuck).
  3655 | D:2      | 3655 ||| Stepping randomly (stuck).
  3656 | D:2      | 3656 ||| Stepping randomly (stuck).
  3657 | D:2      | 3657 ||| Stepping randomly (stuck).
  3658 | D:2      | 3658 ||| Stepping randomly (stuck).
  3659 | D:2      | 3659 ||| Stepping randomly (stuck).
  3660 | D:2      | 3660 ||| Stepping randomly (stuck).
  3661 | D:2      | 3661 ||| Stepping randomly (stuck).
  3662 | D:2      | 3662 ||| Stepping randomly (stuck).
  3663 | D:2      | 3663 ||| Stepping randomly (stuck).
  3664 | D:2      | 3664 ||| Stepping randomly (stuck).
  3665 | D:2      | 3665 ||| Stepping randomly (stuck).
  3666 | D:2      | 3666 ||| Stepping randomly (stuck).
  3667 | D:2      | 3667 ||| Stepping randomly (stuck).
  3668 | D:2      | 3668 ||| Stepping randomly (stuck).
  3669 | D:2      | 3669 ||| Stepping randomly (stuck).
  3670 | D:2      | 3670 ||| Stepping randomly (stuck).
  3671 | D:2      | 3671 ||| Stepping randomly (stuck).
  3672 | D:2      | 3672 ||| Stepping randomly (stuck).
  3673 | D:2      | 3673 ||| Stepping randomly (stuck).
  3674 | D:2      | 3674 ||| Stepping randomly (stuck).
  3675 | D:2      | 3675 ||| Stepping randomly (stuck).
  3676 | D:2      | 3676 ||| Stepping randomly (stuck).
  3677 | D:2      | 3677 ||| Stepping randomly (stuck).
  3678 | D:2      | 3678 ||| Stepping randomly (stuck).
  3679 | D:2      | 3679 ||| Stepping randomly (stuck).
  3680 | D:2      | 3680 ||| Stepping randomly (stuck).
  3681 | D:2      | 3681 ||| Stepping randomly (stuck).
  3682 | D:2      | 3682 ||| Stepping randomly (stuck).
  3683 | D:2      | 3683 ||| Stepping randomly (stuck).
  3684 | D:2      | 3684 ||| Stepping randomly (stuck).
  3685 | D:2      | 3685 ||| Stepping randomly (stuck).
  3686 | D:2      | 3686 ||| Stepping randomly (stuck).
  3687 | D:2      | 3687 ||| Stepping randomly (stuck).
  3688 | D:2      | 3688 ||| Stepping randomly (stuck).
  3689 | D:2      | 3689 ||| Stepping randomly (stuck).
  3690 | D:2      | 3690 ||| Stepping randomly (stuck).
  3691 | D:2      | 3691 ||| Stepping randomly (stuck).
  3692 | D:2      | 3692 ||| Stepping randomly (stuck).
  3693 | D:2      | 3693 ||| Stepping randomly (stuck).
  3694 | D:2      | 3694 ||| Stepping randomly (stuck).
  3695 | D:2      | 3695 ||| Stepping randomly (stuck).
  3696 | D:2      | 3696 ||| Stepping randomly (stuck).
  3697 | D:2      | 3697 ||| Stepping randomly (stuck).
  3698 | D:2      | 3698 ||| Stepping randomly (stuck).
  3699 | D:2      | 3699 ||| Stepping randomly (stuck).
  3700 | D:2      | 3700 ||| Stepping randomly (stuck).
  3701 | D:2      | 3701 ||| Stepping randomly (stuck).
  3702 | D:2      | 3702 ||| Stepping randomly (stuck).
  3703 | D:2      | 3703 ||| Stepping randomly (stuck).
  3704 | D:2      | 3704 ||| Stepping randomly (stuck).
  3705 | D:2      | 3705 ||| Stepping randomly (stuck).
  3706 | D:2      | 3706 ||| Stepping randomly (stuck).
  3707 | D:2      | 3707 ||| Stepping randomly (stuck).
  3708 | D:2      | 3708 ||| Stepping randomly (stuck).
  3709 | D:2      | 3709 ||| Stepping randomly (stuck).
  3710 | D:2      | 3710 ||| Stepping randomly (stuck).
  3711 | D:2      | 3711 ||| Stepping randomly (stuck).
  3712 | D:2      | 3712 ||| Stepping randomly (stuck).
  3713 | D:2      | 3713 ||| Stepping randomly (stuck).
  3714 | D:2      | 3714 ||| Stepping randomly (stuck).
  3715 | D:2      | 3715 ||| Stepping randomly (stuck).
  3716 | D:2      | 3716 ||| Stepping randomly (stuck).
  3717 | D:2      | 3717 ||| Stepping randomly (stuck).
  3718 | D:2      | 3718 ||| Stepping randomly (stuck).
  3719 | D:2      | 3719 ||| Stepping randomly (stuck).
  3720 | D:2      | 3720 ||| Stepping randomly (stuck).
  3721 | D:2      | 3721 ||| Stepping randomly (stuck).
  3722 | D:2      | 3722 ||| Stepping randomly (stuck).
  3723 | D:2      | 3723 ||| Stepping randomly (stuck).
  3724 | D:2      | 3724 ||| Stepping randomly (stuck).
  3725 | D:2      | 3725 ||| Stepping randomly (stuck).
  3726 | D:2      | 3726 ||| Stepping randomly (stuck).
  3727 | D:2      | 3727 ||| Stepping randomly (stuck).
  3728 | D:2      | 3728 ||| Stepping randomly (stuck).
  3729 | D:2      | 3729 ||| Stepping randomly (stuck).
  3730 | D:2      | 3730 ||| Stepping randomly (stuck).
  3731 | D:2      | 3731 ||| Stepping randomly (stuck).
  3732 | D:2      | 3732 ||| Stepping randomly (stuck).
  3733 | D:2      | 3733 ||| Stepping randomly (stuck).
  3734 | D:2      | 3734 ||| Stepping randomly (stuck).
  3735 | D:2      | 3735 ||| Stepping randomly (stuck).
  3736 | D:2      | 3736 ||| Stepping randomly (stuck).
  3737 | D:2      | 3737 ||| Stepping randomly (stuck).
  3738 | D:2      | 3738 ||| Stepping randomly (stuck).
  3739 | D:2      | 3739 ||| Stepping randomly (stuck).
  3740 | D:2      | 3740 ||| Stepping randomly (stuck).
  3741 | D:2      | 3741 ||| Stepping randomly (stuck).
  3742 | D:2      | 3742 ||| Stepping randomly (stuck).
  3743 | D:2      | 3743 ||| Stepping randomly (stuck).
  3744 | D:2      | 3744 ||| Stepping randomly (stuck).
  3745 | D:2      | 3745 ||| Stepping randomly (stuck).
  3746 | D:2      | 3746 ||| Stepping randomly (stuck).
  3747 | D:2      | 3747 ||| Stepping randomly (stuck).
  3748 | D:2      | 3748 ||| Stepping randomly (stuck).
  3749 | D:2      | 3749 ||| Stepping randomly (stuck).
  3750 | D:2      | 3750 ||| Stepping randomly (stuck).
  3751 | D:2      | 3751 ||| Stepping randomly (stuck).
  3752 | D:2      | 3752 ||| Stepping randomly (stuck).
  3753 | D:2      | 3753 ||| Stepping randomly (stuck).
  3754 | D:2      | 3754 ||| Stepping randomly (stuck).
  3755 | D:2      | 3755 ||| Stepping randomly (stuck).
  3756 | D:2      | 3756 ||| Stepping randomly (stuck).
  3757 | D:2      | 3757 ||| Stepping randomly (stuck).
  3758 | D:2      | 3758 ||| Stepping randomly (stuck).
  3759 | D:2      | 3759 ||| Stepping randomly (stuck).
  3760 | D:2      | 3760 ||| Stepping randomly (stuck).
  3761 | D:2      | 3761 ||| Stepping randomly (stuck).
  3762 | D:2      | 3762 ||| Stepping randomly (stuck).
  3763 | D:2      | 3763 ||| Stepping randomly (stuck).
  3764 | D:2      | 3764 ||| Stepping randomly (stuck).
  3765 | D:2      | 3765 ||| Stepping randomly (stuck).
  3766 | D:2      | 3766 ||| Stepping randomly (stuck).
  3767 | D:2      | 3767 ||| Stepping randomly (stuck).
  3768 | D:2      | 3768 ||| Stepping randomly (stuck).
  3769 | D:2      | 3769 ||| Stepping randomly (stuck).
  3770 | D:2      | 3770 ||| Stepping randomly (stuck).
  3771 | D:2      | 3771 ||| Stepping randomly (stuck).
  3772 | D:2      | 3772 ||| Stepping randomly (stuck).
  3773 | D:2      | 3773 ||| Stepping randomly (stuck).
  3774 | D:2      | 3774 ||| Stepping randomly (stuck).
  3775 | D:2      | 3775 ||| Stepping randomly (stuck).
  3776 | D:2      | 3776 ||| Stepping randomly (stuck).
  3777 | D:2      | 3777 ||| Stepping randomly (stuck).
  3778 | D:2      | 3778 ||| Stepping randomly (stuck).
  3779 | D:2      | 3779 ||| Stepping randomly (stuck).
  3780 | D:2      | 3780 ||| Stepping randomly (stuck).
  3781 | D:2      | 3781 ||| Stepping randomly (stuck).
  3782 | D:2      | 3782 ||| Stepping randomly (stuck).
  3783 | D:2      | 3783 ||| Stepping randomly (stuck).
  3784 | D:2      | 3784 ||| Stepping randomly (stuck).
  3785 | D:2      | 3785 ||| Stepping randomly (stuck).
  3786 | D:2      | 3786 ||| Stepping randomly (stuck).
  3787 | D:2      | 3787 ||| Stepping randomly (stuck).
  3788 | D:2      | 3788 ||| Stepping randomly (stuck).
  3789 | D:2      | 3789 ||| Stepping randomly (stuck).
  3790 | D:2      | 3790 ||| Stepping randomly (stuck).
  3791 | D:2      | 3791 ||| Stepping randomly (stuck).
  3792 | D:2      | 3792 ||| Stepping randomly (stuck).
  3793 | D:2      | 3793 ||| Stepping randomly (stuck).
  3794 | D:2      | 3794 ||| Stepping randomly (stuck).
  3795 | D:2      | 3795 ||| Stepping randomly (stuck).
  3796 | D:2      | 3796 ||| Stepping randomly (stuck).
  3797 | D:2      | 3797 ||| Stepping randomly (stuck).
  3798 | D:2      | 3798 ||| Stepping randomly (stuck).
  3799 | D:2      | 3799 ||| Stepping randomly (stuck).
  3800 | D:2      | 3800 ||| Stepping randomly (stuck).
  3801 | D:2      | 3801 ||| Stepping randomly (stuck).
  3802 | D:2      | 3802 ||| Stepping randomly (stuck).
  3803 | D:2      | 3803 ||| Stepping randomly (stuck).
  3804 | D:2      | 3804 ||| Stepping randomly (stuck).
  3805 | D:2      | 3805 ||| Stepping randomly (stuck).
  3806 | D:2      | 3806 ||| Stepping randomly (stuck).
  3807 | D:2      | 3807 ||| Stepping randomly (stuck).
  3808 | D:2      | 3808 ||| Stepping randomly (stuck).
  3809 | D:2      | 3809 ||| Stepping randomly (stuck).
  3810 | D:2      | 3810 ||| Stepping randomly (stuck).
  3811 | D:2      | 3811 ||| Stepping randomly (stuck).
  3812 | D:2      | 3812 ||| Stepping randomly (stuck).
  3813 | D:2      | 3813 ||| Stepping randomly (stuck).
  3814 | D:2      | 3814 ||| Stepping randomly (stuck).
  3815 | D:2      | 3815 ||| Stepping randomly (stuck).
  3816 | D:2      | 3816 ||| Stepping randomly (stuck).
  3817 | D:2      | 3817 ||| Stepping randomly (stuck).
  3818 | D:2      | 3818 ||| Stepping randomly (stuck).
  3819 | D:2      | 3819 ||| Stepping randomly (stuck).
  3820 | D:2      | 3820 ||| Stepping randomly (stuck).
  3821 | D:2      | 3821 ||| Stepping randomly (stuck).
  3822 | D:2      | 3822 ||| Stepping randomly (stuck).
  3823 | D:2      | 3823 ||| Stepping randomly (stuck).
  3824 | D:2      | 3824 ||| Stepping randomly (stuck).
  3825 | D:2      | 3825 ||| Stepping randomly (stuck).
  3826 | D:2      | 3826 ||| Stepping randomly (stuck).
  3827 | D:2      | 3827 ||| Stepping randomly (stuck).
  3828 | D:2      | 3828 ||| Stepping randomly (stuck).
  3829 | D:2      | 3829 ||| Stepping randomly (stuck).
  3830 | D:2      | 3830 ||| Stepping randomly (stuck).
  3831 | D:2      | 3831 ||| Stepping randomly (stuck).
  3832 | D:2      | 3832 ||| Stepping randomly (stuck).
  3833 | D:2      | 3833 ||| Stepping randomly (stuck).
  3834 | D:2      | 3834 ||| Stepping randomly (stuck).
  3835 | D:2      | 3835 ||| Stepping randomly (stuck).
  3836 | D:2      | 3836 ||| Stepping randomly (stuck).
  3837 | D:2      | 3837 ||| Stepping randomly (stuck).
  3838 | D:2      | 3838 ||| Stepping randomly (stuck).
  3839 | D:2      | 3839 ||| Stepping randomly (stuck).
  3840 | D:2      | 3840 ||| Stepping randomly (stuck).
  3841 | D:2      | 3841 ||| Stepping randomly (stuck).
  3842 | D:2      | 3842 ||| Stepping randomly (stuck).
  3843 | D:2      | 3843 ||| Stepping randomly (stuck).
  3844 | D:2      | 3844 ||| Stepping randomly (stuck).
  3845 | D:2      | 3845 ||| Stepping randomly (stuck).
  3846 | D:2      | 3846 ||| Stepping randomly (stuck).
  3847 | D:2      | 3847 ||| Stepping randomly (stuck).
  3848 | D:2      | 3848 ||| Stepping randomly (stuck).
  3849 | D:2      | 3849 ||| Stepping randomly (stuck).
  3850 | D:2      | 3850 ||| Stepping randomly (stuck).
  3851 | D:2      | 3851 ||| Stepping randomly (stuck).
  3852 | D:2      | 3852 ||| Stepping randomly (stuck).
  3853 | D:2      | 3853 ||| Stepping randomly (stuck).
  3854 | D:2      | 3854 ||| Stepping randomly (stuck).
  3855 | D:2      | 3855 ||| Stepping randomly (stuck).
  3856 | D:2      | 3856 ||| Stepping randomly (stuck).
  3857 | D:2      | 3857 ||| Stepping randomly (stuck).
  3858 | D:2      | 3858 ||| Stepping randomly (stuck).
  3859 | D:2      | 3859 ||| Stepping randomly (stuck).
  3860 | D:2      | 3860 ||| Stepping randomly (stuck).
  3861 | D:2      | 3861 ||| Stepping randomly (stuck).
  3862 | D:2      | 3862 ||| Stepping randomly (stuck).
  3863 | D:2      | 3863 ||| Stepping randomly (stuck).
  3864 | D:2      | 3864 ||| Stepping randomly (stuck).
  3865 | D:2      | 3865 ||| Stepping randomly (stuck).
  3866 | D:2      | 3866 ||| Stepping randomly (stuck).
  3867 | D:2      | 3867 ||| Stepping randomly (stuck).
  3868 | D:2      | 3868 ||| Stepping randomly (stuck).
  3869 | D:2      | 3869 ||| Stepping randomly (stuck).
  3870 | D:2      | 3870 ||| Stepping randomly (stuck).
  3871 | D:2      | 3871 ||| Stepping randomly (stuck).
  3872 | D:2      | 3872 ||| Stepping randomly (stuck).
  3873 | D:2      | 3873 ||| Stepping randomly (stuck).
  3874 | D:2      | 3874 ||| Stepping randomly (stuck).
  3875 | D:2      | 3875 ||| Stepping randomly (stuck).
  3876 | D:2      | 3876 ||| Stepping randomly (stuck).
  3877 | D:2      | 3877 ||| Stepping randomly (stuck).
  3878 | D:2      | 3878 ||| Stepping randomly (stuck).
  3879 | D:2      | 3879 ||| Stepping randomly (stuck).
  3880 | D:2      | 3880 ||| Stepping randomly (stuck).
  3881 | D:2      | 3881 ||| Stepping randomly (stuck).
  3882 | D:2      | 3882 ||| Stepping randomly (stuck).
  3883 | D:2      | 3883 ||| Stepping randomly (stuck).
  3884 | D:2      | 3884 ||| Stepping randomly (stuck).
  3885 | D:2      | 3885 ||| Stepping randomly (stuck).
  3886 | D:2      | 3886 ||| Stepping randomly (stuck).
  3887 | D:2      | 3887 ||| Stepping randomly (stuck).
  3888 | D:2      | 3888 ||| Stepping randomly (stuck).
  3889 | D:2      | 3889 ||| Stepping randomly (stuck).
  3890 | D:2      | 3890 ||| Stepping randomly (stuck).
  3891 | D:2      | 3891 ||| Stepping randomly (stuck).
  3892 | D:2      | 3892 ||| Stepping randomly (stuck).
  3893 | D:2      | 3893 ||| Stepping randomly (stuck).
  3894 | D:2      | 3894 ||| Stepping randomly (stuck).
  3895 | D:2      | 3895 ||| Stepping randomly (stuck).
  3896 | D:2      | 3896 ||| Stepping randomly (stuck).
  3897 | D:2      | 3897 ||| Stepping randomly (stuck).
  3898 | D:2      | 3898 ||| Stepping randomly (stuck).
  3899 | D:2      | 3899 ||| Stepping randomly (stuck).
  3900 | D:2      | 3900 ||| Stepping randomly (stuck).
  3901 | D:2      | 3901 ||| Stepping randomly (stuck).
  3902 | D:2      | 3902 ||| Stepping randomly (stuck).
  3903 | D:2      | 3903 ||| Stepping randomly (stuck).
  3904 | D:2      | 3904 ||| Stepping randomly (stuck).
  3905 | D:2      | 3905 ||| Stepping randomly (stuck).
  3906 | D:2      | 3906 ||| Stepping randomly (stuck).
  3907 | D:2      | 3907 ||| Stepping randomly (stuck).
  3908 | D:2      | 3908 ||| Stepping randomly (stuck).
  3909 | D:2      | 3909 ||| Stepping randomly (stuck).
  3910 | D:2      | 3910 ||| Stepping randomly (stuck).
  3911 | D:2      | 3911 ||| Stepping randomly (stuck).
  3912 | D:2      | 3912 ||| Stepping randomly (stuck).
  3913 | D:2      | 3913 ||| Stepping randomly (stuck).
  3914 | D:2      | 3914 ||| Stepping randomly (stuck).
  3915 | D:2      | 3915 ||| Stepping randomly (stuck).
  3916 | D:2      | 3916 ||| Stepping randomly (stuck).
  3917 | D:2      | 3917 ||| Stepping randomly (stuck).
  3918 | D:2      | 3918 ||| Stepping randomly (stuck).
  3919 | D:2      | 3919 ||| Stepping randomly (stuck).
  3920 | D:2      | 3920 ||| Stepping randomly (stuck).
  3921 | D:2      | 3921 ||| Stepping randomly (stuck).
  3922 | D:2      | 3922 ||| Stepping randomly (stuck).
  3923 | D:2      | 3923 ||| Stepping randomly (stuck).
  3924 | D:2      | 3924 ||| Stepping randomly (stuck).
  3925 | D:2      | 3925 ||| Stepping randomly (stuck).
  3926 | D:2      | 3926 ||| Stepping randomly (stuck).
  3927 | D:2      | 3927 ||| Stepping randomly (stuck).
  3928 | D:2      | 3928 ||| Stepping randomly (stuck).
  3929 | D:2      | 3929 ||| Stepping randomly (stuck).
  3930 | D:2      | 3930 ||| Stepping randomly (stuck).
  3931 | D:2      | 3931 ||| Stepping randomly (stuck).
  3932 | D:2      | 3932 ||| Stepping randomly (stuck).
  3933 | D:2      | 3933 ||| Stepping randomly (stuck).
  3934 | D:2      | 3934 ||| Stepping randomly (stuck).
  3935 | D:2      | 3935 ||| Stepping randomly (stuck).
  3936 | D:2      | 3936 ||| Stepping randomly (stuck).
  3937 | D:2      | 3937 ||| Stepping randomly (stuck).
  3938 | D:2      | 3938 ||| Stepping randomly (stuck).
  3939 | D:2      | 3939 ||| Stepping randomly (stuck).
  3940 | D:2      | 3940 ||| Stepping randomly (stuck).
  3941 | D:2      | 3941 ||| Stepping randomly (stuck).
  3942 | D:2      | 3942 ||| Stepping randomly (stuck).
  3943 | D:2      | 3943 ||| Stepping randomly (stuck).
  3944 | D:2      | 3944 ||| Stepping randomly (stuck).
  3945 | D:2      | 3945 ||| Stepping randomly (stuck).
  3946 | D:2      | 3946 ||| Stepping randomly (stuck).
  3947 | D:2      | 3947 ||| Stepping randomly (stuck).
  3948 | D:2      | 3948 ||| Stepping randomly (stuck).
  3949 | D:2      | 3949 ||| Stepping randomly (stuck).
  3950 | D:2      | 3950 ||| Stepping randomly (stuck).
  3951 | D:2      | 3951 ||| Stepping randomly (stuck).
  3952 | D:2      | 3952 ||| Stepping randomly (stuck).
  3953 | D:2      | 3953 ||| Stepping randomly (stuck).
  3954 | D:2      | 3954 ||| Stepping randomly (stuck).
  3955 | D:2      | 3955 ||| Stepping randomly (stuck).
  3956 | D:2      | 3956 ||| Stepping randomly (stuck).
  3957 | D:2      | 3957 ||| Stepping randomly (stuck).
  3958 | D:2      | 3958 ||| Stepping randomly (stuck).
  3959 | D:2      | 3959 ||| Stepping randomly (stuck).
  3960 | D:2      | 3960 ||| Stepping randomly (stuck).
  3961 | D:2      | 3961 ||| Stepping randomly (stuck).
  3962 | D:2      | 3962 ||| Stepping randomly (stuck).
  3963 | D:2      | 3963 ||| Stepping randomly (stuck).
  3964 | D:2      | 3964 ||| Stepping randomly (stuck).
  3965 | D:2      | 3965 ||| Stepping randomly (stuck).
  3966 | D:2      | 3966 ||| Stepping randomly (stuck).
  3967 | D:2      | 3967 ||| Stepping randomly (stuck).
  3968 | D:2      | 3968 ||| Stepping randomly (stuck).
  3969 | D:2      | 3969 ||| Stepping randomly (stuck).
  3970 | D:2      | 3970 ||| Stepping randomly (stuck).
  3971 | D:2      | 3971 ||| Stepping randomly (stuck).
  3972 | D:2      | 3972 ||| Stepping randomly (stuck).
  3973 | D:2      | 3973 ||| Stepping randomly (stuck).
  3974 | D:2      | 3974 ||| Stepping randomly (stuck).
  3975 | D:2      | 3975 ||| Stepping randomly (stuck).
  3976 | D:2      | 3976 ||| Stepping randomly (stuck).
  3977 | D:2      | 3977 ||| Stepping randomly (stuck).
  3978 | D:2      | 3978 ||| Stepping randomly (stuck).
  3979 | D:2      | 3979 ||| Stepping randomly (stuck).
  3980 | D:2      | 3980 ||| Stepping randomly (stuck).
  3981 | D:2      | 3981 ||| Stepping randomly (stuck).
  3982 | D:2      | 3982 ||| Stepping randomly (stuck).
  3983 | D:2      | 3983 ||| Stepping randomly (stuck).
  3984 | D:2      | 3984 ||| Stepping randomly (stuck).
  3985 | D:2      | 3985 ||| Stepping randomly (stuck).
  3986 | D:2      | 3986 ||| Stepping randomly (stuck).
  3987 | D:2      | 3987 ||| Stepping randomly (stuck).
  3988 | D:2      | 3988 ||| Stepping randomly (stuck).
  3989 | D:2      | 3989 ||| Stepping randomly (stuck).
  3990 | D:2      | 3990 ||| Stepping randomly (stuck).
  3991 | D:2      | 3991 ||| Stepping randomly (stuck).
  3992 | D:2      | 3992 ||| Stepping randomly (stuck).
  3993 | D:2      | 3993 ||| Stepping randomly (stuck).
  3994 | D:2      | 3994 ||| Stepping randomly (stuck).
  3995 | D:2      | 3995 ||| Stepping randomly (stuck).
  3996 | D:2      | 3996 ||| Stepping randomly (stuck).
  3997 | D:2      | 3997 ||| Stepping randomly (stuck).
  3998 | D:2      | 3998 ||| Stepping randomly (stuck).
  3999 | D:2      | 3999 ||| Stepping randomly (stuck).
  4000 | D:2      | 4000 ||| Stepping randomly (stuck).
  4001 | D:2      | 4001 ||| Stepping randomly (stuck).
  4002 | D:2      | 4002 ||| Stepping randomly (stuck).
  4003 | D:2      | 4003 ||| Stepping randomly (stuck).
  4004 | D:2      | 4004 ||| Stepping randomly (stuck).
  4005 | D:2      | 4005 ||| Stepping randomly (stuck).
  4006 | D:2      | 4006 ||| Stepping randomly (stuck).
  4007 | D:2      | 4007 ||| Stepping randomly (stuck).
  4008 | D:2      | 4008 ||| Stepping randomly (stuck).
  4009 | D:2      | 4009 ||| Stepping randomly (stuck).
  4010 | D:2      | 4010 ||| Stepping randomly (stuck).
  4011 | D:2      | 4011 ||| Stepping randomly (stuck).
  4012 | D:2      | 4012 ||| Stepping randomly (stuck).
  4013 | D:2      | 4013 ||| Stepping randomly (stuck).
  4014 | D:2      | 4014 ||| Stepping randomly (stuck).
  4015 | D:2      | 4015 ||| Stepping randomly (stuck).
  4016 | D:2      | 4016 ||| Stepping randomly (stuck).
  4017 | D:2      | 4017 ||| Stepping randomly (stuck).
  4018 | D:2      | 4018 ||| Stepping randomly (stuck).
  4019 | D:2      | 4019 ||| Stepping randomly (stuck).
  4020 | D:2      | 4020 ||| Stepping randomly (stuck).
  4021 | D:2      | 4021 ||| Stepping randomly (stuck).
  4022 | D:2      | 4022 ||| Stepping randomly (stuck).
  4023 | D:2      | 4023 ||| Stepping randomly (stuck).
  4024 | D:2      | 4024 ||| Stepping randomly (stuck).
  4025 | D:2      | 4025 ||| Stepping randomly (stuck).
  4026 | D:2      | 4026 ||| Stepping randomly (stuck).
  4027 | D:2      | 4027 ||| Stepping randomly (stuck).
  4028 | D:2      | 4028 ||| Stepping randomly (stuck).
  4029 | D:2      | 4029 ||| Stepping randomly (stuck).
  4030 | D:2      | 4030 ||| Stepping randomly (stuck).
  4031 | D:2      | 4031 ||| Stepping randomly (stuck).
  4032 | D:2      | 4032 ||| Stepping randomly (stuck).
  4033 | D:2      | 4033 ||| Stepping randomly (stuck).
  4034 | D:2      | 4034 ||| Stepping randomly (stuck).
  4035 | D:2      | 4035 ||| Stepping randomly (stuck).
  4036 | D:2      | 4036 ||| Stepping randomly (stuck).
  4037 | D:2      | 4037 ||| Stepping randomly (stuck).
  4038 | D:2      | 4038 ||| Stepping randomly (stuck).
  4039 | D:2      | 4039 ||| Stepping randomly (stuck).
  4040 | D:2      | 4040 ||| Stepping randomly (stuck).
  4041 | D:2      | 4041 ||| Stepping randomly (stuck).
  4042 | D:2      | 4042 ||| Stepping randomly (stuck).
  4043 | D:2      | 4043 ||| Stepping randomly (stuck).
  4044 | D:2      | 4044 ||| Stepping randomly (stuck).
  4045 | D:2      | 4045 ||| Stepping randomly (stuck).
  4046 | D:2      | 4046 ||| Stepping randomly (stuck).
  4047 | D:2      | 4047 ||| Stepping randomly (stuck).
  4048 | D:2      | 4048 ||| Stepping randomly (stuck).
  4049 | D:2      | 4049 ||| Stepping randomly (stuck).
  4050 | D:2      | 4050 ||| Stepping randomly (stuck).
  4051 | D:2      | 4051 ||| Stepping randomly (stuck).
  4052 | D:2      | 4052 ||| Stepping randomly (stuck).
  4053 | D:2      | 4053 ||| Stepping randomly (stuck).
  4054 | D:2      | 4054 ||| Stepping randomly (stuck).
  4055 | D:2      | 4055 ||| Stepping randomly (stuck).
  4056 | D:2      | 4056 ||| Stepping randomly (stuck).
  4057 | D:2      | 4057 ||| Stepping randomly (stuck).
  4058 | D:2      | 4058 ||| Stepping randomly (stuck).
  4059 | D:2      | 4059 ||| Stepping randomly (stuck).
  4060 | D:2      | 4060 ||| Stepping randomly (stuck).
  4061 | D:2      | 4061 ||| Stepping randomly (stuck).
  4062 | D:2      | 4062 ||| Stepping randomly (stuck).
  4063 | D:2      | 4063 ||| Stepping randomly (stuck).
  4064 | D:2      | 4064 ||| Stepping randomly (stuck).
  4065 | D:2      | 4065 ||| Stepping randomly (stuck).
  4066 | D:2      | 4066 ||| Stepping randomly (stuck).
  4067 | D:2      | 4067 ||| Stepping randomly (stuck).
  4068 | D:2      | 4068 ||| Stepping randomly (stuck).
  4069 | D:2      | 4069 ||| Stepping randomly (stuck).
  4070 | D:2      | 4070 ||| Stepping randomly (stuck).
  4071 | D:2      | 4071 ||| Stepping randomly (stuck).
  4072 | D:2      | 4072 ||| Stepping randomly (stuck).
  4073 | D:2      | 4073 ||| Stepping randomly (stuck).
  4074 | D:2      | 4074 ||| Stepping randomly (stuck).
  4075 | D:2      | 4075 ||| Stepping randomly (stuck).
  4076 | D:2      | 4076 ||| Stepping randomly (stuck).
  4077 | D:2      | 4077 ||| Stepping randomly (stuck).
  4078 | D:2      | 4078 ||| Stepping randomly (stuck).
  4079 | D:2      | 4079 ||| Stepping randomly (stuck).
  4080 | D:2      | 4080 ||| Stepping randomly (stuck).
  4081 | D:2      | 4081 ||| Stepping randomly (stuck).
  4082 | D:2      | 4082 ||| Stepping randomly (stuck).
  4083 | D:2      | 4083 ||| Stepping randomly (stuck).
  4084 | D:2      | 4084 ||| Stepping randomly (stuck).
  4085 | D:2      | 4085 ||| Stepping randomly (stuck).
  4086 | D:2      | 4086 ||| Stepping randomly (stuck).
  4087 | D:2      | 4087 ||| Stepping randomly (stuck).
  4088 | D:2      | 4088 ||| Stepping randomly (stuck).
  4089 | D:2      | 4089 ||| Stepping randomly (stuck).
  4090 | D:2      | 4090 ||| Stepping randomly (stuck).
  4091 | D:2      | 4091 ||| Stepping randomly (stuck).
  4092 | D:2      | 4092 ||| Stepping randomly (stuck).
  4093 | D:2      | 4093 ||| Stepping randomly (stuck).
  4094 | D:2      | 4094 ||| Stepping randomly (stuck).
  4095 | D:2      | 4095 ||| Stepping randomly (stuck).
  4096 | D:2      | 4096 ||| Stepping randomly (stuck).
  4097 | D:2      | 4097 ||| Stepping randomly (stuck).
  4098 | D:2      | 4098 ||| Stepping randomly (stuck).
  4099 | D:2      | 4099 ||| Stepping randomly (stuck).
  4100 | D:2      | 4100 ||| Stepping randomly (stuck).
  4101 | D:2      | 4101 ||| Stepping randomly (stuck).
  4102 | D:2      | 4102 ||| Stepping randomly (stuck).
  4103 | D:2      | 4103 ||| Stepping randomly (stuck).
  4104 | D:2      | 4104 ||| Stepping randomly (stuck).
  4105 | D:2      | 4105 ||| Stepping randomly (stuck).
  4106 | D:2      | 4106 ||| Stepping randomly (stuck).
  4107 | D:2      | 4107 ||| Stepping randomly (stuck).
  4108 | D:2      | 4108 ||| Stepping randomly (stuck).
  4109 | D:2      | 4109 ||| Stepping randomly (stuck).
  4110 | D:2      | 4110 ||| Stepping randomly (stuck).
  4111 | D:2      | 4111 ||| Stepping randomly (stuck).
  4112 | D:2      | 4112 ||| Stepping randomly (stuck).
  4113 | D:2      | 4113 ||| Stepping randomly (stuck).
  4114 | D:2      | 4114 ||| Stepping randomly (stuck).
  4115 | D:2      | 4115 ||| Stepping randomly (stuck).
  4116 | D:2      | 4116 ||| Stepping randomly (stuck).
  4117 | D:2      | 4117 ||| Stepping randomly (stuck).
  4118 | D:2      | 4118 ||| Stepping randomly (stuck).
  4119 | D:2      | 4119 ||| Stepping randomly (stuck).
  4120 | D:2      | 4120 ||| Stepping randomly (stuck).
  4121 | D:2      | 4121 ||| Stepping randomly (stuck).
  4122 | D:2      | 4122 ||| Stepping randomly (stuck).
  4123 | D:2      | 4123 ||| Stepping randomly (stuck).
  4124 | D:2      | 4124 ||| Stepping randomly (stuck).
  4125 | D:2      | 4125 ||| Stepping randomly (stuck).
  4126 | D:2      | 4126 ||| Stepping randomly (stuck).
  4127 | D:2      | 4127 ||| Stepping randomly (stuck).
  4128 | D:2      | 4128 ||| Stepping randomly (stuck).
  4129 | D:2      | 4129 ||| Stepping randomly (stuck).
  4130 | D:2      | 4130 ||| Stepping randomly (stuck).
  4131 | D:2      | 4131 ||| Stepping randomly (stuck).
  4132 | D:2      | 4132 ||| Stepping randomly (stuck).
  4133 | D:2      | 4133 ||| Stepping randomly (stuck).
  4134 | D:2      | 4134 ||| Stepping randomly (stuck).
  4135 | D:2      | 4135 ||| Stepping randomly (stuck).
  4136 | D:2      | 4136 ||| Stepping randomly (stuck).
  4137 | D:2      | 4137 ||| Stepping randomly (stuck).
  4138 | D:2      | 4138 ||| Stepping randomly (stuck).
  4139 | D:2      | 4139 ||| Stepping randomly (stuck).
  4140 | D:2      | 4140 ||| Stepping randomly (stuck).
  4141 | D:2      | 4141 ||| Stepping randomly (stuck).
  4142 | D:2      | 4142 ||| Stepping randomly (stuck).
  4143 | D:2      | 4143 ||| Stepping randomly (stuck).
  4144 | D:2      | 4144 ||| Stepping randomly (stuck).
  4145 | D:2      | 4145 ||| Stepping randomly (stuck).
  4146 | D:2      | 4146 ||| Stepping randomly (stuck).
  4147 | D:2      | 4147 ||| Stepping randomly (stuck).
  4148 | D:2      | 4148 ||| Stepping randomly (stuck).
  4149 | D:2      | 4149 ||| Stepping randomly (stuck).
  4150 | D:2      | 4150 ||| Stepping randomly (stuck).
  4151 | D:2      | 4151 ||| Stepping randomly (stuck).
  4152 | D:2      | 4152 ||| Stepping randomly (stuck).
  4153 | D:2      | 4153 ||| Stepping randomly (stuck).
  4154 | D:2      | 4154 ||| Stepping randomly (stuck).
  4155 | D:2      | 4155 ||| Stepping randomly (stuck).
  4156 | D:2      | 4156 ||| Stepping randomly (stuck).
  4157 | D:2      | 4157 ||| Stepping randomly (stuck).
  4158 | D:2      | 4158 ||| Stepping randomly (stuck).
  4159 | D:2      | 4159 ||| Stepping randomly (stuck).
  4160 | D:2      | 4160 ||| Stepping randomly (stuck).
  4161 | D:2      | 4161 ||| Stepping randomly (stuck).
  4162 | D:2      | 4162 ||| Stepping randomly (stuck).
  4163 | D:2      | 4163 ||| Stepping randomly (stuck).
  4164 | D:2      | 4164 ||| Stepping randomly (stuck).
  4165 | D:2      | 4165 ||| Stepping randomly (stuck).
  4166 | D:2      | 4166 ||| Stepping randomly (stuck).
  4167 | D:2      | 4167 ||| Stepping randomly (stuck).
  4168 | D:2      | 4168 ||| Stepping randomly (stuck).
  4169 | D:2      | 4169 ||| Stepping randomly (stuck).
  4170 | D:2      | 4170 ||| Stepping randomly (stuck).
  4171 | D:2      | 4171 ||| Stepping randomly (stuck).
  4172 | D:2      | 4172 ||| Stepping randomly (stuck).
  4173 | D:2      | 4173 ||| Stepping randomly (stuck).
  4174 | D:2      | 4174 ||| Stepping randomly (stuck).
  4175 | D:2      | 4175 ||| Stepping randomly (stuck).
  4176 | D:2      | 4176 ||| Stepping randomly (stuck).
  4177 | D:2      | 4177 ||| Stepping randomly (stuck).
  4178 | D:2      | 4178 ||| Stepping randomly (stuck).
  4179 | D:2      | 4179 ||| Stepping randomly (stuck).
  4180 | D:2      | 4180 ||| Stepping randomly (stuck).
  4181 | D:2      | 4181 ||| Stepping randomly (stuck).
  4182 | D:2      | 4182 ||| Stepping randomly (stuck).
  4183 | D:2      | 4183 ||| Stepping randomly (stuck).
  4184 | D:2      | 4184 ||| Stepping randomly (stuck).
  4185 | D:2      | 4185 ||| Stepping randomly (stuck).
  4186 | D:2      | 4186 ||| Stepping randomly (stuck).
  4187 | D:2      | 4187 ||| Stepping randomly (stuck).
  4188 | D:2      | 4188 ||| Stepping randomly (stuck).
  4189 | D:2      | 4189 ||| Stepping randomly (stuck).
  4190 | D:2      | 4190 ||| Stepping randomly (stuck).
  4191 | D:2      | 4191 ||| Stepping randomly (stuck).
  4192 | D:2      | 4192 ||| Stepping randomly (stuck).
  4193 | D:2      | 4193 ||| Stepping randomly (stuck).
  4194 | D:2      | 4194 ||| Stepping randomly (stuck).
  4195 | D:2      | 4195 ||| Stepping randomly (stuck).
  4196 | D:2      | 4196 ||| Stepping randomly (stuck).
  4197 | D:2      | 4197 ||| Stepping randomly (stuck).
  4198 | D:2      | 4198 ||| Stepping randomly (stuck).
  4199 | D:2      | 4199 ||| Stepping randomly (stuck).
  4200 | D:2      | 4200 ||| Stepping randomly (stuck).
  4201 | D:2      | 4201 ||| Stepping randomly (stuck).
  4202 | D:2      | 4202 ||| Stepping randomly (stuck).
  4203 | D:2      | 4203 ||| Stepping randomly (stuck).
  4204 | D:2      | 4204 ||| Stepping randomly (stuck).
  4205 | D:2      | 4205 ||| Stepping randomly (stuck).
  4206 | D:2      | 4206 ||| Stepping randomly (stuck).
  4207 | D:2      | 4207 ||| Stepping randomly (stuck).
  4208 | D:2      | 4208 ||| Stepping randomly (stuck).
  4209 | D:2      | 4209 ||| Stepping randomly (stuck).
  4210 | D:2      | 4210 ||| Stepping randomly (stuck).
  4211 | D:2      | 4211 ||| Stepping randomly (stuck).
  4212 | D:2      | 4212 ||| Stepping randomly (stuck).
  4213 | D:2      | 4213 ||| Stepping randomly (stuck).
  4214 | D:2      | 4214 ||| Stepping randomly (stuck).
  4215 | D:2      | 4215 ||| Stepping randomly (stuck).
  4216 | D:2      | 4216 ||| Stepping randomly (stuck).
  4217 | D:2      | 4217 ||| Stepping randomly (stuck).
  4218 | D:2      | 4218 ||| Stepping randomly (stuck).
  4219 | D:2      | 4219 ||| Stepping randomly (stuck).
  4220 | D:2      | 4220 ||| Stepping randomly (stuck).
  4221 | D:2      | 4221 ||| Stepping randomly (stuck).
  4222 | D:2      | 4222 ||| Stepping randomly (stuck).
  4223 | D:2      | 4223 ||| Stepping randomly (stuck).
  4224 | D:2      | 4224 ||| Stepping randomly (stuck).
  4225 | D:2      | 4225 ||| Stepping randomly (stuck).
  4226 | D:2      | 4226 ||| Stepping randomly (stuck).
  4227 | D:2      | 4227 ||| Stepping randomly (stuck).
  4228 | D:2      | 4228 ||| Stepping randomly (stuck).
  4229 | D:2      | 4229 ||| Stepping randomly (stuck).
  4230 | D:2      | 4230 ||| Stepping randomly (stuck).
  4231 | D:2      | 4231 ||| Stepping randomly (stuck).
  4232 | D:2      | 4232 ||| Stepping randomly (stuck).
  4233 | D:2      | 4233 ||| Stepping randomly (stuck).
  4234 | D:2      | 4234 ||| Stepping randomly (stuck).
  4235 | D:2      | 4235 ||| Stepping randomly (stuck).
  4236 | D:2      | 4236 ||| Stepping randomly (stuck).
  4237 | D:2      | 4237 ||| Stepping randomly (stuck).
  4238 | D:2      | 4238 ||| Stepping randomly (stuck).
  4239 | D:2      | 4239 ||| Stepping randomly (stuck).
  4240 | D:2      | 4240 ||| Stepping randomly (stuck).
  4241 | D:2      | 4241 ||| Stepping randomly (stuck).
  4242 | D:2      | 4242 ||| Stepping randomly (stuck).
  4243 | D:2      | 4243 ||| Stepping randomly (stuck).
  4244 | D:2      | 4244 ||| Stepping randomly (stuck).
  4245 | D:2      | 4245 ||| Stepping randomly (stuck).
  4246 | D:2      | 4246 ||| Stepping randomly (stuck).
  4247 | D:2      | 4247 ||| Stepping randomly (stuck).
  4248 | D:2      | 4248 ||| Stepping randomly (stuck).
  4249 | D:2      | 4249 ||| Stepping randomly (stuck).
  4250 | D:2      | 4250 ||| Stepping randomly (stuck).
  4251 | D:2      | 4251 ||| Stepping randomly (stuck).
  4252 | D:2      | 4252 ||| Stepping randomly (stuck).
  4253 | D:2      | 4253 ||| Stepping randomly (stuck).
  4254 | D:2      | 4254 ||| Stepping randomly (stuck).
  4255 | D:2      | 4255 ||| Stepping randomly (stuck).
  4256 | D:2      | 4256 ||| Stepping randomly (stuck).
  4257 | D:2      | 4257 ||| Stepping randomly (stuck).
  4258 | D:2      | 4258 ||| Stepping randomly (stuck).
  4259 | D:2      | 4259 ||| Stepping randomly (stuck).
  4260 | D:2      | 4260 ||| Stepping randomly (stuck).
  4261 | D:2      | 4261 ||| Stepping randomly (stuck).
  4262 | D:2      | 4262 ||| Stepping randomly (stuck).
  4263 | D:2      | 4263 ||| Stepping randomly (stuck).
  4264 | D:2      | 4264 ||| Stepping randomly (stuck).
  4265 | D:2      | 4265 ||| Stepping randomly (stuck).
  4266 | D:2      | 4266 ||| Stepping randomly (stuck).
  4267 | D:2      | 4267 ||| Stepping randomly (stuck).
  4268 | D:2      | 4268 ||| Stepping randomly (stuck).
  4269 | D:2      | 4269 ||| Stepping randomly (stuck).
  4270 | D:2      | 4270 ||| Stepping randomly (stuck).
  4271 | D:2      | 4271 ||| Stepping randomly (stuck).
  4272 | D:2      | 4272 ||| Stepping randomly (stuck).
  4273 | D:2      | 4273 ||| Stepping randomly (stuck).
  4274 | D:2      | 4274 ||| Stepping randomly (stuck).
  4275 | D:2      | 4275 ||| Stepping randomly (stuck).
  4276 | D:2      | 4276 ||| Stepping randomly (stuck).
  4277 | D:2      | 4277 ||| Stepping randomly (stuck).
  4278 | D:2      | 4278 ||| Stepping randomly (stuck).
  4279 | D:2      | 4279 ||| Stepping randomly (stuck).
  4280 | D:2      | 4280 ||| Stepping randomly (stuck).
  4281 | D:2      | 4281 ||| Stepping randomly (stuck).
  4282 | D:2      | 4282 ||| Stepping randomly (stuck).
  4283 | D:2      | 4283 ||| Stepping randomly (stuck).
  4284 | D:2      | 4284 ||| Stepping randomly (stuck).
  4285 | D:2      | 4285 ||| Stepping randomly (stuck).
  4286 | D:2      | 4286 ||| Stepping randomly (stuck).
  4287 | D:2      | 4287 ||| Stepping randomly (stuck).
  4288 | D:2      | 4288 ||| Stepping randomly (stuck).
  4289 | D:2      | 4289 ||| Stepping randomly (stuck).
  4290 | D:2      | 4290 ||| Stepping randomly (stuck).
  4291 | D:2      | 4291 ||| Stepping randomly (stuck).
  4292 | D:2      | 4292 ||| Stepping randomly (stuck).
  4293 | D:2      | 4293 ||| Stepping randomly (stuck).
  4294 | D:2      | 4294 ||| Stepping randomly (stuck).
  4295 | D:2      | 4295 ||| Stepping randomly (stuck).
  4296 | D:2      | 4296 ||| Stepping randomly (stuck).
  4297 | D:2      | 4297 ||| Stepping randomly (stuck).
  4298 | D:2      | 4298 ||| Stepping randomly (stuck).
  4299 | D:2      | 4299 ||| Stepping randomly (stuck).
  4300 | D:2      | 4300 ||| Stepping randomly (stuck).
  4301 | D:2      | 4301 ||| Stepping randomly (stuck).
  4302 | D:2      | 4302 ||| Stepping randomly (stuck).
  4303 | D:2      | 4303 ||| Stepping randomly (stuck).
  4304 | D:2      | 4304 ||| Stepping randomly (stuck).
  4305 | D:2      | 4305 ||| Stepping randomly (stuck).
  4306 | D:2      | 4306 ||| Stepping randomly (stuck).
  4307 | D:2      | 4307 ||| Stepping randomly (stuck).
  4308 | D:2      | 4308 ||| Stepping randomly (stuck).
  4309 | D:2      | 4309 ||| Stepping randomly (stuck).
  4310 | D:2      | 4310 ||| Stepping randomly (stuck).
  4311 | D:2      | 4311 ||| Stepping randomly (stuck).
  4312 | D:2      | 4312 ||| Stepping randomly (stuck).
  4313 | D:2      | 4313 ||| Stepping randomly (stuck).
  4314 | D:2      | 4314 ||| Stepping randomly (stuck).
  4315 | D:2      | 4315 ||| Stepping randomly (stuck).
  4316 | D:2      | 4316 ||| Stepping randomly (stuck).
  4317 | D:2      | 4317 ||| Stepping randomly (stuck).
  4318 | D:2      | 4318 ||| Stepping randomly (stuck).
  4319 | D:2      | 4319 ||| Stepping randomly (stuck).
  4320 | D:2      | 4320 ||| Stepping randomly (stuck).
  4321 | D:2      | 4321 ||| Stepping randomly (stuck).
  4322 | D:2      | 4322 ||| Stepping randomly (stuck).
  4323 | D:2      | 4323 ||| Stepping randomly (stuck).
  4324 | D:2      | 4324 ||| Stepping randomly (stuck).
  4325 | D:2      | 4325 ||| Stepping randomly (stuck).
  4326 | D:2      | 4326 ||| Stepping randomly (stuck).
  4327 | D:2      | 4327 ||| Stepping randomly (stuck).
  4328 | D:2      | 4328 ||| Stepping randomly (stuck).
  4329 | D:2      | 4329 ||| Stepping randomly (stuck).
  4330 | D:2      | 4330 ||| Stepping randomly (stuck).
  4331 | D:2      | 4331 ||| Stepping randomly (stuck).
  4332 | D:2      | 4332 ||| Stepping randomly (stuck).
  4333 | D:2      | 4333 ||| Stepping randomly (stuck).
  4334 | D:2      | 4334 ||| Stepping randomly (stuck).
  4335 | D:2      | 4335 ||| Stepping randomly (stuck).
  4336 | D:2      | 4336 ||| Stepping randomly (stuck).
  4337 | D:2      | 4337 ||| Stepping randomly (stuck).
  4338 | D:2      | 4338 ||| Stepping randomly (stuck).
  4339 | D:2      | 4339 ||| Stepping randomly (stuck).
  4340 | D:2      | 4340 ||| Stepping randomly (stuck).
  4341 | D:2      | 4341 ||| Stepping randomly (stuck).
  4342 | D:2      | 4342 ||| Stepping randomly (stuck).
  4343 | D:2      | 4343 ||| Stepping randomly (stuck).
  4344 | D:2      | 4344 ||| Stepping randomly (stuck).
  4345 | D:2      | 4345 ||| Stepping randomly (stuck).
  4346 | D:2      | 4346 ||| Stepping randomly (stuck).
  4347 | D:2      | 4347 ||| Stepping randomly (stuck).
  4348 | D:2      | 4348 ||| Stepping randomly (stuck).
  4349 | D:2      | 4349 ||| Stepping randomly (stuck).
  4350 | D:2      | 4350 ||| Stepping randomly (stuck).
  4351 | D:2      | 4351 ||| Stepping randomly (stuck).
  4352 | D:2      | 4352 ||| Stepping randomly (stuck).
  4353 | D:2      | 4353 ||| Stepping randomly (stuck).
  4354 | D:2      | 4354 ||| Stepping randomly (stuck).
  4355 | D:2      | 4355 ||| Stepping randomly (stuck).
  4356 | D:2      | 4356 ||| Stepping randomly (stuck).
  4357 | D:2      | 4357 ||| Stepping randomly (stuck).
  4358 | D:2      | 4358 ||| Stepping randomly (stuck).
  4359 | D:2      | 4359 ||| Stepping randomly (stuck).
  4360 | D:2      | 4360 ||| Stepping randomly (stuck).
  4361 | D:2      | 4361 ||| Stepping randomly (stuck).
  4362 | D:2      | 4362 ||| Stepping randomly (stuck).
  4363 | D:2      | 4363 ||| Stepping randomly (stuck).
  4364 | D:2      | 4364 ||| Stepping randomly (stuck).
  4365 | D:2      | 4365 ||| Stepping randomly (stuck).
  4366 | D:2      | 4366 ||| Stepping randomly (stuck).
  4367 | D:2      | 4367 ||| Stepping randomly (stuck).
  4368 | D:2      | 4368 ||| Stepping randomly (stuck).
  4369 | D:2      | 4369 ||| Stepping randomly (stuck).
  4370 | D:2      | 4370 ||| Stepping randomly (stuck).
  4371 | D:2      | 4371 ||| Stepping randomly (stuck).
  4372 | D:2      | 4372 ||| Stepping randomly (stuck).
  4373 | D:2      | 4373 ||| Stepping randomly (stuck).
  4374 | D:2      | 4374 ||| Stepping randomly (stuck).
  4375 | D:2      | 4375 ||| Stepping randomly (stuck).
  4376 | D:2      | 4376 ||| Stepping randomly (stuck).
  4377 | D:2      | 4377 ||| Stepping randomly (stuck).
  4378 | D:2      | 4378 ||| Stepping randomly (stuck).
  4379 | D:2      | 4379 ||| Stepping randomly (stuck).
  4380 | D:2      | 4380 ||| Stepping randomly (stuck).
  4381 | D:2      | 4381 ||| Stepping randomly (stuck).
  4382 | D:2      | 4382 ||| Stepping randomly (stuck).
  4383 | D:2      | 4383 ||| Stepping randomly (stuck).
  4384 | D:2      | 4384 ||| Stepping randomly (stuck).
  4385 | D:2      | 4385 ||| Stepping randomly (stuck).
  4386 | D:2      | 4386 ||| Stepping randomly (stuck).
  4387 | D:2      | 4387 ||| Stepping randomly (stuck).
  4388 | D:2      | 4388 ||| Stepping randomly (stuck).
  4389 | D:2      | 4389 ||| Stepping randomly (stuck).
  4390 | D:2      | 4390 ||| Stepping randomly (stuck).
  4391 | D:2      | 4391 ||| Stepping randomly (stuck).
  4392 | D:2      | 4392 ||| Stepping randomly (stuck).
  4393 | D:2      | 4393 ||| Stepping randomly (stuck).
  4394 | D:2      | 4394 ||| Stepping randomly (stuck).
  4395 | D:2      | 4395 ||| Stepping randomly (stuck).
  4396 | D:2      | 4396 ||| Stepping randomly (stuck).
  4397 | D:2      | 4397 ||| Stepping randomly (stuck).
  4398 | D:2      | 4398 ||| Stepping randomly (stuck).
  4399 | D:2      | 4399 ||| Stepping randomly (stuck).
  4400 | D:2      | 4400 ||| Stepping randomly (stuck).
  4401 | D:2      | 4401 ||| Stepping randomly (stuck).
  4402 | D:2      | 4402 ||| Stepping randomly (stuck).
  4403 | D:2      | 4403 ||| Stepping randomly (stuck).
  4404 | D:2      | 4404 ||| Stepping randomly (stuck).
  4405 | D:2      | 4405 ||| Stepping randomly (stuck).
  4406 | D:2      | 4406 ||| Stepping randomly (stuck).
  4407 | D:2      | 4407 ||| Stepping randomly (stuck).
  4408 | D:2      | 4408 ||| Stepping randomly (stuck).
  4409 | D:2      | 4409 ||| Stepping randomly (stuck).
  4410 | D:2      | 4410 ||| Stepping randomly (stuck).
  4411 | D:2      | 4411 ||| Stepping randomly (stuck).
  4412 | D:2      | 4412 ||| Stepping randomly (stuck).
  4413 | D:2      | 4413 ||| Stepping randomly (stuck).
  4414 | D:2      | 4414 ||| Stepping randomly (stuck).
  4415 | D:2      | 4415 ||| Stepping randomly (stuck).
  4416 | D:2      | 4416 ||| Stepping randomly (stuck).
  4417 | D:2      | 4417 ||| Stepping randomly (stuck).
  4418 | D:2      | 4418 ||| Stepping randomly (stuck).
  4419 | D:2      | 4419 ||| Stepping randomly (stuck).
  4420 | D:2      | 4420 ||| Stepping randomly (stuck).
  4421 | D:2      | 4421 ||| Stepping randomly (stuck).
  4422 | D:2      | 4422 ||| Stepping randomly (stuck).
  4423 | D:2      | 4423 ||| Stepping randomly (stuck).
  4424 | D:2      | 4424 ||| Stepping randomly (stuck).
  4425 | D:2      | 4425 ||| Stepping randomly (stuck).
  4426 | D:2      | 4426 ||| Stepping randomly (stuck).
  4427 | D:2      | 4427 ||| Stepping randomly (stuck).
  4428 | D:2      | 4428 ||| Stepping randomly (stuck).
  4429 | D:2      | 4429 ||| Stepping randomly (stuck).
  4430 | D:2      | 4430 ||| Stepping randomly (stuck).
  4431 | D:2      | 4431 ||| Stepping randomly (stuck).
  4432 | D:2      | 4432 ||| Stepping randomly (stuck).
  4433 | D:2      | 4433 ||| Stepping randomly (stuck).
  4434 | D:2      | 4434 ||| Stepping randomly (stuck).
  4435 | D:2      | 4435 ||| Stepping randomly (stuck).
  4436 | D:2      | 4436 ||| Stepping randomly (stuck).
  4437 | D:2      | 4437 ||| Stepping randomly (stuck).
  4438 | D:2      | 4438 ||| Stepping randomly (stuck).
  4439 | D:2      | 4439 ||| Stepping randomly (stuck).
  4440 | D:2      | 4440 ||| Stepping randomly (stuck).
  4441 | D:2      | 4441 ||| Stepping randomly (stuck).
  4442 | D:2      | 4442 ||| Stepping randomly (stuck).
  4443 | D:2      | 4443 ||| Stepping randomly (stuck).
  4444 | D:2      | 4444 ||| Stepping randomly (stuck).
  4448 | D:2      | 4448 ||| Stepping randomly (stuck).
  4449 | D:2      | 4449 ||| Stepping randomly (stuck).
  4450 | D:2      | 4450 ||| Stepping randomly (stuck).
  4451 | D:2      | 4451 ||| Stepping randomly (stuck).
  4452 | D:2      | 4452 ||| Stepping randomly (stuck).
  4453 | D:2      | 4453 ||| Stepping randomly (stuck).
  4454 | D:2      | 4454 ||| Stepping randomly (stuck).
  4455 | D:2      | 4455 ||| Stepping randomly (stuck).
  4456 | D:2      | 4456 ||| Stepping randomly (stuck).
  4457 | D:2      | 4457 ||| Stepping randomly (stuck).
  4458 | D:2      | 4458 ||| Stepping randomly (stuck).
  4459 | D:2      | 4459 ||| Stepping randomly (stuck).
  4460 | D:2      | 4460 ||| Stepping randomly (stuck).
  4461 | D:2      | 4461 ||| Stepping randomly (stuck).
  4462 | D:2      | 4462 ||| Stepping randomly (stuck).
  4463 | D:2      | 4463 ||| Stepping randomly (stuck).
  4464 | D:2      | 4464 ||| Stepping randomly (stuck).
  4465 | D:2      | 4465 ||| Stepping randomly (stuck).
  4466 | D:2      | 4466 ||| Stepping randomly (stuck).
  4467 | D:2      | 4467 ||| Stepping randomly (stuck).
  4468 | D:2      | 4468 ||| Stepping randomly (stuck).
  4469 | D:2      | 4469 ||| Stepping randomly (stuck).
  4470 | D:2      | 4470 ||| Stepping randomly (stuck).
  4471 | D:2      | 4471 ||| Stepping randomly (stuck).
  4472 | D:2      | 4472 ||| Stepping randomly (stuck).
  4473 | D:2      | 4473 ||| Stepping randomly (stuck).
  4474 | D:2      | 4474 ||| Stepping randomly (stuck).
  4475 | D:2      | 4475 ||| Stepping randomly (stuck).
  4476 | D:2      | 4476 ||| Stepping randomly (stuck).
  4477 | D:2      | 4477 ||| Stepping randomly (stuck).
  4478 | D:2      | 4478 ||| Stepping randomly (stuck).
  4479 | D:2      | 4479 ||| Stepping randomly (stuck).
  4480 | D:2      | 4480 ||| Stepping randomly (stuck).
  4481 | D:2      | 4481 ||| Stepping randomly (stuck).
  4482 | D:2      | 4482 ||| Stepping randomly (stuck).
  4483 | D:2      | 4483 ||| Stepping randomly (stuck).
  4484 | D:2      | 4484 ||| Stepping randomly (stuck).
  4485 | D:2      | 4485 ||| Stepping randomly (stuck).
  4486 | D:2      | 4486 ||| Stepping randomly (stuck).
  4487 | D:2      | 4487 ||| Stepping randomly (stuck).
  4488 | D:2      | 4488 ||| Stepping randomly (stuck).
  4489 | D:2      | 4489 ||| Stepping randomly (stuck).
  4490 | D:2      | 4490 ||| Stepping randomly (stuck).
  4491 | D:2      | 4491 ||| Stepping randomly (stuck).
  4492 | D:2      | 4492 ||| Stepping randomly (stuck).
  4493 | D:2      | 4493 ||| Stepping randomly (stuck).
  4494 | D:2      | 4494 ||| Stepping randomly (stuck).
  4495 | D:2      | 4495 ||| Stepping randomly (stuck).
  4496 | D:2      | 4496 ||| Stepping randomly (stuck).
  4497 | D:2      | 4497 ||| Stepping randomly (stuck).
  4498 | D:2      | 4498 ||| Stepping randomly (stuck).
  4499 | D:2      | 4499 ||| Stepping randomly (stuck).
  4500 | D:2      | 4500 ||| Stepping randomly (stuck).
  4501 | D:2      | 4501 ||| Stepping randomly (stuck).
  4502 | D:2      | 4502 ||| Stepping randomly (stuck).
  4503 | D:2      | 4503 ||| Stepping randomly (stuck).
  4504 | D:2      | 4504 ||| Stepping randomly (stuck).
  4505 | D:2      | 4505 ||| Stepping randomly (stuck).
  4506 | D:2      | 4506 ||| Stepping randomly (stuck).
  4507 | D:2      | 4507 ||| Stepping randomly (stuck).
  4508 | D:2      | 4508 ||| Stepping randomly (stuck).
  4509 | D:2      | 4509 ||| Stepping randomly (stuck).
  4510 | D:2      | 4510 ||| Stepping randomly (stuck).
  4511 | D:2      | 4511 ||| Stepping randomly (stuck).
  4512 | D:2      | 4512 ||| Stepping randomly (stuck).
  4513 | D:2      | 4513 ||| Stepping randomly (stuck).
  4514 | D:2      | 4514 ||| Stepping randomly (stuck).
  4515 | D:2      | 4515 ||| Stepping randomly (stuck).
  4516 | D:2      | 4516 ||| Stepping randomly (stuck).
  4517 | D:2      | 4517 ||| Stepping randomly (stuck).
  4518 | D:2      | 4518 ||| Stepping randomly (stuck).
  4519 | D:2      | 4519 ||| Stepping randomly (stuck).
  4520 | D:2      | 4520 ||| Stepping randomly (stuck).
  4521 | D:2      | 4521 ||| Stepping randomly (stuck).
  4522 | D:2      | 4522 ||| Stepping randomly (stuck).
  4523 | D:2      | 4523 ||| Stepping randomly (stuck).
  4524 | D:2      | 4524 ||| Stepping randomly (stuck).
  4525 | D:2      | 4525 ||| Stepping randomly (stuck).
  4526 | D:2      | 4526 ||| Stepping randomly (stuck).
  4527 | D:2      | 4527 ||| Stepping randomly (stuck).
  4528 | D:2      | 4528 ||| Stepping randomly (stuck).
  4529 | D:2      | 4529 ||| Stepping randomly (stuck).
  4530 | D:2      | 4530 ||| Stepping randomly (stuck).
  4531 | D:2      | 4531 ||| Stepping randomly (stuck).
  4532 | D:2      | 4532 ||| Stepping randomly (stuck).
  4533 | D:2      | 4533 ||| Stepping randomly (stuck).
  4534 | D:2      | 4534 ||| Stepping randomly (stuck).
  4535 | D:2      | 4535 ||| Stepping randomly (stuck).
  4536 | D:2      | 4536 ||| Stepping randomly (stuck).
  4537 | D:2      | 4537 ||| Stepping randomly (stuck).
  4538 | D:2      | 4538 ||| Stepping randomly (stuck).
  4539 | D:2      | 4539 ||| Stepping randomly (stuck).
  4540 | D:2      | 4540 ||| Stepping randomly (stuck).
  4541 | D:2      | 4541 ||| Stepping randomly (stuck).
  4542 | D:2      | 4542 ||| Stepping randomly (stuck).
  4543 | D:2      | 4543 ||| Stepping randomly (stuck).
  4544 | D:2      | 4544 ||| Stepping randomly (stuck).
  4545 | D:2      | 4545 ||| Stepping randomly (stuck).
  4546 | D:2      | 4546 ||| Stepping randomly (stuck).
  4547 | D:2      | 4547 ||| Stepping randomly (stuck).
  4548 | D:2      | 4548 ||| Stepping randomly (stuck).
  4549 | D:2      | 4549 ||| Stepping randomly (stuck).
  4550 | D:2      | 4550 ||| Stepping randomly (stuck).
  4551 | D:2      | 4551 ||| Stepping randomly (stuck).
  4552 | D:2      | 4552 ||| Stepping randomly (stuck).
  4553 | D:2      | 4553 ||| Stepping randomly (stuck).
  4554 | D:2      | 4554 ||| Stepping randomly (stuck).
  4555 | D:2      | 4555 ||| Stepping randomly (stuck).
  4556 | D:2      | 4556 ||| Stepping randomly (stuck).
  4557 | D:2      | 4557 ||| Stepping randomly (stuck).
  4558 | D:2      | 4558 ||| Stepping randomly (stuck).
  4559 | D:2      | 4559 ||| Stepping randomly (stuck).
  4560 | D:2      | 4560 ||| Stepping randomly (stuck).
  4561 | D:2      | 4561 ||| Stepping randomly (stuck).
  4562 | D:2      | 4562 ||| Stepping randomly (stuck).
  4563 | D:2      | 4563 ||| Stepping randomly (stuck).
  4564 | D:2      | 4564 ||| Stepping randomly (stuck).
  4565 | D:2      | 4565 ||| Stepping randomly (stuck).
  4566 | D:2      | 4566 ||| Stepping randomly (stuck).
  4567 | D:2      | 4567 ||| Stepping randomly (stuck).
  4568 | D:2      | 4568 ||| Stepping randomly (stuck).
  4569 | D:2      | 4569 ||| Stepping randomly (stuck).
  4570 | D:2      | 4570 ||| Stepping randomly (stuck).
  4571 | D:2      | 4571 ||| Stepping randomly (stuck).
  4572 | D:2      | 4572 ||| Stepping randomly (stuck).
  4573 | D:2      | 4573 ||| Stepping randomly (stuck).
  4574 | D:2      | 4574 ||| Stepping randomly (stuck).
  4575 | D:2      | 4575 ||| Stepping randomly (stuck).
  4576 | D:2      | 4576 ||| Stepping randomly (stuck).
  4577 | D:2      | 4577 ||| Stepping randomly (stuck).
  4578 | D:2      | 4578 ||| Stepping randomly (stuck).
  4579 | D:2      | 4579 ||| Stepping randomly (stuck).
  4580 | D:2      | 4580 ||| Stepping randomly (stuck).
  4581 | D:2      | 4581 ||| Stepping randomly (stuck).
  4582 | D:2      | 4582 ||| Stepping randomly (stuck).
  4583 | D:2      | 4583 ||| Stepping randomly (stuck).
  4584 | D:2      | 4584 ||| Stepping randomly (stuck).
  4585 | D:2      | 4585 ||| Stepping randomly (stuck).
  4586 | D:2      | 4586 ||| Stepping randomly (stuck).
  4587 | D:2      | 4587 ||| Stepping randomly (stuck).
  4588 | D:2      | 4588 ||| Stepping randomly (stuck).
  4589 | D:2      | 4589 ||| Stepping randomly (stuck).
  4590 | D:2      | 4590 ||| Stepping randomly (stuck).
  4591 | D:2      | 4591 ||| Stepping randomly (stuck).
  4592 | D:2      | 4592 ||| Stepping randomly (stuck).
  4593 | D:2      | 4593 ||| Stepping randomly (stuck).
  4594 | D:2      | 4594 ||| Stepping randomly (stuck).
  4595 | D:2      | 4595 ||| Stepping randomly (stuck).
  4596 | D:2      | 4596 ||| Stepping randomly (stuck).
  4597 | D:2      | 4597 ||| Stepping randomly (stuck).
  4598 | D:2      | 4598 ||| Stepping randomly (stuck).
  4599 | D:2      | 4599 ||| Stepping randomly (stuck).
  4600 | D:2      | 4600 ||| Stepping randomly (stuck).
  4601 | D:2      | 4601 ||| Stepping randomly (stuck).
  4602 | D:2      | 4602 ||| Stepping randomly (stuck).
  4603 | D:2      | 4603 ||| Stepping randomly (stuck).
  4604 | D:2      | 4604 ||| Stepping randomly (stuck).
  4605 | D:2      | 4605 ||| Stepping randomly (stuck).
  4606 | D:2      | 4606 ||| Stepping randomly (stuck).
  4607 | D:2      | 4607 ||| Stepping randomly (stuck).
  4608 | D:2      | 4608 ||| Stepping randomly (stuck).
  4609 | D:2      | 4609 ||| Stepping randomly (stuck).
  4610 | D:2      | 4610 ||| Stepping randomly (stuck).
  4611 | D:2      | 4611 ||| Stepping randomly (stuck).
  4612 | D:2      | 4612 ||| Stepping randomly (stuck).
  4613 | D:2      | 4613 ||| Stepping randomly (stuck).
  4614 | D:2      | 4614 ||| Stepping randomly (stuck).
  4615 | D:2      | 4615 ||| Stepping randomly (stuck).
  4616 | D:2      | 4616 ||| Stepping randomly (stuck).
  4617 | D:2      | 4617 ||| Stepping randomly (stuck).
  4618 | D:2      | 4618 ||| Stepping randomly (stuck).
  4619 | D:2      | 4619 ||| Stepping randomly (stuck).
  4620 | D:2      | 4620 ||| Stepping randomly (stuck).
  4621 | D:2      | 4621 ||| Stepping randomly (stuck).
  4622 | D:2      | 4622 ||| Stepping randomly (stuck).
  4623 | D:2      | 4623 ||| Stepping randomly (stuck).
  4624 | D:2      | 4624 ||| Stepping randomly (stuck).
  4625 | D:2      | 4625 ||| Stepping randomly (stuck).
  4626 | D:2      | 4626 ||| Stepping randomly (stuck).
  4627 | D:2      | 4627 ||| Stepping randomly (stuck).
  4628 | D:2      | 4628 ||| Stepping randomly (stuck).
  4629 | D:2      | 4629 ||| Stepping randomly (stuck).
  4630 | D:2      | 4630 ||| Stepping randomly (stuck).
  4631 | D:2      | 4631 ||| Stepping randomly (stuck).
  4632 | D:2      | 4632 ||| Stepping randomly (stuck).
  4633 | D:2      | 4633 ||| Stepping randomly (stuck).
  4634 | D:2      | 4634 ||| Stepping randomly (stuck).
  4635 | D:2      | 4635 ||| Stepping randomly (stuck).
  4636 | D:2      | 4636 ||| Stepping randomly (stuck).
  4637 | D:2      | 4637 ||| Stepping randomly (stuck).
  4638 | D:2      | 4638 ||| Stepping randomly (stuck).
  4639 | D:2      | 4639 ||| Stepping randomly (stuck).
  4640 | D:2      | 4640 ||| Stepping randomly (stuck).
  4641 | D:2      | 4641 ||| Stepping randomly (stuck).
  4642 | D:2      | 4642 ||| Stepping randomly (stuck).
  4643 | D:2      | 4643 ||| Stepping randomly (stuck).
  4644 | D:2      | 4644 ||| Stepping randomly (stuck).
  4645 | D:2      | 4645 ||| Stepping randomly (stuck).
  4646 | D:2      | 4646 ||| Stepping randomly (stuck).
  4647 | D:2      | 4647 ||| Stepping randomly (stuck).
  4648 | D:2      | 4648 ||| Stepping randomly (stuck).
  4649 | D:2      | 4649 ||| Stepping randomly (stuck).
  4650 | D:2      | 4650 ||| Stepping randomly (stuck).
  4651 | D:2      | 4651 ||| Stepping randomly (stuck).
  4652 | D:2      | 4652 ||| Stepping randomly (stuck).
  4653 | D:2      | 4653 ||| Stepping randomly (stuck).
  4654 | D:2      | 4654 ||| Stepping randomly (stuck).
  4655 | D:2      | 4655 ||| Stepping randomly (stuck).
  4656 | D:2      | 4656 ||| Stepping randomly (stuck).
  4657 | D:2      | 4657 ||| Stepping randomly (stuck).
  4658 | D:2      | 4658 ||| Stepping randomly (stuck).
  4659 | D:2      | 4659 ||| Stepping randomly (stuck).
  4660 | D:2      | 4660 ||| Stepping randomly (stuck).
  4661 | D:2      | 4661 ||| Stepping randomly (stuck).
  4662 | D:2      | 4662 ||| Stepping randomly (stuck).
  4663 | D:2      | 4663 ||| Stepping randomly (stuck).
  4664 | D:2      | 4664 ||| Stepping randomly (stuck).
  4665 | D:2      | 4665 ||| Stepping randomly (stuck).
  4666 | D:2      | 4666 ||| Stepping randomly (stuck).
  4667 | D:2      | 4667 ||| Stepping randomly (stuck).
  4668 | D:2      | 4668 ||| Stepping randomly (stuck).
  4669 | D:2      | 4669 ||| Stepping randomly (stuck).
  4670 | D:2      | 4670 ||| Stepping randomly (stuck).
  4671 | D:2      | 4671 ||| Stepping randomly (stuck).
  4672 | D:2      | 4672 ||| Stepping randomly (stuck).
  4673 | D:2      | 4673 ||| Stepping randomly (stuck).
  4674 | D:2      | 4674 ||| Stepping randomly (stuck).
  4675 | D:2      | 4675 ||| Stepping randomly (stuck).
  4676 | D:2      | 4676 ||| Stepping randomly (stuck).
  4677 | D:2      | 4677 ||| Stepping randomly (stuck).
  4678 | D:2      | 4678 ||| Stepping randomly (stuck).
  4679 | D:2      | 4679 ||| Stepping randomly (stuck).
  4680 | D:2      | 4680 ||| Stepping randomly (stuck).
  4681 | D:2      | 4681 ||| Stepping randomly (stuck).
  4682 | D:2      | 4682 ||| Stepping randomly (stuck).
  4683 | D:2      | 4683 ||| Stepping randomly (stuck).
  4684 | D:2      | 4684 ||| Stepping randomly (stuck).
  4685 | D:2      | 4685 ||| Stepping randomly (stuck).
  4686 | D:2      | 4686 ||| Stepping randomly (stuck).
  4687 | D:2      | 4687 ||| Stepping randomly (stuck).
  4688 | D:2      | 4688 ||| Stepping randomly (stuck).
  4689 | D:2      | 4689 ||| Stepping randomly (stuck).
  4690 | D:2      | 4690 ||| Stepping randomly (stuck).
  4691 | D:2      | 4691 ||| Stepping randomly (stuck).
  4692 | D:2      | 4692 ||| Stepping randomly (stuck).
  4693 | D:2      | 4693 ||| Stepping randomly (stuck).
  4694 | D:2      | 4694 ||| Stepping randomly (stuck).
  4695 | D:2      | 4695 ||| Stepping randomly (stuck).
  4696 | D:2      | 4696 ||| Stepping randomly (stuck).
  4697 | D:2      | 4697 ||| Stepping randomly (stuck).
  4698 | D:2      | 4698 ||| Stepping randomly (stuck).
  4699 | D:2      | 4699 ||| Stepping randomly (stuck).
  4700 | D:2      | 4700 ||| Stepping randomly (stuck).
  4701 | D:2      | 4701 ||| Stepping randomly (stuck).
  4702 | D:2      | 4702 ||| Stepping randomly (stuck).
  4703 | D:2      | 4703 ||| Stepping randomly (stuck).
  4704 | D:2      | 4704 ||| Stepping randomly (stuck).
  4705 | D:2      | 4705 ||| Stepping randomly (stuck).
  4706 | D:2      | 4706 ||| Stepping randomly (stuck).
  4707 | D:2      | 4707 ||| Stepping randomly (stuck).
  4708 | D:2      | 4708 ||| Stepping randomly (stuck).
  4709 | D:2      | 4709 ||| Stepping randomly (stuck).
  4710 | D:2      | 4710 ||| Stepping randomly (stuck).
  4711 | D:2      | 4711 ||| Stepping randomly (stuck).
  4712 | D:2      | 4712 ||| Stepping randomly (stuck).
  4713 | D:2      | 4713 ||| Stepping randomly (stuck).
  4714 | D:2      | 4714 ||| Stepping randomly (stuck).
  4715 | D:2      | 4715 ||| Stepping randomly (stuck).
  4716 | D:2      | 4716 ||| Stepping randomly (stuck).
  4717 | D:2      | 4717 ||| Stepping randomly (stuck).
  4718 | D:2      | 4718 ||| Stepping randomly (stuck).
  4719 | D:2      | 4719 ||| Stepping randomly (stuck).
  4720 | D:2      | 4720 ||| Stepping randomly (stuck).
  4721 | D:2      | 4721 ||| Stepping randomly (stuck).
  4722 | D:2      | 4722 ||| Stepping randomly (stuck).
  4723 | D:2      | 4723 ||| Stepping randomly (stuck).
  4724 | D:2      | 4724 ||| Stepping randomly (stuck).
  4725 | D:2      | 4725 ||| Stepping randomly (stuck).
  4726 | D:2      | 4726 ||| Stepping randomly (stuck).
  4727 | D:2      | 4727 ||| Stepping randomly (stuck).
  4728 | D:2      | 4728 ||| Stepping randomly (stuck).
  4729 | D:2      | 4729 ||| Stepping randomly (stuck).
  4730 | D:2      | 4730 ||| Stepping randomly (stuck).
  4731 | D:2      | 4731 ||| Stepping randomly (stuck).
  4732 | D:2      | 4732 ||| Stepping randomly (stuck).
  4733 | D:2      | 4733 ||| Stepping randomly (stuck).
  4734 | D:2      | 4734 ||| Stepping randomly (stuck).
  4735 | D:2      | 4735 ||| Stepping randomly (stuck).
  4736 | D:2      | 4736 ||| Stepping randomly (stuck).
  4737 | D:2      | 4737 ||| Stepping randomly (stuck).
  4738 | D:2      | 4738 ||| Stepping randomly (stuck).
  4739 | D:2      | 4739 ||| Stepping randomly (stuck).
  4740 | D:2      | 4740 ||| Stepping randomly (stuck).
  4741 | D:2      | 4741 ||| Stepping randomly (stuck).
  4742 | D:2      | 4742 ||| Stepping randomly (stuck).
  4743 | D:2      | 4743 ||| Stepping randomly (stuck).
  4744 | D:2      | 4744 ||| Stepping randomly (stuck).
  4745 | D:2      | 4745 ||| Stepping randomly (stuck).
  4746 | D:2      | 4746 ||| Stepping randomly (stuck).
  4747 | D:2      | 4747 ||| Stepping randomly (stuck).
  4748 | D:2      | 4748 ||| Stepping randomly (stuck).
  4749 | D:2      | 4749 ||| Stepping randomly (stuck).
  4750 | D:2      | 4750 ||| Stepping randomly (stuck).
  4751 | D:2      | 4751 ||| Stepping randomly (stuck).
  4752 | D:2      | 4752 ||| Stepping randomly (stuck).
  4753 | D:2      | 4753 ||| Stepping randomly (stuck).
  4754 | D:2      | 4754 ||| Stepping randomly (stuck).
  4755 | D:2      | 4755 ||| Stepping randomly (stuck).
  4756 | D:2      | 4756 ||| Stepping randomly (stuck).
  4757 | D:2      | 4757 ||| Stepping randomly (stuck).
  4758 | D:2      | 4758 ||| Stepping randomly (stuck).
  4759 | D:2      | 4759 ||| Stepping randomly (stuck).
  4760 | D:2      | 4760 ||| Stepping randomly (stuck).
  4761 | D:2      | 4761 ||| Stepping randomly (stuck).
  4762 | D:2      | 4762 ||| Stepping randomly (stuck).
  4763 | D:2      | 4763 ||| Stepping randomly (stuck).
  4764 | D:2      | 4764 ||| Stepping randomly (stuck).
  4765 | D:2      | 4765 ||| Stepping randomly (stuck).
  4766 | D:2      | 4766 ||| Stepping randomly (stuck).
  4767 | D:2      | 4767 ||| Stepping randomly (stuck).
  4768 | D:2      | 4768 ||| Stepping randomly (stuck).
  4769 | D:2      | 4769 ||| Stepping randomly (stuck).
  4770 | D:2      | 4770 ||| Stepping randomly (stuck).
  4771 | D:2      | 4771 ||| Stepping randomly (stuck).
  4772 | D:2      | 4772 ||| Stepping randomly (stuck).
  4773 | D:2      | 4773 ||| Stepping randomly (stuck).
  4774 | D:2      | 4774 ||| Stepping randomly (stuck).
  4775 | D:2      | 4775 ||| Stepping randomly (stuck).
  4776 | D:2      | 4776 ||| Stepping randomly (stuck).
  4777 | D:2      | 4777 ||| Stepping randomly (stuck).
  4778 | D:2      | 4778 ||| Stepping randomly (stuck).
  4779 | D:2      | 4779 ||| Stepping randomly (stuck).
  4780 | D:2      | 4780 ||| Stepping randomly (stuck).
  4781 | D:2      | 4781 ||| Stepping randomly (stuck).
  4782 | D:2      | 4782 ||| Stepping randomly (stuck).
  4783 | D:2      | 4783 ||| Stepping randomly (stuck).
  4784 | D:2      | 4784 ||| Stepping randomly (stuck).
  4785 | D:2      | 4785 ||| Stepping randomly (stuck).
  4786 | D:2      | 4786 ||| Stepping randomly (stuck).
  4787 | D:2      | 4787 ||| Stepping randomly (stuck).
  4788 | D:2      | 4788 ||| Stepping randomly (stuck).
  4789 | D:2      | 4789 ||| Stepping randomly (stuck).
  4790 | D:2      | 4790 ||| Stepping randomly (stuck).
  4791 | D:2      | 4791 ||| Stepping randomly (stuck).
  4792 | D:2      | 4792 ||| Stepping randomly (stuck).
  4793 | D:2      | 4793 ||| Stepping randomly (stuck).
  4794 | D:2      | 4794 ||| Stepping randomly (stuck).
  4795 | D:2      | 4795 ||| Stepping randomly (stuck).
  4796 | D:2      | 4796 ||| Stepping randomly (stuck).
  4797 | D:2      | 4797 ||| Stepping randomly (stuck).
  4798 | D:2      | 4798 ||| Stepping randomly (stuck).
  4799 | D:2      | 4799 ||| Stepping randomly (stuck).
  4800 | D:2      | 4800 ||| Stepping randomly (stuck).
  4801 | D:2      | 4801 ||| Stepping randomly (stuck).
  4802 | D:2      | 4802 ||| Stepping randomly (stuck).
  4803 | D:2      | 4803 ||| Stepping randomly (stuck).
  4804 | D:2      | 4804 ||| Stepping randomly (stuck).
  4805 | D:2      | 4805 ||| Stepping randomly (stuck).
  4806 | D:2      | 4806 ||| Stepping randomly (stuck).
  4807 | D:2      | 4807 ||| Stepping randomly (stuck).
  4808 | D:2      | 4808 ||| Stepping randomly (stuck).
  4809 | D:2      | 4809 ||| Stepping randomly (stuck).
  4810 | D:2      | 4810 ||| Stepping randomly (stuck).
  4811 | D:2      | 4811 ||| Stepping randomly (stuck).
  4812 | D:2      | 4812 ||| Stepping randomly (stuck).
  4813 | D:2      | 4813 ||| Stepping randomly (stuck).
  4814 | D:2      | 4814 ||| Stepping randomly (stuck).
  4815 | D:2      | 4815 ||| Stepping randomly (stuck).
  4816 | D:2      | 4816 ||| Stepping randomly (stuck).
  4817 | D:2      | 4817 ||| Stepping randomly (stuck).
  4818 | D:2      | 4818 ||| Stepping randomly (stuck).
  4819 | D:2      | 4819 ||| Stepping randomly (stuck).
  4820 | D:2      | 4820 ||| Stepping randomly (stuck).
  4821 | D:2      | 4821 ||| Stepping randomly (stuck).
  4822 | D:2      | 4822 ||| Stepping randomly (stuck).
  4823 | D:2      | 4823 ||| Stepping randomly (stuck).
  4824 | D:2      | 4824 ||| Stepping randomly (stuck).
  4825 | D:2      | 4825 ||| Stepping randomly (stuck).
  4826 | D:2      | 4826 ||| Stepping randomly (stuck).
  4827 | D:2      | 4827 ||| Stepping randomly (stuck).
  4828 | D:2      | 4828 ||| Stepping randomly (stuck).
  4829 | D:2      | 4829 ||| Stepping randomly (stuck).
  4830 | D:2      | 4830 ||| Stepping randomly (stuck).
  4831 | D:2      | 4831 ||| Stepping randomly (stuck).
  4832 | D:2      | 4832 ||| Stepping randomly (stuck).
  4833 | D:2      | 4833 ||| Stepping randomly (stuck).
  4834 | D:2      | 4834 ||| Stepping randomly (stuck).
  4835 | D:2      | 4835 ||| Stepping randomly (stuck).
  4836 | D:2      | 4836 ||| Stepping randomly (stuck).
  4837 | D:2      | 4837 ||| Stepping randomly (stuck).
  4838 | D:2      | 4838 ||| Stepping randomly (stuck).
  4839 | D:2      | 4839 ||| Stepping randomly (stuck).
  4840 | D:2      | 4840 ||| Stepping randomly (stuck).
  4841 | D:2      | 4841 ||| Stepping randomly (stuck).
  4842 | D:2      | 4842 ||| Stepping randomly (stuck).
  4843 | D:2      | 4843 ||| Stepping randomly (stuck).
  4844 | D:2      | 4844 ||| Stepping randomly (stuck).
  4845 | D:2      | 4845 ||| Stepping randomly (stuck).
  4846 | D:2      | 4846 ||| Stepping randomly (stuck).
  4847 | D:2      | 4847 ||| Stepping randomly (stuck).
  4848 | D:2      | 4848 ||| Stepping randomly (stuck).
  4849 | D:2      | 4849 ||| Stepping randomly (stuck).
  4850 | D:2      | 4850 ||| Stepping randomly (stuck).
  4851 | D:2      | 4851 ||| Stepping randomly (stuck).
  4852 | D:2      | 4852 ||| Stepping randomly (stuck).
  4853 | D:2      | 4853 ||| Stepping randomly (stuck).
  4854 | D:2      | 4854 ||| Stepping randomly (stuck).
  4855 | D:2      | 4855 ||| Stepping randomly (stuck).
  4856 | D:2      | 4856 ||| Stepping randomly (stuck).
  4857 | D:2      | 4857 ||| Stepping randomly (stuck).
  4858 | D:2      | 4858 ||| Stepping randomly (stuck).
  4859 | D:2      | 4859 ||| Stepping randomly (stuck).
  4860 | D:2      | 4860 ||| Stepping randomly (stuck).
  4861 | D:2      | 4861 ||| Stepping randomly (stuck).
  4862 | D:2      | 4862 ||| Stepping randomly (stuck).
  4863 | D:2      | 4863 ||| Stepping randomly (stuck).
  4864 | D:2      | 4864 ||| Stepping randomly (stuck).
  4865 | D:2      | 4865 ||| Stepping randomly (stuck).
  4866 | D:2      | 4866 ||| Stepping randomly (stuck).
  4867 | D:2      | 4867 ||| Stepping randomly (stuck).
  4868 | D:2      | 4868 ||| Stepping randomly (stuck).
  4869 | D:2      | 4869 ||| Stepping randomly (stuck).
  4870 | D:2      | 4870 ||| Stepping randomly (stuck).
  4871 | D:2      | 4871 ||| Stepping randomly (stuck).
  4872 | D:2      | 4872 ||| Stepping randomly (stuck).
  4873 | D:2      | 4873 ||| Stepping randomly (stuck).
  4874 | D:2      | 4874 ||| Stepping randomly (stuck).
  4875 | D:2      | 4875 ||| Stepping randomly (stuck).
  4876 | D:2      | 4876 ||| Stepping randomly (stuck).
  4877 | D:2      | 4877 ||| Stepping randomly (stuck).
  4878 | D:2      | 4878 ||| Stepping randomly (stuck).
  4879 | D:2      | 4879 ||| Stepping randomly (stuck).
  4880 | D:2      | 4880 ||| Stepping randomly (stuck).
  4881 | D:2      | 4881 ||| Stepping randomly (stuck).
  4882 | D:2      | 4882 ||| Stepping randomly (stuck).
  4883 | D:2      | 4883 ||| Stepping randomly (stuck).
  4884 | D:2      | 4884 ||| Stepping randomly (stuck).
  4885 | D:2      | 4885 ||| Stepping randomly (stuck).
  4886 | D:2      | 4886 ||| Stepping randomly (stuck).
  4887 | D:2      | 4887 ||| Stepping randomly (stuck).
  4888 | D:2      | 4888 ||| Stepping randomly (stuck).
  4889 | D:2      | 4889 ||| Stepping randomly (stuck).
  4890 | D:2      | 4890 ||| Stepping randomly (stuck).
  4891 | D:2      | 4891 ||| Stepping randomly (stuck).
  4892 | D:2      | 4892 ||| Stepping randomly (stuck).
  4893 | D:2      | 4893 ||| Stepping randomly (stuck).
  4894 | D:2      | 4894 ||| Stepping randomly (stuck).
  4895 | D:2      | 4895 ||| Stepping randomly (stuck).
  4896 | D:2      | 4896 ||| Stepping randomly (stuck).
  4897 | D:2      | 4897 ||| Stepping randomly (stuck).
  4898 | D:2      | 4898 ||| Stepping randomly (stuck).
  4899 | D:2      | 4899 ||| Stepping randomly (stuck).
  4900 | D:2      | 4900 ||| Stepping randomly (stuck).
  4901 | D:2      | 4901 ||| Stepping randomly (stuck).
  4902 | D:2      | 4902 ||| Stepping randomly (stuck).
  4903 | D:2      | 4903 ||| Stepping randomly (stuck).
  4904 | D:2      | 4904 ||| Stepping randomly (stuck).
  4905 | D:2      | 4905 ||| Stepping randomly (stuck).
  4906 | D:2      | 4906 ||| Stepping randomly (stuck).
  4907 | D:2      | 4907 ||| Stepping randomly (stuck).
  4908 | D:2      | 4908 ||| Stepping randomly (stuck).
  4909 | D:2      | 4909 ||| Stepping randomly (stuck).
  4910 | D:2      | 4910 ||| Stepping randomly (stuck).
  4911 | D:2      | 4911 ||| Stepping randomly (stuck).
  4912 | D:2      | 4912 ||| Stepping randomly (stuck).
  4913 | D:2      | 4913 ||| Stepping randomly (stuck).
  4914 | D:2      | 4914 ||| Stepping randomly (stuck).
  4915 | D:2      | 4915 ||| Stepping randomly (stuck).
  4916 | D:2      | 4916 ||| Stepping randomly (stuck).
  4917 | D:2      | 4917 ||| Stepping randomly (stuck).
  4918 | D:2      | 4918 ||| Stepping randomly (stuck).
  4919 | D:2      | 4919 ||| Stepping randomly (stuck).
  4920 | D:2      | 4920 ||| Stepping randomly (stuck).
  4921 | D:2      | 4921 ||| Stepping randomly (stuck).
  4922 | D:2      | 4922 ||| Stepping randomly (stuck).
  4923 | D:2      | 4923 ||| Stepping randomly (stuck).
  4924 | D:2      | 4924 ||| Stepping randomly (stuck).
  4925 | D:2      | 4925 ||| Stepping randomly (stuck).
  4926 | D:2      | 4926 ||| Stepping randomly (stuck).
  4927 | D:2      | 4927 ||| Stepping randomly (stuck).
  4928 | D:2      | 4928 ||| Stepping randomly (stuck).
  4929 | D:2      | 4929 ||| Stepping randomly (stuck).
  4930 | D:2      | 4930 ||| Stepping randomly (stuck).
  4931 | D:2      | 4931 ||| Stepping randomly (stuck).
  4932 | D:2      | 4932 ||| Stepping randomly (stuck).
  4933 | D:2      | 4933 ||| Stepping randomly (stuck).
  4934 | D:2      | 4934 ||| Stepping randomly (stuck).
  4935 | D:2      | 4935 ||| Stepping randomly (stuck).
  4936 | D:2      | 4936 ||| Stepping randomly (stuck).
  4937 | D:2      | 4937 ||| Stepping randomly (stuck).
  4938 | D:2      | 4938 ||| Stepping randomly (stuck).
  4939 | D:2      | 4939 ||| Stepping randomly (stuck).
  4940 | D:2      | 4940 ||| Stepping randomly (stuck).
  4941 | D:2      | 4941 ||| Stepping randomly (stuck).
  4942 | D:2      | 4942 ||| Stepping randomly (stuck).
  4943 | D:2      | 4943 ||| Stepping randomly (stuck).
  4944 | D:2      | 4944 ||| Stepping randomly (stuck).
  4945 | D:2      | 4945 ||| Stepping randomly (stuck).
  4946 | D:2      | 4946 ||| Stepping randomly (stuck).
  4947 | D:2      | 4947 ||| Stepping randomly (stuck).
  4948 | D:2      | 4948 ||| Stepping randomly (stuck).
  4949 | D:2      | 4949 ||| Stepping randomly (stuck).
  4950 | D:2      | 4950 ||| Stepping randomly (stuck).
  4951 | D:2      | 4951 ||| Stepping randomly (stuck).
  4952 | D:2      | 4952 ||| Stepping randomly (stuck).
  4953 | D:2      | 4953 ||| Stepping randomly (stuck).
  4954 | D:2      | 4954 ||| Stepping randomly (stuck).
  4955 | D:2      | 4955 ||| Stepping randomly (stuck).
  4956 | D:2      | 4956 ||| Stepping randomly (stuck).
  4957 | D:2      | 4957 ||| Stepping randomly (stuck).
  4958 | D:2      | 4958 ||| Stepping randomly (stuck).
  4959 | D:2      | 4959 ||| Stepping randomly (stuck).
  4960 | D:2      | 4960 ||| Stepping randomly (stuck).
  4961 | D:2      | 4961 ||| Stepping randomly (stuck).
  4962 | D:2      | 4962 ||| Stepping randomly (stuck).
  4963 | D:2      | 4963 ||| Stepping randomly (stuck).
  4964 | D:2      | 4964 ||| Stepping randomly (stuck).
  4965 | D:2      | 4965 ||| Stepping randomly (stuck).
  4966 | D:2      | 4966 ||| Stepping randomly (stuck).
  4967 | D:2      | 4967 ||| Stepping randomly (stuck).
  4968 | D:2      | 4968 ||| Stepping randomly (stuck).
  4969 | D:2      | 4969 ||| Stepping randomly (stuck).
  4970 | D:2      | 4970 ||| Stepping randomly (stuck).
  4971 | D:2      | 4971 ||| Stepping randomly (stuck).
  4972 | D:2      | 4972 ||| Stepping randomly (stuck).
  4973 | D:2      | 4973 ||| Stepping randomly (stuck).
  4974 | D:2      | 4974 ||| Stepping randomly (stuck).
  4975 | D:2      | 4975 ||| Stepping randomly (stuck).
  4976 | D:2      | 4976 ||| Stepping randomly (stuck).
  4977 | D:2      | 4977 ||| Stepping randomly (stuck).
  4978 | D:2      | 4978 ||| Stepping randomly (stuck).
  4979 | D:2      | 4979 ||| Stepping randomly (stuck).
  4980 | D:2      | 4980 ||| Stepping randomly (stuck).
  4981 | D:2      | 4981 ||| Stepping randomly (stuck).
  4982 | D:2      | 4982 ||| Stepping randomly (stuck).
  4983 | D:2      | 4983 ||| Stepping randomly (stuck).
  4984 | D:2      | 4984 ||| Stepping randomly (stuck).
  4985 | D:2      | 4985 ||| Stepping randomly (stuck).
  4986 | D:2      | 4986 ||| Stepping randomly (stuck).
  4987 | D:2      | 4987 ||| Stepping randomly (stuck).
  4988 | D:2      | 4988 ||| Stepping randomly (stuck).
  4989 | D:2      | 4989 ||| Stepping randomly (stuck).
  4990 | D:2      | 4990 ||| Stepping randomly (stuck).
  4991 | D:2      | 4991 ||| Stepping randomly (stuck).
  4992 | D:2      | 4992 ||| Stepping randomly (stuck).
  4993 | D:2      | 4993 ||| Stepping randomly (stuck).
  4994 | D:2      | 4994 ||| Stepping randomly (stuck).
  4995 | D:2      | 4995 ||| Stepping randomly (stuck).
  4996 | D:2      | 4996 ||| Stepping randomly (stuck).
  4997 | D:2      | 4997 ||| Stepping randomly (stuck).
  4998 | D:2      | 4998 ||| Stepping randomly (stuck).
  4999 | D:2      | 4999 ||| Stepping randomly (stuck).
  5000 | D:2      | 5000 ||| Stepping randomly (stuck).
  5001 | D:2      | 5001 ||| Stepping randomly (stuck).
  5002 | D:2      | 5002 ||| Stepping randomly (stuck).
  5003 | D:2      | 5003 ||| Stepping randomly (stuck).
  5004 | D:2      | 5004 ||| Stepping randomly (stuck).
  5005 | D:2      | 5005 ||| Stepping randomly (stuck).
  5006 | D:2      | 5006 ||| Stepping randomly (stuck).
  5007 | D:2      | 5007 ||| Stepping randomly (stuck).
  5008 | D:2      | 5008 ||| Stepping randomly (stuck).
  5009 | D:2      | 5009 ||| Stepping randomly (stuck).
  5010 | D:2      | 5010 ||| Stepping randomly (stuck).
  5011 | D:2      | 5011 ||| Stepping randomly (stuck).
  5012 | D:2      | 5012 ||| Stepping randomly (stuck).
  5013 | D:2      | 5013 ||| Stepping randomly (stuck).
  5014 | D:2      | 5014 ||| Stepping randomly (stuck).
  5015 | D:2      | 5015 ||| Stepping randomly (stuck).
  5016 | D:2      | 5016 ||| Stepping randomly (stuck).
  5017 | D:2      | 5017 ||| Stepping randomly (stuck).
  5018 | D:2      | 5018 ||| Stepping randomly (stuck).
  5019 | D:2      | 5019 ||| Stepping randomly (stuck).
  5020 | D:2      | 5020 ||| Stepping randomly (stuck).
  5021 | D:2      | 5021 ||| Stepping randomly (stuck).
  5022 | D:2      | 5022 ||| Stepping randomly (stuck).
  5023 | D:2      | 5023 ||| Stepping randomly (stuck).
  5024 | D:2      | 5024 ||| Stepping randomly (stuck).
  5025 | D:2      | 5025 ||| Stepping randomly (stuck).
  5026 | D:2      | 5026 ||| Stepping randomly (stuck).
  5027 | D:2      | 5027 ||| Stepping randomly (stuck).
  5028 | D:2      | 5028 ||| Stepping randomly (stuck).
  5029 | D:2      | 5029 ||| Stepping randomly (stuck).
  5030 | D:2      | 5030 ||| Stepping randomly (stuck).
  5031 | D:2      | 5031 ||| Stepping randomly (stuck).
  5032 | D:2      | 5032 ||| Stepping randomly (stuck).
  5033 | D:2      | 5033 ||| Stepping randomly (stuck).
  5034 | D:2      | 5034 ||| Stepping randomly (stuck).
  5035 | D:2      | 5035 ||| Stepping randomly (stuck).
  5036 | D:2      | 5036 ||| Stepping randomly (stuck).
  5037 | D:2      | 5037 ||| Stepping randomly (stuck).
  5038 | D:2      | 5038 ||| Stepping randomly (stuck).
  5039 | D:2      | 5039 ||| Stepping randomly (stuck).
  5040 | D:2      | 5040 ||| Stepping randomly (stuck).
  5041 | D:2      | 5041 ||| Stepping randomly (stuck).
  5042 | D:2      | 5042 ||| Stepping randomly (stuck).
  5043 | D:2      | 5043 ||| Stepping randomly (stuck).
  5044 | D:2      | 5044 ||| Stepping randomly (stuck).
  5045 | D:2      | 5045 ||| Stepping randomly (stuck).
  5046 | D:2      | 5046 ||| Stepping randomly (stuck).
  5047 | D:2      | 5047 ||| Stepping randomly (stuck).
  5048 | D:2      | 5048 ||| Stepping randomly (stuck).
  5049 | D:2      | 5049 ||| Stepping randomly (stuck).
  5050 | D:2      | 5050 ||| Stepping randomly (stuck).
  5051 | D:2      | 5051 ||| Stepping randomly (stuck).
  5052 | D:2      | 5052 ||| Stepping randomly (stuck).
  5053 | D:2      | 5053 ||| Stepping randomly (stuck).
  5054 | D:2      | 5054 ||| Stepping randomly (stuck).
  5055 | D:2      | 5055 ||| Stepping randomly (stuck).
  5056 | D:2      | 5056 ||| Stepping randomly (stuck).
  5057 | D:2      | 5057 ||| Stepping randomly (stuck).
  5058 | D:2      | 5058 ||| Stepping randomly (stuck).
  5059 | D:2      | 5059 ||| Stepping randomly (stuck).
  5060 | D:2      | 5060 ||| Stepping randomly (stuck).
  5061 | D:2      | 5061 ||| Stepping randomly (stuck).
  5062 | D:2      | 5062 ||| Stepping randomly (stuck).
  5063 | D:2      | 5063 ||| Stepping randomly (stuck).
  5064 | D:2      | 5064 ||| Stepping randomly (stuck).
  5065 | D:2      | 5065 ||| Stepping randomly (stuck).
  5066 | D:2      | 5066 ||| Stepping randomly (stuck).
  5067 | D:2      | 5067 ||| Stepping randomly (stuck).
  5068 | D:2      | 5068 ||| Stepping randomly (stuck).
  5069 | D:2      | 5069 ||| Stepping randomly (stuck).
  5070 | D:2      | 5070 ||| Stepping randomly (stuck).
  5071 | D:2      | 5071 ||| Stepping randomly (stuck).
  5072 | D:2      | 5072 ||| Stepping randomly (stuck).
  5073 | D:2      | 5073 ||| Stepping randomly (stuck).
  5074 | D:2      | 5074 ||| Stepping randomly (stuck).
  5075 | D:2      | 5075 ||| Stepping randomly (stuck).
  5076 | D:2      | 5076 ||| Stepping randomly (stuck).
  5077 | D:2      | 5077 ||| Stepping randomly (stuck).
  5078 | D:2      | 5078 ||| Stepping randomly (stuck).
  5079 | D:2      | 5079 ||| Stepping randomly (stuck).
  5080 | D:2      | 5080 ||| Stepping randomly (stuck).
  5081 | D:2      | 5081 ||| Stepping randomly (stuck).
  5082 | D:2      | 5082 ||| Stepping randomly (stuck).
  5083 | D:2      | 5083 ||| Stepping randomly (stuck).
  5084 | D:2      | 5084 ||| Stepping randomly (stuck).
  5085 | D:2      | 5085 ||| Stepping randomly (stuck).
  5086 | D:2      | 5086 ||| Stepping randomly (stuck).
  5087 | D:2      | 5087 ||| Stepping randomly (stuck).
  5088 | D:2      | 5088 ||| Stepping randomly (stuck).
  5089 | D:2      | 5089 ||| Stepping randomly (stuck).
  5090 | D:2      | 5090 ||| Stepping randomly (stuck).
  5091 | D:2      | 5091 ||| Stepping randomly (stuck).
  5092 | D:2      | 5092 ||| Stepping randomly (stuck).
  5093 | D:2      | 5093 ||| Stepping randomly (stuck).
  5094 | D:2      | 5094 ||| Stepping randomly (stuck).
  5095 | D:2      | 5095 ||| Stepping randomly (stuck).
  5096 | D:2      | 5096 ||| Stepping randomly (stuck).
  5097 | D:2      | 5097 ||| Stepping randomly (stuck).
  5098 | D:2      | 5098 ||| Stepping randomly (stuck).
  5099 | D:2      | 5099 ||| Stepping randomly (stuck).
  5100 | D:2      | 5100 ||| Stepping randomly (stuck).
  5101 | D:2      | 5101 ||| Stepping randomly (stuck).
  5102 | D:2      | 5102 ||| Stepping randomly (stuck).
  5103 | D:2      | 5103 ||| Stepping randomly (stuck).
  5104 | D:2      | 5104 ||| Stepping randomly (stuck).
  5105 | D:2      | 5105 ||| Stepping randomly (stuck).
  5106 | D:2      | 5106 ||| Stepping randomly (stuck).
  5107 | D:2      | 5107 ||| Stepping randomly (stuck).
  5108 | D:2      | 5108 ||| Stepping randomly (stuck).
  5109 | D:2      | 5109 ||| Stepping randomly (stuck).
  5110 | D:2      | 5110 ||| Stepping randomly (stuck).
  5111 | D:2      | 5111 ||| Stepping randomly (stuck).
  5112 | D:2      | 5112 ||| Stepping randomly (stuck).
  5113 | D:2      | 5113 ||| Stepping randomly (stuck).
  5114 | D:2      | 5114 ||| Stepping randomly (stuck).
  5115 | D:2      | 5115 ||| Stepping randomly (stuck).
  5116 | D:2      | 5116 ||| Stepping randomly (stuck).
  5117 | D:2      | 5117 ||| Stepping randomly (stuck).
  5118 | D:2      | 5118 ||| Stepping randomly (stuck).
  5119 | D:2      | 5119 ||| Stepping randomly (stuck).
  5120 | D:2      | 5120 ||| Stepping randomly (stuck).
  5121 | D:2      | 5121 ||| Stepping randomly (stuck).
  5122 | D:2      | 5122 ||| Stepping randomly (stuck).
  5123 | D:2      | 5123 ||| Stepping randomly (stuck).
  5124 | D:2      | 5124 ||| Stepping randomly (stuck).
  5125 | D:2      | 5125 ||| Stepping randomly (stuck).
  5126 | D:2      | 5126 ||| Stepping randomly (stuck).
  5127 | D:2      | 5127 ||| Stepping randomly (stuck).
  5128 | D:2      | 5128 ||| Stepping randomly (stuck).
  5129 | D:2      | 5129 ||| Stepping randomly (stuck).
  5130 | D:2      | 5130 ||| Stepping randomly (stuck).
  5131 | D:2      | 5131 ||| Stepping randomly (stuck).
  5132 | D:2      | 5132 ||| Stepping randomly (stuck).
  5133 | D:2      | 5133 ||| Stepping randomly (stuck).
  5134 | D:2      | 5134 ||| Stepping randomly (stuck).
  5135 | D:2      | 5135 ||| Stepping randomly (stuck).
  5136 | D:2      | 5136 ||| Stepping randomly (stuck).
  5137 | D:2      | 5137 ||| Stepping randomly (stuck).
  5138 | D:2      | 5138 ||| Stepping randomly (stuck).
  5139 | D:2      | 5139 ||| Stepping randomly (stuck).
  5140 | D:2      | 5140 ||| Stepping randomly (stuck).
  5141 | D:2      | 5141 ||| Stepping randomly (stuck).
  5142 | D:2      | 5142 ||| Stepping randomly (stuck).
  5143 | D:2      | 5143 ||| Stepping randomly (stuck).
  5144 | D:2      | 5144 ||| Stepping randomly (stuck).
  5145 | D:2      | 5145 ||| Stepping randomly (stuck).
  5146 | D:2      | 5146 ||| Stepping randomly (stuck).
  5147 | D:2      | 5147 ||| Stepping randomly (stuck).
  5148 | D:2      | 5148 ||| Stepping randomly (stuck).
  5149 | D:2      | 5149 ||| Stepping randomly (stuck).
  5150 | D:2      | 5150 ||| Stepping randomly (stuck).
  5151 | D:2      | 5151 ||| Stepping randomly (stuck).
  5152 | D:2      | 5152 ||| Stepping randomly (stuck).
  5153 | D:2      | 5153 ||| Stepping randomly (stuck).
  5154 | D:2      | 5154 ||| Stepping randomly (stuck).
  5155 | D:2      | 5155 ||| Stepping randomly (stuck).
  5156 | D:2      | 5156 ||| Stepping randomly (stuck).
  5157 | D:2      | 5157 ||| Stepping randomly (stuck).
  5158 | D:2      | 5158 ||| Stepping randomly (stuck).
  5159 | D:2      | 5159 ||| Stepping randomly (stuck).
  5160 | D:2      | 5160 ||| Stepping randomly (stuck).
  5161 | D:2      | 5161 ||| Stepping randomly (stuck).
  5162 | D:2      | 5162 ||| Stepping randomly (stuck).
  5163 | D:2      | 5163 ||| Stepping randomly (stuck).
  5164 | D:2      | 5164 ||| Stepping randomly (stuck).
  5165 | D:2      | 5165 ||| Stepping randomly (stuck).
  5166 | D:2      | 5166 ||| Stepping randomly (stuck).
  5167 | D:2      | 5167 ||| Stepping randomly (stuck).
  5168 | D:2      | 5168 ||| Stepping randomly (stuck).
  5169 | D:2      | 5169 ||| Stepping randomly (stuck).
  5170 | D:2      | 5170 ||| Stepping randomly (stuck).
  5171 | D:2      | 5171 ||| Stepping randomly (stuck).
  5172 | D:2      | 5172 ||| Stepping randomly (stuck).
  5173 | D:2      | 5173 ||| Stepping randomly (stuck).
  5174 | D:2      | 5174 ||| Stepping randomly (stuck).
  5175 | D:2      | 5175 ||| Stepping randomly (stuck).
  5176 | D:2      | 5176 ||| Stepping randomly (stuck).
  5177 | D:2      | 5177 ||| Stepping randomly (stuck).
  5178 | D:2      | 5178 ||| Stepping randomly (stuck).
  5179 | D:2      | 5179 ||| Stepping randomly (stuck).
  5180 | D:2      | 5180 ||| Stepping randomly (stuck).
  5181 | D:2      | 5181 ||| Stepping randomly (stuck).
  5182 | D:2      | 5182 ||| Stepping randomly (stuck).
  5183 | D:2      | 5183 ||| Stepping randomly (stuck).
  5184 | D:2      | 5184 ||| Stepping randomly (stuck).
  5185 | D:2      | 5185 ||| Stepping randomly (stuck).
  5186 | D:2      | 5186 ||| Stepping randomly (stuck).
  5187 | D:2      | 5187 ||| Stepping randomly (stuck).
  5188 | D:2      | 5188 ||| Stepping randomly (stuck).
  5189 | D:2      | 5189 ||| Stepping randomly (stuck).
  5190 | D:2      | 5190 ||| Stepping randomly (stuck).
  5191 | D:2      | 5191 ||| Stepping randomly (stuck).
  5192 | D:2      | 5192 ||| Stepping randomly (stuck).
  5193 | D:2      | 5193 ||| Stepping randomly (stuck).
  5194 | D:2      | 5194 ||| Stepping randomly (stuck).
  5195 | D:2      | 5195 ||| Stepping randomly (stuck).
  5196 | D:2      | 5196 ||| Stepping randomly (stuck).
  5197 | D:2      | 5197 ||| Stepping randomly (stuck).
  5198 | D:2      | 5198 ||| Stepping randomly (stuck).
  5199 | D:2      | 5199 ||| Stepping randomly (stuck).
  5200 | D:2      | 5200 ||| Stepping randomly (stuck).
  5201 | D:2      | 5201 ||| Stepping randomly (stuck).
  5202 | D:2      | 5202 ||| Stepping randomly (stuck).
  5203 | D:2      | 5203 ||| Stepping randomly (stuck).
  5204 | D:2      | 5204 ||| Stepping randomly (stuck).
  5205 | D:2      | 5205 ||| Stepping randomly (stuck).
  5206 | D:2      | 5206 ||| Stepping randomly (stuck).
  5207 | D:2      | 5207 ||| Stepping randomly (stuck).
  5208 | D:2      | 5208 ||| Stepping randomly (stuck).
  5209 | D:2      | 5209 ||| Stepping randomly (stuck).
  5210 | D:2      | 5210 ||| Stepping randomly (stuck).
  5211 | D:2      | 5211 ||| Stepping randomly (stuck).
  5212 | D:2      | 5212 ||| Stepping randomly (stuck).
  5213 | D:2      | 5213 ||| Stepping randomly (stuck).
  5214 | D:2      | 5214 ||| Stepping randomly (stuck).
  5215 | D:2      | 5215 ||| Stepping randomly (stuck).
  5216 | D:2      | 5216 ||| Stepping randomly (stuck).
  5217 | D:2      | 5217 ||| Stepping randomly (stuck).
  5218 | D:2      | 5218 ||| Stepping randomly (stuck).
  5219 | D:2      | 5219 ||| Stepping randomly (stuck).
  5220 | D:2      | 5220 ||| Stepping randomly (stuck).
  5221 | D:2      | 5221 ||| Stepping randomly (stuck).
  5222 | D:2      | 5222 ||| Stepping randomly (stuck).
  5223 | D:2      | 5223 ||| Stepping randomly (stuck).
  5224 | D:2      | 5224 ||| Stepping randomly (stuck).
  5225 | D:2      | 5225 ||| Stepping randomly (stuck).
  5226 | D:2      | 5226 ||| Stepping randomly (stuck).
  5227 | D:2      | 5227 ||| Stepping randomly (stuck).
  5228 | D:2      | 5228 ||| Stepping randomly (stuck).
  5229 | D:2      | 5229 ||| Stepping randomly (stuck).
  5230 | D:2      | 5230 ||| Stepping randomly (stuck).
  5231 | D:2      | 5231 ||| Stepping randomly (stuck).
  5232 | D:2      | 5232 ||| Stepping randomly (stuck).
  5233 | D:2      | 5233 ||| Stepping randomly (stuck).
  5234 | D:2      | 5234 ||| Stepping randomly (stuck).
  5235 | D:2      | 5235 ||| Stepping randomly (stuck).
  5236 | D:2      | 5236 ||| Stepping randomly (stuck).
  5237 | D:2      | 5237 ||| Stepping randomly (stuck).
  5238 | D:2      | 5238 ||| Stepping randomly (stuck).
  5239 | D:2      | 5239 ||| Stepping randomly (stuck).
  5240 | D:2      | 5240 ||| Stepping randomly (stuck).
  5241 | D:2      | 5241 ||| Stepping randomly (stuck).
  5242 | D:2      | 5242 ||| Stepping randomly (stuck).
  5243 | D:2      | 5243 ||| Stepping randomly (stuck).
  5244 | D:2      | 5244 ||| Stepping randomly (stuck).
  5245 | D:2      | 5245 ||| Stepping randomly (stuck).
  5246 | D:2      | 5246 ||| Stepping randomly (stuck).
  5247 | D:2      | 5247 ||| Stepping randomly (stuck).
  5248 | D:2      | 5248 ||| Stepping randomly (stuck).
  5249 | D:2      | 5249 ||| Stepping randomly (stuck).
  5250 | D:2      | 5250 ||| Stepping randomly (stuck).
  5251 | D:2      | 5251 ||| Stepping randomly (stuck).
  5252 | D:2      | 5252 ||| Stepping randomly (stuck).
  5253 | D:2      | 5253 ||| Stepping randomly (stuck).
  5254 | D:2      | 5254 ||| Stepping randomly (stuck).
  5255 | D:2      | 5255 ||| Stepping randomly (stuck).
  5256 | D:2      | 5256 ||| Stepping randomly (stuck).
  5257 | D:2      | 5257 ||| Stepping randomly (stuck).
  5258 | D:2      | 5258 ||| Stepping randomly (stuck).
  5259 | D:2      | 5259 ||| Stepping randomly (stuck).
  5260 | D:2      | 5260 ||| Stepping randomly (stuck).
  5261 | D:2      | 5261 ||| Stepping randomly (stuck).
  5262 | D:2      | 5262 ||| Stepping randomly (stuck).
  5263 | D:2      | 5263 ||| Stepping randomly (stuck).
  5264 | D:2      | 5264 ||| Stepping randomly (stuck).
  5265 | D:2      | 5265 ||| Stepping randomly (stuck).
  5266 | D:2      | 5266 ||| Stepping randomly (stuck).
  5267 | D:2      | 5267 ||| Stepping randomly (stuck).
  5268 | D:2      | 5268 ||| Stepping randomly (stuck).
  5269 | D:2      | 5269 ||| Stepping randomly (stuck).
  5270 | D:2      | 5270 ||| Stepping randomly (stuck).
  5271 | D:2      | 5271 ||| Stepping randomly (stuck).
  5272 | D:2      | 5272 ||| Stepping randomly (stuck).
  5273 | D:2      | 5273 ||| Stepping randomly (stuck).
  5274 | D:2      | 5274 ||| Stepping randomly (stuck).
  5275 | D:2      | 5275 ||| Stepping randomly (stuck).
  5276 | D:2      | 5276 ||| Stepping randomly (stuck).
  5277 | D:2      | 5277 ||| Stepping randomly (stuck).
  5278 | D:2      | 5278 ||| Stepping randomly (stuck).
  5279 | D:2      | 5279 ||| Stepping randomly (stuck).
  5280 | D:2      | 5280 ||| Stepping randomly (stuck).
  5281 | D:2      | 5281 ||| Stepping randomly (stuck).
  5282 | D:2      | 5282 ||| Stepping randomly (stuck).
  5283 | D:2      | 5283 ||| Stepping randomly (stuck).
  5284 | D:2      | 5284 ||| Stepping randomly (stuck).
  5285 | D:2      | 5285 ||| Stepping randomly (stuck).
  5286 | D:2      | 5286 ||| Stepping randomly (stuck).
  5287 | D:2      | 5287 ||| Stepping randomly (stuck).
  5288 | D:2      | 5288 ||| Stepping randomly (stuck).
  5289 | D:2      | 5289 ||| Stepping randomly (stuck).
  5290 | D:2      | 5290 ||| Stepping randomly (stuck).
  5291 | D:2      | 5291 ||| Stepping randomly (stuck).
  5292 | D:2      | 5292 ||| Stepping randomly (stuck).
  5293 | D:2      | 5293 ||| Stepping randomly (stuck).
  5294 | D:2      | 5294 ||| Stepping randomly (stuck).
  5295 | D:2      | 5295 ||| Stepping randomly (stuck).
  5296 | D:2      | 5296 ||| Stepping randomly (stuck).
  5297 | D:2      | 5297 ||| Stepping randomly (stuck).
  5298 | D:2      | 5298 ||| Stepping randomly (stuck).
  5299 | D:2      | 5299 ||| Stepping randomly (stuck).
  5300 | D:2      | 5300 ||| Stepping randomly (stuck).
  5301 | D:2      | 5301 ||| Stepping randomly (stuck).
  5302 | D:2      | 5302 ||| Stepping randomly (stuck).
  5303 | D:2      | 5303 ||| Stepping randomly (stuck).
  5304 | D:2      | 5304 ||| Stepping randomly (stuck).
  5305 | D:2      | 5305 ||| Stepping randomly (stuck).
  5306 | D:2      | 5306 ||| Stepping randomly (stuck).
  5307 | D:2      | 5307 ||| Stepping randomly (stuck).
  5308 | D:2      | 5308 ||| Stepping randomly (stuck).
  5309 | D:2      | 5309 ||| Stepping randomly (stuck).
  5310 | D:2      | 5310 ||| Stepping randomly (stuck).
  5311 | D:2      | 5311 ||| Stepping randomly (stuck).
  5312 | D:2      | 5312 ||| Stepping randomly (stuck).
  5313 | D:2      | 5313 ||| Stepping randomly (stuck).
  5314 | D:2      | 5314 ||| Stepping randomly (stuck).
  5315 | D:2      | 5315 ||| Stepping randomly (stuck).
  5316 | D:2      | 5316 ||| Stepping randomly (stuck).
  5317 | D:2      | 5317 ||| Stepping randomly (stuck).
  5318 | D:2      | 5318 ||| Stepping randomly (stuck).
  5319 | D:2      | 5319 ||| Stepping randomly (stuck).
  5320 | D:2      | 5320 ||| Stepping randomly (stuck).
  5321 | D:2      | 5321 ||| Stepping randomly (stuck).
  5322 | D:2      | 5322 ||| Stepping randomly (stuck).
  5323 | D:2      | 5323 ||| Stepping randomly (stuck).
  5324 | D:2      | 5324 ||| Stepping randomly (stuck).
  5325 | D:2      | 5325 ||| Stepping randomly (stuck).
  5326 | D:2      | 5326 ||| Stepping randomly (stuck).
  5327 | D:2      | 5327 ||| Stepping randomly (stuck).
  5328 | D:2      | 5328 ||| Stepping randomly (stuck).
  5329 | D:2      | 5329 ||| Stepping randomly (stuck).
  5330 | D:2      | 5330 ||| Stepping randomly (stuck).
  5331 | D:2      | 5331 ||| Stepping randomly (stuck).
  5332 | D:2      | 5332 ||| Stepping randomly (stuck).
  5333 | D:2      | 5333 ||| Stepping randomly (stuck).
  5334 | D:2      | 5334 ||| Stepping randomly (stuck).
  5335 | D:2      | 5335 ||| Stepping randomly (stuck).
  5336 | D:2      | 5336 ||| Stepping randomly (stuck).
  5337 | D:2      | 5337 ||| Stepping randomly (stuck).
  5338 | D:2      | 5338 ||| Stepping randomly (stuck).
  5339 | D:2      | 5339 ||| Stepping randomly (stuck).
  5340 | D:2      | 5340 ||| Stepping randomly (stuck).
  5341 | D:2      | 5341 ||| Stepping randomly (stuck).
  5342 | D:2      | 5342 ||| Stepping randomly (stuck).
  5343 | D:2      | 5343 ||| Stepping randomly (stuck).
  5344 | D:2      | 5344 ||| Stepping randomly (stuck).
  5345 | D:2      | 5345 ||| Stepping randomly (stuck).
  5346 | D:2      | 5346 ||| Stepping randomly (stuck).
  5347 | D:2      | 5347 ||| Stepping randomly (stuck).
  5348 | D:2      | 5348 ||| Stepping randomly (stuck).
  5349 | D:2      | 5349 ||| Stepping randomly (stuck).
  5350 | D:2      | 5350 ||| Stepping randomly (stuck).
  5351 | D:2      | 5351 ||| Stepping randomly (stuck).
  5352 | D:2      | 5352 ||| Stepping randomly (stuck).
  5353 | D:2      | 5353 ||| Stepping randomly (stuck).
  5354 | D:2      | 5354 ||| Stepping randomly (stuck).
  5355 | D:2      | 5355 ||| Stepping randomly (stuck).
  5356 | D:2      | 5356 ||| Stepping randomly (stuck).
  5357 | D:2      | 5357 ||| Stepping randomly (stuck).
  5358 | D:2      | 5358 ||| Stepping randomly (stuck).
  5359 | D:2      | 5359 ||| Stepping randomly (stuck).
  5360 | D:2      | 5360 ||| Stepping randomly (stuck).
  5361 | D:2      | 5361 ||| Stepping randomly (stuck).
  5362 | D:2      | 5362 ||| Stepping randomly (stuck).
  5363 | D:2      | 5363 ||| Stepping randomly (stuck).
  5364 | D:2      | 5364 ||| Stepping randomly (stuck).
  5365 | D:2      | 5365 ||| Stepping randomly (stuck).
  5366 | D:2      | 5366 ||| Stepping randomly (stuck).
  5367 | D:2      | 5367 ||| Stepping randomly (stuck).
  5368 | D:2      | 5368 ||| Stepping randomly (stuck).
  5369 | D:2      | 5369 ||| Stepping randomly (stuck).
  5370 | D:2      | 5370 ||| Stepping randomly (stuck).
  5371 | D:2      | 5371 ||| Stepping randomly (stuck).
  5372 | D:2      | 5372 ||| Stepping randomly (stuck).
  5373 | D:2      | 5373 ||| Stepping randomly (stuck).
  5374 | D:2      | 5374 ||| Stepping randomly (stuck).
  5375 | D:2      | 5375 ||| Stepping randomly (stuck).
  5376 | D:2      | 5376 ||| Stepping randomly (stuck).
  5377 | D:2      | 5377 ||| Stepping randomly (stuck).
  5378 | D:2      | 5378 ||| Stepping randomly (stuck).
  5379 | D:2      | 5379 ||| Stepping randomly (stuck).
  5380 | D:2      | 5380 ||| Stepping randomly (stuck).
  5381 | D:2      | 5381 ||| Stepping randomly (stuck).
  5382 | D:2      | 5382 ||| Stepping randomly (stuck).
  5383 | D:2      | 5383 ||| Stepping randomly (stuck).
  5384 | D:2      | 5384 ||| Stepping randomly (stuck).
  5385 | D:2      | 5385 ||| Stepping randomly (stuck).
  5386 | D:2      | 5386 ||| Stepping randomly (stuck).
  5387 | D:2      | 5387 ||| Stepping randomly (stuck).
  5388 | D:2      | 5388 ||| Stepping randomly (stuck).
  5389 | D:2      | 5389 ||| Stepping randomly (stuck).
  5390 | D:2      | 5390 ||| Stepping randomly (stuck).
  5391 | D:2      | 5391 ||| Stepping randomly (stuck).
  5392 | D:2      | 5392 ||| Stepping randomly (stuck).
  5393 | D:2      | 5393 ||| Stepping randomly (stuck).
  5394 | D:2      | 5394 ||| Stepping randomly (stuck).
  5395 | D:2      | 5395 ||| Stepping randomly (stuck).
  5396 | D:2      | 5396 ||| Stepping randomly (stuck).
  5397 | D:2      | 5397 ||| Stepping randomly (stuck).
  5398 | D:2      | 5398 ||| Stepping randomly (stuck).
  5399 | D:2      | 5399 ||| Stepping randomly (stuck).
  5400 | D:2      | 5400 ||| Stepping randomly (stuck).
  5401 | D:2      | 5401 ||| Stepping randomly (stuck).
  5402 | D:2      | 5402 ||| Stepping randomly (stuck).
  5403 | D:2      | 5403 ||| Stepping randomly (stuck).
  5404 | D:2      | 5404 ||| Stepping randomly (stuck).
  5405 | D:2      | 5405 ||| Stepping randomly (stuck).
  5406 | D:2      | 5406 ||| Stepping randomly (stuck).
  5407 | D:2      | 5407 ||| Stepping randomly (stuck).
  5408 | D:2      | 5408 ||| Stepping randomly (stuck).
  5409 | D:2      | 5409 ||| Stepping randomly (stuck).
  5410 | D:2      | 5410 ||| Stepping randomly (stuck).
  5411 | D:2      | 5411 ||| Stepping randomly (stuck).
  5412 | D:2      | 5412 ||| Stepping randomly (stuck).
  5413 | D:2      | 5413 ||| Stepping randomly (stuck).
  5414 | D:2      | 5414 ||| Stepping randomly (stuck).
  5415 | D:2      | 5415 ||| Stepping randomly (stuck).
  5416 | D:2      | 5416 ||| Stepping randomly (stuck).
  5417 | D:2      | 5417 ||| Stepping randomly (stuck).
  5418 | D:2      | 5418 ||| Stepping randomly (stuck).
  5419 | D:2      | 5419 ||| Stepping randomly (stuck).
  5420 | D:2      | 5420 ||| Stepping randomly (stuck).
  5421 | D:2      | 5421 ||| Stepping randomly (stuck).
  5422 | D:2      | 5422 ||| Stepping randomly (stuck).
  5423 | D:2      | 5423 ||| Stepping randomly (stuck).
  5424 | D:2      | 5424 ||| Stepping randomly (stuck).
  5425 | D:2      | 5425 ||| Stepping randomly (stuck).
  5426 | D:2      | 5426 ||| Stepping randomly (stuck).
  5427 | D:2      | 5427 ||| Stepping randomly (stuck).
  5428 | D:2      | 5428 ||| Stepping randomly (stuck).
  5429 | D:2      | 5429 ||| Stepping randomly (stuck).
  5430 | D:2      | 5430 ||| Stepping randomly (stuck).
  5431 | D:2      | 5431 ||| Stepping randomly (stuck).
  5432 | D:2      | 5432 ||| Stepping randomly (stuck).
  5433 | D:2      | 5433 ||| Stepping randomly (stuck).
  5434 | D:2      | 5434 ||| Stepping randomly (stuck).
  5435 | D:2      | 5435 ||| Stepping randomly (stuck).
  5436 | D:2      | 5436 ||| Stepping randomly (stuck).
  5437 | D:2      | 5437 ||| Stepping randomly (stuck).
  5438 | D:2      | 5438 ||| Stepping randomly (stuck).
  5439 | D:2      | 5439 ||| Stepping randomly (stuck).
  5440 | D:2      | 5440 ||| Stepping randomly (stuck).
  5441 | D:2      | 5441 ||| Stepping randomly (stuck).
  5442 | D:2      | 5442 ||| Stepping randomly (stuck).
  5443 | D:2      | 5443 ||| Stepping randomly (stuck).
  5444 | D:2      | 5444 ||| Stepping randomly (stuck).
  5445 | D:2      | 5445 ||| Stepping randomly (stuck).
  5446 | D:2      | 5446 ||| Stepping randomly (stuck).
  5447 | D:2      | 5447 ||| Stepping randomly (stuck).
  5448 | D:2      | 5448 ||| Stepping randomly (stuck).
  5449 | D:2      | 5449 ||| Stepping randomly (stuck).
  5450 | D:2      | 5450 ||| Stepping randomly (stuck).
  5451 | D:2      | 5451 ||| Stepping randomly (stuck).
  5452 | D:2      | 5452 ||| Stepping randomly (stuck).
  5453 | D:2      | 5453 ||| Stepping randomly (stuck).
  5454 | D:2      | 5454 ||| Stepping randomly (stuck).
  5455 | D:2      | 5455 ||| Stepping randomly (stuck).
  5456 | D:2      | 5456 ||| Stepping randomly (stuck).
  5457 | D:2      | 5457 ||| Stepping randomly (stuck).
  5458 | D:2      | 5458 ||| Stepping randomly (stuck).
  5459 | D:2      | 5459 ||| Stepping randomly (stuck).
  5460 | D:2      | 5460 ||| Stepping randomly (stuck).
  5461 | D:2      | 5461 ||| Stepping randomly (stuck).
  5462 | D:2      | 5462 ||| Stepping randomly (stuck).
  5463 | D:2      | 5463 ||| Stepping randomly (stuck).
  5464 | D:2      | 5464 ||| Stepping randomly (stuck).
  5465 | D:2      | 5465 ||| Stepping randomly (stuck).
  5466 | D:2      | 5466 ||| Stepping randomly (stuck).
  5467 | D:2      | 5467 ||| Stepping randomly (stuck).
  5468 | D:2      | 5468 ||| Stepping randomly (stuck).
  5469 | D:2      | 5469 ||| Stepping randomly (stuck).
  5470 | D:2      | 5470 ||| Stepping randomly (stuck).
  5471 | D:2      | 5471 ||| Stepping randomly (stuck).
  5472 | D:2      | 5472 ||| Stepping randomly (stuck).
  5473 | D:2      | 5473 ||| Stepping randomly (stuck).
  5474 | D:2      | 5474 ||| Stepping randomly (stuck).
  5475 | D:2      | 5475 ||| Stepping randomly (stuck).
  5476 | D:2      | 5476 ||| Stepping randomly (stuck).
  5477 | D:2      | 5477 ||| Stepping randomly (stuck).
  5478 | D:2      | 5478 ||| Stepping randomly (stuck).
  5479 | D:2      | 5479 ||| Stepping randomly (stuck).
  5480 | D:2      | 5480 ||| Stepping randomly (stuck).
  5481 | D:2      | 5481 ||| Stepping randomly (stuck).
  5482 | D:2      | 5482 ||| Stepping randomly (stuck).
  5483 | D:2      | 5483 ||| Stepping randomly (stuck).
  5484 | D:2      | 5484 ||| Stepping randomly (stuck).
  5485 | D:2      | 5485 ||| Stepping randomly (stuck).
  5486 | D:2      | 5486 ||| Stepping randomly (stuck).
  5487 | D:2      | 5487 ||| Stepping randomly (stuck).
  5488 | D:2      | 5488 ||| Stepping randomly (stuck).
  5489 | D:2      | 5489 ||| Stepping randomly (stuck).
  5490 | D:2      | 5490 ||| Stepping randomly (stuck).
  5491 | D:2      | 5491 ||| Stepping randomly (stuck).
  5492 | D:2      | 5492 ||| Stepping randomly (stuck).
  5493 | D:2      | 5493 ||| Stepping randomly (stuck).
  5494 | D:2      | 5494 ||| Stepping randomly (stuck).
  5495 | D:2      | 5495 ||| Stepping randomly (stuck).
  5496 | D:2      | 5496 ||| Stepping randomly (stuck).
  5497 | D:2      | 5497 ||| Stepping randomly (stuck).
  5498 | D:2      | 5498 ||| Stepping randomly (stuck).
  5499 | D:2      | 5499 ||| Stepping randomly (stuck).
  5500 | D:2      | 5500 ||| Stepping randomly (stuck).
  5501 | D:2      | 5501 ||| Stepping randomly (stuck).
  5502 | D:2      | 5502 ||| Stepping randomly (stuck).
  5503 | D:2      | 5503 ||| Stepping randomly (stuck).
  5504 | D:2      | 5504 ||| Stepping randomly (stuck).
  5505 | D:2      | 5505 ||| Stepping randomly (stuck).
  5506 | D:2      | 5506 ||| Stepping randomly (stuck).
  5507 | D:2      | 5507 ||| Stepping randomly (stuck).
  5508 | D:2      | 5508 ||| Stepping randomly (stuck).
  5509 | D:2      | 5509 ||| Stepping randomly (stuck).
  5510 | D:2      | 5510 ||| Stepping randomly (stuck).
  5511 | D:2      | 5511 ||| Stepping randomly (stuck).
  5512 | D:2      | 5512 ||| Stepping randomly (stuck).
  5513 | D:2      | 5513 ||| Stepping randomly (stuck).
  5514 | D:2      | 5514 ||| Stepping randomly (stuck).
  5515 | D:2      | 5515 ||| Stepping randomly (stuck).
  5516 | D:2      | 5516 ||| Stepping randomly (stuck).
  5517 | D:2      | 5517 ||| Stepping randomly (stuck).
  5518 | D:2      | 5518 ||| Stepping randomly (stuck).
  5519 | D:2      | 5519 ||| Stepping randomly (stuck).
  5520 | D:2      | 5520 ||| Stepping randomly (stuck).
  5521 | D:2      | 5521 ||| Stepping randomly (stuck).
  5522 | D:2      | 5522 ||| Stepping randomly (stuck).
  5523 | D:2      | 5523 ||| Stepping randomly (stuck).
  5524 | D:2      | 5524 ||| Stepping randomly (stuck).
  5525 | D:2      | 5525 ||| Stepping randomly (stuck).
  5526 | D:2      | 5526 ||| Stepping randomly (stuck).
  5527 | D:2      | 5527 ||| Stepping randomly (stuck).
  5528 | D:2      | 5528 ||| Stepping randomly (stuck).
  5529 | D:2      | 5529 ||| Stepping randomly (stuck).
  5530 | D:2      | 5530 ||| Stepping randomly (stuck).
  5531 | D:2      | 5531 ||| Stepping randomly (stuck).
  5532 | D:2      | 5532 ||| Stepping randomly (stuck).
  5533 | D:2      | 5533 ||| Stepping randomly (stuck).
  5534 | D:2      | 5534 ||| Stepping randomly (stuck).
  5535 | D:2      | 5535 ||| Stepping randomly (stuck).
  5536 | D:2      | 5536 ||| Stepping randomly (stuck).
  5537 | D:2      | 5537 ||| Stepping randomly (stuck).
  5538 | D:2      | 5538 ||| Stepping randomly (stuck).
  5539 | D:2      | 5539 ||| Stepping randomly (stuck).
  5540 | D:2      | 5540 ||| Stepping randomly (stuck).
  5541 | D:2      | 5541 ||| Stepping randomly (stuck).
  5542 | D:2      | 5542 ||| Stepping randomly (stuck).
  5543 | D:2      | 5543 ||| Stepping randomly (stuck).
  5544 | D:2      | 5544 ||| Stepping randomly (stuck).
  5545 | D:2      | 5545 ||| Stepping randomly (stuck).
  5546 | D:2      | 5546 ||| Stepping randomly (stuck).
  5547 | D:2      | 5547 ||| Stepping randomly (stuck).
  5548 | D:2      | 5548 ||| Stepping randomly (stuck).
  5549 | D:2      | 5549 ||| Stepping randomly (stuck).
  5550 | D:2      | 5550 ||| Stepping randomly (stuck).
  5551 | D:2      | 5551 ||| Stepping randomly (stuck).
  5552 | D:2      | 5552 ||| Stepping randomly (stuck).
  5553 | D:2      | 5553 ||| Stepping randomly (stuck).
  5554 | D:2      | 5554 ||| Stepping randomly (stuck).
  5555 | D:2      | 5555 ||| Stepping randomly (stuck).
  5556 | D:2      | 5556 ||| Stepping randomly (stuck).
  5557 | D:2      | 5557 ||| Stepping randomly (stuck).
  5558 | D:2      | 5558 ||| Stepping randomly (stuck).
  5559 | D:2      | 5559 ||| Stepping randomly (stuck).
  5560 | D:2      | 5560 ||| Stepping randomly (stuck).
  5561 | D:2      | 5561 ||| Stepping randomly (stuck).
  5562 | D:2      | 5562 ||| Stepping randomly (stuck).
  5563 | D:2      | 5563 ||| Stepping randomly (stuck).
  5564 | D:2      | 5564 ||| Stepping randomly (stuck).
  5565 | D:2      | 5565 ||| Stepping randomly (stuck).
  5566 | D:2      | 5566 ||| Stepping randomly (stuck).
  5567 | D:2      | 5567 ||| Stepping randomly (stuck).
  5568 | D:2      | 5568 ||| Stepping randomly (stuck).
  5569 | D:2      | 5569 ||| Stepping randomly (stuck).
  5570 | D:2      | 5570 ||| Stepping randomly (stuck).
  5571 | D:2      | 5571 ||| Stepping randomly (stuck).
  5572 | D:2      | 5572 ||| Stepping randomly (stuck).
  5573 | D:2      | 5573 ||| Stepping randomly (stuck).
  5574 | D:2      | 5574 ||| Stepping randomly (stuck).
  5575 | D:2      | 5575 ||| Stepping randomly (stuck).
  5576 | D:2      | 5576 ||| Stepping randomly (stuck).
  5577 | D:2      | 5577 ||| Stepping randomly (stuck).
  5578 | D:2      | 5578 ||| Stepping randomly (stuck).
  5579 | D:2      | 5579 ||| Stepping randomly (stuck).
  5580 | D:2      | 5580 ||| Stepping randomly (stuck).
  5581 | D:2      | 5581 ||| Stepping randomly (stuck).
  5582 | D:2      | 5582 ||| Stepping randomly (stuck).
  5583 | D:2      | 5583 ||| Stepping randomly (stuck).
  5584 | D:2      | 5584 ||| Stepping randomly (stuck).
  5585 | D:2      | 5585 ||| Stepping randomly (stuck).
  5586 | D:2      | 5586 ||| Stepping randomly (stuck).
  5587 | D:2      | 5587 ||| Stepping randomly (stuck).
  5588 | D:2      | 5588 ||| Stepping randomly (stuck).
  5589 | D:2      | 5589 ||| Stepping randomly (stuck).
  5590 | D:2      | 5590 ||| Stepping randomly (stuck).
  5591 | D:2      | 5591 ||| Stepping randomly (stuck).
  5592 | D:2      | 5592 ||| Stepping randomly (stuck).
  5593 | D:2      | 5593 ||| Stepping randomly (stuck).
  5594 | D:2      | 5594 ||| Stepping randomly (stuck).
  5595 | D:2      | 5595 ||| Stepping randomly (stuck).
  5596 | D:2      | 5596 ||| Stepping randomly (stuck).
  5597 | D:2      | 5597 ||| Stepping randomly (stuck).
  5598 | D:2      | 5598 ||| Stepping randomly (stuck).
  5599 | D:2      | 5599 ||| Stepping randomly (stuck).
  5600 | D:2      | 5600 ||| Stepping randomly (stuck).
  5601 | D:2      | 5601 ||| Stepping randomly (stuck).
  5602 | D:2      | 5602 ||| Stepping randomly (stuck).
  5603 | D:2      | 5603 ||| Stepping randomly (stuck).
  5604 | D:2      | 5604 ||| Stepping randomly (stuck).
  5605 | D:2      | 5605 ||| Stepping randomly (stuck).
  5606 | D:2      | 5606 ||| Stepping randomly (stuck).
  5607 | D:2      | 5607 ||| Stepping randomly (stuck).
  5608 | D:2      | 5608 ||| Stepping randomly (stuck).
  5609 | D:2      | 5609 ||| Stepping randomly (stuck).
  5610 | D:2      | 5610 ||| Stepping randomly (stuck).
  5611 | D:2      | 5611 ||| Stepping randomly (stuck).
  5612 | D:2      | 5612 ||| Stepping randomly (stuck).
  5613 | D:2      | 5613 ||| Stepping randomly (stuck).
  5614 | D:2      | 5614 ||| Stepping randomly (stuck).
  5615 | D:2      | 5615 ||| Stepping randomly (stuck).
  5616 | D:2      | 5616 ||| Stepping randomly (stuck).
  5617 | D:2      | 5617 ||| Stepping randomly (stuck).
  5618 | D:2      | 5618 ||| Stepping randomly (stuck).
  5619 | D:2      | 5619 ||| Stepping randomly (stuck).
  5620 | D:2      | 5620 ||| Stepping randomly (stuck).
  5621 | D:2      | 5621 ||| Stepping randomly (stuck).
  5622 | D:2      | 5622 ||| Stepping randomly (stuck).
  5623 | D:2      | 5623 ||| Stepping randomly (stuck).
  5624 | D:2      | 5624 ||| Stepping randomly (stuck).
  5625 | D:2      | 5625 ||| Stepping randomly (stuck).
  5626 | D:2      | 5626 ||| Stepping randomly (stuck).
  5627 | D:2      | 5627 ||| Stepping randomly (stuck).
  5628 | D:2      | 5628 ||| Stepping randomly (stuck).
  5629 | D:2      | 5629 ||| Stepping randomly (stuck).
  5630 | D:2      | 5630 ||| Stepping randomly (stuck).
  5631 | D:2      | 5631 ||| Stepping randomly (stuck).
  5632 | D:2      | 5632 ||| Stepping randomly (stuck).
  5633 | D:2      | 5633 ||| Stepping randomly (stuck).
  5634 | D:2      | 5634 ||| Stepping randomly (stuck).
  5635 | D:2      | 5635 ||| Stepping randomly (stuck).
  5636 | D:2      | 5636 ||| Stepping randomly (stuck).
  5637 | D:2      | 5637 ||| Stepping randomly (stuck).
  5638 | D:2      | 5638 ||| Stepping randomly (stuck).
  5639 | D:2      | 5639 ||| Stepping randomly (stuck).
  5640 | D:2      | 5640 ||| Stepping randomly (stuck).
  5641 | D:2      | 5641 ||| Stepping randomly (stuck).
  5642 | D:2      | 5642 ||| Stepping randomly (stuck).
  5643 | D:2      | 5643 ||| Stepping randomly (stuck).
  5644 | D:2      | 5644 ||| Stepping randomly (stuck).
  5645 | D:2      | 5645 ||| Stepping randomly (stuck).
  5646 | D:2      | 5646 ||| Stepping randomly (stuck).
  5647 | D:2      | 5647 ||| Stepping randomly (stuck).
  5648 | D:2      | 5648 ||| Stepping randomly (stuck).
  5649 | D:2      | 5649 ||| Stepping randomly (stuck).
  5650 | D:2      | 5650 ||| Stepping randomly (stuck).
  5651 | D:2      | 5651 ||| Stepping randomly (stuck).
  5652 | D:2      | 5652 ||| Stepping randomly (stuck).
  5653 | D:2      | 5653 ||| Stepping randomly (stuck).
  5654 | D:2      | 5654 ||| Stepping randomly (stuck).
  5655 | D:2      | 5655 ||| Stepping randomly (stuck).
  5656 | D:2      | 5656 ||| Stepping randomly (stuck).
  5657 | D:2      | 5657 ||| Stepping randomly (stuck).
  5658 | D:2      | 5658 ||| Stepping randomly (stuck).
  5659 | D:2      | 5659 ||| Stepping randomly (stuck).
  5660 | D:2      | 5660 ||| Stepping randomly (stuck).
  5661 | D:2      | 5661 ||| Stepping randomly (stuck).
  5662 | D:2      | 5662 ||| Stepping randomly (stuck).
  5663 | D:2      | 5663 ||| Stepping randomly (stuck).
  5664 | D:2      | 5664 ||| Stepping randomly (stuck).
  5665 | D:2      | 5665 ||| Stepping randomly (stuck).
  5666 | D:2      | 5666 ||| Stepping randomly (stuck).
  5667 | D:2      | 5667 ||| Stepping randomly (stuck).
  5668 | D:2      | 5668 ||| Stepping randomly (stuck).
  5669 | D:2      | 5669 ||| Stepping randomly (stuck).
  5670 | D:2      | 5670 ||| Stepping randomly (stuck).
  5671 | D:2      | 5671 ||| Stepping randomly (stuck).
  5672 | D:2      | 5672 ||| Stepping randomly (stuck).
  5673 | D:2      | 5673 ||| Stepping randomly (stuck).
  5674 | D:2      | 5674 ||| Stepping randomly (stuck).
  5675 | D:2      | 5675 ||| Stepping randomly (stuck).
  5676 | D:2      | 5676 ||| Stepping randomly (stuck).
  5677 | D:2      | 5677 ||| Stepping randomly (stuck).
  5678 | D:2      | 5678 ||| Stepping randomly (stuck).
  5679 | D:2      | 5679 ||| Stepping randomly (stuck).
  5680 | D:2      | 5680 ||| Stepping randomly (stuck).
  5681 | D:2      | 5681 ||| Stepping randomly (stuck).
  5682 | D:2      | 5682 ||| Stepping randomly (stuck).
  5683 | D:2      | 5683 ||| Stepping randomly (stuck).
  5684 | D:2      | 5684 ||| Stepping randomly (stuck).
  5685 | D:2      | 5685 ||| Stepping randomly (stuck).
  5686 | D:2      | 5686 ||| Stepping randomly (stuck).
  5687 | D:2      | 5687 ||| Stepping randomly (stuck).
  5688 | D:2      | 5688 ||| Stepping randomly (stuck).
  5689 | D:2      | 5689 ||| Stepping randomly (stuck).
  5690 | D:2      | 5690 ||| Stepping randomly (stuck).
  5691 | D:2      | 5691 ||| Stepping randomly (stuck).
  5692 | D:2      | 5692 ||| Stepping randomly (stuck).
  5693 | D:2      | 5693 ||| Stepping randomly (stuck).
  5694 | D:2      | 5694 ||| Stepping randomly (stuck).
  5695 | D:2      | 5695 ||| Stepping randomly (stuck).
  5696 | D:2      | 5696 ||| Stepping randomly (stuck).
  5697 | D:2      | 5697 ||| Stepping randomly (stuck).
  5698 | D:2      | 5698 ||| Stepping randomly (stuck).
  5699 | D:2      | 5699 ||| Stepping randomly (stuck).
  5700 | D:2      | 5700 ||| Stepping randomly (stuck).
  5701 | D:2      | 5701 ||| Stepping randomly (stuck).
  5702 | D:2      | 5702 ||| Stepping randomly (stuck).
  5703 | D:2      | 5703 ||| Stepping randomly (stuck).
  5704 | D:2      | 5704 ||| Stepping randomly (stuck).
  5705 | D:2      | 5705 ||| Stepping randomly (stuck).
  5706 | D:2      | 5706 ||| Stepping randomly (stuck).
  5707 | D:2      | 5707 ||| Stepping randomly (stuck).
  5708 | D:2      | 5708 ||| Stepping randomly (stuck).
  5709 | D:2      | 5709 ||| Stepping randomly (stuck).
  5710 | D:2      | 5710 ||| Stepping randomly (stuck).
  5711 | D:2      | 5711 ||| Stepping randomly (stuck).
  5712 | D:2      | 5712 ||| Stepping randomly (stuck).
  5713 | D:2      | 5713 ||| Stepping randomly (stuck).
  5714 | D:2      | 5714 ||| Stepping randomly (stuck).
  5715 | D:2      | 5715 ||| Stepping randomly (stuck).
  5716 | D:2      | 5716 ||| Stepping randomly (stuck).
  5717 | D:2      | 5717 ||| Stepping randomly (stuck).
  5718 | D:2      | 5718 ||| Stepping randomly (stuck).
  5719 | D:2      | 5719 ||| Stepping randomly (stuck).
  5720 | D:2      | 5720 ||| Stepping randomly (stuck).
  5721 | D:2      | 5721 ||| Stepping randomly (stuck).
  5722 | D:2      | 5722 ||| Stepping randomly (stuck).
  5723 | D:2      | 5723 ||| Stepping randomly (stuck).
  5724 | D:2      | 5724 ||| Stepping randomly (stuck).
  5725 | D:2      | 5725 ||| Stepping randomly (stuck).
  5726 | D:2      | 5726 ||| Stepping randomly (stuck).
  5727 | D:2      | 5727 ||| Stepping randomly (stuck).
  5728 | D:2      | 5728 ||| Stepping randomly (stuck).
  5729 | D:2      | 5729 ||| Stepping randomly (stuck).
  5730 | D:2      | 5730 ||| Stepping randomly (stuck).
  5731 | D:2      | 5731 ||| Stepping randomly (stuck).
  5732 | D:2      | 5732 ||| Stepping randomly (stuck).
  5733 | D:2      | 5733 ||| Stepping randomly (stuck).
  5734 | D:2      | 5734 ||| Stepping randomly (stuck).
  5735 | D:2      | 5735 ||| Stepping randomly (stuck).
  5736 | D:2      | 5736 ||| Stepping randomly (stuck).
  5737 | D:2      | 5737 ||| Stepping randomly (stuck).
  5738 | D:2      | 5738 ||| Stepping randomly (stuck).
  5739 | D:2      | 5739 ||| Stepping randomly (stuck).
  5740 | D:2      | 5740 ||| Stepping randomly (stuck).
  5741 | D:2      | 5741 ||| Stepping randomly (stuck).
  5742 | D:2      | 5742 ||| Stepping randomly (stuck).
  5743 | D:2      | 5743 ||| Stepping randomly (stuck).
  5744 | D:2      | 5744 ||| Stepping randomly (stuck).
  5745 | D:2      | 5745 ||| Stepping randomly (stuck).
  5746 | D:2      | 5746 ||| Stepping randomly (stuck).
  5747 | D:2      | 5747 ||| Stepping randomly (stuck).
  5748 | D:2      | 5748 ||| Stepping randomly (stuck).
  5749 | D:2      | 5749 ||| Stepping randomly (stuck).
  5750 | D:2      | 5750 ||| Stepping randomly (stuck).
  5751 | D:2      | 5751 ||| Stepping randomly (stuck).
  5752 | D:2      | 5752 ||| Stepping randomly (stuck).
  5753 | D:2      | 5753 ||| Stepping randomly (stuck).
  5754 | D:2      | 5754 ||| Stepping randomly (stuck).
  5755 | D:2      | 5755 ||| Stepping randomly (stuck).
  5756 | D:2      | 5756 ||| Stepping randomly (stuck).
  5757 | D:2      | 5757 ||| Stepping randomly (stuck).
  5758 | D:2      | 5758 ||| Stepping randomly (stuck).
  5759 | D:2      | 5759 ||| Stepping randomly (stuck).
  5760 | D:2      | 5760 ||| Stepping randomly (stuck).
  5761 | D:2      | 5761 ||| Stepping randomly (stuck).
  5762 | D:2      | 5762 ||| Stepping randomly (stuck).
  5763 | D:2      | 5763 ||| Stepping randomly (stuck).
  5764 | D:2      | 5764 ||| Stepping randomly (stuck).
  5765 | D:2      | 5765 ||| Stepping randomly (stuck).
  5766 | D:2      | 5766 ||| Stepping randomly (stuck).
  5767 | D:2      | 5767 ||| Stepping randomly (stuck).
  5768 | D:2      | 5768 ||| Stepping randomly (stuck).
  5769 | D:2      | 5769 ||| Stepping randomly (stuck).
  5770 | D:2      | 5770 ||| Stepping randomly (stuck).
  5771 | D:2      | 5771 ||| Stepping randomly (stuck).
  5772 | D:2      | 5772 ||| Stepping randomly (stuck).
  5773 | D:2      | 5773 ||| Stepping randomly (stuck).
  5774 | D:2      | 5774 ||| Stepping randomly (stuck).
  5775 | D:2      | 5775 ||| Stepping randomly (stuck).
  5776 | D:2      | 5776 ||| Stepping randomly (stuck).
  5777 | D:2      | 5777 ||| Stepping randomly (stuck).
  5778 | D:2      | 5778 ||| Stepping randomly (stuck).
  5779 | D:2      | 5779 ||| Stepping randomly (stuck).
  5780 | D:2      | 5780 ||| Stepping randomly (stuck).
  5781 | D:2      | 5781 ||| Stepping randomly (stuck).
  5782 | D:2      | 5782 ||| Stepping randomly (stuck).
  5783 | D:2      | 5783 ||| Stepping randomly (stuck).
  5784 | D:2      | 5784 ||| Stepping randomly (stuck).
  5785 | D:2      | 5785 ||| Stepping randomly (stuck).
  5786 | D:2      | 5786 ||| Stepping randomly (stuck).
  5787 | D:2      | 5787 ||| Stepping randomly (stuck).
  5788 | D:2      | 5788 ||| Stepping randomly (stuck).
  5789 | D:2      | 5789 ||| Stepping randomly (stuck).
  5790 | D:2      | 5790 ||| Stepping randomly (stuck).
  5791 | D:2      | 5791 ||| Stepping randomly (stuck).
  5792 | D:2      | 5792 ||| Stepping randomly (stuck).
  5793 | D:2      | 5793 ||| Stepping randomly (stuck).
  5794 | D:2      | 5794 ||| Stepping randomly (stuck).
  5795 | D:2      | 5795 ||| Stepping randomly (stuck).
  5796 | D:2      | 5796 ||| Stepping randomly (stuck).
  5797 | D:2      | 5797 ||| Stepping randomly (stuck).
  5798 | D:2      | 5798 ||| Stepping randomly (stuck).
  5799 | D:2      | 5799 ||| Stepping randomly (stuck).
  5800 | D:2      | 5800 ||| Stepping randomly (stuck).
  5801 | D:2      | 5801 ||| Stepping randomly (stuck).
  5802 | D:2      | 5802 ||| Stepping randomly (stuck).
  5803 | D:2      | 5803 ||| Stepping randomly (stuck).
  5804 | D:2      | 5804 ||| Stepping randomly (stuck).
  5805 | D:2      | 5805 ||| Stepping randomly (stuck).
  5806 | D:2      | 5806 ||| Stepping randomly (stuck).
  5807 | D:2      | 5807 ||| Stepping randomly (stuck).
  5808 | D:2      | 5808 ||| Stepping randomly (stuck).
  5809 | D:2      | 5809 ||| Stepping randomly (stuck).
  5810 | D:2      | 5810 ||| Stepping randomly (stuck).
  5811 | D:2      | 5811 ||| Stepping randomly (stuck).
  5812 | D:2      | 5812 ||| Stepping randomly (stuck).
  5813 | D:2      | 5813 ||| Stepping randomly (stuck).
  5814 | D:2      | 5814 ||| Stepping randomly (stuck).
  5815 | D:2      | 5815 ||| Stepping randomly (stuck).
  5816 | D:2      | 5816 ||| Stepping randomly (stuck).
  5817 | D:2      | 5817 ||| Stepping randomly (stuck).
  5818 | D:2      | 5818 ||| Stepping randomly (stuck).
  5819 | D:2      | 5819 ||| Stepping randomly (stuck).
  5820 | D:2      | 5820 ||| Stepping randomly (stuck).
  5821 | D:2      | 5821 ||| Stepping randomly (stuck).
  5822 | D:2      | 5822 ||| Stepping randomly (stuck).
  5823 | D:2      | 5823 ||| Stepping randomly (stuck).
  5824 | D:2      | 5824 ||| Stepping randomly (stuck).
  5825 | D:2      | 5825 ||| Stepping randomly (stuck).
  5826 | D:2      | 5826 ||| Stepping randomly (stuck).
  5827 | D:2      | 5827 ||| Stepping randomly (stuck).
  5828 | D:2      | 5828 ||| Stepping randomly (stuck).
  5829 | D:2      | 5829 ||| Stepping randomly (stuck).
  5830 | D:2      | 5830 ||| Stepping randomly (stuck).
  5831 | D:2      | 5831 ||| Stepping randomly (stuck).
  5832 | D:2      | 5832 ||| Stepping randomly (stuck).
  5833 | D:2      | 5833 ||| Stepping randomly (stuck).
  5834 | D:2      | 5834 ||| Stepping randomly (stuck).
  5835 | D:2      | 5835 ||| Stepping randomly (stuck).
  5836 | D:2      | 5836 ||| Stepping randomly (stuck).
  5837 | D:2      | 5837 ||| Stepping randomly (stuck).
  5838 | D:2      | 5838 ||| Stepping randomly (stuck).
  5839 | D:2      | 5839 ||| Stepping randomly (stuck).
  5840 | D:2      | 5840 ||| Stepping randomly (stuck).
  5841 | D:2      | 5841 ||| Stepping randomly (stuck).
  5842 | D:2      | 5842 ||| Stepping randomly (stuck).
  5843 | D:2      | 5843 ||| Stepping randomly (stuck).
  5844 | D:2      | 5844 ||| Stepping randomly (stuck).
  5845 | D:2      | 5845 ||| Stepping randomly (stuck).
  5846 | D:2      | 5846 ||| Stepping randomly (stuck).
  5847 | D:2      | 5847 ||| Stepping randomly (stuck).
  5848 | D:2      | 5848 ||| Stepping randomly (stuck).
  5849 | D:2      | 5849 ||| Stepping randomly (stuck).
  5850 | D:2      | 5850 ||| Stepping randomly (stuck).
  5851 | D:2      | 5851 ||| Stepping randomly (stuck).
  5852 | D:2      | 5852 ||| Stepping randomly (stuck).
  5853 | D:2      | 5853 ||| Stepping randomly (stuck).
  5854 | D:2      | 5854 ||| Stepping randomly (stuck).
  5855 | D:2      | 5855 ||| Stepping randomly (stuck).
  5856 | D:2      | 5856 ||| Stepping randomly (stuck).
  5857 | D:2      | 5857 ||| Stepping randomly (stuck).
  5858 | D:2      | 5858 ||| Stepping randomly (stuck).
  5859 | D:2      | 5859 ||| Stepping randomly (stuck).
  5860 | D:2      | 5860 ||| Stepping randomly (stuck).
  5861 | D:2      | 5861 ||| Stepping randomly (stuck).
  5862 | D:2      | 5862 ||| Stepping randomly (stuck).
  5863 | D:2      | 5863 ||| Stepping randomly (stuck).
  5864 | D:2      | 5864 ||| Stepping randomly (stuck).
  5865 | D:2      | 5865 ||| Stepping randomly (stuck).
  5866 | D:2      | 5866 ||| Stepping randomly (stuck).
  5867 | D:2      | 5867 ||| Stepping randomly (stuck).
  5868 | D:2      | 5868 ||| Stepping randomly (stuck).
  5869 | D:2      | 5869 ||| Stepping randomly (stuck).
  5870 | D:2      | 5870 ||| Stepping randomly (stuck).
  5871 | D:2      | 5871 ||| Stepping randomly (stuck).
  5872 | D:2      | 5872 ||| Stepping randomly (stuck).
  5873 | D:2      | 5873 ||| Stepping randomly (stuck).
  5874 | D:2      | 5874 ||| Stepping randomly (stuck).
  5875 | D:2      | 5875 ||| Stepping randomly (stuck).
  5876 | D:2      | 5876 ||| Stepping randomly (stuck).
  5877 | D:2      | 5877 ||| Stepping randomly (stuck).
  5878 | D:2      | 5878 ||| Stepping randomly (stuck).
  5879 | D:2      | 5879 ||| Stepping randomly (stuck).
  5880 | D:2      | 5880 ||| Stepping randomly (stuck).
  5881 | D:2      | 5881 ||| Stepping randomly (stuck).
  5882 | D:2      | 5882 ||| Stepping randomly (stuck).
  5883 | D:2      | 5883 ||| Stepping randomly (stuck).
  5884 | D:2      | 5884 ||| Stepping randomly (stuck).
  5885 | D:2      | 5885 ||| Stepping randomly (stuck).
  5886 | D:2      | 5886 ||| Stepping randomly (stuck).
  5887 | D:2      | 5887 ||| Stepping randomly (stuck).
  5888 | D:2      | 5888 ||| Stepping randomly (stuck).
  5889 | D:2      | 5889 ||| Stepping randomly (stuck).
  5890 | D:2      | 5890 ||| Stepping randomly (stuck).
  5891 | D:2      | 5891 ||| Stepping randomly (stuck).
  5892 | D:2      | 5892 ||| Stepping randomly (stuck).
  5893 | D:2      | 5893 ||| Stepping randomly (stuck).
  5894 | D:2      | 5894 ||| Stepping randomly (stuck).
  5895 | D:2      | 5895 ||| Stepping randomly (stuck).
  5896 | D:2      | 5896 ||| Stepping randomly (stuck).
  5897 | D:2      | 5897 ||| Stepping randomly (stuck).
  5898 | D:2      | 5898 ||| Stepping randomly (stuck).
  5899 | D:2      | 5899 ||| Stepping randomly (stuck).
  5900 | D:2      | 5900 ||| Stepping randomly (stuck).
  5901 | D:2      | 5901 ||| Stepping randomly (stuck).
  5902 | D:2      | 5902 ||| Stepping randomly (stuck).
  5903 | D:2      | 5903 ||| Stepping randomly (stuck).
  5904 | D:2      | 5904 ||| Stepping randomly (stuck).
  5905 | D:2      | 5905 ||| Stepping randomly (stuck).
  5906 | D:2      | 5906 ||| Stepping randomly (stuck).
  5907 | D:2      | 5907 ||| Stepping randomly (stuck).
  5908 | D:2      | 5908 ||| Stepping randomly (stuck).
  5909 | D:2      | 5909 ||| Stepping randomly (stuck).
  5910 | D:2      | 5910 ||| Stepping randomly (stuck).
  5911 | D:2      | 5911 ||| Stepping randomly (stuck).
  5912 | D:2      | 5912 ||| Stepping randomly (stuck).
  5913 | D:2      | 5913 ||| Stepping randomly (stuck).
  5914 | D:2      | 5914 ||| Stepping randomly (stuck).
  5915 | D:2      | 5915 ||| Stepping randomly (stuck).
  5916 | D:2      | 5916 ||| Stepping randomly (stuck).
  5917 | D:2      | 5917 ||| Stepping randomly (stuck).
  5918 | D:2      | 5918 ||| Stepping randomly (stuck).
  5919 | D:2      | 5919 ||| Stepping randomly (stuck).
  5920 | D:2      | 5920 ||| Stepping randomly (stuck).
  5921 | D:2      | 5921 ||| Stepping randomly (stuck).
  5922 | D:2      | 5922 ||| Stepping randomly (stuck).
  5923 | D:2      | 5923 ||| Stepping randomly (stuck).
  5924 | D:2      | 5924 ||| Stepping randomly (stuck).
  5925 | D:2      | 5925 ||| Stepping randomly (stuck).
  5926 | D:2      | 5926 ||| Stepping randomly (stuck).
  5927 | D:2      | 5927 ||| Stepping randomly (stuck).
  5928 | D:2      | 5928 ||| Stepping randomly (stuck).
  5929 | D:2      | 5929 ||| Stepping randomly (stuck).
  5930 | D:2      | 5930 ||| Stepping randomly (stuck).
  5931 | D:2      | 5931 ||| Stepping randomly (stuck).
  5932 | D:2      | 5932 ||| Stepping randomly (stuck).
  5933 | D:2      | 5933 ||| Stepping randomly (stuck).
  5934 | D:2      | 5934 ||| Stepping randomly (stuck).
  5935 | D:2      | 5935 ||| Stepping randomly (stuck).
  5936 | D:2      | 5936 ||| Stepping randomly (stuck).
  5937 | D:2      | 5937 ||| Stepping randomly (stuck).
  5938 | D:2      | 5938 ||| Stepping randomly (stuck).
  5939 | D:2      | 5939 ||| Stepping randomly (stuck).
  5940 | D:2      | 5940 ||| Stepping randomly (stuck).
  5941 | D:2      | 5941 ||| Stepping randomly (stuck).
  5942 | D:2      | 5942 ||| Stepping randomly (stuck).
  5943 | D:2      | 5943 ||| Stepping randomly (stuck).
  5944 | D:2      | 5944 ||| Stepping randomly (stuck).
  5945 | D:2      | 5945 ||| Stepping randomly (stuck).
  5946 | D:2      | 5946 ||| Stepping randomly (stuck).
  5947 | D:2      | 5947 ||| Stepping randomly (stuck).
  5948 | D:2      | 5948 ||| Stepping randomly (stuck).
  5949 | D:2      | 5949 ||| Stepping randomly (stuck).
  5950 | D:2      | 5950 ||| Stepping randomly (stuck).
  5951 | D:2      | 5951 ||| Stepping randomly (stuck).
  5952 | D:2      | 5952 ||| Stepping randomly (stuck).
  5953 | D:2      | 5953 ||| Stepping randomly (stuck).
  5954 | D:2      | 5954 ||| Stepping randomly (stuck).
  5955 | D:2      | 5955 ||| Stepping randomly (stuck).
  5956 | D:2      | 5956 ||| Stepping randomly (stuck).
  5957 | D:2      | 5957 ||| Stepping randomly (stuck).
  5958 | D:2      | 5958 ||| Stepping randomly (stuck).
  5959 | D:2      | 5959 ||| Stepping randomly (stuck).
  5960 | D:2      | 5960 ||| Stepping randomly (stuck).
  5961 | D:2      | 5961 ||| Stepping randomly (stuck).
  5962 | D:2      | 5962 ||| Stepping randomly (stuck).
  5963 | D:2      | 5963 ||| Stepping randomly (stuck).
  5964 | D:2      | 5964 ||| Stepping randomly (stuck).
  5965 | D:2      | 5965 ||| Stepping randomly (stuck).
  5966 | D:2      | 5966 ||| Stepping randomly (stuck).
  5967 | D:2      | 5967 ||| Stepping randomly (stuck).
  5968 | D:2      | 5968 ||| Stepping randomly (stuck).
  5969 | D:2      | 5969 ||| Stepping randomly (stuck).
  5970 | D:2      | 5970 ||| Stepping randomly (stuck).
  5971 | D:2      | 5971 ||| Stepping randomly (stuck).
  5972 | D:2      | 5972 ||| Stepping randomly (stuck).
  5973 | D:2      | 5973 ||| Stepping randomly (stuck).
  5974 | D:2      | 5974 ||| Stepping randomly (stuck).
  5975 | D:2      | 5975 ||| Stepping randomly (stuck).
  5976 | D:2      | 5976 ||| Stepping randomly (stuck).
  5977 | D:2      | 5977 ||| Stepping randomly (stuck).
  5978 | D:2      | 5978 ||| Stepping randomly (stuck).
  5979 | D:2      | 5979 ||| Stepping randomly (stuck).
  5980 | D:2      | 5980 ||| Stepping randomly (stuck).
  5981 | D:2      | 5981 ||| Stepping randomly (stuck).
  5982 | D:2      | 5982 ||| Stepping randomly (stuck).
  5983 | D:2      | 5983 ||| Stepping randomly (stuck).
  5984 | D:2      | 5984 ||| Stepping randomly (stuck).
  5985 | D:2      | 5985 ||| Stepping randomly (stuck).
  5986 | D:2      | 5986 ||| Stepping randomly (stuck).
  5987 | D:2      | 5987 ||| Stepping randomly (stuck).
  5988 | D:2      | 5988 ||| Stepping randomly (stuck).
  5989 | D:2      | 5989 ||| Stepping randomly (stuck).
  5990 | D:2      | 5990 ||| Stepping randomly (stuck).
  5991 | D:2      | 5991 ||| Stepping randomly (stuck).
  5992 | D:2      | 5992 ||| Stepping randomly (stuck).
  5993 | D:2      | 5993 ||| Stepping randomly (stuck).
  5994 | D:2      | 5994 ||| Stepping randomly (stuck).
  5995 | D:2      | 5995 ||| Stepping randomly (stuck).
  5996 | D:2      | 5996 ||| Stepping randomly (stuck).
  5997 | D:2      | 5997 ||| Stepping randomly (stuck).
  5998 | D:2      | 5998 ||| Stepping randomly (stuck).
  5999 | D:2      | 5999 ||| Stepping randomly (stuck).
  6000 | D:2      | 6000 ||| Stepping randomly (stuck).
  6001 | D:2      | 6001 ||| Stepping randomly (stuck).
  6002 | D:2      | 6002 ||| Stepping randomly (stuck).
  6003 | D:2      | 6003 ||| Stepping randomly (stuck).
  6004 | D:2      | 6004 ||| Stepping randomly (stuck).
  6005 | D:2      | 6005 ||| Stepping randomly (stuck).
  6006 | D:2      | 6006 ||| Stepping randomly (stuck).
  6007 | D:2      | 6007 ||| Stepping randomly (stuck).
  6008 | D:2      | 6008 ||| Stepping randomly (stuck).
  6009 | D:2      | 6009 ||| Stepping randomly (stuck).
  6010 | D:2      | 6010 ||| Stepping randomly (stuck).
  6011 | D:2      | 6011 ||| Stepping randomly (stuck).
  6012 | D:2      | 6012 ||| Stepping randomly (stuck).
  6013 | D:2      | 6013 ||| Stepping randomly (stuck).
  6014 | D:2      | 6014 ||| Stepping randomly (stuck).
  6015 | D:2      | 6015 ||| Stepping randomly (stuck).
  6016 | D:2      | 6016 ||| Stepping randomly (stuck).
  6017 | D:2      | 6017 ||| Stepping randomly (stuck).
  6018 | D:2      | 6018 ||| Stepping randomly (stuck).
  6019 | D:2      | 6019 ||| Stepping randomly (stuck).
  6020 | D:2      | 6020 ||| Stepping randomly (stuck).
  6021 | D:2      | 6021 ||| Stepping randomly (stuck).
  6022 | D:2      | 6022 ||| Stepping randomly (stuck).
  6023 | D:2      | 6023 ||| Stepping randomly (stuck).
  6024 | D:2      | 6024 ||| Stepping randomly (stuck).
  6025 | D:2      | 6025 ||| Stepping randomly (stuck).
  6026 | D:2      | 6026 ||| Stepping randomly (stuck).
  6027 | D:2      | 6027 ||| Stepping randomly (stuck).
  6028 | D:2      | 6028 ||| Stepping randomly (stuck).
  6029 | D:2      | 6029 ||| Stepping randomly (stuck).
  6030 | D:2      | 6030 ||| Stepping randomly (stuck).
  6031 | D:2      | 6031 ||| Stepping randomly (stuck).
  6032 | D:2      | 6032 ||| Stepping randomly (stuck).
  6033 | D:2      | 6033 ||| Stepping randomly (stuck).
  6034 | D:2      | 6034 ||| Stepping randomly (stuck).
  6035 | D:2      | 6035 ||| Stepping randomly (stuck).
  6036 | D:2      | 6036 ||| Stepping randomly (stuck).
  6037 | D:2      | 6037 ||| Stepping randomly (stuck).
  6038 | D:2      | 6038 ||| Stepping randomly (stuck).
  6039 | D:2      | 6039 ||| Stepping randomly (stuck).
  6040 | D:2      | 6040 ||| Stepping randomly (stuck).
  6041 | D:2      | 6041 ||| Stepping randomly (stuck).
  6042 | D:2      | 6042 ||| Stepping randomly (stuck).
  6043 | D:2      | 6043 ||| Stepping randomly (stuck).
  6044 | D:2      | 6044 ||| Stepping randomly (stuck).
  6045 | D:2      | 6045 ||| Stepping randomly (stuck).
  6046 | D:2      | 6046 ||| Stepping randomly (stuck).
  6047 | D:2      | 6047 ||| Stepping randomly (stuck).
  6048 | D:2      | 6048 ||| Stepping randomly (stuck).
  6049 | D:2      | 6049 ||| Stepping randomly (stuck).
  6050 | D:2      | 6050 ||| Stepping randomly (stuck).
  6051 | D:2      | 6051 ||| Stepping randomly (stuck).
  6052 | D:2      | 6052 ||| Stepping randomly (stuck).
  6053 | D:2      | 6053 ||| Stepping randomly (stuck).
  6054 | D:2      | 6054 ||| Stepping randomly (stuck).
  6055 | D:2      | 6055 ||| Stepping randomly (stuck).
  6056 | D:2      | 6056 ||| Stepping randomly (stuck).
  6057 | D:2      | 6057 ||| Stepping randomly (stuck).
  6058 | D:2      | 6058 ||| Stepping randomly (stuck).
  6059 | D:2      | 6059 ||| Stepping randomly (stuck).
  6060 | D:2      | 6060 ||| Stepping randomly (stuck).
  6061 | D:2      | 6061 ||| Stepping randomly (stuck).
  6062 | D:2      | 6062 ||| Stepping randomly (stuck).
  6063 | D:2      | 6063 ||| Stepping randomly (stuck).
  6064 | D:2      | 6064 ||| Stepping randomly (stuck).
  6065 | D:2      | 6065 ||| Stepping randomly (stuck).
  6066 | D:2      | 6066 ||| Stepping randomly (stuck).
  6067 | D:2      | 6067 ||| Stepping randomly (stuck).
  6068 | D:2      | 6068 ||| Stepping randomly (stuck).
  6069 | D:2      | 6069 ||| Stepping randomly (stuck).
  6070 | D:2      | 6070 ||| Stepping randomly (stuck).
  6071 | D:2      | 6071 ||| Stepping randomly (stuck).
  6072 | D:2      | 6072 ||| Stepping randomly (stuck).
  6073 | D:2      | 6073 ||| Stepping randomly (stuck).
  6074 | D:2      | 6074 ||| Stepping randomly (stuck).
  6075 | D:2      | 6075 ||| Stepping randomly (stuck).
  6076 | D:2      | 6076 ||| Stepping randomly (stuck).
  6077 | D:2      | 6077 ||| Stepping randomly (stuck).
  6078 | D:2      | 6078 ||| Stepping randomly (stuck).
  6079 | D:2      | 6079 ||| Stepping randomly (stuck).
  6080 | D:2      | 6080 ||| Stepping randomly (stuck).
  6081 | D:2      | 6081 ||| Stepping randomly (stuck).
  6082 | D:2      | 6082 ||| Stepping randomly (stuck).
  6083 | D:2      | 6083 ||| Stepping randomly (stuck).
  6084 | D:2      | 6084 ||| Stepping randomly (stuck).
  6085 | D:2      | 6085 ||| Stepping randomly (stuck).
  6086 | D:2      | 6086 ||| Stepping randomly (stuck).
  6087 | D:2      | 6087 ||| Stepping randomly (stuck).
  6088 | D:2      | 6088 ||| Stepping randomly (stuck).
  6089 | D:2      | 6089 ||| Stepping randomly (stuck).
  6090 | D:2      | 6090 ||| Stepping randomly (stuck).
  6091 | D:2      | 6091 ||| Stepping randomly (stuck).
  6092 | D:2      | 6092 ||| Stepping randomly (stuck).
  6093 | D:2      | 6093 ||| Stepping randomly (stuck).
  6094 | D:2      | 6094 ||| Stepping randomly (stuck).
  6095 | D:2      | 6095 ||| Stepping randomly (stuck).
  6096 | D:2      | 6096 ||| Stepping randomly (stuck).
  6097 | D:2      | 6097 ||| Stepping randomly (stuck).
  6098 | D:2      | 6098 ||| Stepping randomly (stuck).
  6099 | D:2      | 6099 ||| Stepping randomly (stuck).
  6100 | D:2      | 6100 ||| Stepping randomly (stuck).
  6101 | D:2      | 6101 ||| Stepping randomly (stuck).
  6102 | D:2      | 6102 ||| Stepping randomly (stuck).
  6103 | D:2      | 6103 ||| Stepping randomly (stuck).
  6104 | D:2      | 6104 ||| Stepping randomly (stuck).
  6105 | D:2      | 6105 ||| Stepping randomly (stuck).
  6106 | D:2      | 6106 ||| Stepping randomly (stuck).
  6107 | D:2      | 6107 ||| Stepping randomly (stuck).
  6108 | D:2      | 6108 ||| Stepping randomly (stuck).
  6109 | D:2      | 6109 ||| Stepping randomly (stuck).
  6110 | D:2      | 6110 ||| Stepping randomly (stuck).
  6111 | D:2      | 6111 ||| Stepping randomly (stuck).
  6112 | D:2      | 6112 ||| Stepping randomly (stuck).
  6113 | D:2      | 6113 ||| Stepping randomly (stuck).
  6114 | D:2      | 6114 ||| Stepping randomly (stuck).
  6115 | D:2      | 6115 ||| Stepping randomly (stuck).
  6116 | D:2      | 6116 ||| Stepping randomly (stuck).
  6117 | D:2      | 6117 ||| Stepping randomly (stuck).
  6118 | D:2      | 6118 ||| Stepping randomly (stuck).
  6119 | D:2      | 6119 ||| Stepping randomly (stuck).
  6120 | D:2      | 6120 ||| Stepping randomly (stuck).
  6121 | D:2      | 6121 ||| Stepping randomly (stuck).
  6122 | D:2      | 6122 ||| Stepping randomly (stuck).
  6123 | D:2      | 6123 ||| Stepping randomly (stuck).
  6124 | D:2      | 6124 ||| Stepping randomly (stuck).
  6125 | D:2      | 6125 ||| Stepping randomly (stuck).
  6126 | D:2      | 6126 ||| Stepping randomly (stuck).
  6127 | D:2      | 6127 ||| Stepping randomly (stuck).
  6128 | D:2      | 6128 ||| Stepping randomly (stuck).
  6129 | D:2      | 6129 ||| Stepping randomly (stuck).
  6130 | D:2      | 6130 ||| Stepping randomly (stuck).
  6131 | D:2      | 6131 ||| Stepping randomly (stuck).
  6132 | D:2      | 6132 ||| Stepping randomly (stuck).
  6133 | D:2      | 6133 ||| Stepping randomly (stuck).
  6134 | D:2      | 6134 ||| Stepping randomly (stuck).
  6135 | D:2      | 6135 ||| Stepping randomly (stuck).
  6136 | D:2      | 6136 ||| Stepping randomly (stuck).
  6137 | D:2      | 6137 ||| Stepping randomly (stuck).
  6138 | D:2      | 6138 ||| Stepping randomly (stuck).
  6139 | D:2      | 6139 ||| Stepping randomly (stuck).
  6140 | D:2      | 6140 ||| Stepping randomly (stuck).
  6141 | D:2      | 6141 ||| Stepping randomly (stuck).
  6142 | D:2      | 6142 ||| Stepping randomly (stuck).
  6143 | D:2      | 6143 ||| Stepping randomly (stuck).
  6144 | D:2      | 6144 ||| Stepping randomly (stuck).
  6145 | D:2      | 6145 ||| Stepping randomly (stuck).
  6146 | D:2      | 6146 ||| Stepping randomly (stuck).
  6147 | D:2      | 6147 ||| Stepping randomly (stuck).
  6148 | D:2      | 6148 ||| Stepping randomly (stuck).
  6149 | D:2      | 6149 ||| Stepping randomly (stuck).
  6150 | D:2      | 6150 ||| Stepping randomly (stuck).
  6151 | D:2      | 6151 ||| Stepping randomly (stuck).
  6152 | D:2      | 6152 ||| Stepping randomly (stuck).
  6153 | D:2      | 6153 ||| Stepping randomly (stuck).
  6154 | D:2      | 6154 ||| Stepping randomly (stuck).
  6155 | D:2      | 6155 ||| Stepping randomly (stuck).
  6156 | D:2      | 6156 ||| Stepping randomly (stuck).
  6157 | D:2      | 6157 ||| Stepping randomly (stuck).
  6158 | D:2      | 6158 ||| Stepping randomly (stuck).
  6159 | D:2      | 6159 ||| Stepping randomly (stuck).
  6160 | D:2      | 6160 ||| Stepping randomly (stuck).
  6161 | D:2      | 6161 ||| Stepping randomly (stuck).
  6162 | D:2      | 6162 ||| Stepping randomly (stuck).
  6163 | D:2      | 6163 ||| Stepping randomly (stuck).
  6164 | D:2      | 6164 ||| Stepping randomly (stuck).
  6165 | D:2      | 6165 ||| Stepping randomly (stuck).
  6166 | D:2      | 6166 ||| Stepping randomly (stuck).
  6167 | D:2      | 6167 ||| Stepping randomly (stuck).
  6168 | D:2      | 6168 ||| Stepping randomly (stuck).
  6169 | D:2      | 6169 ||| Stepping randomly (stuck).
  6170 | D:2      | 6170 ||| Stepping randomly (stuck).
  6171 | D:2      | 6171 ||| Stepping randomly (stuck).
  6172 | D:2      | 6172 ||| Stepping randomly (stuck).
  6173 | D:2      | 6173 ||| Stepping randomly (stuck).
  6174 | D:2      | 6174 ||| Stepping randomly (stuck).
  6175 | D:2      | 6175 ||| Stepping randomly (stuck).
  6176 | D:2      | 6176 ||| Stepping randomly (stuck).
  6177 | D:2      | 6177 ||| Stepping randomly (stuck).
  6178 | D:2      | 6178 ||| Stepping randomly (stuck).
  6179 | D:2      | 6179 ||| Stepping randomly (stuck).
  6180 | D:2      | 6180 ||| Stepping randomly (stuck).
  6181 | D:2      | 6181 ||| Stepping randomly (stuck).
  6182 | D:2      | 6182 ||| Stepping randomly (stuck).
  6183 | D:2      | 6183 ||| Stepping randomly (stuck).
  6184 | D:2      | 6184 ||| Stepping randomly (stuck).
  6185 | D:2      | 6185 ||| Stepping randomly (stuck).
  6186 | D:2      | 6186 ||| Stepping randomly (stuck).
  6187 | D:2      | 6187 ||| Stepping randomly (stuck).
  6188 | D:2      | 6188 ||| Stepping randomly (stuck).
  6189 | D:2      | 6189 ||| Stepping randomly (stuck).
  6190 | D:2      | 6190 ||| Stepping randomly (stuck).
  6191 | D:2      | 6191 ||| Stepping randomly (stuck).
  6192 | D:2      | 6192 ||| Stepping randomly (stuck).
  6193 | D:2      | 6193 ||| Stepping randomly (stuck).
  6194 | D:2      | 6194 ||| Stepping randomly (stuck).
  6195 | D:2      | 6195 ||| Stepping randomly (stuck).
  6196 | D:2      | 6196 ||| Stepping randomly (stuck).
  6197 | D:2      | 6197 ||| Stepping randomly (stuck).
  6198 | D:2      | 6198 ||| Stepping randomly (stuck).
  6199 | D:2      | 6199 ||| Stepping randomly (stuck).
  6200 | D:2      | 6200 ||| Stepping randomly (stuck).
  6201 | D:2      | 6201 ||| Stepping randomly (stuck).
  6202 | D:2      | 6202 ||| Stepping randomly (stuck).
  6203 | D:2      | 6203 ||| Stepping randomly (stuck).
  6204 | D:2      | 6204 ||| Stepping randomly (stuck).
  6205 | D:2      | 6205 ||| Stepping randomly (stuck).
  6206 | D:2      | 6206 ||| Stepping randomly (stuck).
  6207 | D:2      | 6207 ||| Stepping randomly (stuck).
  6208 | D:2      | 6208 ||| Stepping randomly (stuck).
  6209 | D:2      | 6209 ||| Stepping randomly (stuck).
  6210 | D:2      | 6210 ||| Stepping randomly (stuck).
  6211 | D:2      | 6211 ||| Stepping randomly (stuck).
  6212 | D:2      | 6212 ||| Stepping randomly (stuck).
  6213 | D:2      | 6213 ||| Stepping randomly (stuck).
  6214 | D:2      | 6214 ||| Stepping randomly (stuck).
  6215 | D:2      | 6215 ||| Stepping randomly (stuck).
  6216 | D:2      | 6216 ||| Stepping randomly (stuck).
  6217 | D:2      | 6217 ||| Stepping randomly (stuck).
  6218 | D:2      | 6218 ||| Stepping randomly (stuck).
  6219 | D:2      | 6219 ||| Stepping randomly (stuck).
  6220 | D:2      | 6220 ||| Stepping randomly (stuck).
  6221 | D:2      | 6221 ||| Stepping randomly (stuck).
  6222 | D:2      | 6222 ||| Stepping randomly (stuck).
  6223 | D:2      | 6223 ||| Stepping randomly (stuck).
  6224 | D:2      | 6224 ||| Stepping randomly (stuck).
  6225 | D:2      | 6225 ||| Stepping randomly (stuck).
  6226 | D:2      | 6226 ||| Stepping randomly (stuck).
  6227 | D:2      | 6227 ||| Stepping randomly (stuck).
  6228 | D:2      | 6228 ||| Stepping randomly (stuck).
  6229 | D:2      | 6229 ||| Stepping randomly (stuck).
  6230 | D:2      | 6230 ||| Stepping randomly (stuck).
  6231 | D:2      | 6231 ||| Stepping randomly (stuck).
  6232 | D:2      | 6232 ||| Stepping randomly (stuck).
  6233 | D:2      | 6233 ||| Stepping randomly (stuck).
  6234 | D:2      | 6234 ||| Stepping randomly (stuck).
  6235 | D:2      | 6235 ||| Stepping randomly (stuck).
  6236 | D:2      | 6236 ||| Stepping randomly (stuck).
  6237 | D:2      | 6237 ||| Stepping randomly (stuck).
  6238 | D:2      | 6238 ||| Stepping randomly (stuck).
  6239 | D:2      | 6239 ||| Stepping randomly (stuck).
  6240 | D:2      | 6240 ||| Stepping randomly (stuck).
  6241 | D:2      | 6241 ||| Stepping randomly (stuck).
  6242 | D:2      | 6242 ||| Stepping randomly (stuck).
  6243 | D:2      | 6243 ||| Stepping randomly (stuck).
  6244 | D:2      | 6244 ||| Stepping randomly (stuck).
  6245 | D:2      | 6245 ||| Stepping randomly (stuck).
  6246 | D:2      | 6246 ||| Stepping randomly (stuck).
  6247 | D:2      | 6247 ||| Stepping randomly (stuck).
  6248 | D:2      | 6248 ||| Stepping randomly (stuck).
  6249 | D:2      | 6249 ||| Stepping randomly (stuck).
  6250 | D:2      | 6250 ||| Stepping randomly (stuck).
  6251 | D:2      | 6251 ||| Stepping randomly (stuck).
  6252 | D:2      | 6252 ||| Stepping randomly (stuck).
  6253 | D:2      | 6253 ||| Stepping randomly (stuck).
  6254 | D:2      | 6254 ||| Stepping randomly (stuck).
  6255 | D:2      | 6255 ||| Stepping randomly (stuck).
  6256 | D:2      | 6256 ||| Stepping randomly (stuck).
  6257 | D:2      | 6257 ||| Stepping randomly (stuck).
  6258 | D:2      | 6258 ||| Stepping randomly (stuck).
  6259 | D:2      | 6259 ||| Stepping randomly (stuck).
  6260 | D:2      | 6260 ||| Stepping randomly (stuck).
  6261 | D:2      | 6261 ||| Stepping randomly (stuck).
  6262 | D:2      | 6262 ||| Stepping randomly (stuck).
  6263 | D:2      | 6263 ||| Stepping randomly (stuck).
  6264 | D:2      | 6264 ||| Stepping randomly (stuck).
  6265 | D:2      | 6265 ||| Stepping randomly (stuck).
  6266 | D:2      | 6266 ||| Stepping randomly (stuck).
  6267 | D:2      | 6267 ||| Stepping randomly (stuck).
  6268 | D:2      | 6268 ||| Stepping randomly (stuck).
  6269 | D:2      | 6269 ||| Stepping randomly (stuck).
  6270 | D:2      | 6270 ||| Stepping randomly (stuck).
  6271 | D:2      | 6271 ||| Stepping randomly (stuck).
  6272 | D:2      | 6272 ||| Stepping randomly (stuck).
  6273 | D:2      | 6273 ||| Stepping randomly (stuck).
  6274 | D:2      | 6274 ||| Stepping randomly (stuck).
  6275 | D:2      | 6275 ||| Stepping randomly (stuck).
  6276 | D:2      | 6276 ||| Stepping randomly (stuck).
  6277 | D:2      | 6277 ||| Stepping randomly (stuck).
  6278 | D:2      | 6278 ||| Stepping randomly (stuck).
  6279 | D:2      | 6279 ||| Stepping randomly (stuck).
  6280 | D:2      | 6280 ||| Stepping randomly (stuck).
  6281 | D:2      | 6281 ||| Stepping randomly (stuck).
  6282 | D:2      | 6282 ||| Stepping randomly (stuck).
  6283 | D:2      | 6283 ||| Stepping randomly (stuck).
  6284 | D:2      | 6284 ||| Stepping randomly (stuck).
  6285 | D:2      | 6285 ||| Stepping randomly (stuck).
  6286 | D:2      | 6286 ||| Stepping randomly (stuck).
  6287 | D:2      | 6287 ||| Stepping randomly (stuck).
  6288 | D:2      | 6288 ||| Stepping randomly (stuck).
  6289 | D:2      | 6289 ||| Stepping randomly (stuck).
  6290 | D:2      | 6290 ||| Stepping randomly (stuck).
  6291 | D:2      | 6291 ||| Stepping randomly (stuck).
  6292 | D:2      | 6292 ||| Stepping randomly (stuck).
  6293 | D:2      | 6293 ||| Stepping randomly (stuck).
  6294 | D:2      | 6294 ||| Stepping randomly (stuck).
  6295 | D:2      | 6295 ||| Stepping randomly (stuck).
  6296 | D:2      | 6296 ||| Stepping randomly (stuck).
  6297 | D:2      | 6297 ||| Stepping randomly (stuck).
  6298 | D:2      | 6298 ||| Stepping randomly (stuck).
  6299 | D:2      | 6299 ||| Stepping randomly (stuck).
  6300 | D:2      | 6300 ||| Stepping randomly (stuck).
  6301 | D:2      | 6301 ||| Stepping randomly (stuck).
  6302 | D:2      | 6302 ||| Stepping randomly (stuck).
  6303 | D:2      | 6303 ||| Stepping randomly (stuck).
  6304 | D:2      | 6304 ||| Stepping randomly (stuck).
  6305 | D:2      | 6305 ||| Stepping randomly (stuck).
  6306 | D:2      | 6306 ||| Stepping randomly (stuck).
  6307 | D:2      | 6307 ||| Stepping randomly (stuck).
  6308 | D:2      | 6308 ||| Stepping randomly (stuck).
  6309 | D:2      | 6309 ||| Stepping randomly (stuck).
  6310 | D:2      | 6310 ||| Stepping randomly (stuck).
  6311 | D:2      | 6311 ||| Stepping randomly (stuck).
  6312 | D:2      | 6312 ||| Stepping randomly (stuck).
  6313 | D:2      | 6313 ||| Stepping randomly (stuck).
  6314 | D:2      | 6314 ||| Stepping randomly (stuck).
  6315 | D:2      | 6315 ||| Stepping randomly (stuck).
  6316 | D:2      | 6316 ||| Stepping randomly (stuck).
  6317 | D:2      | 6317 ||| Stepping randomly (stuck).
  6318 | D:2      | 6318 ||| Stepping randomly (stuck).
  6319 | D:2      | 6319 ||| Stepping randomly (stuck).
  6320 | D:2      | 6320 ||| Stepping randomly (stuck).
  6321 | D:2      | 6321 ||| Stepping randomly (stuck).
  6322 | D:2      | 6322 ||| Stepping randomly (stuck).
  6323 | D:2      | 6323 ||| Stepping randomly (stuck).
  6324 | D:2      | 6324 ||| Stepping randomly (stuck).
  6325 | D:2      | 6325 ||| Stepping randomly (stuck).
  6326 | D:2      | 6326 ||| Stepping randomly (stuck).
  6327 | D:2      | 6327 ||| Stepping randomly (stuck).
  6328 | D:2      | 6328 ||| Stepping randomly (stuck).
  6329 | D:2      | 6329 ||| Stepping randomly (stuck).
  6330 | D:2      | 6330 ||| Stepping randomly (stuck).
  6331 | D:2      | 6331 ||| Stepping randomly (stuck).
  6332 | D:2      | 6332 ||| Stepping randomly (stuck).
  6333 | D:2      | 6333 ||| Stepping randomly (stuck).
  6334 | D:2      | 6334 ||| Stepping randomly (stuck).
  6335 | D:2      | 6335 ||| Stepping randomly (stuck).
  6336 | D:2      | 6336 ||| Stepping randomly (stuck).
  6337 | D:2      | 6337 ||| Stepping randomly (stuck).
  6338 | D:2      | 6338 ||| Stepping randomly (stuck).
  6339 | D:2      | 6339 ||| Stepping randomly (stuck).
  6340 | D:2      | 6340 ||| Stepping randomly (stuck).
  6341 | D:2      | 6341 ||| Stepping randomly (stuck).
  6342 | D:2      | 6342 ||| Stepping randomly (stuck).
  6343 | D:2      | 6343 ||| Stepping randomly (stuck).
  6344 | D:2      | 6344 ||| Stepping randomly (stuck).
  6345 | D:2      | 6345 ||| Stepping randomly (stuck).
  6346 | D:2      | 6346 ||| Stepping randomly (stuck).
  6347 | D:2      | 6347 ||| Stepping randomly (stuck).
  6348 | D:2      | 6348 ||| Stepping randomly (stuck).
  6349 | D:2      | 6349 ||| Stepping randomly (stuck).
  6350 | D:2      | 6350 ||| Stepping randomly (stuck).
  6351 | D:2      | 6351 ||| Stepping randomly (stuck).
  6352 | D:2      | 6352 ||| Stepping randomly (stuck).
  6353 | D:2      | 6353 ||| Stepping randomly (stuck).
  6354 | D:2      | 6354 ||| Stepping randomly (stuck).
  6355 | D:2      | 6355 ||| Stepping randomly (stuck).
  6356 | D:2      | 6356 ||| Stepping randomly (stuck).
  6357 | D:2      | 6357 ||| Stepping randomly (stuck).
  6358 | D:2      | 6358 ||| Stepping randomly (stuck).
  6359 | D:2      | 6359 ||| Stepping randomly (stuck).
  6360 | D:2      | 6360 ||| Stepping randomly (stuck).
  6361 | D:2      | 6361 ||| Stepping randomly (stuck).
  6362 | D:2      | 6362 ||| Stepping randomly (stuck).
  6363 | D:2      | 6363 ||| Stepping randomly (stuck).
  6364 | D:2      | 6364 ||| Stepping randomly (stuck).
  6365 | D:2      | 6365 ||| Stepping randomly (stuck).
  6366 | D:2      | 6366 ||| Stepping randomly (stuck).
  6367 | D:2      | 6367 ||| Stepping randomly (stuck).
  6368 | D:2      | 6368 ||| Stepping randomly (stuck).
  6369 | D:2      | 6369 ||| Stepping randomly (stuck).
  6370 | D:2      | 6370 ||| Stepping randomly (stuck).
  6371 | D:2      | 6371 ||| Stepping randomly (stuck).
  6372 | D:2      | 6372 ||| Stepping randomly (stuck).
  6373 | D:2      | 6373 ||| Stepping randomly (stuck).
  6374 | D:2      | 6374 ||| Stepping randomly (stuck).
  6375 | D:2      | 6375 ||| Stepping randomly (stuck).
  6376 | D:2      | 6376 ||| Stepping randomly (stuck).
  6377 | D:2      | 6377 ||| Stepping randomly (stuck).
  6378 | D:2      | 6378 ||| Stepping randomly (stuck).
  6379 | D:2      | 6379 ||| Stepping randomly (stuck).
  6380 | D:2      | 6380 ||| Stepping randomly (stuck).
  6381 | D:2      | 6381 ||| Stepping randomly (stuck).
  6382 | D:2      | 6382 ||| Stepping randomly (stuck).
  6383 | D:2      | 6383 ||| Stepping randomly (stuck).
  6384 | D:2      | 6384 ||| Stepping randomly (stuck).
  6385 | D:2      | 6385 ||| Stepping randomly (stuck).
  6386 | D:2      | 6386 ||| Stepping randomly (stuck).
  6387 | D:2      | 6387 ||| Stepping randomly (stuck).
  6388 | D:2      | 6388 ||| Stepping randomly (stuck).
  6389 | D:2      | 6389 ||| Stepping randomly (stuck).
  6390 | D:2      | 6390 ||| Stepping randomly (stuck).
  6391 | D:2      | 6391 ||| Stepping randomly (stuck).
  6392 | D:2      | 6392 ||| Stepping randomly (stuck).
  6393 | D:2      | 6393 ||| Stepping randomly (stuck).
  6394 | D:2      | 6394 ||| Stepping randomly (stuck).
  6395 | D:2      | 6395 ||| Stepping randomly (stuck).
  6396 | D:2      | 6396 ||| Stepping randomly (stuck).
  6397 | D:2      | 6397 ||| Stepping randomly (stuck).
  6398 | D:2      | 6398 ||| Stepping randomly (stuck).
  6399 | D:2      | 6399 ||| Stepping randomly (stuck).
  6400 | D:2      | 6400 ||| Stepping randomly (stuck).
  6401 | D:2      | 6401 ||| Stepping randomly (stuck).
  6402 | D:2      | 6402 ||| Stepping randomly (stuck).
  6403 | D:2      | 6403 ||| Stepping randomly (stuck).
  6404 | D:2      | 6404 ||| Stepping randomly (stuck).
  6405 | D:2      | 6405 ||| Stepping randomly (stuck).
  6406 | D:2      | 6406 ||| Stepping randomly (stuck).
  6407 | D:2      | 6407 ||| Stepping randomly (stuck).
  6408 | D:2      | 6408 ||| Stepping randomly (stuck).
  6409 | D:2      | 6409 ||| Stepping randomly (stuck).
  6410 | D:2      | 6410 ||| Stepping randomly (stuck).
  6411 | D:2      | 6411 ||| Stepping randomly (stuck).
  6412 | D:2      | 6412 ||| Stepping randomly (stuck).
  6413 | D:2      | 6413 ||| Stepping randomly (stuck).
  6414 | D:2      | 6414 ||| Stepping randomly (stuck).
  6415 | D:2      | 6415 ||| Stepping randomly (stuck).
  6416 | D:2      | 6416 ||| Stepping randomly (stuck).
  6417 | D:2      | 6417 ||| Stepping randomly (stuck).
  6418 | D:2      | 6418 ||| Stepping randomly (stuck).
  6419 | D:2      | 6419 ||| Stepping randomly (stuck).
  6420 | D:2      | 6420 ||| Stepping randomly (stuck).
  6421 | D:2      | 6421 ||| Stepping randomly (stuck).
  6422 | D:2      | 6422 ||| Stepping randomly (stuck).
  6423 | D:2      | 6423 ||| Stepping randomly (stuck).
  6424 | D:2      | 6424 ||| Stepping randomly (stuck).
  6425 | D:2      | 6425 ||| Stepping randomly (stuck).
  6426 | D:2      | 6426 ||| Stepping randomly (stuck).
  6427 | D:2      | 6427 ||| Stepping randomly (stuck).
  6428 | D:2      | 6428 ||| Stepping randomly (stuck).
  6429 | D:2      | 6429 ||| Stepping randomly (stuck).
  6430 | D:2      | 6430 ||| Stepping randomly (stuck).
  6431 | D:2      | 6431 ||| Stepping randomly (stuck).
  6432 | D:2      | 6432 ||| Stepping randomly (stuck).
  6433 | D:2      | 6433 ||| Stepping randomly (stuck).
  6434 | D:2      | 6434 ||| Stepping randomly (stuck).
  6435 | D:2      | 6435 ||| Stepping randomly (stuck).
  6436 | D:2      | 6436 ||| Stepping randomly (stuck).
  6437 | D:2      | 6437 ||| Stepping randomly (stuck).
  6438 | D:2      | 6438 ||| Stepping randomly (stuck).
  6439 | D:2      | 6439 ||| Stepping randomly (stuck).
  6440 | D:2      | 6440 ||| Stepping randomly (stuck).
  6441 | D:2      | 6441 ||| Stepping randomly (stuck).
  6442 | D:2      | 6442 ||| Stepping randomly (stuck).
  6443 | D:2      | 6443 ||| Stepping randomly (stuck).
  6444 | D:2      | 6444 ||| Stepping randomly (stuck).
  6445 | D:2      | 6445 ||| Stepping randomly (stuck).
  6446 | D:2      | 6446 ||| Stepping randomly (stuck).
  6447 | D:2      | 6447 ||| Stepping randomly (stuck).
  6448 | D:2      | 6448 ||| Stepping randomly (stuck).
  6449 | D:2      | 6449 ||| Stepping randomly (stuck).
  6450 | D:2      | 6450 ||| Stepping randomly (stuck).
  6451 | D:2      | 6451 ||| Stepping randomly (stuck).
  6452 | D:2      | 6452 ||| Stepping randomly (stuck).
  6453 | D:2      | 6453 ||| Stepping randomly (stuck).
  6454 | D:2      | 6454 ||| Stepping randomly (stuck).
  6455 | D:2      | 6455 ||| Stepping randomly (stuck).
  6456 | D:2      | 6456 ||| Stepping randomly (stuck).
  6457 | D:2      | 6457 ||| Stepping randomly (stuck).
  6458 | D:2      | 6458 ||| Stepping randomly (stuck).
  6459 | D:2      | 6459 ||| Stepping randomly (stuck).
  6460 | D:2      | 6460 ||| Stepping randomly (stuck).
  6461 | D:2      | 6461 ||| Stepping randomly (stuck).
  6462 | D:2      | 6462 ||| Stepping randomly (stuck).
  6463 | D:2      | 6463 ||| Stepping randomly (stuck).
  6464 | D:2      | 6464 ||| Stepping randomly (stuck).
  6465 | D:2      | 6465 ||| Stepping randomly (stuck).
  6466 | D:2      | 6466 ||| Stepping randomly (stuck).
  6467 | D:2      | 6467 ||| Stepping randomly (stuck).
  6468 | D:2      | 6468 ||| Stepping randomly (stuck).
  6469 | D:2      | 6469 ||| Stepping randomly (stuck).
  6470 | D:2      | 6470 ||| Stepping randomly (stuck).
  6471 | D:2      | 6471 ||| Stepping randomly (stuck).
  6472 | D:2      | 6472 ||| Stepping randomly (stuck).
  6473 | D:2      | 6473 ||| Stepping randomly (stuck).
  6474 | D:2      | 6474 ||| Stepping randomly (stuck).
  6475 | D:2      | 6475 ||| Stepping randomly (stuck).
  6476 | D:2      | 6476 ||| Stepping randomly (stuck).
  6477 | D:2      | 6477 ||| Stepping randomly (stuck).
  6478 | D:2      | 6478 ||| Stepping randomly (stuck).
  6479 | D:2      | 6479 ||| Stepping randomly (stuck).
  6480 | D:2      | 6480 ||| Stepping randomly (stuck).
  6481 | D:2      | 6481 ||| Stepping randomly (stuck).
  6482 | D:2      | 6482 ||| Stepping randomly (stuck).
  6483 | D:2      | 6483 ||| Stepping randomly (stuck).
  6484 | D:2      | 6484 ||| Stepping randomly (stuck).
  6485 | D:2      | 6485 ||| Stepping randomly (stuck).
  6486 | D:2      | 6486 ||| Stepping randomly (stuck).
  6487 | D:2      | 6487 ||| Stepping randomly (stuck).
  6488 | D:2      | 6488 ||| Stepping randomly (stuck).
  6489 | D:2      | 6489 ||| Stepping randomly (stuck).
  6490 | D:2      | 6490 ||| Stepping randomly (stuck).
  6491 | D:2      | 6491 ||| Stepping randomly (stuck).
  6492 | D:2      | 6492 ||| Stepping randomly (stuck).
  6493 | D:2      | 6493 ||| Stepping randomly (stuck).
  6494 | D:2      | 6494 ||| Stepping randomly (stuck).
  6495 | D:2      | 6495 ||| Stepping randomly (stuck).
  6496 | D:2      | 6496 ||| Stepping randomly (stuck).
  6497 | D:2      | 6497 ||| Stepping randomly (stuck).
  6498 | D:2      | 6498 ||| Stepping randomly (stuck).
  6499 | D:2      | 6499 ||| Stepping randomly (stuck).
  6500 | D:2      | 6500 ||| Stepping randomly (stuck).
  6501 | D:2      | 6501 ||| Stepping randomly (stuck).
  6502 | D:2      | 6502 ||| Stepping randomly (stuck).
  6503 | D:2      | 6503 ||| Stepping randomly (stuck).
  6504 | D:2      | 6504 ||| Stepping randomly (stuck).
  6505 | D:2      | 6505 ||| Stepping randomly (stuck).
  6506 | D:2      | 6506 ||| Stepping randomly (stuck).
  6507 | D:2      | 6507 ||| Stepping randomly (stuck).
  6508 | D:2      | 6508 ||| Stepping randomly (stuck).
  6509 | D:2      | 6509 ||| Stepping randomly (stuck).
  6510 | D:2      | 6510 ||| Stepping randomly (stuck).
  6511 | D:2      | 6511 ||| Stepping randomly (stuck).
  6512 | D:2      | 6512 ||| Stepping randomly (stuck).
  6513 | D:2      | 6513 ||| Stepping randomly (stuck).
  6514 | D:2      | 6514 ||| Stepping randomly (stuck).
  6515 | D:2      | 6515 ||| Stepping randomly (stuck).
  6516 | D:2      | 6516 ||| Stepping randomly (stuck).
  6517 | D:2      | 6517 ||| Stepping randomly (stuck).
  6518 | D:2      | 6518 ||| Stepping randomly (stuck).
  6519 | D:2      | 6519 ||| Stepping randomly (stuck).
  6520 | D:2      | 6520 ||| Stepping randomly (stuck).
  6521 | D:2      | 6521 ||| Stepping randomly (stuck).
  6522 | D:2      | 6522 ||| Stepping randomly (stuck).
  6523 | D:2      | 6523 ||| Stepping randomly (stuck).
  6524 | D:2      | 6524 ||| Stepping randomly (stuck).
  6525 | D:2      | 6525 ||| Stepping randomly (stuck).
  6526 | D:2      | 6526 ||| Stepping randomly (stuck).
  6527 | D:2      | 6527 ||| Stepping randomly (stuck).
  6528 | D:2      | 6528 ||| Stepping randomly (stuck).
  6529 | D:2      | 6529 ||| Stepping randomly (stuck).
  6530 | D:2      | 6530 ||| Stepping randomly (stuck).
  6531 | D:2      | 6531 ||| Stepping randomly (stuck).
  6532 | D:2      | 6532 ||| Stepping randomly (stuck).
  6533 | D:2      | 6533 ||| Stepping randomly (stuck).
  6534 | D:2      | 6534 ||| Stepping randomly (stuck).
  6535 | D:2      | 6535 ||| Stepping randomly (stuck).
  6536 | D:2      | 6536 ||| Stepping randomly (stuck).
  6537 | D:2      | 6537 ||| Stepping randomly (stuck).
  6538 | D:2      | 6538 ||| Stepping randomly (stuck).
  6539 | D:2      | 6539 ||| Stepping randomly (stuck).
  6540 | D:2      | 6540 ||| Stepping randomly (stuck).
  6541 | D:2      | 6541 ||| Stepping randomly (stuck).
  6542 | D:2      | 6542 ||| Stepping randomly (stuck).
  6543 | D:2      | 6543 ||| Stepping randomly (stuck).
  6544 | D:2      | 6544 ||| Stepping randomly (stuck).
  6545 | D:2      | 6545 ||| Stepping randomly (stuck).
  6546 | D:2      | 6546 ||| Stepping randomly (stuck).
  6547 | D:2      | 6547 ||| Stepping randomly (stuck).
  6548 | D:2      | 6548 ||| Stepping randomly (stuck).
  6549 | D:2      | 6549 ||| Stepping randomly (stuck).
  6550 | D:2      | 6550 ||| Stepping randomly (stuck).
  6551 | D:2      | 6551 ||| Stepping randomly (stuck).
  6552 | D:2      | 6552 ||| Stepping randomly (stuck).
  6553 | D:2      | 6553 ||| Stepping randomly (stuck).
  6554 | D:2      | 6554 ||| Stepping randomly (stuck).
  6555 | D:2      | 6555 ||| Stepping randomly (stuck).
  6556 | D:2      | 6556 ||| Stepping randomly (stuck).
  6557 | D:2      | 6557 ||| Stepping randomly (stuck).
  6558 | D:2      | 6558 ||| Stepping randomly (stuck).
  6559 | D:2      | 6559 ||| Stepping randomly (stuck).
  6560 | D:2      | 6560 ||| Stepping randomly (stuck).
  6561 | D:2      | 6561 ||| Stepping randomly (stuck).
  6562 | D:2      | 6562 ||| Stepping randomly (stuck).
  6563 | D:2      | 6563 ||| Stepping randomly (stuck).
  6564 | D:2      | 6564 ||| Stepping randomly (stuck).
  6565 | D:2      | 6565 ||| Stepping randomly (stuck).
  6566 | D:2      | 6566 ||| Stepping randomly (stuck).
  6567 | D:2      | 6567 ||| Stepping randomly (stuck).
  6568 | D:2      | 6568 ||| Stepping randomly (stuck).
  6569 | D:2      | 6569 ||| Stepping randomly (stuck).
  6570 | D:2      | 6570 ||| Stepping randomly (stuck).
  6571 | D:2      | 6571 ||| Stepping randomly (stuck).
  6572 | D:2      | 6572 ||| Stepping randomly (stuck).
  6573 | D:2      | 6573 ||| Stepping randomly (stuck).
  6574 | D:2      | 6574 ||| Stepping randomly (stuck).
  6575 | D:2      | 6575 ||| Stepping randomly (stuck).
  6576 | D:2      | 6576 ||| Stepping randomly (stuck).
  6577 | D:2      | 6577 ||| Stepping randomly (stuck).
  6578 | D:2      | 6578 ||| Stepping randomly (stuck).
  6579 | D:2      | 6579 ||| Stepping randomly (stuck).
  6580 | D:2      | 6580 ||| Stepping randomly (stuck).
  6581 | D:2      | 6581 ||| Stepping randomly (stuck).
  6582 | D:2      | 6582 ||| Stepping randomly (stuck).
  6583 | D:2      | 6583 ||| Stepping randomly (stuck).
  6584 | D:2      | 6584 ||| Stepping randomly (stuck).
  6585 | D:2      | 6585 ||| Stepping randomly (stuck).
  6586 | D:2      | 6586 ||| Stepping randomly (stuck).
  6587 | D:2      | 6587 ||| Stepping randomly (stuck).
  6588 | D:2      | 6588 ||| Stepping randomly (stuck).
  6589 | D:2      | 6589 ||| Stepping randomly (stuck).
  6590 | D:2      | 6590 ||| Stepping randomly (stuck).
  6591 | D:2      | 6591 ||| Stepping randomly (stuck).
  6592 | D:2      | 6592 ||| Stepping randomly (stuck).
  6593 | D:2      | 6593 ||| Stepping randomly (stuck).
  6594 | D:2      | 6594 ||| Stepping randomly (stuck).
  6595 | D:2      | 6595 ||| Stepping randomly (stuck).
  6596 | D:2      | 6596 ||| Stepping randomly (stuck).
  6597 | D:2      | 6597 ||| Stepping randomly (stuck).
  6598 | D:2      | 6598 ||| Stepping randomly (stuck).
  6599 | D:2      | 6599 ||| Stepping randomly (stuck).
  6600 | D:2      | 6600 ||| Stepping randomly (stuck).
  6601 | D:2      | 6601 ||| Stepping randomly (stuck).
  6602 | D:2      | 6602 ||| Stepping randomly (stuck).
  6603 | D:2      | 6603 ||| Stepping randomly (stuck).
  6604 | D:2      | 6604 ||| Stepping randomly (stuck).
  6605 | D:2      | 6605 ||| Stepping randomly (stuck).
  6606 | D:2      | 6606 ||| Stepping randomly (stuck).
  6607 | D:2      | 6607 ||| Stepping randomly (stuck).
  6608 | D:2      | 6608 ||| Stepping randomly (stuck).
  6609 | D:2      | 6609 ||| Stepping randomly (stuck).
  6610 | D:2      | 6610 ||| Stepping randomly (stuck).
  6611 | D:2      | 6611 ||| Stepping randomly (stuck).
  6612 | D:2      | 6612 ||| Stepping randomly (stuck).
  6613 | D:2      | 6613 ||| Stepping randomly (stuck).
  6614 | D:2      | 6614 ||| Stepping randomly (stuck).
  6615 | D:2      | 6615 ||| Stepping randomly (stuck).
  6616 | D:2      | 6616 ||| Stepping randomly (stuck).
  6617 | D:2      | 6617 ||| Stepping randomly (stuck).
  6618 | D:2      | 6618 ||| Stepping randomly (stuck).
  6619 | D:2      | 6619 ||| Stepping randomly (stuck).
  6620 | D:2      | 6620 ||| Stepping randomly (stuck).
  6621 | D:2      | 6621 ||| Stepping randomly (stuck).
  6622 | D:2      | 6622 ||| Stepping randomly (stuck).
  6623 | D:2      | 6623 ||| Stepping randomly (stuck).
  6624 | D:2      | 6624 ||| Stepping randomly (stuck).
  6625 | D:2      | 6625 ||| Stepping randomly (stuck).
  6626 | D:2      | 6626 ||| Stepping randomly (stuck).
  6627 | D:2      | 6627 ||| Stepping randomly (stuck).
  6628 | D:2      | 6628 ||| Stepping randomly (stuck).
  6629 | D:2      | 6629 ||| Stepping randomly (stuck).
  6630 | D:2      | 6630 ||| Stepping randomly (stuck).
  6631 | D:2      | 6631 ||| Stepping randomly (stuck).
  6632 | D:2      | 6632 ||| Stepping randomly (stuck).
  6633 | D:2      | 6633 ||| Stepping randomly (stuck).
  6634 | D:2      | 6634 ||| Stepping randomly (stuck).
  6635 | D:2      | 6635 ||| Stepping randomly (stuck).
  6636 | D:2      | 6636 ||| Stepping randomly (stuck).
  6637 | D:2      | 6637 ||| Stepping randomly (stuck).
  6638 | D:2      | 6638 ||| Stepping randomly (stuck).
  6639 | D:2      | 6639 ||| Stepping randomly (stuck).
  6640 | D:2      | 6640 ||| Stepping randomly (stuck).
  6641 | D:2      | 6641 ||| Stepping randomly (stuck).
  6642 | D:2      | 6642 ||| Stepping randomly (stuck).
  6643 | D:2      | 6643 ||| Stepping randomly (stuck).
  6644 | D:2      | 6644 ||| Stepping randomly (stuck).
  6645 | D:2      | 6645 ||| Stepping randomly (stuck).
  6646 | D:2      | 6646 ||| Stepping randomly (stuck).
  6647 | D:2      | 6647 ||| Stepping randomly (stuck).
  6648 | D:2      | 6648 ||| Stepping randomly (stuck).
  6649 | D:2      | 6649 ||| Stepping randomly (stuck).
  6650 | D:2      | 6650 ||| Stepping randomly (stuck).
  6651 | D:2      | 6651 ||| Stepping randomly (stuck).
  6652 | D:2      | 6652 ||| Stepping randomly (stuck).
  6653 | D:2      | 6653 ||| Stepping randomly (stuck).
  6654 | D:2      | 6654 ||| Stepping randomly (stuck).
  6655 | D:2      | 6655 ||| Stepping randomly (stuck).
  6656 | D:2      | 6656 ||| Stepping randomly (stuck).
  6657 | D:2      | 6657 ||| Stepping randomly (stuck).
  6658 | D:2      | 6658 ||| Stepping randomly (stuck).
  6659 | D:2      | 6659 ||| Stepping randomly (stuck).
  6660 | D:2      | 6660 ||| Stepping randomly (stuck).
  6661 | D:2      | 6661 ||| Stepping randomly (stuck).
  6662 | D:2      | 6662 ||| Stepping randomly (stuck).
  6663 | D:2      | 6663 ||| Stepping randomly (stuck).
  6664 | D:2      | 6664 ||| Stepping randomly (stuck).
  6665 | D:2      | 6665 ||| Stepping randomly (stuck).
  6666 | D:2      | 6666 ||| Stepping randomly (stuck).
  6667 | D:2      | 6667 ||| Stepping randomly (stuck).
  6668 | D:2      | 6668 ||| Stepping randomly (stuck).
  6669 | D:2      | 6669 ||| Stepping randomly (stuck).
  6670 | D:2      | 6670 ||| Stepping randomly (stuck).
  6671 | D:2      | 6671 ||| Stepping randomly (stuck).
  6672 | D:2      | 6672 ||| Stepping randomly (stuck).
  6673 | D:2      | 6673 ||| Stepping randomly (stuck).
  6674 | D:2      | 6674 ||| Stepping randomly (stuck).
  6675 | D:2      | 6675 ||| Stepping randomly (stuck).
  6676 | D:2      | 6676 ||| Stepping randomly (stuck).
  6677 | D:2      | 6677 ||| Stepping randomly (stuck).
  6678 | D:2      | 6678 ||| Stepping randomly (stuck).
  6679 | D:2      | 6679 ||| Stepping randomly (stuck).
  6680 | D:2      | 6680 ||| Stepping randomly (stuck).
  6681 | D:2      | 6681 ||| Stepping randomly (stuck).
  6682 | D:2      | 6682 ||| Stepping randomly (stuck).
  6683 | D:2      | 6683 ||| Stepping randomly (stuck).
  6684 | D:2      | 6684 ||| Stepping randomly (stuck).
  6685 | D:2      | 6685 ||| Stepping randomly (stuck).
  6686 | D:2      | 6686 ||| Stepping randomly (stuck).
  6687 | D:2      | 6687 ||| Stepping randomly (stuck).
  6688 | D:2      | 6688 ||| Stepping randomly (stuck).
  6689 | D:2      | 6689 ||| Stepping randomly (stuck).
  6690 | D:2      | 6690 ||| Stepping randomly (stuck).
  6691 | D:2      | 6691 ||| Stepping randomly (stuck).
  6692 | D:2      | 6692 ||| Stepping randomly (stuck).
  6693 | D:2      | 6693 ||| Stepping randomly (stuck).
  6694 | D:2      | 6694 ||| Stepping randomly (stuck).
  6695 | D:2      | 6695 ||| Stepping randomly (stuck).
  6696 | D:2      | 6696 ||| Stepping randomly (stuck).
  6697 | D:2      | 6697 ||| Stepping randomly (stuck).
  6698 | D:2      | 6698 ||| Stepping randomly (stuck).
  6699 | D:2      | 6699 ||| Stepping randomly (stuck).
  6700 | D:2      | 6700 ||| Stepping randomly (stuck).
  6701 | D:2      | 6701 ||| Stepping randomly (stuck).
  6702 | D:2      | 6702 ||| Stepping randomly (stuck).
  6703 | D:2      | 6703 ||| Stepping randomly (stuck).
  6704 | D:2      | 6704 ||| Stepping randomly (stuck).
  6705 | D:2      | 6705 ||| Stepping randomly (stuck).
  6706 | D:2      | 6706 ||| Stepping randomly (stuck).
  6707 | D:2      | 6707 ||| Stepping randomly (stuck).
  6708 | D:2      | 6708 ||| Stepping randomly (stuck).
  6709 | D:2      | 6709 ||| Stepping randomly (stuck).
  6710 | D:2      | 6710 ||| Stepping randomly (stuck).
  6711 | D:2      | 6711 ||| Stepping randomly (stuck).
  6712 | D:2      | 6712 ||| Stepping randomly (stuck).
  6713 | D:2      | 6713 ||| Stepping randomly (stuck).
  6714 | D:2      | 6714 ||| Stepping randomly (stuck).
  6715 | D:2      | 6715 ||| Stepping randomly (stuck).
  6716 | D:2      | 6716 ||| Stepping randomly (stuck).
  6717 | D:2      | 6717 ||| Stepping randomly (stuck).
  6718 | D:2      | 6718 ||| Stepping randomly (stuck).
  6719 | D:2      | 6719 ||| Stepping randomly (stuck).
  6720 | D:2      | 6720 ||| Stepping randomly (stuck).
  6721 | D:2      | 6721 ||| Stepping randomly (stuck).
  6722 | D:2      | 6722 ||| Stepping randomly (stuck).
  6723 | D:2      | 6723 ||| Stepping randomly (stuck).
  6724 | D:2      | 6724 ||| Stepping randomly (stuck).
  6725 | D:2      | 6725 ||| Stepping randomly (stuck).
  6726 | D:2      | 6726 ||| Stepping randomly (stuck).
  6727 | D:2      | 6727 ||| Stepping randomly (stuck).
  6728 | D:2      | 6728 ||| Stepping randomly (stuck).
  6729 | D:2      | 6729 ||| Stepping randomly (stuck).
  6730 | D:2      | 6730 ||| Stepping randomly (stuck).
  6731 | D:2      | 6731 ||| Stepping randomly (stuck).
  6732 | D:2      | 6732 ||| Stepping randomly (stuck).
  6733 | D:2      | 6733 ||| Stepping randomly (stuck).
  6734 | D:2      | 6734 ||| Stepping randomly (stuck).
  6735 | D:2      | 6735 ||| Stepping randomly (stuck).
  6736 | D:2      | 6736 ||| Stepping randomly (stuck).
  6737 | D:2      | 6737 ||| Stepping randomly (stuck).
  6738 | D:2      | 6738 ||| Stepping randomly (stuck).
  6739 | D:2      | 6739 ||| Stepping randomly (stuck).
  6740 | D:2      | 6740 ||| Stepping randomly (stuck).
  6741 | D:2      | 6741 ||| Stepping randomly (stuck).
  6742 | D:2      | 6742 ||| Stepping randomly (stuck).
  6743 | D:2      | 6743 ||| Stepping randomly (stuck).
  6744 | D:2      | 6744 ||| Stepping randomly (stuck).
  6745 | D:2      | 6745 ||| Stepping randomly (stuck).
  6746 | D:2      | 6746 ||| Stepping randomly (stuck).
  6747 | D:2      | 6747 ||| Stepping randomly (stuck).
  6748 | D:2      | 6748 ||| Stepping randomly (stuck).
  6749 | D:2      | 6749 ||| Stepping randomly (stuck).
  6750 | D:2      | 6750 ||| Stepping randomly (stuck).
  6751 | D:2      | 6751 ||| Stepping randomly (stuck).
  6752 | D:2      | 6752 ||| Stepping randomly (stuck).
  6753 | D:2      | 6753 ||| Stepping randomly (stuck).
  6754 | D:2      | 6754 ||| Stepping randomly (stuck).
  6755 | D:2      | 6755 ||| Stepping randomly (stuck).
  6756 | D:2      | 6756 ||| Stepping randomly (stuck).
  6757 | D:2      | 6757 ||| Stepping randomly (stuck).
  6758 | D:2      | 6758 ||| Stepping randomly (stuck).
  6759 | D:2      | 6759 ||| Stepping randomly (stuck).
  6760 | D:2      | 6760 ||| Stepping randomly (stuck).
  6761 | D:2      | 6761 ||| Stepping randomly (stuck).
  6762 | D:2      | 6762 ||| Stepping randomly (stuck).
  6763 | D:2      | 6763 ||| Stepping randomly (stuck).
  6764 | D:2      | 6764 ||| Stepping randomly (stuck).
  6765 | D:2      | 6765 ||| Stepping randomly (stuck).
  6766 | D:2      | 6766 ||| Stepping randomly (stuck).
  6767 | D:2      | 6767 ||| Stepping randomly (stuck).
  6768 | D:2      | 6768 ||| Stepping randomly (stuck).
  6769 | D:2      | 6769 ||| Stepping randomly (stuck).
  6770 | D:2      | 6770 ||| Stepping randomly (stuck).
  6771 | D:2      | 6771 ||| Stepping randomly (stuck).
  6772 | D:2      | 6772 ||| Stepping randomly (stuck).
  6773 | D:2      | 6773 ||| Stepping randomly (stuck).
  6774 | D:2      | 6774 ||| Stepping randomly (stuck).
  6775 | D:2      | 6775 ||| Stepping randomly (stuck).
  6776 | D:2      | 6776 ||| Stepping randomly (stuck).
  6777 | D:2      | 6777 ||| Stepping randomly (stuck).
  6778 | D:2      | 6778 ||| Stepping randomly (stuck).
  6779 | D:2      | 6779 ||| Stepping randomly (stuck).
  6780 | D:2      | 6780 ||| Stepping randomly (stuck).
  6781 | D:2      | 6781 ||| Stepping randomly (stuck).
  6782 | D:2      | 6782 ||| Stepping randomly (stuck).
  6783 | D:2      | 6783 ||| Stepping randomly (stuck).
  6784 | D:2      | 6784 ||| Stepping randomly (stuck).
  6785 | D:2      | 6785 ||| Stepping randomly (stuck).
  6786 | D:2      | 6786 ||| Stepping randomly (stuck).
  6787 | D:2      | 6787 ||| Stepping randomly (stuck).
  6788 | D:2      | 6788 ||| Stepping randomly (stuck).
  6789 | D:2      | 6789 ||| Stepping randomly (stuck).
  6790 | D:2      | 6790 ||| Stepping randomly (stuck).
  6791 | D:2      | 6791 ||| Stepping randomly (stuck).
  6792 | D:2      | 6792 ||| Stepping randomly (stuck).
  6793 | D:2      | 6793 ||| Stepping randomly (stuck).
  6794 | D:2      | 6794 ||| Stepping randomly (stuck).
  6795 | D:2      | 6795 ||| Stepping randomly (stuck).
  6796 | D:2      | 6796 ||| Stepping randomly (stuck).
  6797 | D:2      | 6797 ||| Stepping randomly (stuck).
  6798 | D:2      | 6798 ||| Stepping randomly (stuck).
  6799 | D:2      | 6799 ||| Stepping randomly (stuck).
  6800 | D:2      | 6800 ||| Stepping randomly (stuck).
  6801 | D:2      | 6801 ||| Stepping randomly (stuck).
  6802 | D:2      | 6802 ||| Stepping randomly (stuck).
  6803 | D:2      | 6803 ||| Stepping randomly (stuck).
  6804 | D:2      | 6804 ||| Stepping randomly (stuck).
  6805 | D:2      | 6805 ||| Stepping randomly (stuck).
  6806 | D:2      | 6806 ||| Stepping randomly (stuck).
  6807 | D:2      | 6807 ||| Stepping randomly (stuck).
  6808 | D:2      | 6808 ||| Stepping randomly (stuck).
  6809 | D:2      | 6809 ||| Stepping randomly (stuck).
  6810 | D:2      | 6810 ||| Stepping randomly (stuck).
  6811 | D:2      | 6811 ||| Stepping randomly (stuck).
  6812 | D:2      | 6812 ||| Stepping randomly (stuck).
  6813 | D:2      | 6813 ||| Stepping randomly (stuck).
  6814 | D:2      | 6814 ||| Stepping randomly (stuck).
  6815 | D:2      | 6815 ||| Stepping randomly (stuck).
  6816 | D:2      | 6816 ||| Stepping randomly (stuck).
  6817 | D:2      | 6817 ||| Stepping randomly (stuck).
  6818 | D:2      | 6818 ||| Stepping randomly (stuck).
  6819 | D:2      | 6819 ||| Stepping randomly (stuck).
  6820 | D:2      | 6820 ||| Stepping randomly (stuck).
  6821 | D:2      | 6821 ||| Stepping randomly (stuck).
  6822 | D:2      | 6822 ||| Stepping randomly (stuck).
  6823 | D:2      | 6823 ||| Stepping randomly (stuck).
  6824 | D:2      | 6824 ||| Stepping randomly (stuck).
  6825 | D:2      | 6825 ||| Stepping randomly (stuck).
  6826 | D:2      | 6826 ||| Stepping randomly (stuck).
  6827 | D:2      | 6827 ||| Stepping randomly (stuck).
  6828 | D:2      | 6828 ||| Stepping randomly (stuck).
  6829 | D:2      | 6829 ||| Stepping randomly (stuck).
  6830 | D:2      | 6830 ||| Stepping randomly (stuck).
  6831 | D:2      | 6831 ||| Stepping randomly (stuck).
  6832 | D:2      | 6832 ||| Stepping randomly (stuck).
  6833 | D:2      | 6833 ||| Stepping randomly (stuck).
  6834 | D:2      | 6834 ||| Stepping randomly (stuck).
  6835 | D:2      | 6835 ||| Stepping randomly (stuck).
  6836 | D:2      | 6836 ||| Stepping randomly (stuck).
  6837 | D:2      | 6837 ||| Stepping randomly (stuck).
  6838 | D:2      | 6838 ||| Stepping randomly (stuck).
  6839 | D:2      | 6839 ||| Stepping randomly (stuck).
  6840 | D:2      | 6840 ||| Stepping randomly (stuck).
  6841 | D:2      | 6841 ||| Stepping randomly (stuck).
  6842 | D:2      | 6842 ||| Stepping randomly (stuck).
  6843 | D:2      | 6843 ||| Stepping randomly (stuck).
  6844 | D:2      | 6844 ||| Stepping randomly (stuck).
  6845 | D:2      | 6845 ||| Stepping randomly (stuck).
  6846 | D:2      | 6846 ||| Stepping randomly (stuck).
  6847 | D:2      | 6847 ||| Stepping randomly (stuck).
  6848 | D:2      | 6848 ||| Stepping randomly (stuck).
  6849 | D:2      | 6849 ||| Stepping randomly (stuck).
  6850 | D:2      | 6850 ||| Stepping randomly (stuck).
  6851 | D:2      | 6851 ||| Stepping randomly (stuck).
  6852 | D:2      | 6852 ||| Stepping randomly (stuck).
  6853 | D:2      | 6853 ||| Stepping randomly (stuck).
  6854 | D:2      | 6854 ||| Stepping randomly (stuck).
  6855 | D:2      | 6855 ||| Stepping randomly (stuck).
  6856 | D:2      | 6856 ||| Stepping randomly (stuck).
  6857 | D:2      | 6857 ||| Stepping randomly (stuck).
  6858 | D:2      | 6858 ||| Stepping randomly (stuck).
  6859 | D:2      | 6859 ||| Stepping randomly (stuck).
  6860 | D:2      | 6860 ||| Stepping randomly (stuck).
  6861 | D:2      | 6861 ||| Stepping randomly (stuck).
  6862 | D:2      | 6862 ||| Stepping randomly (stuck).
  6863 | D:2      | 6863 ||| Stepping randomly (stuck).
  6864 | D:2      | 6864 ||| Stepping randomly (stuck).
  6865 | D:2      | 6865 ||| Stepping randomly (stuck).
  6866 | D:2      | 6866 ||| Stepping randomly (stuck).
  6867 | D:2      | 6867 ||| Stepping randomly (stuck).
  6868 | D:2      | 6868 ||| Stepping randomly (stuck).
  6869 | D:2      | 6869 ||| Stepping randomly (stuck).
  6870 | D:2      | 6870 ||| Stepping randomly (stuck).
  6871 | D:2      | 6871 ||| Stepping randomly (stuck).
  6872 | D:2      | 6872 ||| Stepping randomly (stuck).
  6873 | D:2      | 6873 ||| Stepping randomly (stuck).
  6874 | D:2      | 6874 ||| Stepping randomly (stuck).
  6875 | D:2      | 6875 ||| Stepping randomly (stuck).
  6876 | D:2      | 6876 ||| Stepping randomly (stuck).
  6877 | D:2      | 6877 ||| Stepping randomly (stuck).
  6878 | D:2      | 6878 ||| Stepping randomly (stuck).
  6879 | D:2      | 6879 ||| Stepping randomly (stuck).
  6880 | D:2      | 6880 ||| Stepping randomly (stuck).
  6881 | D:2      | 6881 ||| Stepping randomly (stuck).
  6882 | D:2      | 6882 ||| Stepping randomly (stuck).
  6883 | D:2      | 6883 ||| Stepping randomly (stuck).
  6884 | D:2      | 6884 ||| Stepping randomly (stuck).
  6885 | D:2      | 6885 ||| Stepping randomly (stuck).
  6886 | D:2      | 6886 ||| Stepping randomly (stuck).
  6887 | D:2      | 6887 ||| Stepping randomly (stuck).
  6888 | D:2      | 6888 ||| Stepping randomly (stuck).
  6889 | D:2      | 6889 ||| Stepping randomly (stuck).
  6890 | D:2      | 6890 ||| Stepping randomly (stuck).
  6891 | D:2      | 6891 ||| Stepping randomly (stuck).
  6892 | D:2      | 6892 ||| Stepping randomly (stuck).
  6893 | D:2      | 6893 ||| Stepping randomly (stuck).
  6894 | D:2      | 6894 ||| Stepping randomly (stuck).
  6895 | D:2      | 6895 ||| Stepping randomly (stuck).
  6896 | D:2      | 6896 ||| Stepping randomly (stuck).
  6897 | D:2      | 6897 ||| Stepping randomly (stuck).
  6898 | D:2      | 6898 ||| Stepping randomly (stuck).
  6899 | D:2      | 6899 ||| Stepping randomly (stuck).
  6900 | D:2      | 6900 ||| Stepping randomly (stuck).
  6901 | D:2      | 6901 ||| Stepping randomly (stuck).
  6902 | D:2      | 6902 ||| Stepping randomly (stuck).
  6903 | D:2      | 6903 ||| Stepping randomly (stuck).
  6904 | D:2      | 6904 ||| Stepping randomly (stuck).
  6905 | D:2      | 6905 ||| Stepping randomly (stuck).
  6906 | D:2      | 6906 ||| Stepping randomly (stuck).
  6907 | D:2      | 6907 ||| Stepping randomly (stuck).
  6908 | D:2      | 6908 ||| Stepping randomly (stuck).
  6909 | D:2      | 6909 ||| Stepping randomly (stuck).
  6910 | D:2      | 6910 ||| Stepping randomly (stuck).
  6911 | D:2      | 6911 ||| Stepping randomly (stuck).
  6912 | D:2      | 6912 ||| Stepping randomly (stuck).
  6913 | D:2      | 6913 ||| Stepping randomly (stuck).
  6914 | D:2      | 6914 ||| Stepping randomly (stuck).
  6915 | D:2      | 6915 ||| Stepping randomly (stuck).
  6916 | D:2      | 6916 ||| Stepping randomly (stuck).
  6917 | D:2      | 6917 ||| Stepping randomly (stuck).
  6918 | D:2      | 6918 ||| Stepping randomly (stuck).
  6919 | D:2      | 6919 ||| Stepping randomly (stuck).
  6920 | D:2      | 6920 ||| Stepping randomly (stuck).
  6921 | D:2      | 6921 ||| Stepping randomly (stuck).
  6922 | D:2      | 6922 ||| Stepping randomly (stuck).
  6923 | D:2      | 6923 ||| Stepping randomly (stuck).
  6924 | D:2      | 6924 ||| Stepping randomly (stuck).
  6925 | D:2      | 6925 ||| Stepping randomly (stuck).
  6926 | D:2      | 6926 ||| Stepping randomly (stuck).
  6927 | D:2      | 6927 ||| Stepping randomly (stuck).
  6928 | D:2      | 6928 ||| Stepping randomly (stuck).
  6929 | D:2      | 6929 ||| Stepping randomly (stuck).
  6930 | D:2      | 6930 ||| Stepping randomly (stuck).
  6931 | D:2      | 6931 ||| Stepping randomly (stuck).
  6932 | D:2      | 6932 ||| Stepping randomly (stuck).
  6933 | D:2      | 6933 ||| Stepping randomly (stuck).
  6934 | D:2      | 6934 ||| Stepping randomly (stuck).
  6935 | D:2      | 6935 ||| Stepping randomly (stuck).
  6936 | D:2      | 6936 ||| Stepping randomly (stuck).
  6937 | D:2      | 6937 ||| Stepping randomly (stuck).
  6938 | D:2      | 6938 ||| Stepping randomly (stuck).
  6939 | D:2      | 6939 ||| Stepping randomly (stuck).
  6940 | D:2      | 6940 ||| Stepping randomly (stuck).
  6941 | D:2      | 6941 ||| Stepping randomly (stuck).
  6942 | D:2      | 6942 ||| Stepping randomly (stuck).
  6943 | D:2      | 6943 ||| Stepping randomly (stuck).
  6944 | D:2      | 6944 ||| Stepping randomly (stuck).
  6945 | D:2      | 6945 ||| Stepping randomly (stuck).
  6946 | D:2      | 6946 ||| Stepping randomly (stuck).
  6947 | D:2      | 6947 ||| Stepping randomly (stuck).
  6948 | D:2      | 6948 ||| Stepping randomly (stuck).
  6949 | D:2      | 6949 ||| Stepping randomly (stuck).
  6950 | D:2      | 6950 ||| Stepping randomly (stuck).
  6951 | D:2      | 6951 ||| Stepping randomly (stuck).
  6952 | D:2      | 6952 ||| Stepping randomly (stuck).
  6953 | D:2      | 6953 ||| Stepping randomly (stuck).
  6954 | D:2      | 6954 ||| Stepping randomly (stuck).
  6955 | D:2      | 6955 ||| Stepping randomly (stuck).
  6956 | D:2      | 6956 ||| Stepping randomly (stuck).
  6957 | D:2      | 6957 ||| Stepping randomly (stuck).
  6958 | D:2      | 6958 ||| Stepping randomly (stuck).
  6959 | D:2      | 6959 ||| Stepping randomly (stuck).
  6960 | D:2      | 6960 ||| Stepping randomly (stuck).
  6961 | D:2      | 6961 ||| Stepping randomly (stuck).
  6962 | D:2      | 6962 ||| Stepping randomly (stuck).
  6963 | D:2      | 6963 ||| Stepping randomly (stuck).
  6964 | D:2      | 6964 ||| Stepping randomly (stuck).
  6965 | D:2      | 6965 ||| Stepping randomly (stuck).
  6966 | D:2      | 6966 ||| Stepping randomly (stuck).
  6967 | D:2      | 6967 ||| Stepping randomly (stuck).
  6968 | D:2      | 6968 ||| Stepping randomly (stuck).
  6969 | D:2      | 6969 ||| Stepping randomly (stuck).
  6970 | D:2      | 6970 ||| Stepping randomly (stuck).
  6971 | D:2      | 6971 ||| Stepping randomly (stuck).
  6972 | D:2      | 6972 ||| Stepping randomly (stuck).
  6973 | D:2      | 6973 ||| Stepping randomly (stuck).
  6974 | D:2      | 6974 ||| Stepping randomly (stuck).
  6975 | D:2      | 6975 ||| Stepping randomly (stuck).
  6976 | D:2      | 6976 ||| Stepping randomly (stuck).
  6977 | D:2      | 6977 ||| Stepping randomly (stuck).
  6978 | D:2      | 6978 ||| Stepping randomly (stuck).
  6979 | D:2      | 6979 ||| Stepping randomly (stuck).
  6980 | D:2      | 6980 ||| Stepping randomly (stuck).
  6981 | D:2      | 6981 ||| Stepping randomly (stuck).
  6982 | D:2      | 6982 ||| Stepping randomly (stuck).
  6983 | D:2      | 6983 ||| Stepping randomly (stuck).
  6984 | D:2      | 6984 ||| Stepping randomly (stuck).
  6985 | D:2      | 6985 ||| Stepping randomly (stuck).
  6986 | D:2      | 6986 ||| Stepping randomly (stuck).
  6987 | D:2      | 6987 ||| Stepping randomly (stuck).
  6988 | D:2      | 6988 ||| Stepping randomly (stuck).
  6989 | D:2      | 6989 ||| Stepping randomly (stuck).
  6990 | D:2      | 6990 ||| Stepping randomly (stuck).
  6991 | D:2      | 6991 ||| Stepping randomly (stuck).
  6992 | D:2      | 6992 ||| Stepping randomly (stuck).
  6993 | D:2      | 6993 ||| Stepping randomly (stuck).
  6994 | D:2      | 6994 ||| Stepping randomly (stuck).
  6995 | D:2      | 6995 ||| Stepping randomly (stuck).
  6996 | D:2      | 6996 ||| Stepping randomly (stuck).
  6997 | D:2      | 6997 ||| Stepping randomly (stuck).
  6998 | D:2      | 6998 ||| Stepping randomly (stuck).
  6999 | D:2      | 6999 ||| Stepping randomly (stuck).
  7000 | D:2      | 7000 ||| Stepping randomly (stuck).
  7001 | D:2      | 7001 ||| Stepping randomly (stuck).
  7002 | D:2      | 7002 ||| Stepping randomly (stuck).
  7003 | D:2      | 7003 ||| Stepping randomly (stuck).
  7004 | D:2      | 7004 ||| Stepping randomly (stuck).
  7005 | D:2      | 7005 ||| Stepping randomly (stuck).
  7006 | D:2      | 7006 ||| Stepping randomly (stuck).
  7007 | D:2      | 7007 ||| Stepping randomly (stuck).
  7008 | D:2      | 7008 ||| Stepping randomly (stuck).
  7009 | D:2      | 7009 ||| Stepping randomly (stuck).
  7010 | D:2      | 7010 ||| Stepping randomly (stuck).
  7011 | D:2      | 7011 ||| Stepping randomly (stuck).
  7012 | D:2      | 7012 ||| Stepping randomly (stuck).
  7013 | D:2      | 7013 ||| Stepping randomly (stuck).
  7014 | D:2      | 7014 ||| Stepping randomly (stuck).
  7015 | D:2      | 7015 ||| Stepping randomly (stuck).
  7016 | D:2      | 7016 ||| Stepping randomly (stuck).
  7017 | D:2      | 7017 ||| Stepping randomly (stuck).
  7018 | D:2      | 7018 ||| Stepping randomly (stuck).
  7019 | D:2      | 7019 ||| Stepping randomly (stuck).
  7020 | D:2      | 7020 ||| Stepping randomly (stuck).
  7021 | D:2      | 7021 ||| Stepping randomly (stuck).
  7022 | D:2      | 7022 ||| Stepping randomly (stuck).
  7023 | D:2      | 7023 ||| Stepping randomly (stuck).
  7024 | D:2      | 7024 ||| Stepping randomly (stuck).
  7025 | D:2      | 7025 ||| Stepping randomly (stuck).
  7026 | D:2      | 7026 ||| Stepping randomly (stuck).
  7027 | D:2      | 7027 ||| Stepping randomly (stuck).
  7028 | D:2      | 7028 ||| Stepping randomly (stuck).
  7029 | D:2      | 7029 ||| Stepping randomly (stuck).
  7030 | D:2      | 7030 ||| Stepping randomly (stuck).
  7031 | D:2      | 7031 ||| Stepping randomly (stuck).
  7032 | D:2      | 7032 ||| Stepping randomly (stuck).
  7033 | D:2      | 7033 ||| Stepping randomly (stuck).
  7034 | D:2      | 7034 ||| Stepping randomly (stuck).
  7035 | D:2      | 7035 ||| Stepping randomly (stuck).
  7036 | D:2      | 7036 ||| Stepping randomly (stuck).
  7037 | D:2      | 7037 ||| Stepping randomly (stuck).
  7038 | D:2      | 7038 ||| Stepping randomly (stuck).
  7039 | D:2      | 7039 ||| Stepping randomly (stuck).
  7040 | D:2      | 7040 ||| Stepping randomly (stuck).
  7041 | D:2      | 7041 ||| Stepping randomly (stuck).
  7042 | D:2      | 7042 ||| Stepping randomly (stuck).
  7043 | D:2      | 7043 ||| Stepping randomly (stuck).
  7044 | D:2      | 7044 ||| Stepping randomly (stuck).
  7045 | D:2      | 7045 ||| Stepping randomly (stuck).
  7046 | D:2      | 7046 ||| Stepping randomly (stuck).
  7047 | D:2      | 7047 ||| Stepping randomly (stuck).
  7048 | D:2      | 7048 ||| Stepping randomly (stuck).
  7049 | D:2      | 7049 ||| Stepping randomly (stuck).
  7050 | D:2      | 7050 ||| Stepping randomly (stuck).
  7051 | D:2      | 7051 ||| Stepping randomly (stuck).
  7052 | D:2      | 7052 ||| Stepping randomly (stuck).
  7053 | D:2      | 7053 ||| Stepping randomly (stuck).
  7054 | D:2      | 7054 ||| Stepping randomly (stuck).
  7055 | D:2      | 7055 ||| Stepping randomly (stuck).
  7056 | D:2      | 7056 ||| Stepping randomly (stuck).
  7057 | D:2      | 7057 ||| Stepping randomly (stuck).
  7058 | D:2      | 7058 ||| Stepping randomly (stuck).
  7059 | D:2      | 7059 ||| Stepping randomly (stuck).
  7060 | D:2      | 7060 ||| Stepping randomly (stuck).
  7061 | D:2      | 7061 ||| Stepping randomly (stuck).
  7062 | D:2      | 7062 ||| Stepping randomly (stuck).
  7063 | D:2      | 7063 ||| Stepping randomly (stuck).
  7064 | D:2      | 7064 ||| Stepping randomly (stuck).
  7065 | D:2      | 7065 ||| Stepping randomly (stuck).
  7066 | D:2      | 7066 ||| Stepping randomly (stuck).
  7067 | D:2      | 7067 ||| Stepping randomly (stuck).
  7068 | D:2      | 7068 ||| Stepping randomly (stuck).
  7069 | D:2      | 7069 ||| Stepping randomly (stuck).
  7070 | D:2      | 7070 ||| Stepping randomly (stuck).
  7071 | D:2      | 7071 ||| Stepping randomly (stuck).
  7072 | D:2      | 7072 ||| Stepping randomly (stuck).
  7073 | D:2      | 7073 ||| Stepping randomly (stuck).
  7074 | D:2      | 7074 ||| Stepping randomly (stuck).
  7075 | D:2      | 7075 ||| Stepping randomly (stuck).
  7076 | D:2      | 7076 ||| Stepping randomly (stuck).
  7077 | D:2      | 7077 ||| Stepping randomly (stuck).
  7078 | D:2      | 7078 ||| Stepping randomly (stuck).
  7079 | D:2      | 7079 ||| Stepping randomly (stuck).
  7080 | D:2      | 7080 ||| Stepping randomly (stuck).
  7081 | D:2      | 7081 ||| Stepping randomly (stuck).
  7082 | D:2      | 7082 ||| Stepping randomly (stuck).
  7083 | D:2      | 7083 ||| Stepping randomly (stuck).
  7084 | D:2      | 7084 ||| Stepping randomly (stuck).
  7085 | D:2      | 7085 ||| Stepping randomly (stuck).
  7086 | D:2      | 7086 ||| Stepping randomly (stuck).
  7087 | D:2      | 7087 ||| Stepping randomly (stuck).
  7088 | D:2      | 7088 ||| Stepping randomly (stuck).
  7089 | D:2      | 7089 ||| Stepping randomly (stuck).
  7090 | D:2      | 7090 ||| Stepping randomly (stuck).
  7091 | D:2      | 7091 ||| Stepping randomly (stuck).
  7092 | D:2      | 7092 ||| Stepping randomly (stuck).
  7093 | D:2      | 7093 ||| Stepping randomly (stuck).
  7094 | D:2      | 7094 ||| Stepping randomly (stuck).
  7095 | D:2      | 7095 ||| Stepping randomly (stuck).
  7096 | D:2      | 7096 ||| Stepping randomly (stuck).
  7097 | D:2      | 7097 ||| Stepping randomly (stuck).
  7098 | D:2      | 7098 ||| Stepping randomly (stuck).
  7099 | D:2      | 7099 ||| Stepping randomly (stuck).
  7100 | D:2      | 7100 ||| Stepping randomly (stuck).
  7101 | D:2      | 7101 ||| Stepping randomly (stuck).
  7102 | D:2      | 7102 ||| Stepping randomly (stuck).
  7103 | D:2      | 7103 ||| Stepping randomly (stuck).
  7104 | D:2      | 7104 ||| Stepping randomly (stuck).
  7105 | D:2      | 7105 ||| Stepping randomly (stuck).
  7106 | D:2      | 7106 ||| Stepping randomly (stuck).
  7107 | D:2      | 7107 ||| Stepping randomly (stuck).
  7108 | D:2      | 7108 ||| Stepping randomly (stuck).
  7109 | D:2      | 7109 ||| Stepping randomly (stuck).
  7110 | D:2      | 7110 ||| Stepping randomly (stuck).
  7111 | D:2      | 7111 ||| Stepping randomly (stuck).
  7112 | D:2      | 7112 ||| Stepping randomly (stuck).
  7113 | D:2      | 7113 ||| Stepping randomly (stuck).
  7114 | D:2      | 7114 ||| Stepping randomly (stuck).
  7115 | D:2      | 7115 ||| Stepping randomly (stuck).
  7116 | D:2      | 7116 ||| Stepping randomly (stuck).
  7117 | D:2      | 7117 ||| Stepping randomly (stuck).
  7118 | D:2      | 7118 ||| Stepping randomly (stuck).
  7119 | D:2      | 7119 ||| Stepping randomly (stuck).
  7120 | D:2      | 7120 ||| Stepping randomly (stuck).
  7121 | D:2      | 7121 ||| Stepping randomly (stuck).
  7122 | D:2      | 7122 ||| Stepping randomly (stuck).
  7123 | D:2      | 7123 ||| Stepping randomly (stuck).
  7124 | D:2      | 7124 ||| Stepping randomly (stuck).
  7125 | D:2      | 7125 ||| Stepping randomly (stuck).
  7126 | D:2      | 7126 ||| Stepping randomly (stuck).
  7127 | D:2      | 7127 ||| Stepping randomly (stuck).
  7128 | D:2      | 7128 ||| Stepping randomly (stuck).
  7129 | D:2      | 7129 ||| Stepping randomly (stuck).
  7130 | D:2      | 7130 ||| Stepping randomly (stuck).
  7131 | D:2      | 7131 ||| Stepping randomly (stuck).
  7132 | D:2      | 7132 ||| Stepping randomly (stuck).
  7133 | D:2      | 7133 ||| Stepping randomly (stuck).
  7134 | D:2      | 7134 ||| Stepping randomly (stuck).
  7135 | D:2      | 7135 ||| Stepping randomly (stuck).
  7136 | D:2      | 7136 ||| Stepping randomly (stuck).
  7137 | D:2      | 7137 ||| Stepping randomly (stuck).
  7138 | D:2      | 7138 ||| Stepping randomly (stuck).
  7139 | D:2      | 7139 ||| Stepping randomly (stuck).
  7140 | D:2      | 7140 ||| Stepping randomly (stuck).
  7141 | D:2      | 7141 ||| Stepping randomly (stuck).
  7142 | D:2      | 7142 ||| Stepping randomly (stuck).
  7143 | D:2      | 7143 ||| Stepping randomly (stuck).
  7144 | D:2      | 7144 ||| Stepping randomly (stuck).
  7145 | D:2      | 7145 ||| Stepping randomly (stuck).
  7146 | D:2      | 7146 ||| Stepping randomly (stuck).
  7147 | D:2      | 7147 ||| Stepping randomly (stuck).
  7148 | D:2      | 7148 ||| Stepping randomly (stuck).
  7149 | D:2      | 7149 ||| Stepping randomly (stuck).
  7150 | D:2      | 7150 ||| Stepping randomly (stuck).
  7151 | D:2      | 7151 ||| Stepping randomly (stuck).
  7152 | D:2      | 7152 ||| Stepping randomly (stuck).
  7153 | D:2      | 7153 ||| Stepping randomly (stuck).
  7154 | D:2      | 7154 ||| Stepping randomly (stuck).
  7155 | D:2      | 7155 ||| Stepping randomly (stuck).
  7156 | D:2      | 7156 ||| Stepping randomly (stuck).
  7157 | D:2      | 7157 ||| Stepping randomly (stuck).
  7158 | D:2      | 7158 ||| Stepping randomly (stuck).
  7159 | D:2      | 7159 ||| Stepping randomly (stuck).
  7160 | D:2      | 7160 ||| Stepping randomly (stuck).
  7161 | D:2      | 7161 ||| Stepping randomly (stuck).
  7162 | D:2      | 7162 ||| Stepping randomly (stuck).
  7163 | D:2      | 7163 ||| Stepping randomly (stuck).
  7164 | D:2      | 7164 ||| Stepping randomly (stuck).
  7165 | D:2      | 7165 ||| Stepping randomly (stuck).
  7166 | D:2      | 7166 ||| Stepping randomly (stuck).
  7167 | D:2      | 7167 ||| Stepping randomly (stuck).
  7168 | D:2      | 7168 ||| Stepping randomly (stuck).
  7169 | D:2      | 7169 ||| Stepping randomly (stuck).
  7170 | D:2      | 7170 ||| Stepping randomly (stuck).
  7171 | D:2      | 7171 ||| Stepping randomly (stuck).
  7172 | D:2      | 7172 ||| Stepping randomly (stuck).
  7173 | D:2      | 7173 ||| Stepping randomly (stuck).
  7174 | D:2      | 7174 ||| Stepping randomly (stuck).
  7175 | D:2      | 7175 ||| Stepping randomly (stuck).
  7176 | D:2      | 7176 ||| Stepping randomly (stuck).
  7177 | D:2      | 7177 ||| Stepping randomly (stuck).
  7178 | D:2      | 7178 ||| Stepping randomly (stuck).
  7179 | D:2      | 7179 ||| Stepping randomly (stuck).
  7180 | D:2      | 7180 ||| Stepping randomly (stuck).
  7181 | D:2      | 7181 ||| Stepping randomly (stuck).
  7182 | D:2      | 7182 ||| Stepping randomly (stuck).
  7183 | D:2      | 7183 ||| Stepping randomly (stuck).
  7184 | D:2      | 7184 ||| Stepping randomly (stuck).
  7185 | D:2      | 7185 ||| Stepping randomly (stuck).
  7186 | D:2      | 7186 ||| Stepping randomly (stuck).
  7187 | D:2      | 7187 ||| Stepping randomly (stuck).
  7188 | D:2      | 7188 ||| Stepping randomly (stuck).
  7189 | D:2      | 7189 ||| Stepping randomly (stuck).
  7190 | D:2      | 7190 ||| Stepping randomly (stuck).
  7191 | D:2      | 7191 ||| Stepping randomly (stuck).
  7192 | D:2      | 7192 ||| Stepping randomly (stuck).
  7193 | D:2      | 7193 ||| Stepping randomly (stuck).
  7194 | D:2      | 7194 ||| Stepping randomly (stuck).
  7195 | D:2      | 7195 ||| Stepping randomly (stuck).
  7196 | D:2      | 7196 ||| Stepping randomly (stuck).
  7197 | D:2      | 7197 ||| Stepping randomly (stuck).
  7198 | D:2      | 7198 ||| Stepping randomly (stuck).
  7199 | D:2      | 7199 ||| Stepping randomly (stuck).
  7200 | D:2      | 7200 ||| Stepping randomly (stuck).
  7201 | D:2      | 7201 ||| Stepping randomly (stuck).
  7202 | D:2      | 7202 ||| Stepping randomly (stuck).
  7203 | D:2      | 7203 ||| Stepping randomly (stuck).
  7204 | D:2      | 7204 ||| Stepping randomly (stuck).
  7205 | D:2      | 7205 ||| Stepping randomly (stuck).
  7206 | D:2      | 7206 ||| Stepping randomly (stuck).
  7207 | D:2      | 7207 ||| Stepping randomly (stuck).
  7208 | D:2      | 7208 ||| Stepping randomly (stuck).
  7209 | D:2      | 7209 ||| Stepping randomly (stuck).
  7210 | D:2      | 7210 ||| Stepping randomly (stuck).
  7211 | D:2      | 7211 ||| Stepping randomly (stuck).
  7212 | D:2      | 7212 ||| Stepping randomly (stuck).
  7213 | D:2      | 7213 ||| Stepping randomly (stuck).
  7214 | D:2      | 7214 ||| Stepping randomly (stuck).
  7215 | D:2      | 7215 ||| Stepping randomly (stuck).
  7216 | D:2      | 7216 ||| Stepping randomly (stuck).
  7217 | D:2      | 7217 ||| Stepping randomly (stuck).
  7218 | D:2      | 7218 ||| Stepping randomly (stuck).
  7219 | D:2      | 7219 ||| Stepping randomly (stuck).
  7220 | D:2      | 7220 ||| Stepping randomly (stuck).
  7221 | D:2      | 7221 ||| Stepping randomly (stuck).
  7222 | D:2      | 7222 ||| Stepping randomly (stuck).
  7223 | D:2      | 7223 ||| Stepping randomly (stuck).
  7224 | D:2      | 7224 ||| Stepping randomly (stuck).
  7225 | D:2      | 7225 ||| Stepping randomly (stuck).
  7226 | D:2      | 7226 ||| Stepping randomly (stuck).
  7227 | D:2      | 7227 ||| Stepping randomly (stuck).
  7228 | D:2      | 7228 ||| Stepping randomly (stuck).
  7229 | D:2      | 7229 ||| Stepping randomly (stuck).
  7230 | D:2      | 7230 ||| Stepping randomly (stuck).
  7231 | D:2      | 7231 ||| Stepping randomly (stuck).
  7232 | D:2      | 7232 ||| Stepping randomly (stuck).
  7233 | D:2      | 7233 ||| Stepping randomly (stuck).
  7234 | D:2      | 7234 ||| Stepping randomly (stuck).
  7235 | D:2      | 7235 ||| Stepping randomly (stuck).
  7236 | D:2      | 7236 ||| Stepping randomly (stuck).
  7237 | D:2      | 7237 ||| Stepping randomly (stuck).
  7238 | D:2      | 7238 ||| Stepping randomly (stuck).
  7239 | D:2      | 7239 ||| Stepping randomly (stuck).
  7240 | D:2      | 7240 ||| Stepping randomly (stuck).
  7241 | D:2      | 7241 ||| Stepping randomly (stuck).
  7242 | D:2      | 7242 ||| Stepping randomly (stuck).
  7243 | D:2      | 7243 ||| Stepping randomly (stuck).
  7244 | D:2      | 7244 ||| Stepping randomly (stuck).
  7245 | D:2      | 7245 ||| Stepping randomly (stuck).
  7246 | D:2      | 7246 ||| Stepping randomly (stuck).
  7247 | D:2      | 7247 ||| Stepping randomly (stuck).
  7248 | D:2      | 7248 ||| Stepping randomly (stuck).
  7249 | D:2      | 7249 ||| Stepping randomly (stuck).
  7250 | D:2      | 7250 ||| Stepping randomly (stuck).
  7251 | D:2      | 7251 ||| Stepping randomly (stuck).
  7252 | D:2      | 7252 ||| Stepping randomly (stuck).
  7253 | D:2      | 7253 ||| Stepping randomly (stuck).
  7254 | D:2      | 7254 ||| Stepping randomly (stuck).
  7255 | D:2      | 7255 ||| Stepping randomly (stuck).
  7256 | D:2      | 7256 ||| Stepping randomly (stuck).
  7257 | D:2      | 7257 ||| Stepping randomly (stuck).
  7258 | D:2      | 7258 ||| Stepping randomly (stuck).
  7259 | D:2      | 7259 ||| Stepping randomly (stuck).
  7260 | D:2      | 7260 ||| Stepping randomly (stuck).
  7261 | D:2      | 7261 ||| Stepping randomly (stuck).
  7262 | D:2      | 7262 ||| Stepping randomly (stuck).
  7263 | D:2      | 7263 ||| Stepping randomly (stuck).
  7264 | D:2      | 7264 ||| Stepping randomly (stuck).
  7265 | D:2      | 7265 ||| Stepping randomly (stuck).
  7266 | D:2      | 7266 ||| Stepping randomly (stuck).
  7267 | D:2      | 7267 ||| Stepping randomly (stuck).
  7268 | D:2      | 7268 ||| Stepping randomly (stuck).
  7269 | D:2      | 7269 ||| Stepping randomly (stuck).
  7270 | D:2      | 7270 ||| Stepping randomly (stuck).
  7271 | D:2      | 7271 ||| Stepping randomly (stuck).
  7272 | D:2      | 7272 ||| Stepping randomly (stuck).
  7273 | D:2      | 7273 ||| Stepping randomly (stuck).
  7274 | D:2      | 7274 ||| Stepping randomly (stuck).
  7275 | D:2      | 7275 ||| Stepping randomly (stuck).
  7276 | D:2      | 7276 ||| Stepping randomly (stuck).
  7277 | D:2      | 7277 ||| Stepping randomly (stuck).
  7278 | D:2      | 7278 ||| Stepping randomly (stuck).
  7279 | D:2      | 7279 ||| Stepping randomly (stuck).
  7280 | D:2      | 7280 ||| Stepping randomly (stuck).
  7281 | D:2      | 7281 ||| Stepping randomly (stuck).
  7282 | D:2      | 7282 ||| Stepping randomly (stuck).
  7283 | D:2      | 7283 ||| Stepping randomly (stuck).
  7284 | D:2      | 7284 ||| Stepping randomly (stuck).
  7285 | D:2      | 7285 ||| Stepping randomly (stuck).
  7286 | D:2      | 7286 ||| Stepping randomly (stuck).
  7287 | D:2      | 7287 ||| Stepping randomly (stuck).
  7288 | D:2      | 7288 ||| Stepping randomly (stuck).
  7289 | D:2      | 7289 ||| Stepping randomly (stuck).
  7290 | D:2      | 7290 ||| Stepping randomly (stuck).
  7291 | D:2      | 7291 ||| Stepping randomly (stuck).
  7292 | D:2      | 7292 ||| Stepping randomly (stuck).
  7293 | D:2      | 7293 ||| Stepping randomly (stuck).
  7294 | D:2      | 7294 ||| Stepping randomly (stuck).
  7295 | D:2      | 7295 ||| Stepping randomly (stuck).
  7296 | D:2      | 7296 ||| Stepping randomly (stuck).
  7297 | D:2      | 7297 ||| Stepping randomly (stuck).
  7298 | D:2      | 7298 ||| Stepping randomly (stuck).
  7299 | D:2      | 7299 ||| Stepping randomly (stuck).
  7300 | D:2      | 7300 ||| Stepping randomly (stuck).
  7301 | D:2      | 7301 ||| Stepping randomly (stuck).
  7302 | D:2      | 7302 ||| Stepping randomly (stuck).
  7303 | D:2      | 7303 ||| Stepping randomly (stuck).
  7304 | D:2      | 7304 ||| Stepping randomly (stuck).
  7305 | D:2      | 7305 ||| Stepping randomly (stuck).
  7306 | D:2      | 7306 ||| Stepping randomly (stuck).
  7307 | D:2      | 7307 ||| Stepping randomly (stuck).
  7308 | D:2      | 7308 ||| Stepping randomly (stuck).
  7309 | D:2      | 7309 ||| Stepping randomly (stuck).
  7310 | D:2      | 7310 ||| Stepping randomly (stuck).
  7311 | D:2      | 7311 ||| Stepping randomly (stuck).
  7312 | D:2      | 7312 ||| Stepping randomly (stuck).
  7313 | D:2      | 7313 ||| Stepping randomly (stuck).
  7314 | D:2      | 7314 ||| Stepping randomly (stuck).
  7315 | D:2      | 7315 ||| Stepping randomly (stuck).
  7316 | D:2      | 7316 ||| Stepping randomly (stuck).
  7317 | D:2      | 7317 ||| Stepping randomly (stuck).
  7318 | D:2      | 7318 ||| Stepping randomly (stuck).
  7319 | D:2      | 7319 ||| Stepping randomly (stuck).
  7320 | D:2      | 7320 ||| Stepping randomly (stuck).
  7321 | D:2      | 7321 ||| Stepping randomly (stuck).
  7322 | D:2      | 7322 ||| Stepping randomly (stuck).
  7323 | D:2      | 7323 ||| Stepping randomly (stuck).
  7324 | D:2      | 7324 ||| Stepping randomly (stuck).
  7325 | D:2      | 7325 ||| Stepping randomly (stuck).
  7326 | D:2      | 7326 ||| Stepping randomly (stuck).
  7327 | D:2      | 7327 ||| Stepping randomly (stuck).
  7328 | D:2      | 7328 ||| Stepping randomly (stuck).
  7329 | D:2      | 7329 ||| Stepping randomly (stuck).
  7330 | D:2      | 7330 ||| Stepping randomly (stuck).
  7331 | D:2      | 7331 ||| Stepping randomly (stuck).
  7332 | D:2      | 7332 ||| Stepping randomly (stuck).
  7333 | D:2      | 7333 ||| Stepping randomly (stuck).
  7334 | D:2      | 7334 ||| Stepping randomly (stuck).
  7335 | D:2      | 7335 ||| Stepping randomly (stuck).
  7336 | D:2      | 7336 ||| Stepping randomly (stuck).
  7337 | D:2      | 7337 ||| Stepping randomly (stuck).
  7338 | D:2      | 7338 ||| Stepping randomly (stuck).
  7339 | D:2      | 7339 ||| Stepping randomly (stuck).
  7340 | D:2      | 7340 ||| Stepping randomly (stuck).
  7341 | D:2      | 7341 ||| Stepping randomly (stuck).
  7342 | D:2      | 7342 ||| Stepping randomly (stuck).
  7343 | D:2      | 7343 ||| Stepping randomly (stuck).
  7344 | D:2      | 7344 ||| Stepping randomly (stuck).
  7345 | D:2      | 7345 ||| Stepping randomly (stuck).
  7346 | D:2      | 7346 ||| Stepping randomly (stuck).
  7347 | D:2      | 7347 ||| Stepping randomly (stuck).
  7348 | D:2      | 7348 ||| Stepping randomly (stuck).
  7349 | D:2      | 7349 ||| Stepping randomly (stuck).
  7350 | D:2      | 7350 ||| Stepping randomly (stuck).
  7351 | D:2      | 7351 ||| Stepping randomly (stuck).
  7352 | D:2      | 7352 ||| Stepping randomly (stuck).
  7353 | D:2      | 7353 ||| Stepping randomly (stuck).
  7354 | D:2      | 7354 ||| Stepping randomly (stuck).
  7355 | D:2      | 7355 ||| Stepping randomly (stuck).
  7356 | D:2      | 7356 ||| Stepping randomly (stuck).
  7357 | D:2      | 7357 ||| Stepping randomly (stuck).
  7358 | D:2      | 7358 ||| Stepping randomly (stuck).
  7359 | D:2      | 7359 ||| Stepping randomly (stuck).
  7360 | D:2      | 7360 ||| Stepping randomly (stuck).
  7361 | D:2      | 7361 ||| Stepping randomly (stuck).
  7362 | D:2      | 7362 ||| Stepping randomly (stuck).
  7363 | D:2      | 7363 ||| Stepping randomly (stuck).
  7364 | D:2      | 7364 ||| Stepping randomly (stuck).
  7365 | D:2      | 7365 ||| Stepping randomly (stuck).
  7366 | D:2      | 7366 ||| Stepping randomly (stuck).
  7367 | D:2      | 7367 ||| Stepping randomly (stuck).
  7368 | D:2      | 7368 ||| Stepping randomly (stuck).
  7369 | D:2      | 7369 ||| Stepping randomly (stuck).
  7370 | D:2      | 7370 ||| Stepping randomly (stuck).
  7371 | D:2      | 7371 ||| Stepping randomly (stuck).
  7372 | D:2      | 7372 ||| Stepping randomly (stuck).
  7373 | D:2      | 7373 ||| Stepping randomly (stuck).
  7374 | D:2      | 7374 ||| Stepping randomly (stuck).
  7375 | D:2      | 7375 ||| Stepping randomly (stuck).
  7376 | D:2      | 7376 ||| Stepping randomly (stuck).
  7377 | D:2      | 7377 ||| Stepping randomly (stuck).
  7378 | D:2      | 7378 ||| Stepping randomly (stuck).
  7379 | D:2      | 7379 ||| Stepping randomly (stuck).
  7380 | D:2      | 7380 ||| Stepping randomly (stuck).
  7381 | D:2      | 7381 ||| Stepping randomly (stuck).
  7382 | D:2      | 7382 ||| Stepping randomly (stuck).
  7383 | D:2      | 7383 ||| Stepping randomly (stuck).
  7384 | D:2      | 7384 ||| Stepping randomly (stuck).
  7385 | D:2      | 7385 ||| Stepping randomly (stuck).
  7386 | D:2      | 7386 ||| Stepping randomly (stuck).
  7387 | D:2      | 7387 ||| Stepping randomly (stuck).
  7388 | D:2      | 7388 ||| Stepping randomly (stuck).
  7389 | D:2      | 7389 ||| Stepping randomly (stuck).
  7390 | D:2      | 7390 ||| Stepping randomly (stuck).
  7391 | D:2      | 7391 ||| Stepping randomly (stuck).
  7392 | D:2      | 7392 ||| Stepping randomly (stuck).
  7393 | D:2      | 7393 ||| Stepping randomly (stuck).
  7394 | D:2      | 7394 ||| Stepping randomly (stuck).
  7395 | D:2      | 7395 ||| Stepping randomly (stuck).
  7396 | D:2      | 7396 ||| Stepping randomly (stuck).
  7397 | D:2      | 7397 ||| Stepping randomly (stuck).
  7398 | D:2      | 7398 ||| Stepping randomly (stuck).
  7399 | D:2      | 7399 ||| Stepping randomly (stuck).
  7400 | D:2      | 7400 ||| Stepping randomly (stuck).
  7401 | D:2      | 7401 ||| Stepping randomly (stuck).
  7402 | D:2      | 7402 ||| Stepping randomly (stuck).
  7403 | D:2      | 7403 ||| Stepping randomly (stuck).
  7404 | D:2      | 7404 ||| Stepping randomly (stuck).
  7405 | D:2      | 7405 ||| Stepping randomly (stuck).
  7406 | D:2      | 7406 ||| Stepping randomly (stuck).
  7407 | D:2      | 7407 ||| Stepping randomly (stuck).
  7408 | D:2      | 7408 ||| Stepping randomly (stuck).
  7409 | D:2      | 7409 ||| Stepping randomly (stuck).
  7410 | D:2      | 7410 ||| Stepping randomly (stuck).
  7411 | D:2      | 7411 ||| Stepping randomly (stuck).
  7412 | D:2      | 7412 ||| Stepping randomly (stuck).
  7413 | D:2      | 7413 ||| Stepping randomly (stuck).
  7414 | D:2      | 7414 ||| Stepping randomly (stuck).
  7415 | D:2      | 7415 ||| Stepping randomly (stuck).
  7416 | D:2      | 7416 ||| Stepping randomly (stuck).
  7417 | D:2      | 7417 ||| Stepping randomly (stuck).
  7418 | D:2      | 7418 ||| Stepping randomly (stuck).
  7419 | D:2      | 7419 ||| Stepping randomly (stuck).
  7420 | D:2      | 7420 ||| Stepping randomly (stuck).
  7421 | D:2      | 7421 ||| Stepping randomly (stuck).
  7422 | D:2      | 7422 ||| Stepping randomly (stuck).
  7423 | D:2      | 7423 ||| Stepping randomly (stuck).
  7424 | D:2      | 7424 ||| Stepping randomly (stuck).
  7425 | D:2      | 7425 ||| Stepping randomly (stuck).
  7426 | D:2      | 7426 ||| Stepping randomly (stuck).
  7427 | D:2      | 7427 ||| Stepping randomly (stuck).
  7428 | D:2      | 7428 ||| Stepping randomly (stuck).
  7428 | D:2      | Glimpsed the power of Zot.
  7429 | D:2      | 7429 ||| Stepping randomly (stuck).
  7430 | D:2      | 7430 ||| Stepping randomly (stuck).
  7431 | D:2      | 7431 ||| Stepping randomly (stuck).
  7432 | D:2      | 7432 ||| Stepping randomly (stuck).
  7433 | D:2      | 7433 ||| Stepping randomly (stuck).
  7434 | D:2      | 7434 ||| Stepping randomly (stuck).
  7435 | D:2      | 7435 ||| Stepping randomly (stuck).
  7436 | D:2      | 7436 ||| Stepping randomly (stuck).
  7437 | D:2      | 7437 ||| Stepping randomly (stuck).
  7438 | D:2      | 7438 ||| Stepping randomly (stuck).
  7439 | D:2      | 7439 ||| Stepping randomly (stuck).
  7440 | D:2      | 7440 ||| Stepping randomly (stuck).
  7441 | D:2      | 7441 ||| Stepping randomly (stuck).
  7442 | D:2      | 7442 ||| Stepping randomly (stuck).
  7443 | D:2      | 7443 ||| Stepping randomly (stuck).
  7444 | D:2      | 7444 ||| Stepping randomly (stuck).
  7445 | D:2      | 7445 ||| Stepping randomly (stuck).
  7446 | D:2      | 7446 ||| Stepping randomly (stuck).
  7447 | D:2      | 7447 ||| Stepping randomly (stuck).
  7448 | D:2      | 7448 ||| Stepping randomly (stuck).
  7449 | D:2      | 7449 ||| Stepping randomly (stuck).
  7450 | D:2      | 7450 ||| Stepping randomly (stuck).
  7451 | D:2      | 7451 ||| Stepping randomly (stuck).
  7452 | D:2      | 7452 ||| Stepping randomly (stuck).
  7453 | D:2      | 7453 ||| Stepping randomly (stuck).
  7454 | D:2      | 7454 ||| Stepping randomly (stuck).
  7455 | D:2      | 7455 ||| Stepping randomly (stuck).
  7456 | D:2      | 7456 ||| Stepping randomly (stuck).
  7457 | D:2      | 7457 ||| Stepping randomly (stuck).
  7458 | D:2      | 7458 ||| Stepping randomly (stuck).
  7459 | D:2      | 7459 ||| Stepping randomly (stuck).
  7460 | D:2      | 7460 ||| Stepping randomly (stuck).
  7461 | D:2      | 7461 ||| Stepping randomly (stuck).
  7462 | D:2      | 7462 ||| Stepping randomly (stuck).
  7463 | D:2      | 7463 ||| Stepping randomly (stuck).
  7464 | D:2      | 7464 ||| Stepping randomly (stuck).
  7465 | D:2      | 7465 ||| Stepping randomly (stuck).
  7466 | D:2      | 7466 ||| Stepping randomly (stuck).
  7467 | D:2      | 7467 ||| Stepping randomly (stuck).
  7468 | D:2      | 7468 ||| Stepping randomly (stuck).
  7469 | D:2      | 7469 ||| Stepping randomly (stuck).
  7470 | D:2      | 7470 ||| Stepping randomly (stuck).
  7471 | D:2      | 7471 ||| Stepping randomly (stuck).
  7472 | D:2      | 7472 ||| Stepping randomly (stuck).
  7473 | D:2      | 7473 ||| Stepping randomly (stuck).
  7474 | D:2      | 7474 ||| Stepping randomly (stuck).
  7475 | D:2      | 7475 ||| Stepping randomly (stuck).
  7476 | D:2      | 7476 ||| Stepping randomly (stuck).
  7477 | D:2      | 7477 ||| Stepping randomly (stuck).
  7478 | D:2      | 7478 ||| Stepping randomly (stuck).
  7479 | D:2      | 7479 ||| Stepping randomly (stuck).
  7480 | D:2      | 7480 ||| Stepping randomly (stuck).
  7481 | D:2      | 7481 ||| Stepping randomly (stuck).
  7482 | D:2      | 7482 ||| Stepping randomly (stuck).
  7483 | D:2      | 7483 ||| Stepping randomly (stuck).
  7484 | D:2      | 7484 ||| Stepping randomly (stuck).
  7485 | D:2      | 7485 ||| Stepping randomly (stuck).
  7486 | D:2      | 7486 ||| Stepping randomly (stuck).
  7487 | D:2      | 7487 ||| Stepping randomly (stuck).
  7488 | D:2      | 7488 ||| Stepping randomly (stuck).
  7489 | D:2      | 7489 ||| Stepping randomly (stuck).
  7490 | D:2      | 7490 ||| Stepping randomly (stuck).
  7491 | D:2      | 7491 ||| Stepping randomly (stuck).
  7492 | D:2      | 7492 ||| Stepping randomly (stuck).
  7493 | D:2      | 7493 ||| Stepping randomly (stuck).
  7494 | D:2      | 7494 ||| Stepping randomly (stuck).
  7495 | D:2      | 7495 ||| Stepping randomly (stuck).
  7496 | D:2      | 7496 ||| Stepping randomly (stuck).
  7497 | D:2      | 7497 ||| Stepping randomly (stuck).
  7498 | D:2      | 7498 ||| Stepping randomly (stuck).
  7499 | D:2      | 7499 ||| Stepping randomly (stuck).
  7500 | D:2      | 7500 ||| Stepping randomly (stuck).
  7501 | D:2      | 7501 ||| Stepping randomly (stuck).
  7502 | D:2      | 7502 ||| Stepping randomly (stuck).
  7503 | D:2      | 7503 ||| Stepping randomly (stuck).
  7504 | D:2      | 7504 ||| Stepping randomly (stuck).
  7505 | D:2      | 7505 ||| Stepping randomly (stuck).
  7506 | D:2      | 7506 ||| Stepping randomly (stuck).
  7507 | D:2      | 7507 ||| Stepping randomly (stuck).
  7508 | D:2      | 7508 ||| Stepping randomly (stuck).
  7509 | D:2      | 7509 ||| Stepping randomly (stuck).
  7510 | D:2      | 7510 ||| Stepping randomly (stuck).
  7511 | D:2      | 7511 ||| Stepping randomly (stuck).
  7512 | D:2      | 7512 ||| Stepping randomly (stuck).
  7513 | D:2      | 7513 ||| Stepping randomly (stuck).
  7514 | D:2      | 7514 ||| Stepping randomly (stuck).
  7515 | D:2      | 7515 ||| Stepping randomly (stuck).
  7516 | D:2      | 7516 ||| Stepping randomly (stuck).
  7517 | D:2      | 7517 ||| Stepping randomly (stuck).
  7518 | D:2      | 7518 ||| Stepping randomly (stuck).
  7519 | D:2      | 7519 ||| Stepping randomly (stuck).
  7520 | D:2      | 7520 ||| Stepping randomly (stuck).
  7521 | D:2      | 7521 ||| Stepping randomly (stuck).
  7522 | D:2      | 7522 ||| Stepping randomly (stuck).
  7523 | D:2      | 7523 ||| Stepping randomly (stuck).
  7524 | D:2      | 7524 ||| Stepping randomly (stuck).
  7525 | D:2      | 7525 ||| Stepping randomly (stuck).
  7526 | D:2      | 7526 ||| Stepping randomly (stuck).
  7527 | D:2      | 7527 ||| Stepping randomly (stuck).
  7528 | D:2      | 7528 ||| Stepping randomly (stuck).
  7529 | D:2      | 7529 ||| Stepping randomly (stuck).
  7530 | D:2      | 7530 ||| Stepping randomly (stuck).
  7531 | D:2      | 7531 ||| Stepping randomly (stuck).
  7532 | D:2      | 7532 ||| Stepping randomly (stuck).
  7533 | D:2      | 7533 ||| Stepping randomly (stuck).
  7534 | D:2      | 7534 ||| Stepping randomly (stuck).
  7535 | D:2      | 7535 ||| Stepping randomly (stuck).
  7536 | D:2      | 7536 ||| Stepping randomly (stuck).
  7537 | D:2      | 7537 ||| Stepping randomly (stuck).
  7538 | D:2      | 7538 ||| Stepping randomly (stuck).
  7539 | D:2      | 7539 ||| Stepping randomly (stuck).
  7540 | D:2      | 7540 ||| Stepping randomly (stuck).
  7541 | D:2      | 7541 ||| Stepping randomly (stuck).
  7542 | D:2      | 7542 ||| Stepping randomly (stuck).
  7543 | D:2      | 7543 ||| Stepping randomly (stuck).
  7544 | D:2      | 7544 ||| Stepping randomly (stuck).
  7545 | D:2      | 7545 ||| Stepping randomly (stuck).
  7546 | D:2      | 7546 ||| Stepping randomly (stuck).
  7547 | D:2      | 7547 ||| Stepping randomly (stuck).
  7548 | D:2      | 7548 ||| Stepping randomly (stuck).
  7549 | D:2      | 7549 ||| Stepping randomly (stuck).
  7550 | D:2      | 7550 ||| Stepping randomly (stuck).
  7551 | D:2      | 7551 ||| Stepping randomly (stuck).
  7552 | D:2      | 7552 ||| Stepping randomly (stuck).
  7553 | D:2      | 7553 ||| Stepping randomly (stuck).
  7554 | D:2      | 7554 ||| Stepping randomly (stuck).
  7555 | D:2      | 7555 ||| Stepping randomly (stuck).
  7556 | D:2      | 7556 ||| Stepping randomly (stuck).
  7557 | D:2      | 7557 ||| Stepping randomly (stuck).
  7558 | D:2      | 7558 ||| Stepping randomly (stuck).
  7559 | D:2      | 7559 ||| Stepping randomly (stuck).
  7560 | D:2      | 7560 ||| Stepping randomly (stuck).
  7561 | D:2      | 7561 ||| Stepping randomly (stuck).
  7562 | D:2      | 7562 ||| Stepping randomly (stuck).
  7563 | D:2      | 7563 ||| Stepping randomly (stuck).
  7564 | D:2      | 7564 ||| Stepping randomly (stuck).
  7565 | D:2      | 7565 ||| Stepping randomly (stuck).
  7566 | D:2      | 7566 ||| Stepping randomly (stuck).
  7567 | D:2      | 7567 ||| Stepping randomly (stuck).
  7568 | D:2      | 7568 ||| Stepping randomly (stuck).
  7569 | D:2      | 7569 ||| Stepping randomly (stuck).
  7570 | D:2      | 7570 ||| Stepping randomly (stuck).
  7571 | D:2      | 7571 ||| Stepping randomly (stuck).
  7572 | D:2      | 7572 ||| Stepping randomly (stuck).
  7573 | D:2      | 7573 ||| Stepping randomly (stuck).
  7574 | D:2      | 7574 ||| Stepping randomly (stuck).
  7575 | D:2      | 7575 ||| Stepping randomly (stuck).
  7576 | D:2      | 7576 ||| Stepping randomly (stuck).
  7577 | D:2      | 7577 ||| Stepping randomly (stuck).
  7578 | D:2      | 7578 ||| Stepping randomly (stuck).
  7579 | D:2      | 7579 ||| Stepping randomly (stuck).
  7580 | D:2      | 7580 ||| Stepping randomly (stuck).
  7581 | D:2      | 7581 ||| Stepping randomly (stuck).
  7582 | D:2      | 7582 ||| Stepping randomly (stuck).
  7583 | D:2      | 7583 ||| Stepping randomly (stuck).
  7584 | D:2      | 7584 ||| Stepping randomly (stuck).
  7585 | D:2      | 7585 ||| Stepping randomly (stuck).
  7586 | D:2      | 7586 ||| Stepping randomly (stuck).
  7587 | D:2      | 7587 ||| Stepping randomly (stuck).
  7588 | D:2      | 7588 ||| Stepping randomly (stuck).
  7589 | D:2      | 7589 ||| Stepping randomly (stuck).
  7590 | D:2      | 7590 ||| Stepping randomly (stuck).
  7591 | D:2      | 7591 ||| Stepping randomly (stuck).
  7592 | D:2      | 7592 ||| Stepping randomly (stuck).
  7593 | D:2      | 7593 ||| Stepping randomly (stuck).
  7594 | D:2      | 7594 ||| Stepping randomly (stuck).
  7595 | D:2      | 7595 ||| Stepping randomly (stuck).
  7596 | D:2      | 7596 ||| Stepping randomly (stuck).
  7597 | D:2      | 7597 ||| Stepping randomly (stuck).
  7598 | D:2      | 7598 ||| Stepping randomly (stuck).
  7599 | D:2      | 7599 ||| Stepping randomly (stuck).
  7600 | D:2      | 7600 ||| Stepping randomly (stuck).
  7601 | D:2      | 7601 ||| Stepping randomly (stuck).
  7602 | D:2      | 7602 ||| Stepping randomly (stuck).
  7603 | D:2      | 7603 ||| Stepping randomly (stuck).
  7604 | D:2      | 7604 ||| Stepping randomly (stuck).
  7605 | D:2      | 7605 ||| Stepping randomly (stuck).
  7606 | D:2      | 7606 ||| Stepping randomly (stuck).
  7607 | D:2      | 7607 ||| Stepping randomly (stuck).
  7608 | D:2      | 7608 ||| Stepping randomly (stuck).
  7609 | D:2      | 7609 ||| Stepping randomly (stuck).
  7610 | D:2      | 7610 ||| Stepping randomly (stuck).
  7611 | D:2      | 7611 ||| Stepping randomly (stuck).
  7612 | D:2      | 7612 ||| Stepping randomly (stuck).
  7613 | D:2      | 7613 ||| Stepping randomly (stuck).
  7614 | D:2      | 7614 ||| Stepping randomly (stuck).
  7615 | D:2      | 7615 ||| Stepping randomly (stuck).
  7616 | D:2      | 7616 ||| Stepping randomly (stuck).
  7617 | D:2      | 7617 ||| Stepping randomly (stuck).
  7618 | D:2      | 7618 ||| Stepping randomly (stuck).
  7619 | D:2      | 7619 ||| Stepping randomly (stuck).
  7620 | D:2      | 7620 ||| Stepping randomly (stuck).
  7621 | D:2      | 7621 ||| Stepping randomly (stuck).
  7622 | D:2      | 7622 ||| Stepping randomly (stuck).
  7623 | D:2      | 7623 ||| Stepping randomly (stuck).
  7624 | D:2      | 7624 ||| Stepping randomly (stuck).
  7625 | D:2      | 7625 ||| Stepping randomly (stuck).
  7626 | D:2      | 7626 ||| Stepping randomly (stuck).
  7627 | D:2      | 7627 ||| Stepping randomly (stuck).
  7628 | D:2      | 7628 ||| Stepping randomly (stuck).
  7629 | D:2      | 7629 ||| Stepping randomly (stuck).
  7630 | D:2      | 7630 ||| Stepping randomly (stuck).
  7631 | D:2      | 7631 ||| Stepping randomly (stuck).
  7632 | D:2      | 7632 ||| Stepping randomly (stuck).
  7633 | D:2      | 7633 ||| Stepping randomly (stuck).
  7634 | D:2      | 7634 ||| Stepping randomly (stuck).
  7635 | D:2      | 7635 ||| Stepping randomly (stuck).
  7636 | D:2      | 7636 ||| Stepping randomly (stuck).
  7637 | D:2      | 7637 ||| Stepping randomly (stuck).
  7638 | D:2      | 7638 ||| Stepping randomly (stuck).
  7639 | D:2      | 7639 ||| Stepping randomly (stuck).
  7640 | D:2      | 7640 ||| Stepping randomly (stuck).
  7641 | D:2      | 7641 ||| Stepping randomly (stuck).
  7642 | D:2      | 7642 ||| Stepping randomly (stuck).
  7643 | D:2      | 7643 ||| Stepping randomly (stuck).
  7644 | D:2      | 7644 ||| Stepping randomly (stuck).
  7645 | D:2      | 7645 ||| Stepping randomly (stuck).
  7646 | D:2      | 7646 ||| Stepping randomly (stuck).
  7647 | D:2      | 7647 ||| Stepping randomly (stuck).
  7648 | D:2      | 7648 ||| Stepping randomly (stuck).
  7649 | D:2      | 7649 ||| Stepping randomly (stuck).
  7650 | D:2      | 7650 ||| Stepping randomly (stuck).
  7651 | D:2      | 7651 ||| Stepping randomly (stuck).
  7652 | D:2      | 7652 ||| Stepping randomly (stuck).
  7653 | D:2      | 7653 ||| Stepping randomly (stuck).
  7654 | D:2      | 7654 ||| Stepping randomly (stuck).
  7655 | D:2      | 7655 ||| Stepping randomly (stuck).
  7656 | D:2      | 7656 ||| Stepping randomly (stuck).
  7657 | D:2      | 7657 ||| Stepping randomly (stuck).
  7658 | D:2      | 7658 ||| Stepping randomly (stuck).
  7659 | D:2      | 7659 ||| Stepping randomly (stuck).
  7660 | D:2      | 7660 ||| Stepping randomly (stuck).
  7661 | D:2      | 7661 ||| Stepping randomly (stuck).
  7662 | D:2      | 7662 ||| Stepping randomly (stuck).
  7663 | D:2      | 7663 ||| Stepping randomly (stuck).
  7664 | D:2      | 7664 ||| Stepping randomly (stuck).
  7665 | D:2      | 7665 ||| Stepping randomly (stuck).
  7666 | D:2      | 7666 ||| Stepping randomly (stuck).
  7667 | D:2      | 7667 ||| Stepping randomly (stuck).
  7668 | D:2      | 7668 ||| Stepping randomly (stuck).
  7669 | D:2      | 7669 ||| Stepping randomly (stuck).
  7670 | D:2      | 7670 ||| Stepping randomly (stuck).
  7671 | D:2      | 7671 ||| Stepping randomly (stuck).
  7672 | D:2      | 7672 ||| Stepping randomly (stuck).
  7673 | D:2      | 7673 ||| Stepping randomly (stuck).
  7674 | D:2      | 7674 ||| Stepping randomly (stuck).
  7675 | D:2      | 7675 ||| Stepping randomly (stuck).
  7676 | D:2      | 7676 ||| Stepping randomly (stuck).
  7677 | D:2      | 7677 ||| Stepping randomly (stuck).
  7678 | D:2      | 7678 ||| Stepping randomly (stuck).
  7679 | D:2      | 7679 ||| Stepping randomly (stuck).
  7680 | D:2      | 7680 ||| Stepping randomly (stuck).
  7681 | D:2      | 7681 ||| Stepping randomly (stuck).
  7682 | D:2      | 7682 ||| Stepping randomly (stuck).
  7683 | D:2      | 7683 ||| Stepping randomly (stuck).
  7684 | D:2      | 7684 ||| Stepping randomly (stuck).
  7685 | D:2      | 7685 ||| Stepping randomly (stuck).
  7686 | D:2      | 7686 ||| Stepping randomly (stuck).
  7687 | D:2      | 7687 ||| Stepping randomly (stuck).
  7688 | D:2      | 7688 ||| Stepping randomly (stuck).
  7689 | D:2      | 7689 ||| Stepping randomly (stuck).
  7690 | D:2      | 7690 ||| Stepping randomly (stuck).
  7691 | D:2      | 7691 ||| Stepping randomly (stuck).
  7692 | D:2      | 7692 ||| Stepping randomly (stuck).
  7693 | D:2      | 7693 ||| Stepping randomly (stuck).
  7694 | D:2      | 7694 ||| Stepping randomly (stuck).
  7695 | D:2      | 7695 ||| Stepping randomly (stuck).
  7696 | D:2      | 7696 ||| Stepping randomly (stuck).
  7697 | D:2      | 7697 ||| Stepping randomly (stuck).
  7698 | D:2      | 7698 ||| Stepping randomly (stuck).
  7699 | D:2      | 7699 ||| Stepping randomly (stuck).
  7700 | D:2      | 7700 ||| Stepping randomly (stuck).
  7701 | D:2      | 7701 ||| Stepping randomly (stuck).
  7702 | D:2      | 7702 ||| Stepping randomly (stuck).
  7703 | D:2      | 7703 ||| Stepping randomly (stuck).
  7704 | D:2      | 7704 ||| Stepping randomly (stuck).
  7705 | D:2      | 7705 ||| Stepping randomly (stuck).
  7706 | D:2      | 7706 ||| Stepping randomly (stuck).
  7707 | D:2      | 7707 ||| Stepping randomly (stuck).
  7708 | D:2      | 7708 ||| Stepping randomly (stuck).
  7709 | D:2      | 7709 ||| Stepping randomly (stuck).
  7710 | D:2      | 7710 ||| Stepping randomly (stuck).
  7711 | D:2      | 7711 ||| Stepping randomly (stuck).
  7712 | D:2      | 7712 ||| Stepping randomly (stuck).
  7713 | D:2      | 7713 ||| Stepping randomly (stuck).
  7714 | D:2      | 7714 ||| Stepping randomly (stuck).
  7715 | D:2      | 7715 ||| Stepping randomly (stuck).
  7716 | D:2      | 7716 ||| Stepping randomly (stuck).
  7717 | D:2      | 7717 ||| Stepping randomly (stuck).
  7718 | D:2      | 7718 ||| Stepping randomly (stuck).
  7719 | D:2      | 7719 ||| Stepping randomly (stuck).
  7720 | D:2      | 7720 ||| Stepping randomly (stuck).
  7721 | D:2      | 7721 ||| Stepping randomly (stuck).
  7722 | D:2      | 7722 ||| Stepping randomly (stuck).
  7723 | D:2      | 7723 ||| Stepping randomly (stuck).
  7724 | D:2      | 7724 ||| Stepping randomly (stuck).
  7725 | D:2      | 7725 ||| Stepping randomly (stuck).
  7726 | D:2      | 7726 ||| Stepping randomly (stuck).
  7727 | D:2      | 7727 ||| Stepping randomly (stuck).
  7728 | D:2      | 7728 ||| Stepping randomly (stuck).
  7729 | D:2      | 7729 ||| Stepping randomly (stuck).
  7730 | D:2      | 7730 ||| Stepping randomly (stuck).
  7731 | D:2      | 7731 ||| Stepping randomly (stuck).
  7732 | D:2      | 7732 ||| Stepping randomly (stuck).
  7733 | D:2      | 7733 ||| Stepping randomly (stuck).
  7734 | D:2      | 7734 ||| Stepping randomly (stuck).
  7735 | D:2      | 7735 ||| Stepping randomly (stuck).
  7736 | D:2      | 7736 ||| Stepping randomly (stuck).
  7737 | D:2      | 7737 ||| Stepping randomly (stuck).
  7738 | D:2      | 7738 ||| Stepping randomly (stuck).
  7739 | D:2      | 7739 ||| Stepping randomly (stuck).
  7740 | D:2      | 7740 ||| Stepping randomly (stuck).
  7740 | D:2      | Glimpsed the power of Zot.
  7741 | D:2      | 7741 ||| Stepping randomly (stuck).
  7742 | D:2      | 7742 ||| Stepping randomly (stuck).
  7743 | D:2      | 7743 ||| Stepping randomly (stuck).
  7744 | D:2      | 7744 ||| Stepping randomly (stuck).
  7745 | D:2      | 7745 ||| Stepping randomly (stuck).
  7746 | D:2      | 7746 ||| Stepping randomly (stuck).
  7747 | D:2      | 7747 ||| Stepping randomly (stuck).
  7748 | D:2      | 7748 ||| Stepping randomly (stuck).
  7749 | D:2      | 7749 ||| Stepping randomly (stuck).
  7750 | D:2      | 7750 ||| Stepping randomly (stuck).
  7751 | D:2      | 7751 ||| Stepping randomly (stuck).
  7752 | D:2      | 7752 ||| Stepping randomly (stuck).
  7753 | D:2      | 7753 ||| Stepping randomly (stuck).
  7754 | D:2      | 7754 ||| Stepping randomly (stuck).
  7755 | D:2      | 7755 ||| Stepping randomly (stuck).
  7756 | D:2      | 7756 ||| Stepping randomly (stuck).
  7757 | D:2      | 7757 ||| Stepping randomly (stuck).
  7758 | D:2      | 7758 ||| Stepping randomly (stuck).
  7759 | D:2      | 7759 ||| Stepping randomly (stuck).
  7760 | D:2      | 7760 ||| Stepping randomly (stuck).
  7761 | D:2      | 7761 ||| Stepping randomly (stuck).
  7762 | D:2      | 7762 ||| Stepping randomly (stuck).
  7763 | D:2      | 7763 ||| Stepping randomly (stuck).
  7764 | D:2      | 7764 ||| Stepping randomly (stuck).
  7765 | D:2      | 7765 ||| Stepping randomly (stuck).
  7766 | D:2      | 7766 ||| Stepping randomly (stuck).
  7767 | D:2      | 7767 ||| Stepping randomly (stuck).
  7768 | D:2      | 7768 ||| Stepping randomly (stuck).
  7769 | D:2      | 7769 ||| Stepping randomly (stuck).
  7770 | D:2      | 7770 ||| Stepping randomly (stuck).
  7771 | D:2      | 7771 ||| Stepping randomly (stuck).
  7772 | D:2      | 7772 ||| Stepping randomly (stuck).
  7773 | D:2      | 7773 ||| Stepping randomly (stuck).
  7774 | D:2      | 7774 ||| Stepping randomly (stuck).
  7775 | D:2      | 7775 ||| Stepping randomly (stuck).
  7776 | D:2      | 7776 ||| Stepping randomly (stuck).
  7777 | D:2      | 7777 ||| Stepping randomly (stuck).
  7778 | D:2      | 7778 ||| Stepping randomly (stuck).
  7779 | D:2      | 7779 ||| Stepping randomly (stuck).
  7780 | D:2      | 7780 ||| Stepping randomly (stuck).
  7781 | D:2      | 7781 ||| Stepping randomly (stuck).
  7782 | D:2      | 7782 ||| Stepping randomly (stuck).
  7783 | D:2      | 7783 ||| Stepping randomly (stuck).
  7784 | D:2      | 7784 ||| Stepping randomly (stuck).
  7785 | D:2      | 7785 ||| Stepping randomly (stuck).
  7786 | D:2      | 7786 ||| Stepping randomly (stuck).
  7787 | D:2      | 7787 ||| Stepping randomly (stuck).
  7788 | D:2      | 7788 ||| Stepping randomly (stuck).
  7789 | D:2      | 7789 ||| Stepping randomly (stuck).
  7790 | D:2      | 7790 ||| Stepping randomly (stuck).
  7791 | D:2      | 7791 ||| Stepping randomly (stuck).
  7792 | D:2      | 7792 ||| Stepping randomly (stuck).
  7793 | D:2      | 7793 ||| Stepping randomly (stuck).
  7794 | D:2      | 7794 ||| Stepping randomly (stuck).
  7795 | D:2      | 7795 ||| Stepping randomly (stuck).
  7796 | D:2      | 7796 ||| Stepping randomly (stuck).
  7797 | D:2      | 7797 ||| Stepping randomly (stuck).
  7798 | D:2      | 7798 ||| Stepping randomly (stuck).
  7799 | D:2      | 7799 ||| Stepping randomly (stuck).
  7800 | D:2      | 7800 ||| Stepping randomly (stuck).
  7801 | D:2      | 7801 ||| Stepping randomly (stuck).
  7802 | D:2      | 7802 ||| Stepping randomly (stuck).
  7803 | D:2      | 7803 ||| Stepping randomly (stuck).
  7804 | D:2      | 7804 ||| Stepping randomly (stuck).
  7805 | D:2      | 7805 ||| Stepping randomly (stuck).
  7806 | D:2      | 7806 ||| Stepping randomly (stuck).
  7807 | D:2      | 7807 ||| Stepping randomly (stuck).
  7808 | D:2      | 7808 ||| Stepping randomly (stuck).
  7809 | D:2      | 7809 ||| Stepping randomly (stuck).
  7810 | D:2      | 7810 ||| Stepping randomly (stuck).
  7811 | D:2      | 7811 ||| Stepping randomly (stuck).
  7812 | D:2      | 7812 ||| Stepping randomly (stuck).
  7813 | D:2      | 7813 ||| Stepping randomly (stuck).
  7814 | D:2      | 7814 ||| Stepping randomly (stuck).
  7815 | D:2      | 7815 ||| Stepping randomly (stuck).
  7816 | D:2      | 7816 ||| Stepping randomly (stuck).
  7817 | D:2      | 7817 ||| Stepping randomly (stuck).
  7818 | D:2      | 7818 ||| Stepping randomly (stuck).
  7819 | D:2      | 7819 ||| Stepping randomly (stuck).
  7820 | D:2      | 7820 ||| Stepping randomly (stuck).
  7821 | D:2      | 7821 ||| Stepping randomly (stuck).
  7822 | D:2      | 7822 ||| Stepping randomly (stuck).
  7823 | D:2      | 7823 ||| Stepping randomly (stuck).
  7824 | D:2      | 7824 ||| Stepping randomly (stuck).
  7825 | D:2      | 7825 ||| Stepping randomly (stuck).
  7826 | D:2      | 7826 ||| Stepping randomly (stuck).
  7827 | D:2      | 7827 ||| Stepping randomly (stuck).
  7828 | D:2      | 7828 ||| Stepping randomly (stuck).
  7829 | D:2      | 7829 ||| Stepping randomly (stuck).
  7830 | D:2      | 7830 ||| Stepping randomly (stuck).
  7831 | D:2      | 7831 ||| Stepping randomly (stuck).
  7832 | D:2      | 7832 ||| Stepping randomly (stuck).
  7833 | D:2      | 7833 ||| Stepping randomly (stuck).
  7834 | D:2      | 7834 ||| Stepping randomly (stuck).
  7835 | D:2      | 7835 ||| Stepping randomly (stuck).
  7836 | D:2      | 7836 ||| Stepping randomly (stuck).
  7837 | D:2      | 7837 ||| Stepping randomly (stuck).
  7838 | D:2      | 7838 ||| Stepping randomly (stuck).
  7839 | D:2      | 7839 ||| Stepping randomly (stuck).
  7840 | D:2      | 7840 ||| Stepping randomly (stuck).
  7841 | D:2      | 7841 ||| Stepping randomly (stuck).
  7842 | D:2      | 7842 ||| Stepping randomly (stuck).
  7843 | D:2      | 7843 ||| Stepping randomly (stuck).
  7844 | D:2      | 7844 ||| Stepping randomly (stuck).
  7845 | D:2      | 7845 ||| Stepping randomly (stuck).
  7846 | D:2      | 7846 ||| Stepping randomly (stuck).
  7847 | D:2      | 7847 ||| Stepping randomly (stuck).
  7848 | D:2      | 7848 ||| Stepping randomly (stuck).
  7849 | D:2      | 7849 ||| Stepping randomly (stuck).
  7850 | D:2      | 7850 ||| Stepping randomly (stuck).
  7851 | D:2      | 7851 ||| Stepping randomly (stuck).
  7852 | D:2      | 7852 ||| Stepping randomly (stuck).
  7853 | D:2      | 7853 ||| Stepping randomly (stuck).
  7854 | D:2      | 7854 ||| Stepping randomly (stuck).
  7855 | D:2      | 7855 ||| Stepping randomly (stuck).
  7856 | D:2      | 7856 ||| Stepping randomly (stuck).
  7857 | D:2      | 7857 ||| Stepping randomly (stuck).
  7858 | D:2      | 7858 ||| Stepping randomly (stuck).
  7859 | D:2      | 7859 ||| Stepping randomly (stuck).
  7860 | D:2      | 7860 ||| Stepping randomly (stuck).
  7861 | D:2      | 7861 ||| Stepping randomly (stuck).
  7862 | D:2      | 7862 ||| Stepping randomly (stuck).
  7863 | D:2      | 7863 ||| Stepping randomly (stuck).
  7864 | D:2      | 7864 ||| Stepping randomly (stuck).
  7865 | D:2      | 7865 ||| Stepping randomly (stuck).
  7866 | D:2      | 7866 ||| Stepping randomly (stuck).
  7867 | D:2      | 7867 ||| Stepping randomly (stuck).
  7868 | D:2      | 7868 ||| Stepping randomly (stuck).
  7869 | D:2      | 7869 ||| Stepping randomly (stuck).
  7870 | D:2      | 7870 ||| Stepping randomly (stuck).
  7871 | D:2      | 7871 ||| Stepping randomly (stuck).
  7872 | D:2      | 7872 ||| Stepping randomly (stuck).
  7873 | D:2      | 7873 ||| Stepping randomly (stuck).
  7874 | D:2      | 7874 ||| Stepping randomly (stuck).
  7875 | D:2      | 7875 ||| Stepping randomly (stuck).
  7876 | D:2      | 7876 ||| Stepping randomly (stuck).
  7877 | D:2      | 7877 ||| Stepping randomly (stuck).
  7878 | D:2      | 7878 ||| Stepping randomly (stuck).
  7879 | D:2      | 7879 ||| Stepping randomly (stuck).
  7880 | D:2      | 7880 ||| Stepping randomly (stuck).
  7881 | D:2      | 7881 ||| Stepping randomly (stuck).
  7882 | D:2      | 7882 ||| Stepping randomly (stuck).
  7883 | D:2      | 7883 ||| Stepping randomly (stuck).
  7884 | D:2      | 7884 ||| Stepping randomly (stuck).
  7885 | D:2      | 7885 ||| Stepping randomly (stuck).
  7886 | D:2      | 7886 ||| Stepping randomly (stuck).
  7887 | D:2      | 7887 ||| Stepping randomly (stuck).
  7888 | D:2      | 7888 ||| Stepping randomly (stuck).
  7889 | D:2      | 7889 ||| Stepping randomly (stuck).
  7890 | D:2      | 7890 ||| Stepping randomly (stuck).
  7891 | D:2      | 7891 ||| Stepping randomly (stuck).
  7892 | D:2      | 7892 ||| Stepping randomly (stuck).
  7893 | D:2      | 7893 ||| Stepping randomly (stuck).
  7894 | D:2      | 7894 ||| Stepping randomly (stuck).
  7895 | D:2      | 7895 ||| Stepping randomly (stuck).
  7896 | D:2      | 7896 ||| Stepping randomly (stuck).
  7897 | D:2      | 7897 ||| Stepping randomly (stuck).
  7898 | D:2      | 7898 ||| Stepping randomly (stuck).
  7899 | D:2      | 7899 ||| Stepping randomly (stuck).
  7900 | D:2      | 7900 ||| Stepping randomly (stuck).
  7901 | D:2      | 7901 ||| Stepping randomly (stuck).
  7902 | D:2      | 7902 ||| Stepping randomly (stuck).
  7903 | D:2      | 7903 ||| Stepping randomly (stuck).
  7904 | D:2      | 7904 ||| Stepping randomly (stuck).
  7905 | D:2      | 7905 ||| Stepping randomly (stuck).
  7906 | D:2      | 7906 ||| Stepping randomly (stuck).
  7907 | D:2      | 7907 ||| Stepping randomly (stuck).
  7908 | D:2      | 7908 ||| Stepping randomly (stuck).
  7909 | D:2      | 7909 ||| Stepping randomly (stuck).
  7910 | D:2      | 7910 ||| Stepping randomly (stuck).
  7911 | D:2      | 7911 ||| Stepping randomly (stuck).
  7912 | D:2      | 7912 ||| Stepping randomly (stuck).
  7913 | D:2      | 7913 ||| Stepping randomly (stuck).
  7914 | D:2      | 7914 ||| Stepping randomly (stuck).
  7915 | D:2      | 7915 ||| Stepping randomly (stuck).
  7916 | D:2      | 7916 ||| Stepping randomly (stuck).
  7917 | D:2      | 7917 ||| Stepping randomly (stuck).
  7918 | D:2      | 7918 ||| Stepping randomly (stuck).
  7919 | D:2      | 7919 ||| Stepping randomly (stuck).
  7920 | D:2      | 7920 ||| Stepping randomly (stuck).
  7921 | D:2      | 7921 ||| Stepping randomly (stuck).
  7922 | D:2      | 7922 ||| Stepping randomly (stuck).
  7923 | D:2      | 7923 ||| Stepping randomly (stuck).
  7924 | D:2      | 7924 ||| Stepping randomly (stuck).
  7925 | D:2      | 7925 ||| Stepping randomly (stuck).
  7926 | D:2      | 7926 ||| Stepping randomly (stuck).
  7927 | D:2      | 7927 ||| Stepping randomly (stuck).
  7928 | D:2      | 7928 ||| Stepping randomly (stuck).
  7929 | D:2      | 7929 ||| Stepping randomly (stuck).
  7930 | D:2      | 7930 ||| Stepping randomly (stuck).
  7931 | D:2      | 7931 ||| Stepping randomly (stuck).
  7932 | D:2      | 7932 ||| Stepping randomly (stuck).
  7933 | D:2      | 7933 ||| Stepping randomly (stuck).
  7934 | D:2      | 7934 ||| Stepping randomly (stuck).
  7935 | D:2      | 7935 ||| Stepping randomly (stuck).
  7936 | D:2      | 7936 ||| Stepping randomly (stuck).
  7937 | D:2      | 7937 ||| Stepping randomly (stuck).
  7938 | D:2      | 7938 ||| Stepping randomly (stuck).
  7939 | D:2      | 7939 ||| Stepping randomly (stuck).
  7940 | D:2      | 7940 ||| Stepping randomly (stuck).
  7941 | D:2      | 7941 ||| Stepping randomly (stuck).
  7942 | D:2      | 7942 ||| Stepping randomly (stuck).
  7943 | D:2      | 7943 ||| Stepping randomly (stuck).
  7944 | D:2      | 7944 ||| Stepping randomly (stuck).
  7945 | D:2      | 7945 ||| Stepping randomly (stuck).
  7946 | D:2      | 7946 ||| Stepping randomly (stuck).
  7947 | D:2      | 7947 ||| Stepping randomly (stuck).
  7948 | D:2      | 7948 ||| Stepping randomly (stuck).
  7949 | D:2      | 7949 ||| Stepping randomly (stuck).
  7950 | D:2      | 7950 ||| Stepping randomly (stuck).
  7951 | D:2      | 7951 ||| Stepping randomly (stuck).
  7952 | D:2      | 7952 ||| Stepping randomly (stuck).
  7953 | D:2      | 7953 ||| Stepping randomly (stuck).
  7954 | D:2      | 7954 ||| Stepping randomly (stuck).
  7955 | D:2      | 7955 ||| Stepping randomly (stuck).
  7956 | D:2      | 7956 ||| Stepping randomly (stuck).
  7957 | D:2      | 7957 ||| Stepping randomly (stuck).
  7958 | D:2      | 7958 ||| Stepping randomly (stuck).
  7959 | D:2      | 7959 ||| Stepping randomly (stuck).
  7960 | D:2      | 7960 ||| Stepping randomly (stuck).
  7961 | D:2      | 7961 ||| Stepping randomly (stuck).
  7962 | D:2      | 7962 ||| Stepping randomly (stuck).
  7963 | D:2      | 7963 ||| Stepping randomly (stuck).
  7964 | D:2      | 7964 ||| Stepping randomly (stuck).
  7965 | D:2      | 7965 ||| Stepping randomly (stuck).
  7966 | D:2      | 7966 ||| Stepping randomly (stuck).
  7967 | D:2      | 7967 ||| Stepping randomly (stuck).
  7968 | D:2      | 7968 ||| Stepping randomly (stuck).
  7969 | D:2      | 7969 ||| Stepping randomly (stuck).
  7970 | D:2      | 7970 ||| Stepping randomly (stuck).
  7971 | D:2      | 7971 ||| Stepping randomly (stuck).
  7972 | D:2      | 7972 ||| Stepping randomly (stuck).
  7973 | D:2      | 7973 ||| Stepping randomly (stuck).
  7974 | D:2      | 7974 ||| Stepping randomly (stuck).
  7975 | D:2      | 7975 ||| Stepping randomly (stuck).
  7976 | D:2      | 7976 ||| Stepping randomly (stuck).
  7977 | D:2      | 7977 ||| Stepping randomly (stuck).
  7978 | D:2      | 7978 ||| Stepping randomly (stuck).
  7979 | D:2      | 7979 ||| Stepping randomly (stuck).
  7980 | D:2      | 7980 ||| Stepping randomly (stuck).
  7981 | D:2      | 7981 ||| Stepping randomly (stuck).
  7982 | D:2      | 7982 ||| Stepping randomly (stuck).
  7983 | D:2      | 7983 ||| Stepping randomly (stuck).
  7984 | D:2      | 7984 ||| Stepping randomly (stuck).
  7985 | D:2      | 7985 ||| Stepping randomly (stuck).
  7986 | D:2      | 7986 ||| Stepping randomly (stuck).
  7987 | D:2      | 7987 ||| Stepping randomly (stuck).
  7988 | D:2      | 7988 ||| Stepping randomly (stuck).
  7989 | D:2      | 7989 ||| Stepping randomly (stuck).
  7990 | D:2      | 7990 ||| Stepping randomly (stuck).
  7990 | D:2      | Glimpsed the power of Zot.
  7991 | D:2      | 7991 ||| Stepping randomly (stuck).
  7992 | D:2      | 7992 ||| Stepping randomly (stuck).
  7993 | D:2      | 7993 ||| Stepping randomly (stuck).
  7994 | D:2      | 7994 ||| Stepping randomly (stuck).
  7995 | D:2      | 7995 ||| Stepping randomly (stuck).
  7996 | D:2      | 7996 ||| Stepping randomly (stuck).
  7997 | D:2      | 7997 ||| Stepping randomly (stuck).
  7998 | D:2      | 7998 ||| Stepping randomly (stuck).
  7999 | D:2      | 7999 ||| Stepping randomly (stuck).
  8000 | D:2      | 8000 ||| Stepping randomly (stuck).
  8001 | D:2      | 8001 ||| Stepping randomly (stuck).
  8002 | D:2      | 8002 ||| Stepping randomly (stuck).
  8003 | D:2      | 8003 ||| Stepping randomly (stuck).
  8004 | D:2      | 8004 ||| Stepping randomly (stuck).
  8005 | D:2      | 8005 ||| Stepping randomly (stuck).
  8006 | D:2      | 8006 ||| Stepping randomly (stuck).
  8007 | D:2      | 8007 ||| Stepping randomly (stuck).
  8008 | D:2      | 8008 ||| Stepping randomly (stuck).
  8009 | D:2      | 8009 ||| Stepping randomly (stuck).
  8010 | D:2      | 8010 ||| Stepping randomly (stuck).
  8011 | D:2      | 8011 ||| Stepping randomly (stuck).
  8012 | D:2      | 8012 ||| Stepping randomly (stuck).
  8013 | D:2      | 8013 ||| Stepping randomly (stuck).
  8014 | D:2      | 8014 ||| Stepping randomly (stuck).
  8015 | D:2      | 8015 ||| Stepping randomly (stuck).
  8016 | D:2      | 8016 ||| Stepping randomly (stuck).
  8017 | D:2      | 8017 ||| Stepping randomly (stuck).
  8018 | D:2      | 8018 ||| Stepping randomly (stuck).
  8019 | D:2      | 8019 ||| Stepping randomly (stuck).
  8020 | D:2      | 8020 ||| Stepping randomly (stuck).
  8021 | D:2      | 8021 ||| Stepping randomly (stuck).
  8022 | D:2      | 8022 ||| Stepping randomly (stuck).
  8023 | D:2      | 8023 ||| Stepping randomly (stuck).
  8024 | D:2      | 8024 ||| Stepping randomly (stuck).
  8025 | D:2      | 8025 ||| Stepping randomly (stuck).
  8026 | D:2      | 8026 ||| Stepping randomly (stuck).
  8027 | D:2      | 8027 ||| Stepping randomly (stuck).
  8028 | D:2      | 8028 ||| Stepping randomly (stuck).
  8029 | D:2      | 8029 ||| Stepping randomly (stuck).
  8030 | D:2      | 8030 ||| Stepping randomly (stuck).
  8031 | D:2      | 8031 ||| Stepping randomly (stuck).
  8032 | D:2      | 8032 ||| Stepping randomly (stuck).
  8033 | D:2      | 8033 ||| Stepping randomly (stuck).
  8034 | D:2      | 8034 ||| Stepping randomly (stuck).
  8035 | D:2      | 8035 ||| Stepping randomly (stuck).
  8036 | D:2      | 8036 ||| Stepping randomly (stuck).
  8037 | D:2      | 8037 ||| Stepping randomly (stuck).
  8038 | D:2      | 8038 ||| Stepping randomly (stuck).
  8039 | D:2      | 8039 ||| Stepping randomly (stuck).
  8040 | D:2      | 8040 ||| Stepping randomly (stuck).
  8041 | D:2      | 8041 ||| Stepping randomly (stuck).
  8042 | D:2      | 8042 ||| Stepping randomly (stuck).
  8043 | D:2      | 8043 ||| Stepping randomly (stuck).
  8044 | D:2      | 8044 ||| Stepping randomly (stuck).
  8045 | D:2      | 8045 ||| Stepping randomly (stuck).
  8046 | D:2      | 8046 ||| Stepping randomly (stuck).
  8047 | D:2      | 8047 ||| Stepping randomly (stuck).
  8048 | D:2      | 8048 ||| Stepping randomly (stuck).
  8049 | D:2      | 8049 ||| Stepping randomly (stuck).
  8050 | D:2      | 8050 ||| Stepping randomly (stuck).
  8051 | D:2      | 8051 ||| Stepping randomly (stuck).
  8052 | D:2      | 8052 ||| Stepping randomly (stuck).
  8053 | D:2      | 8053 ||| Stepping randomly (stuck).
  8053 | D:2      | Touched by the power of Zot (MHP 24 -> 17)
  8054 | D:2      | 8054 ||| QUITTING!
  8054 | D:2      | Quit the game

Levels and vault maps discovered:
D:1:      tarquinn_simple_flora_water_b, layout_loops_cross,
          minmay_misc_feat_alley, minmay_ruptured
D:2:      layout_loops_ring, chequers_serial_rivers_large_b, grunt_ministairs_1

Skill      XL: |  1  2 |
---------------+-------+-----
Ranged Weapons | 3 |  3.2
Fighting       | 2 |  2.0
Dodging        | |  2.1
Spellcasting   | |  1.0
Hexes          | |  2.0

Action                     || total
---------------------------++-------
   Fire: Sling             ||    45
    Use: Scroll            ||     3
 Armour: Robe              ||     3
  Dodge: Dodged            ||     7

Table legend:
 A = Non-vault XP
 B = Vault XP
 C = Vault XP percentage of total XP
 D = Non-vault monster count
 E = Vault monster count
 F = Vault count percentage of total count
                 A         B        C        D         E       F
            +---------+---------+-------+---------+---------+-------
      Total |      28 |       0 |   0.0 |      16 |       0 |   0.0
            +---------+---------+-------+---------+---------+-------
        D:1 |      22 |       0 |   0.0 |      13 |       0 |   0.0
        D:2 |       6 |       0 |   0.0 |       3 |       0 |   0.0
            +---------+---------+-------+---------+---------+-------
